Workbook
Name \0: #REF!
Name \0: #REF!
Name \0: #REF!
Name \b: #REF!
Name \b: #REF!
Name \b: #REF!
Name \b: #REF!
Name \c: #REF!
Name \d: #REF!
Name \d: #REF!
Name \d: #REF!
Name \e: #REF!
Name \g: #REF!
Name \g: #REF!
Name \g: #REF!
Name \i: #REF!
Name \i: #REF!
Name \i: #REF!
Name \i: #REF!
Name \m: #REF!
Name \m: #REF!
Name \m: #REF!
Name \m: #REF!
Name \n: #REF!
Name \n: #REF!
Name \n: #REF!
Name \PX: #REF!
Name \PX: #REF!
Name \PX: #REF!
Name \PX: #REF!
Name \r: #REF!
Name \r: #REF!
Name \r: #REF!
Name \t: #REF!
Name \t: #REF!
Name \t: #REF!
Name \X: #N/A
Name \Z: #N/A
Name ____________________________________APU221: #REF!
Name ____________________________________APU221: #REF!
Name ____________________________________APU221: #REF!
Name ____________________________________APU465: #REF!
Name ____________________________________APU465: #REF!
Name ____________________________________APU465: #REF!
Name ____________________________________APU465: #REF!
Name ____________________________________APU465: #REF!
Name ____________________________________APU465: #REF!
Name ____________________________________APU465: #REF!
Name ____________________________________APU465: #REF!
Name ____________________________________APU465: #REF!
Name ____________________________________APU465: #REF!
Name ____________________________________PJ50: #REF!
Name ____________________________________pj51: #REF!
Name __________________________________APU221: #REF!
Name __________________________________APU465: #REF!
Name __________________________________APU465: #REF!
Name __________________________________APU465: #REF!
Name __________________________________APU465: #REF!
Name __________________________________APU465: #REF!
Name __________________________________APU465: #REF!

Sheet PPTO PRIORIZADA
A1: =I2 -> PAVIMENTACIÓN DE VÍAS URBANAS DEL MUNICIPIO DE CHAPARRAL – DEPARTAMENTO DEL TOLIMA
I2: PAVIMENTACIÓN DE VÍAS URBANAS DEL MUNICIPIO DE CHAPARRAL – DEPARTAMENTO DEL TOLIMA
A5: ITEM | B5: ITEM DE PAGO | C5: DESCRIPCION | D5: UN | E5: CANTIDAD | F5: VR UNITARIO | G5: VALOR TOTAL
C6: PRELIMINARES Y EXPLANACIONES
A7: 1 | B7: 1P | C7: LOCALIZACIÓN Y REPLANTEO | D7: M2 | E7: =_xlfn.IFNA(VLOOKUP(B7,'C.1'!$B$7:$E$206,4,0),0)+_xlfn.IFNA(VLOOKUP(B7,'C.2'!$B$7:$E$206,4,0),0)+_xlfn.IFNA(VLOOKUP(B7,'C.3'!$B$7:$E$206,4,0),0)+_xlfn.IFNA(VLOOKUP(B7,'C.4'!$B$7:$E$206,4,0),0)+_xlfn.IFNA(VLOOKUP(B7,#REF!,4,0),0)+_xlfn.IFNA(VLOOKUP(B7,'C.6'!$B$7:$E$206,4,0),0)+_xlfn.IFNA(VLOOKUP(B7,'C.7'!$B$7:$E$206,4,0),0)+_xlfn.IFNA(VLOOKUP(B7,'C.8'!$B$7:$E$206,4,0),0)+_xlfn.IFNA(VLOOKUP(B7,'C.9'!$B$7:$E$205,4,0),0)+_xlfn.IFNA(VLOOKUP(B7,'C.10'!$B$7:$E$206,4,0),0)+_xlfn.IFNA(VLOOKUP(B7,'C.11'!$B$7:$E$206,4,0),0)+_xlfn.IFNA(VLOOKUP(B7,'C.12'!$B$7:$E$205,4,0),0)+_xlfn.IFNA(VLOOKUP(B7,'C.13'!$B$7:$E$207,4,0),0)+_xlfn.IFNA(VLOOKUP(B7,'C.14'!$B$7:$E$205,4,0),0)+_xlfn.IFNA(VLOOKUP(B7,'C.15'!$B$7:$E$206,4,0),0)+_xlfn.IFNA(VLOOKUP(B7,'C.16'!$B$7:$E$207,4,0),0) -> #REF! | F7: =+#REF! -> #REF! | G7: =F7*E7 -> #REF! | I7: =_xlfn.IFNA(VLOOKUP(B7,'C.6'!$B$7:$E$207,4,0),0) -> 0 | J7: =F7*I7 -> #REF!
A8: 2 | B8: 5P | C8: EXPLANACION Y CAJEO | D8: M3 | E8: =_xlfn.IFNA(VLOOKUP(B8,'C.1'!$B$7:$E$206,4,0),0)+_xlfn.IFNA(VLOOKUP(B8,'C.2'!$B$7:$E$206,4,0),0)+_xlfn.IFNA(VLOOKUP(B8,'C.3'!$B$7:$E$206,4,0),0)+_xlfn.IFNA(VLOOKUP(B8,'C.4'!$B$7:$E$206,4,0),0)+_xlfn.IFNA(VLOOKUP(B8,#REF!,4,0),0)+_xlfn.IFNA(VLOOKUP(B8,'C.6'!$B$7:$E$206,4,0),0)+_xlfn.IFNA(VLOOKUP(B8,'C.7'!$B$7:$E$206,4,0),0)+_xlfn.IFNA(VLOOKUP(B8,'C.8'!$B$7:$E$206,4,0),0)+_xlfn.IFNA(VLOOKUP(B8,'C.9'!$B$7:$E$205,4,0),0)+_xlfn.IFNA(VLOOKUP(B8,'C.10'!$B$7:$E$206,4,0),0)+_xlfn.IFNA(VLOOKUP(B8,'C.11'!$B$7:$E$206,4,0),0)+_xlfn.IFNA(VLOOKUP(B8,'C.12'!$B$7:$E$205,4,0),0)+_xlfn.IFNA(VLOOKUP(B8,'C.13'!$B$7:$E$207,4,0),0)+_xlfn.IFNA(VLOOKUP(B8,'C.14'!$B$7:$E$205,4,0),0)+_xlfn.IFNA(VLOOKUP(B8,'C.15'!$B$7:$E$206,4,0),0)+_xlfn.IFNA(VLOOKUP(B8,'C.16'!$B$7:$E$207,4,0),0) -> #REF! | F8: =#REF! -> #REF! | G8: =F8*E8 -> #REF! | I8: =_xlfn.IFNA(VLOOKUP(B8,'C.6'!$B$7:$E$207,4,0),0) -> 0 | J8: =F8*I8 -> #REF!
A9: 3 | B9: 6P | C9: CARGUE Y DISPOSICIÓN DE SOBRANTES A MÁQUINA. (NO INCLUYE TRANSPORTE) | D9: M3/COMP | E9: =_xlfn.IFNA(VLOOKUP(B9,'C.1'!$B$7:$E$206,4,0),0)+_xlfn.IFNA(VLOOKUP(B9,'C.2'!$B$7:$E$206,4,0),0)+_xlfn.IFNA(VLOOKUP(B9,'C.3'!$B$7:$E$206,4,0),0)+_xlfn.IFNA(VLOOKUP(B9,'C.4'!$B$7:$E$206,4,0),0)+_xlfn.IFNA(VLOOKUP(B9,#REF!,4,0),0)+_xlfn.IFNA(VLOOKUP(B9,'C.6'!$B$7:$E$206,4,0),0)+_xlfn.IFNA(VLOOKUP(B9,'C.7'!$B$7:$E$206,4,0),0)+_xlfn.IFNA(VLOOKUP(B9,'C.8'!$B$7:$E$206,4,0),0)+_xlfn.IFNA(VLOOKUP(B9,'C.9'!$B$7:$E$205,4,0),0)+_xlfn.IFNA(VLOOKUP(B9,'C.10'!$B$7:$E$206,4,0),0)+_xlfn.IFNA(VLOOKUP(B9,'C.11'!$B$7:$E$206,4,0),0)+_xlfn.IFNA(VLOOKUP(B9,'C.12'!$B$7:$E$205,4,0),0)+_xlfn.IFNA(VLOOKUP(B9,'C.13'!$B$7:$E$207,4,0),0)+_xlfn.IFNA(VLOOKUP(B9,'C.14'!$B$7:$E$205,4,0),0)+_xlfn.IFNA(VLOOKUP(B9,'C.15'!$B$7:$E$206,4,0),0)+_xlfn.IFNA(VLOOKUP(B9,'C.16'!$B$7:$E$207,4,0),0) -> #REF! | F9: =#REF! -> #REF! | G9: =F9*E9 -> #REF! | I9: =_xlfn.IFNA(VLOOKUP(B9,'C.6'!$B$7:$E$207,4,0),0) -> 0 | J9: =F9*I9 -> #REF!
A10: 4 | B10: 7P | C10: SUMINISTRO EXTENDIDA Y COMPACTACIÓN DE RECEBO EN ZANJA COMPACTADA C/15CM. MEDIO MECANICO. (NO INCLUYE TRANSPORTE) | D10: M3/COMP | E10: =_xlfn.IFNA(VLOOKUP(B10,'C.1'!$B$7:$E$206,4,0),0)+_xlfn.IFNA(VLOOKUP(B10,'C.2'!$B$7:$E$206,4,0),0)+_xlfn.IFNA(VLOOKUP(B10,'C.3'!$B$7:$E$206,4,0),0)+_xlfn.IFNA(VLOOKUP(B10,'C.4'!$B$7:$E$206,4,0),0)+_xlfn.IFNA(VLOOKUP(B10,#REF!,4,0),0)+_xlfn.IFNA(VLOOKUP(B10,'C.6'!$B$7:$E$206,4,0),0)+_xlfn.IFNA(VLOOKUP(B10,'C.7'!$B$7:$E$206,4,0),0)+_xlfn.IFNA(VLOOKUP(B10,'C.8'!$B$7:$E$206,4,0),0)+_xlfn.IFNA(VLOOKUP(B10,'C.9'!$B$7:$E$205,4,0),0)+_xlfn.IFNA(VLOOKUP(B10,'C.10'!$B$7:$E$206,4,0),0)+_xlfn.IFNA(VLOOKUP(B10,'C.11'!$B$7:$E$206,4,0),0)+_xlfn.IFNA(VLOOKUP(B10,'C.12'!$B$7:$E$205,4,0),0)+_xlfn.IFNA(VLOOKUP(B10,'C.13'!$B$7:$E$207,4,0),0)+_xlfn.IFNA(VLOOKUP(B10,'C.14'!$B$7:$E$205,4,0),0)+_xlfn.IFNA(VLOOKUP(B10,'C.15'!$B$7:$E$206,4,0),0)+_xlfn.IFNA(VLOOKUP(B10,'C.16'!$B$7:$E$207,4,0),0) -> #REF! | F10: =#REF! -> #REF! | G10: =F10*E10 -> #REF! | I10: =_xlfn.IFNA(VLOOKUP(B10,'C.6'!$B$7:$E$207,4,0),0) -> 0 | J10: =F10*I10 -> #REF!
A11: 5 | B11: 8P | C11: ACARREO INTERNO EN OBRA HASTA 50M | D11: M3 | E11: =_xlfn.IFNA(VLOOKUP(B11,'C.1'!$B$7:$E$206,4,0),0)+_xlfn.IFNA(VLOOKUP(B11,'C.2'!$B$7:$E$206,4,0),0)+_xlfn.IFNA(VLOOKUP(B11,'C.3'!$B$7:$E$206,4,0),0)+_xlfn.IFNA(VLOOKUP(B11,'C.4'!$B$7:$E$206,4,0),0)+_xlfn.IFNA(VLOOKUP(B11,#REF!,4,0),0)+_xlfn.IFNA(VLOOKUP(B11,'C.6'!$B$7:$E$206,4,0),0)+_xlfn.IFNA(VLOOKUP(B11,'C.7'!$B$7:$E$206,4,0),0)+_xlfn.IFNA(VLOOKUP(B11,'C.8'!$B$7:$E$206,4,0),0)+_xlfn.IFNA(VLOOKUP(B11,'C.9'!$B$7:$E$205,4,0),0)+_xlfn.IFNA(VLOOKUP(B11,'C.10'!$B$7:$E$206,4,0),0)+_xlfn.IFNA(VLOOKUP(B11,'C.11'!$B$7:$E$206,4,0),0)+_xlfn.IFNA(VLOOKUP(B11,'C.12'!$B$7:$E$205,4,0),0)+_xlfn.IFNA(VLOOKUP(B11,'C.13'!$B$7:$E$207,4,0),0)+_xlfn.IFNA(VLOOKUP(B11,'C.14'!$B$7:$E$205,4,0),0)+_xlfn.IFNA(VLOOKUP(B11,'C.15'!$B$7:$E$206,4,0),0)+_xlfn.IFNA(VLOOKUP(B11,'C.16'!$B$7:$E$207,4,0),0) -> #REF! | F11: =#REF! -> #REF! | G11: =F11*E11 -> #REF! | I11: =_xlfn.IFNA(VLOOKUP(B11,'C.6'!$B$7:$E$207,4,0),0) -> 0 | J11: =F11*I11 -> #REF!
A12: 6 | B12: 201.3P | C12: ROTURA DE PAVIMENTO FLEXIBLE e=10 CM | D12: M2 | E12: =_xlfn.IFNA(VLOOKUP(B12,'C.1'!$B$7:$E$206,4,0),0)+_xlfn.IFNA(VLOOKUP(B12,'C.2'!$B$7:$E$206,4,0),0)+_xlfn.IFNA(VLOOKUP(B12,'C.3'!$B$7:$E$206,4,0),0)+_xlfn.IFNA(VLOOKUP(B12,'C.4'!$B$7:$E$206,4,0),0)+_xlfn.IFNA(VLOOKUP(B12,#REF!,4,0),0)+_xlfn.IFNA(VLOOKUP(B12,'C.6'!$B$7:$E$206,4,0),0)+_xlfn.IFNA(VLOOKUP(B12,'C.7'!$B$7:$E$206,4,0),0)+_xlfn.IFNA(VLOOKUP(B12,'C.8'!$B$7:$E$206,4,0),0)+_xlfn.IFNA(VLOOKUP(B12,'C.9'!$B$7:$E$205,4,0),0)+_xlfn.IFNA(VLOOKUP(B12,'C.10'!$B$7:$E$206,4,0),0)+_xlfn.IFNA(VLOOKUP(B12,'C.11'!$B$7:$E$206,4,0),0)+_xlfn.IFNA(VLOOKUP(B12,'C.12'!$B$7:$E$205,4,0),0)+_xlfn.IFNA(VLOOKUP(B12,'C.13'!$B$7:$E$207,4,0),0)+_xlfn.IFNA(VLOOKUP(B12,'C.14'!$B$7:$E$205,4,0),0)+_xlfn.IFNA(VLOOKUP(B12,'C.15'!$B$7:$E$206,4,0),0)+_xlfn.IFNA(VLOOKUP(B12,'C.16'!$B$7:$E$207,4,0),0) -> #REF! | F12: ='201.3P'!N50 -> #REF! | G12: =F12*E12 -> #REF! | I12: =_xlfn.IFNA(VLOOKUP(B12,'C.6'!$B$7:$E$207,4,0),0) -> 0 | J12: =F12*I12 -> #REF!
A13: 7 | B13: 201.3 | C13: DEMOLICIÓN DE PAVIMENTO RIGIDO | D13: M3 | E13: =_xlfn.IFNA(VLOOKUP(B13,'C.1'!$B$7:$E$206,4,0),0)+_xlfn.IFNA(VLOOKUP(B13,'C.2'!$B$7:$E$206,4,0),0)+_xlfn.IFNA(VLOOKUP(B13,'C.3'!$B$7:$E$206,4,0),0)+_xlfn.IFNA(VLOOKUP(B13,'C.4'!$B$7:$E$206,4,0),0)+_xlfn.IFNA(VLOOKUP(B13,#REF!,4,0),0)+_xlfn.IFNA(VLOOKUP(B13,'C.6'!$B$7:$E$206,4,0),0)+_xlfn.IFNA(VLOOKUP(B13,'C.7'!$B$7:$E$206,4,0),0)+_xlfn.IFNA(VLOOKUP(B13,'C.8'!$B$7:$E$206,4,0),0)+_xlfn.IFNA(VLOOKUP(B13,'C.9'!$B$7:$E$205,4,0),0)+_xlfn.IFNA(VLOOKUP(B13,'C.10'!$B$7:$E$206,4,0),0)+_xlfn.IFNA(VLOOKUP(B13,'C.11'!$B$7:$E$206,4,0),0)+_xlfn.IFNA(VLOOKUP(B13,'C.12'!$B$7:$E$205,4,0),0)+_xlfn.IFNA(VLOOKUP(B13,'C.13'!$B$7:$E$207,4,0),0)+_xlfn.IFNA(VLOOKUP(B13,'C.14'!$B$7:$E$205,4,0),0)+_xlfn.IFNA(VLOOKUP(B13,'C.15'!$B$7:$E$206,4,0),0)+_xlfn.IFNA(VLOOKUP(B13,'C.16'!$B$7:$E$207,4,0),0) -> #REF! | F13: ='201.3'!N50 -> #REF! | G13: =F13*E13 -> #REF! | I13: =_xlfn.IFNA(VLOOKUP(B13,'C.6'!$B$7:$E$207,4,0),0) -> 0 | J13: =F13*I13 -> #REF!
A14: 8 | B14: 201.9 | C14: DEMOLICION DE PISOS, ANDENES Y BORDILLOS DE CONCRETO | D14: M3 | E14: =_xlfn.IFNA(VLOOKUP(B14,'C.1'!$B$7:$E$206,4,0),0)+_xlfn.IFNA(VLOOKUP(B14,'C.2'!$B$7:$E$206,4,0),0)+_xlfn.IFNA(VLOOKUP(B14,'C.3'!$B$7:$E$206,4,0),0)+_xlfn.IFNA(VLOOKUP(B14,'C.4'!$B$7:$E$206,4,0),0)+_xlfn.IFNA(VLOOKUP(B14,#REF!,4,0),0)+_xlfn.IFNA(VLOOKUP(B14,'C.6'!$B$7:$E$206,4,0),0)+_xlfn.IFNA(VLOOKUP(B14,'C.7'!$B$7:$E$206,4,0),0)+_xlfn.IFNA(VLOOKUP(B14,'C.8'!$B$7:$E$206,4,0),0)+_xlfn.IFNA(VLOOKUP(B14,'C.9'!$B$7:$E$205,4,0),0)+_xlfn.IFNA(VLOOKUP(B14,'C.10'!$B$7:$E$206,4,0),0)+_xlfn.IFNA(VLOOKUP(B14,'C.11'!$B$7:$E$206,4,0),0)+_xlfn.IFNA(VLOOKUP(B14,'C.12'!$B$7:$E$205,4,0),0)+_xlfn.IFNA(VLOOKUP(B14,'C.13'!$B$7:$E$207,4,0),0)+_xlfn.IFNA(VLOOKUP(B14,'C.14'!$B$7:$E$205,4,0),0)+_xlfn.IFNA(VLOOKUP(B14,'C.15'!$B$7:$E$206,4,0),0)+_xlfn.IFNA(VLOOKUP(B14,'C.16'!$B$7:$E$207,4,0),0) -> #REF! | F14: ='201.9'!N50 -> #REF! | G14: =F14*E14 -> #REF! | I14: =_xlfn.IFNA(VLOOKUP(B14,'C.6'!$B$7:$E$207,4,0),0) -> 0 | J14: =F14*I14 -> #REF!
E15: =_xlfn.IFNA(VLOOKUP(B15,'C.1'!$B$7:$E$206,4,0),0)+_xlfn.IFNA(VLOOKUP(B15,'C.2'!$B$7:$E$206,4,0),0)+_xlfn.IFNA(VLOOKUP(B15,'C.3'!$B$7:$E$206,4,0),0)+_xlfn.IFNA(VLOOKUP(B15,'C.4'!$B$7:$E$206,4,0),0)+_xlfn.IFNA(VLOOKUP(B15,#REF!,4,0),0)+_xlfn.IFNA(VLOOKUP(B15,'C.6'!$B$7:$E$206,4,0),0)+_xlfn.IFNA(VLOOKUP(B15,'C.7'!$B$7:$E$206,4,0),0)+_xlfn.IFNA(VLOOKUP(B15,'C.8'!$B$7:$E$206,4,0),0)+_xlfn.IFNA(VLOOKUP(B15,'C.9'!$B$7:$E$205,4,0),0)+_xlfn.IFNA(VLOOKUP(B15,'C.10'!$B$7:$E$206,4,0),0)+_xlfn.IFNA(VLOOKUP(B15,'C.11'!$B$7:$E$206,4,0),0)+_xlfn.IFNA(VLOOKUP(B15,'C.12'!$B$7:$E$205,4,0),0)+_xlfn.IFNA(VLOOKUP(B15,'C.13'!$B$7:$E$207,4,0),0)+_xlfn.IFNA(VLOOKUP(B15,'C.14'!$B$7:$E$205,4,0),0)+_xlfn.IFNA(VLOOKUP(B15,'C.15'!$B$7:$E$206,4,0),0)+_xlfn.IFNA(VLOOKUP(B15,'C.16'!$B$7:$E$207,4,0),0) -> #REF! | G15: =SUM(G7:G14) -> #REF! | I15: =_xlfn.IFNA(VLOOKUP(B15,'C.6'!$B$7:$E$207,4,0),0) -> 0 | J15: =F15*I15 -> 0
C16: EXCAVACIONES | E16: =_xlfn.IFNA(VLOOKUP(B16,'C.1'!$B$7:$E$206,4,0),0)+_xlfn.IFNA(VLOOKUP(B16,'C.2'!$B$7:$E$206,4,0),0)+_xlfn.IFNA(VLOOKUP(B16,'C.3'!$B$7:$E$206,4,0),0)+_xlfn.IFNA(VLOOKUP(B16,'C.4'!$B$7:$E$206,4,0),0)+_xlfn.IFNA(VLOOKUP(B16,#REF!,4,0),0)+_xlfn.IFNA(VLOOKUP(B16,'C.6'!$B$7:$E$206,4,0),0)+_xlfn.IFNA(VLOOKUP(B16,'C.7'!$B$7:$E$206,4,0),0)+_xlfn.IFNA(VLOOKUP(B16,'C.8'!$B$7:$E$206,4,0),0)+_xlfn.IFNA(VLOOKUP(B16,'C.9'!$B$7:$E$205,4,0),0)+_xlfn.IFNA(VLOOKUP(B16,'C.10'!$B$7:$E$206,4,0),0)+_xlfn.IFNA(VLOOKUP(B16,'C.11'!$B$7:$E$206,4,0),0)+_xlfn.IFNA(VLOOKUP(B16,'C.12'!$B$7:$E$205,4,0),0)+_xlfn.IFNA(VLOOKUP(B16,'C.13'!$B$7:$E$207,4,0),0)+_xlfn.IFNA(VLOOKUP(B16,'C.14'!$B$7:$E$205,4,0),0)+_xlfn.IFNA(VLOOKUP(B16,'C.15'!$B$7:$E$206,4,0),0)+_xlfn.IFNA(VLOOKUP(B16,'C.16'!$B$7:$E$207,4,0),0) -> #REF! | G16: =F16*E16 -> #REF! | I16: =_xlfn.IFNA(VLOOKUP(B16,'C.6'!$B$7:$E$207,4,0),0) -> 0 | J16: =F16*I16 -> 0
A17: 9 | B17: 210.2.1P | C17: EXCAVACIONES EN MATERIAL COMUN Y CONGLOMERADO EN SECO A MAQUINA (DE 0 A 2 MTS) | D17: M3 | E17: =_xlfn.IFNA(VLOOKUP(B17,'C.1'!$B$7:$E$206,4,0),0)+_xlfn.IFNA(VLOOKUP(B17,'C.2'!$B$7:$E$206,4,0),0)+_xlfn.IFNA(VLOOKUP(B17,'C.3'!$B$7:$E$206,4,0),0)+_xlfn.IFNA(VLOOKUP(B17,'C.4'!$B$7:$E$206,4,0),0)+_xlfn.IFNA(VLOOKUP(B17,#REF!,4,0),0)+_xlfn.IFNA(VLOOKUP(B17,'C.6'!$B$7:$E$206,4,0),0)+_xlfn.IFNA(VLOOKUP(B17,'C.7'!$B$7:$E$206,4,0),0)+_xlfn.IFNA(VLOOKUP(B17,'C.8'!$B$7:$E$206,4,0),0)+_xlfn.IFNA(VLOOKUP(B17,'C.9'!$B$7:$E$205,4,0),0)+_xlfn.IFNA(VLOOKUP(B17,'C.10'!$B$7:$E$206,4,0),0)+_xlfn.IFNA(VLOOKUP(B17,'C.11'!$B$7:$E$206,4,0),0)+_xlfn.IFNA(VLOOKUP(B17,'C.12'!$B$7:$E$205,4,0),0)+_xlfn.IFNA(VLOOKUP(B17,'C.13'!$B$7:$E$207,4,0),0)+_xlfn.IFNA(VLOOKUP(B17,'C.14'!$B$7:$E$205,4,0),0)+_xlfn.IFNA(VLOOKUP(B17,'C.15'!$B$7:$E$206,4,0),0)+_xlfn.IFNA(VLOOKUP(B17,'C.16'!$B$7:$E$207,4,0),0) -> #REF! | F17: =+#REF! -> #REF! | G17: =F17*E17 -> #REF! | I17: =_xlfn.IFNA(VLOOKUP(B17,'C.6'!$B$7:$E$207,4,0),0) -> 0 | J17: =F17*I17 -> #REF!
A18: 10 | B18: 210.2.2P | C18: EXCAVACIONES EN MATERIAL COMUN Y CONGLOMERADO EN SECO A MAQUINA (DE 2 A 4 MTS) | D18: M3 | E18: =_xlfn.IFNA(VLOOKUP(B18,'C.1'!$B$7:$E$206,4,0),0)+_xlfn.IFNA(VLOOKUP(B18,'C.2'!$B$7:$E$206,4,0),0)+_xlfn.IFNA(VLOOKUP(B18,'C.3'!$B$7:$E$206,4,0),0)+_xlfn.IFNA(VLOOKUP(B18,'C.4'!$B$7:$E$206,4,0),0)+_xlfn.IFNA(VLOOKUP(B18,#REF!,4,0),0)+_xlfn.IFNA(VLOOKUP(B18,'C.6'!$B$7:$E$206,4,0),0)+_xlfn.IFNA(VLOOKUP(B18,'C.7'!$B$7:$E$206,4,0),0)+_xlfn.IFNA(VLOOKUP(B18,'C.8'!$B$7:$E$206,4,0),0)+_xlfn.IFNA(VLOOKUP(B18,'C.9'!$B$7:$E$205,4,0),0)+_xlfn.IFNA(VLOOKUP(B18,'C.10'!$B$7:$E$206,4,0),0)+_xlfn.IFNA(VLOOKUP(B18,'C.11'!$B$7:$E$206,4,0),0)+_xlfn.IFNA(VLOOKUP(B18,'C.12'!$B$7:$E$205,4,0),0)+_xlfn.IFNA(VLOOKUP(B18,'C.13'!$B$7:$E$207,4,0),0)+_xlfn.IFNA(VLOOKUP(B18,'C.14'!$B$7:$E$205,4,0),0)+_xlfn.IFNA(VLOOKUP(B18,'C.15'!$B$7:$E$206,4,0),0)+_xlfn.IFNA(VLOOKUP(B18,'C.16'!$B$7:$E$207,4,0),0) -> #REF! | F18: =#REF! -> #REF! | G18: =F18*E18 -> #REF! | I18: =_xlfn.IFNA(VLOOKUP(B18,'C.6'!$B$7:$E$207,4,0),0) -> 0 | J18: =F18*I18 -> #REF!
A19: 11 | B19: 600.2.3P | C19: EXCAVACIONES VARIAS EN MATERIAL COMUN EN SECO A MANO (DE 0 A 2 MTS) | D19: M3 | E19: =_xlfn.IFNA(VLOOKUP(B19,'C.1'!$B$7:$E$206,4,0),0)+_xlfn.IFNA(VLOOKUP(B19,'C.2'!$B$7:$E$206,4,0),0)+_xlfn.IFNA(VLOOKUP(B19,'C.3'!$B$7:$E$206,4,0),0)+_xlfn.IFNA(VLOOKUP(B19,'C.4'!$B$7:$E$206,4,0),0)+_xlfn.IFNA(VLOOKUP(B19,#REF!,4,0),0)+_xlfn.IFNA(VLOOKUP(B19,'C.6'!$B$7:$E$206,4,0),0)+_xlfn.IFNA(VLOOKUP(B19,'C.7'!$B$7:$E$206,4,0),0)+_xlfn.IFNA(VLOOKUP(B19,'C.8'!$B$7:$E$206,4,0),0)+_xlfn.IFNA(VLOOKUP(B19,'C.9'!$B$7:$E$205,4,0),0)+_xlfn.IFNA(VLOOKUP(B19,'C.10'!$B$7:$E$206,4,0),0)+_xlfn.IFNA(VLOOKUP(B19,'C.11'!$B$7:$E$206,4,0),0)+_xlfn.IFNA(VLOOKUP(B19,'C.12'!$B$7:$E$205,4,0),0)+_xlfn.IFNA(VLOOKUP(B19,'C.13'!$B$7:$E$207,4,0),0)+_xlfn.IFNA(VLOOKUP(B19,'C.14'!$B$7:$E$205,4,0),0)+_xlfn.IFNA(VLOOKUP(B19,'C.15'!$B$7:$E$206,4,0),0)+_xlfn.IFNA(VLOOKUP(B19,'C.16'!$B$7:$E$207,4,0),0) -> #REF! | F19: =#REF! -> #REF! | G19: =F19*E19 -> #REF! | I19: =_xlfn.IFNA(VLOOKUP(B19,'C.6'!$B$7:$E$207,4,0),0) -> 0 | J19: =F19*I19 -> #REF!
A20: 12 | B20: 600.2.4P | C20: EXCAVACIONES VARIAS EN MATERIAL COMUN EN SECO A MANO (DE 2 A 4 MTS) | D20: M3 | E20: =_xlfn.IFNA(VLOOKUP(B20,'C.1'!$B$7:$E$206,4,0),0)+_xlfn.IFNA(VLOOKUP(B20,'C.2'!$B$7:$E$206,4,0),0)+_xlfn.IFNA(VLOOKUP(B20,'C.3'!$B$7:$E$206,4,0),0)+_xlfn.IFNA(VLOOKUP(B20,'C.4'!$B$7:$E$206,4,0),0)+_xlfn.IFNA(VLOOKUP(B20,#REF!,4,0),0)+_xlfn.IFNA(VLOOKUP(B20,'C.6'!$B$7:$E$206,4,0),0)+_xlfn.IFNA(VLOOKUP(B20,'C.7'!$B$7:$E$206,4,0),0)+_xlfn.IFNA(VLOOKUP(B20,'C.8'!$B$7:$E$206,4,0),0)+_xlfn.IFNA(VLOOKUP(B20,'C.9'!$B$7:$E$205,4,0),0)+_xlfn.IFNA(VLOOKUP(B20,'C.10'!$B$7:$E$206,4,0),0)+_xlfn.IFNA(VLOOKUP(B20,'C.11'!$B$7:$E$206,4,0),0)+_xlfn.IFNA(VLOOKUP(B20,'C.12'!$B$7:$E$205,4,0),0)+_xlfn.IFNA(VLOOKUP(B20,'C.13'!$B$7:$E$207,4,0),0)+_xlfn.IFNA(VLOOKUP(B20,'C.14'!$B$7:$E$205,4,0),0)+_xlfn.IFNA(VLOOKUP(B20,'C.15'!$B$7:$E$206,4,0),0)+_xlfn.IFNA(VLOOKUP(B20,'C.16'!$B$7:$E$207,4,0),0) -> #REF! | F20: =#REF! -> #REF! | G20: =F20*E20 -> #REF! | I20: =_xlfn.IFNA(VLOOKUP(B20,'C.6'!$B$7:$E$207,4,0),0) -> 0 | J20: =F20*I20 -> #REF!
A21: 13 | B21: 3P | C21: SUMINISTRO, EXTENDIDA Y COMPACTACIÓN DE MATERIAL PARA RELLENO ESTRUCTURAL RECEBO (NO INCLUYE TRANSPORTE) | D21: M3/COMP | E21: =_xlfn.IFNA(VLOOKUP(B21,'C.1'!$B$7:$E$206,4,0),0)+_xlfn.IFNA(VLOOKUP(B21,'C.2'!$B$7:$E$206,4,0),0)+_xlfn.IFNA(VLOOKUP(B21,'C.3'!$B$7:$E$206,4,0),0)+_xlfn.IFNA(VLOOKUP(B21,'C.4'!$B$7:$E$206,4,0),0)+_xlfn.IFNA(VLOOKUP(B21,#REF!,4,0),0)+_xlfn.IFNA(VLOOKUP(B21,'C.6'!$B$7:$E$206,4,0),0)+_xlfn.IFNA(VLOOKUP(B21,'C.7'!$B$7:$E$206,4,0),0)+_xlfn.IFNA(VLOOKUP(B21,'C.8'!$B$7:$E$206,4,0),0)+_xlfn.IFNA(VLOOKUP(B21,'C.9'!$B$7:$E$205,4,0),0)+_xlfn.IFNA(VLOOKUP(B21,'C.10'!$B$7:$E$206,4,0),0)+_xlfn.IFNA(VLOOKUP(B21,'C.11'!$B$7:$E$206,4,0),0)+_xlfn.IFNA(VLOOKUP(B21,'C.12'!$B$7:$E$205,4,0),0)+_xlfn.IFNA(VLOOKUP(B21,'C.13'!$B$7:$E$207,4,0),0)+_xlfn.IFNA(VLOOKUP(B21,'C.14'!$B$7:$E$205,4,0),0)+_xlfn.IFNA(VLOOKUP(B21,'C.15'!$B$7:$E$206,4,0),0)+_xlfn.IFNA(VLOOKUP(B21,'C.16'!$B$7:$E$207,4,0),0) -> #REF! | F21: =#REF! -> #REF! | G21: =F21*E21 -> #REF! | I21: =_xlfn.IFNA(VLOOKUP(B21,'C.6'!$B$7:$E$207,4,0),0) -> 0 | J21: =F21*I21 -> #REF!
E22: =_xlfn.IFNA(VLOOKUP(B22,'C.1'!$B$7:$E$206,4,0),0)+_xlfn.IFNA(VLOOKUP(B22,'C.2'!$B$7:$E$206,4,0),0)+_xlfn.IFNA(VLOOKUP(B22,'C.3'!$B$7:$E$206,4,0),0)+_xlfn.IFNA(VLOOKUP(B22,'C.4'!$B$7:$E$206,4,0),0)+_xlfn.IFNA(VLOOKUP(B22,#REF!,4,0),0)+_xlfn.IFNA(VLOOKUP(B22,'C.6'!$B$7:$E$206,4,0),0)+_xlfn.IFNA(VLOOKUP(B22,'C.7'!$B$7:$E$206,4,0),0)+_xlfn.IFNA(VLOOKUP(B22,'C.8'!$B$7:$E$206,4,0),0)+_xlfn.IFNA(VLOOKUP(B22,'C.9'!$B$7:$E$205,4,0),0)+_xlfn.IFNA(VLOOKUP(B22,'C.10'!$B$7:$E$206,4,0),0)+_xlfn.IFNA(VLOOKUP(B22,'C.11'!$B$7:$E$206,4,0),0)+_xlfn.IFNA(VLOOKUP(B22,'C.12'!$B$7:$E$205,4,0),0)+_xlfn.IFNA(VLOOKUP(B22,'C.13'!$B$7:$E$207,4,0),0)+_xlfn.IFNA(VLOOKUP(B22,'C.14'!$B$7:$E$205,4,0),0)+_xlfn.IFNA(VLOOKUP(B22,'C.15'!$B$7:$E$206,4,0),0)+_xlfn.IFNA(VLOOKUP(B22,'C.16'!$B$7:$E$207,4,0),0) -> #REF! | G22: =SUM(G17:G21) -> #REF! | I22: =_xlfn.IFNA(VLOOKUP(B22,'C.6'!$B$7:$E$207,4,0),0) -> 0 | J22: =F22*I22 -> 0
C23: BASES, SUBBASES Y AFIRMADOS | E23: =_xlfn.IFNA(VLOOKUP(B23,'C.1'!$B$7:$E$206,4,0),0)+_xlfn.IFNA(VLOOKUP(B23,'C.2'!$B$7:$E$206,4,0),0)+_xlfn.IFNA(VLOOKUP(B23,'C.3'!$B$7:$E$206,4,0),0)+_xlfn.IFNA(VLOOKUP(B23,'C.4'!$B$7:$E$206,4,0),0)+_xlfn.IFNA(VLOOKUP(B23,#REF!,4,0),0)+_xlfn.IFNA(VLOOKUP(B23,'C.6'!$B$7:$E$206,4,0),0)+_xlfn.IFNA(VLOOKUP(B23,'C.7'!$B$7:$E$206,4,0),0)+_xlfn.IFNA(VLOOKUP(B23,'C.8'!$B$7:$E$206,4,0),0)+_xlfn.IFNA(VLOOKUP(B23,'C.9'!$B$7:$E$205,4,0),0)+_xlfn.IFNA(VLOOKUP(B23,'C.10'!$B$7:$E$206,4,0),0)+_xlfn.IFNA(VLOOKUP(B23,'C.11'!$B$7:$E$206,4,0),0)+_xlfn.IFNA(VLOOKUP(B23,'C.12'!$B$7:$E$205,4,0),0)+_xlfn.IFNA(VLOOKUP(B23,'C.13'!$B$7:$E$207,4,0),0)+_xlfn.IFNA(VLOOKUP(B23,'C.14'!$B$7:$E$205,4,0),0)+_xlfn.IFNA(VLOOKUP(B23,'C.15'!$B$7:$E$206,4,0),0)+_xlfn.IFNA(VLOOKUP(B23,'C.16'!$B$7:$E$207,4,0),0) -> #REF! | G23: =F23*E23 -> #REF! | I23: =_xlfn.IFNA(VLOOKUP(B23,'C.6'!$B$7:$E$207,4,0),0) -> 0 | J23: =F23*I23 -> 0
A24: 14 | B24: 310.1P | C24: NIVELACION Y COMPACTACION DE SUBRASANTE | D24: M2 | E24: =_xlfn.IFNA(VLOOKUP(B24,'C.1'!$B$7:$E$206,4,0),0)+_xlfn.IFNA(VLOOKUP(B24,'C.2'!$B$7:$E$206,4,0),0)+_xlfn.IFNA(VLOOKUP(B24,'C.3'!$B$7:$E$206,4,0),0)+_xlfn.IFNA(VLOOKUP(B24,'C.4'!$B$7:$E$206,4,0),0)+_xlfn.IFNA(VLOOKUP(B24,#REF!,4,0),0)+_xlfn.IFNA(VLOOKUP(B24,'C.6'!$B$7:$E$206,4,0),0)+_xlfn.IFNA(VLOOKUP(B24,'C.7'!$B$7:$E$206,4,0),0)+_xlfn.IFNA(VLOOKUP(B24,'C.8'!$B$7:$E$206,4,0),0)+_xlfn.IFNA(VLOOKUP(B24,'C.9'!$B$7:$E$205,4,0),0)+_xlfn.IFNA(VLOOKUP(B24,'C.10'!$B$7:$E$206,4,0),0)+_xlfn.IFNA(VLOOKUP(B24,'C.11'!$B$7:$E$206,4,0),0)+_xlfn.IFNA(VLOOKUP(B24,'C.12'!$B$7:$E$205,4,0),0)+_xlfn.IFNA(VLOOKUP(B24,'C.13'!$B$7:$E$207,4,0),0)+_xlfn.IFNA(VLOOKUP(B24,'C.14'!$B$7:$E$205,4,0),0)+_xlfn.IFNA(VLOOKUP(B24,'C.15'!$B$7:$E$206,4,0),0)+_xlfn.IFNA(VLOOKUP(B24,'C.16'!$B$7:$E$207,4,0),0) -> #REF! | F24: =+#REF! -> #REF! | G24: =F24*E24 -> #REF! | I24: =_xlfn.IFNA(VLOOKUP(B24,'C.6'!$B$7:$E$207,4,0),0) -> 0 | J24: =F24*I24 -> #REF!
B25: 311.1 | C25: SUMINISTRO, EXTENDIDA Y COMPACTACIÓN DE AFIRMADO (NO INCLUYE TRANSPORTE) | D25: M3/COMP | E25: =_xlfn.IFNA(VLOOKUP(B25,'C.1'!$B$7:$E$206,4,0),0)+_xlfn.IFNA(VLOOKUP(B25,'C.2'!$B$7:$E$206,4,0),0)+_xlfn.IFNA(VLOOKUP(B25,'C.3'!$B$7:$E$206,4,0),0)+_xlfn.IFNA(VLOOKUP(B25,'C.4'!$B$7:$E$206,4,0),0)+_xlfn.IFNA(VLOOKUP(B25,#REF!,4,0),0)+_xlfn.IFNA(VLOOKUP(B25,'C.6'!$B$7:$E$206,4,0),0)+_xlfn.IFNA(VLOOKUP(B25,'C.7'!$B$7:$E$206,4,0),0)+_xlfn.IFNA(VLOOKUP(B25,'C.8'!$B$7:$E$206,4,0),0)+_xlfn.IFNA(VLOOKUP(B25,'C.9'!$B$7:$E$205,4,0),0)+_xlfn.IFNA(VLOOKUP(B25,'C.10'!$B$7:$E$206,4,0),0)+_xlfn.IFNA(VLOOKUP(B25,'C.11'!$B$7:$E$206,4,0),0)+_xlfn.IFNA(VLOOKUP(B25,'C.12'!$B$7:$E$205,4,0),0)+_xlfn.IFNA(VLOOKUP(B25,'C.13'!$B$7:$E$207,4,0),0)+_xlfn.IFNA(VLOOKUP(B25,'C.14'!$B$7:$E$205,4,0),0)+_xlfn.IFNA(VLOOKUP(B25,'C.15'!$B$7:$E$206,4,0),0)+_xlfn.IFNA(VLOOKUP(B25,'C.16'!$B$7:$E$207,4,0),0) -> #REF! | F25: =#REF! -> #REF! | G25: =F25*E25 -> #REF! | I25: =_xlfn.IFNA(VLOOKUP(B25,'C.6'!$B$7:$E$207,4,0),0) -> 0 | J25: =F25*I25 -> #REF!
A26: 15 | B26: 320.1 | C26: SUBBASE GRANULAR CLASE A | D26: M3/COMP | E26: =_xlfn.IFNA(VLOOKUP(B26,'C.1'!$B$7:$E$206,4,0),0)+_xlfn.IFNA(VLOOKUP(B26,'C.2'!$B$7:$E$206,4,0),0)+_xlfn.IFNA(VLOOKUP(B26,'C.3'!$B$7:$E$206,4,0),0)+_xlfn.IFNA(VLOOKUP(B26,'C.4'!$B$7:$E$206,4,0),0)+_xlfn.IFNA(VLOOKUP(B26,#REF!,4,0),0)+_xlfn.IFNA(VLOOKUP(B26,'C.6'!$B$7:$E$206,4,0),0)+_xlfn.IFNA(VLOOKUP(B26,'C.7'!$B$7:$E$206,4,0),0)+_xlfn.IFNA(VLOOKUP(B26,'C.8'!$B$7:$E$206,4,0),0)+_xlfn.IFNA(VLOOKUP(B26,'C.9'!$B$7:$E$205,4,0),0)+_xlfn.IFNA(VLOOKUP(B26,'C.10'!$B$7:$E$206,4,0),0)+_xlfn.IFNA(VLOOKUP(B26,'C.11'!$B$7:$E$206,4,0),0)+_xlfn.IFNA(VLOOKUP(B26,'C.12'!$B$7:$E$205,4,0),0)+_xlfn.IFNA(VLOOKUP(B26,'C.13'!$B$7:$E$207,4,0),0)+_xlfn.IFNA(VLOOKUP(B26,'C.14'!$B$7:$E$205,4,0),0)+_xlfn.IFNA(VLOOKUP(B26,'C.15'!$B$7:$E$206,4,0),0)+_xlfn.IFNA(VLOOKUP(B26,'C.16'!$B$7:$E$207,4,0),0) -> #REF! | F26: =+'320.1'!N51 -> #REF! | G26: =F26*E26 -> #REF! | I26: =_xlfn.IFNA(VLOOKUP(B26,'C.6'!$B$7:$E$207,4,0),0) -> 0 | J26: =F26*I26 -> #REF!
A27: 16 | B27: 330.1 | C27: BASE GRANULAR CLASE A | D27: M3/COMP | E27: =_xlfn.IFNA(VLOOKUP(B27,'C.1'!$B$7:$E$206,4,0),0)+_xlfn.IFNA(VLOOKUP(B27,'C.2'!$B$7:$E$206,4,0),0)+_xlfn.IFNA(VLOOKUP(B27,'C.3'!$B$7:$E$206,4,0),0)+_xlfn.IFNA(VLOOKUP(B27,'C.4'!$B$7:$E$206,4,0),0)+_xlfn.IFNA(VLOOKUP(B27,#REF!,4,0),0)+_xlfn.IFNA(VLOOKUP(B27,'C.6'!$B$7:$E$206,4,0),0)+_xlfn.IFNA(VLOOKUP(B27,'C.7'!$B$7:$E$206,4,0),0)+_xlfn.IFNA(VLOOKUP(B27,'C.8'!$B$7:$E$206,4,0),0)+_xlfn.IFNA(VLOOKUP(B27,'C.9'!$B$7:$E$205,4,0),0)+_xlfn.IFNA(VLOOKUP(B27,'C.10'!$B$7:$E$206,4,0),0)+_xlfn.IFNA(VLOOKUP(B27,'C.11'!$B$7:$E$206,4,0),0)+_xlfn.IFNA(VLOOKUP(B27,'C.12'!$B$7:$E$205,4,0),0)+_xlfn.IFNA(VLOOKUP(B27,'C.13'!$B$7:$E$207,4,0),0)+_xlfn.IFNA(VLOOKUP(B27,'C.14'!$B$7:$E$205,4,0),0)+_xlfn.IFNA(VLOOKUP(B27,'C.15'!$B$7:$E$206,4,0),0)+_xlfn.IFNA(VLOOKUP(B27,'C.16'!$B$7:$E$207,4,0),0) -> #REF! | F27: =+#REF! -> #REF! | G27: =F27*E27 -> #REF! | I27: =_xlfn.IFNA(VLOOKUP(B27,'C.6'!$B$7:$E$207,4,0),0) -> 0 | J27: =F27*I27 -> #REF!
E28: =_xlfn.IFNA(VLOOKUP(B28,'C.1'!$B$7:$E$206,4,0),0)+_xlfn.IFNA(VLOOKUP(B28,'C.2'!$B$7:$E$206,4,0),0)+_xlfn.IFNA(VLOOKUP(B28,'C.3'!$B$7:$E$206,4,0),0)+_xlfn.IFNA(VLOOKUP(B28,'C.4'!$B$7:$E$206,4,0),0)+_xlfn.IFNA(VLOOKUP(B28,#REF!,4,0),0)+_xlfn.IFNA(VLOOKUP(B28,'C.6'!$B$7:$E$206,4,0),0)+_xlfn.IFNA(VLOOKUP(B28,'C.7'!$B$7:$E$206,4,0),0)+_xlfn.IFNA(VLOOKUP(B28,'C.8'!$B$7:$E$206,4,0),0)+_xlfn.IFNA(VLOOKUP(B28,'C.9'!$B$7:$E$205,4,0),0)+_xlfn.IFNA(VLOOKUP(B28,'C.10'!$B$7:$E$206,4,0),0)+_xlfn.IFNA(VLOOKUP(B28,'C.11'!$B$7:$E$206,4,0),0)+_xlfn.IFNA(VLOOKUP(B28,'C.12'!$B$7:$E$205,4,0),0)+_xlfn.IFNA(VLOOKUP(B28,'C.13'!$B$7:$E$207,4,0),0)+_xlfn.IFNA(VLOOKUP(B28,'C.14'!$B$7:$E$205,4,0),0)+_xlfn.IFNA(VLOOKUP(B28,'C.15'!$B$7:$E$206,4,0),0)+_xlfn.IFNA(VLOOKUP(B28,'C.16'!$B$7:$E$207,4,0),0) -> #REF! | G28: =SUM(G24:G27) -> #REF! | I28: =_xlfn.IFNA(VLOOKUP(B28,'C.6'!$B$7:$E$207,4,0),0) -> 0 | J28: =F28*I28 -> 0
C29: PAVIMENTOS HIDRAULICOS | E29: =_xlfn.IFNA(VLOOKUP(B29,'C.1'!$B$7:$E$206,4,0),0)+_xlfn.IFNA(VLOOKUP(B29,'C.2'!$B$7:$E$206,4,0),0)+_xlfn.IFNA(VLOOKUP(B29,'C.3'!$B$7:$E$206,4,0),0)+_xlfn.IFNA(VLOOKUP(B29,'C.4'!$B$7:$E$206,4,0),0)+_xlfn.IFNA(VLOOKUP(B29,#REF!,4,0),0)+_xlfn.IFNA(VLOOKUP(B29,'C.6'!$B$7:$E$206,4,0),0)+_xlfn.IFNA(VLOOKUP(B29,'C.7'!$B$7:$E$206,4,0),0)+_xlfn.IFNA(VLOOKUP(B29,'C.8'!$B$7:$E$206,4,0),0)+_xlfn.IFNA(VLOOKUP(B29,'C.9'!$B$7:$E$205,4,0),0)+_xlfn.IFNA(VLOOKUP(B29,'C.10'!$B$7:$E$206,4,0),0)+_xlfn.IFNA(VLOOKUP(B29,'C.11'!$B$7:$E$206,4,0),0)+_xlfn.IFNA(VLOOKUP(B29,'C.12'!$B$7:$E$205,4,0),0)+_xlfn.IFNA(VLOOKUP(B29,'C.13'!$B$7:$E$207,4,0),0)+_xlfn.IFNA(VLOOKUP(B29,'C.14'!$B$7:$E$205,4,0),0)+_xlfn.IFNA(VLOOKUP(B29,'C.15'!$B$7:$E$206,4,0),0)+_xlfn.IFNA(VLOOKUP(B29,'C.16'!$B$7:$E$207,4,0),0) -> #REF! | G29: =F29*E29 -> #REF! | I29: =_xlfn.IFNA(VLOOKUP(B29,'C.6'!$B$7:$E$207,4,0),0) -> 0 | J29: =F29*I29 -> 0
A30: 17 | B30: 500.1.1P | C30: CONSTRUCCIÓN PLACA DE CONCRETO PREMEZCLADO MR-40 , INCLUYE ALISTADO JUNTAS Y SELLANTES. | D30: M3 | E30: =_xlfn.IFNA(VLOOKUP(B30,'C.1'!$B$7:$E$206,4,0),0)+_xlfn.IFNA(VLOOKUP(B30,'C.2'!$B$7:$E$206,4,0),0)+_xlfn.IFNA(VLOOKUP(B30,'C.3'!$B$7:$E$206,4,0),0)+_xlfn.IFNA(VLOOKUP(B30,'C.4'!$B$7:$E$206,4,0),0)+_xlfn.IFNA(VLOOKUP(B30,#REF!,4,0),0)+_xlfn.IFNA(VLOOKUP(B30,'C.6'!$B$7:$E$206,4,0),0)+_xlfn.IFNA(VLOOKUP(B30,'C.7'!$B$7:$E$206,4,0),0)+_xlfn.IFNA(VLOOKUP(B30,'C.8'!$B$7:$E$206,4,0),0)+_xlfn.IFNA(VLOOKUP(B30,'C.9'!$B$7:$E$205,4,0),0)+_xlfn.IFNA(VLOOKUP(B30,'C.10'!$B$7:$E$206,4,0),0)+_xlfn.IFNA(VLOOKUP(B30,'C.11'!$B$7:$E$206,4,0),0)+_xlfn.IFNA(VLOOKUP(B30,'C.12'!$B$7:$E$205,4,0),0)+_xlfn.IFNA(VLOOKUP(B30,'C.13'!$B$7:$E$207,4,0),0)+_xlfn.IFNA(VLOOKUP(B30,'C.14'!$B$7:$E$205,4,0),0)+_xlfn.IFNA(VLOOKUP(B30,'C.15'!$B$7:$E$206,4,0),0)+_xlfn.IFNA(VLOOKUP(B30,'C.16'!$B$7:$E$207,4,0),0) -> #REF! | F30: ='500.1.1P'!N56 -> #REF! | G30: =F30*E30 -> #REF! | I30: =_xlfn.IFNA(VLOOKUP(B30,'C.6'!$B$7:$E$207,4,0),0) -> 0 | J30: =F30*I30 -> #REF!
A31: 18 | B31: 500.1.1.1P | C31: CONSTRUCCIÓN PLACA DE CONCRETO MEZCLADO EN SITIO MR-40 , INCLUYE ALISTADO JUNTAS Y SELLANTES. | D31: M3 | E31: =_xlfn.IFNA(VLOOKUP(B31,'C.1'!$B$7:$E$206,4,0),0)+_xlfn.IFNA(VLOOKUP(B31,'C.2'!$B$7:$E$206,4,0),0)+_xlfn.IFNA(VLOOKUP(B31,'C.3'!$B$7:$E$206,4,0),0)+_xlfn.IFNA(VLOOKUP(B31,'C.4'!$B$7:$E$206,4,0),0)+_xlfn.IFNA(VLOOKUP(B31,#REF!,4,0),0)+_xlfn.IFNA(VLOOKUP(B31,'C.6'!$B$7:$E$206,4,0),0)+_xlfn.IFNA(VLOOKUP(B31,'C.7'!$B$7:$E$206,4,0),0)+_xlfn.IFNA(VLOOKUP(B31,'C.8'!$B$7:$E$206,4,0),0)+_xlfn.IFNA(VLOOKUP(B31,'C.9'!$B$7:$E$205,4,0),0)+_xlfn.IFNA(VLOOKUP(B31,'C.10'!$B$7:$E$206,4,0),0)+_xlfn.IFNA(VLOOKUP(B31,'C.11'!$B$7:$E$206,4,0),0)+_xlfn.IFNA(VLOOKUP(B31,'C.12'!$B$7:$E$205,4,0),0)+_xlfn.IFNA(VLOOKUP(B31,'C.13'!$B$7:$E$207,4,0),0)+_xlfn.IFNA(VLOOKUP(B31,'C.14'!$B$7:$E$205,4,0),0)+_xlfn.IFNA(VLOOKUP(B31,'C.15'!$B$7:$E$206,4,0),0)+_xlfn.IFNA(VLOOKUP(B31,'C.16'!$B$7:$E$207,4,0),0) -> #REF! | F31: ='500.1.1.1P'!N56 -> #REF! | G31: =F31*E31 -> #REF! | I31: =_xlfn.IFNA(VLOOKUP(B31,'C.6'!$B$7:$E$207,4,0),0) -> 0 | J31: =F31*I31 -> #REF!
A32: 19 | B32: 500.1.2P | C32: CONSTRUCCIÓN PLACA DE CONCRETO PREMEZCLADO MR-42 , INCLUYE ALISTADO JUNTAS Y SELLANTES. | D32: M3 | E32: =_xlfn.IFNA(VLOOKUP(B32,'C.1'!$B$7:$E$206,4,0),0)+_xlfn.IFNA(VLOOKUP(B32,'C.2'!$B$7:$E$206,4,0),0)+_xlfn.IFNA(VLOOKUP(B32,'C.3'!$B$7:$E$206,4,0),0)+_xlfn.IFNA(VLOOKUP(B32,'C.4'!$B$7:$E$206,4,0),0)+_xlfn.IFNA(VLOOKUP(B32,#REF!,4,0),0)+_xlfn.IFNA(VLOOKUP(B32,'C.6'!$B$7:$E$206,4,0),0)+_xlfn.IFNA(VLOOKUP(B32,'C.7'!$B$7:$E$206,4,0),0)+_xlfn.IFNA(VLOOKUP(B32,'C.8'!$B$7:$E$206,4,0),0)+_xlfn.IFNA(VLOOKUP(B32,'C.9'!$B$7:$E$205,4,0),0)+_xlfn.IFNA(VLOOKUP(B32,'C.10'!$B$7:$E$206,4,0),0)+_xlfn.IFNA(VLOOKUP(B32,'C.11'!$B$7:$E$206,4,0),0)+_xlfn.IFNA(VLOOKUP(B32,'C.12'!$B$7:$E$205,4,0),0)+_xlfn.IFNA(VLOOKUP(B32,'C.13'!$B$7:$E$207,4,0),0)+_xlfn.IFNA(VLOOKUP(B32,'C.14'!$B$7:$E$205,4,0),0)+_xlfn.IFNA(VLOOKUP(B32,'C.15'!$B$7:$E$206,4,0),0)+_xlfn.IFNA(VLOOKUP(B32,'C.16'!$B$7:$E$207,4,0),0) -> #REF! | F32: =#REF! -> #REF! | G32: =F32*E32 -> #REF! | I32: =_xlfn.IFNA(VLOOKUP(B32,'C.6'!$B$7:$E$207,4,0),0) -> 0 | J32: =F32*I32 -> #REF!
A33: 20 | B33: 500.1.3P | C33: CONSTRUCCIÓN PLACA DE CONCRETO PREMEZCLADO MR-45 , INCLUYE ALISTADO JUNTAS Y SELLANTES. | D33: M3 | E33: =_xlfn.IFNA(VLOOKUP(B33,'C.1'!$B$7:$E$206,4,0),0)+_xlfn.IFNA(VLOOKUP(B33,'C.2'!$B$7:$E$206,4,0),0)+_xlfn.IFNA(VLOOKUP(B33,'C.3'!$B$7:$E$206,4,0),0)+_xlfn.IFNA(VLOOKUP(B33,'C.4'!$B$7:$E$206,4,0),0)+_xlfn.IFNA(VLOOKUP(B33,#REF!,4,0),0)+_xlfn.IFNA(VLOOKUP(B33,'C.6'!$B$7:$E$206,4,0),0)+_xlfn.IFNA(VLOOKUP(B33,'C.7'!$B$7:$E$206,4,0),0)+_xlfn.IFNA(VLOOKUP(B33,'C.8'!$B$7:$E$206,4,0),0)+_xlfn.IFNA(VLOOKUP(B33,'C.9'!$B$7:$E$205,4,0),0)+_xlfn.IFNA(VLOOKUP(B33,'C.10'!$B$7:$E$206,4,0),0)+_xlfn.IFNA(VLOOKUP(B33,'C.11'!$B$7:$E$206,4,0),0)+_xlfn.IFNA(VLOOKUP(B33,'C.12'!$B$7:$E$205,4,0),0)+_xlfn.IFNA(VLOOKUP(B33,'C.13'!$B$7:$E$207,4,0),0)+_xlfn.IFNA(VLOOKUP(B33,'C.14'!$B$7:$E$205,4,0),0)+_xlfn.IFNA(VLOOKUP(B33,'C.15'!$B$7:$E$206,4,0),0)+_xlfn.IFNA(VLOOKUP(B33,'C.16'!$B$7:$E$207,4,0),0) -> #REF! | F33: ='500.1.3P'!N56 -> #REF! | G33: =F33*E33 -> #REF! | I33: =_xlfn.IFNA(VLOOKUP(B33,'C.6'!$B$7:$E$207,4,0),0) -> 0 | J33: =F33*I33 -> #REF!
A34: 21 | B34: 9P | C34: CANASTILLA PARA BARRA PASA JUNTA | D34: ML | E34: =_xlfn.IFNA(VLOOKUP(B34,'C.1'!$B$7:$E$206,4,0),0)+_xlfn.IFNA(VLOOKUP(B34,'C.2'!$B$7:$E$206,4,0),0)+_xlfn.IFNA(VLOOKUP(B34,'C.3'!$B$7:$E$206,4,0),0)+_xlfn.IFNA(VLOOKUP(B34,'C.4'!$B$7:$E$206,4,0),0)+_xlfn.IFNA(VLOOKUP(B34,#REF!,4,0),0)+_xlfn.IFNA(VLOOKUP(B34,'C.6'!$B$7:$E$206,4,0),0)+_xlfn.IFNA(VLOOKUP(B34,'C.7'!$B$7:$E$206,4,0),0)+_xlfn.IFNA(VLOOKUP(B34,'C.8'!$B$7:$E$206,4,0),0)+_xlfn.IFNA(VLOOKUP(B34,'C.9'!$B$7:$E$205,4,0),0)+_xlfn.IFNA(VLOOKUP(B34,'C.10'!$B$7:$E$206,4,0),0)+_xlfn.IFNA(VLOOKUP(B34,'C.11'!$B$7:$E$206,4,0),0)+_xlfn.IFNA(VLOOKUP(B34,'C.12'!$B$7:$E$205,4,0),0)+_xlfn.IFNA(VLOOKUP(B34,'C.13'!$B$7:$E$207,4,0),0)+_xlfn.IFNA(VLOOKUP(B34,'C.14'!$B$7:$E$205,4,0),0)+_xlfn.IFNA(VLOOKUP(B34,'C.15'!$B$7:$E$206,4,0),0)+_xlfn.IFNA(VLOOKUP(B34,'C.16'!$B$7:$E$207,4,0),0) -> #REF! | F34: =#REF! -> #REF! | G34: =F34*E34 -> #REF! | I34: =_xlfn.IFNA(VLOOKUP(B34,'C.6'!$B$7:$E$207,4,0),0) -> 0 | J34: =F34*I34 -> #REF!
A35: 22 | B35: 10P | C35: CORTE DE PAVIMENTO RIGIDO CON CORTADORA | D35: ML | E35: =_xlfn.IFNA(VLOOKUP(B35,'C.1'!$B$7:$E$206,4,0),0)+_xlfn.IFNA(VLOOKUP(B35,'C.2'!$B$7:$E$206,4,0),0)+_xlfn.IFNA(VLOOKUP(B35,'C.3'!$B$7:$E$206,4,0),0)+_xlfn.IFNA(VLOOKUP(B35,'C.4'!$B$7:$E$206,4,0),0)+_xlfn.IFNA(VLOOKUP(B35,#REF!,4,0),0)+_xlfn.IFNA(VLOOKUP(B35,'C.6'!$B$7:$E$206,4,0),0)+_xlfn.IFNA(VLOOKUP(B35,'C.7'!$B$7:$E$206,4,0),0)+_xlfn.IFNA(VLOOKUP(B35,'C.8'!$B$7:$E$206,4,0),0)+_xlfn.IFNA(VLOOKUP(B35,'C.9'!$B$7:$E$205,4,0),0)+_xlfn.IFNA(VLOOKUP(B35,'C.10'!$B$7:$E$206,4,0),0)+_xlfn.IFNA(VLOOKUP(B35,'C.11'!$B$7:$E$206,4,0),0)+_xlfn.IFNA(VLOOKUP(B35,'C.12'!$B$7:$E$205,4,0),0)+_xlfn.IFNA(VLOOKUP(B35,'C.13'!$B$7:$E$207,4,0),0)+_xlfn.IFNA(VLOOKUP(B35,'C.14'!$B$7:$E$205,4,0),0)+_xlfn.IFNA(VLOOKUP(B35,'C.15'!$B$7:$E$206,4,0),0)+_xlfn.IFNA(VLOOKUP(B35,'C.16'!$B$7:$E$207,4,0),0) -> #REF! | F35: =#REF! -> #REF! | G35: =F35*E35 -> #REF! | I35: =_xlfn.IFNA(VLOOKUP(B35,'C.6'!$B$7:$E$207,4,0),0) -> 0 | J35: =F35*I35 -> #REF!
E36: =_xlfn.IFNA(VLOOKUP(B36,'C.1'!$B$7:$E$206,4,0),0)+_xlfn.IFNA(VLOOKUP(B36,'C.2'!$B$7:$E$206,4,0),0)+_xlfn.IFNA(VLOOKUP(B36,'C.3'!$B$7:$E$206,4,0),0)+_xlfn.IFNA(VLOOKUP(B36,'C.4'!$B$7:$E$206,4,0),0)+_xlfn.IFNA(VLOOKUP(B36,#REF!,4,0),0)+_xlfn.IFNA(VLOOKUP(B36,'C.6'!$B$7:$E$206,4,0),0)+_xlfn.IFNA(VLOOKUP(B36,'C.7'!$B$7:$E$206,4,0),0)+_xlfn.IFNA(VLOOKUP(B36,'C.8'!$B$7:$E$206,4,0),0)+_xlfn.IFNA(VLOOKUP(B36,'C.9'!$B$7:$E$205,4,0),0)+_xlfn.IFNA(VLOOKUP(B36,'C.10'!$B$7:$E$206,4,0),0)+_xlfn.IFNA(VLOOKUP(B36,'C.11'!$B$7:$E$206,4,0),0)+_xlfn.IFNA(VLOOKUP(B36,'C.12'!$B$7:$E$205,4,0),0)+_xlfn.IFNA(VLOOKUP(B36,'C.13'!$B$7:$E$207,4,0),0)+_xlfn.IFNA(VLOOKUP(B36,'C.14'!$B$7:$E$205,4,0),0)+_xlfn.IFNA(VLOOKUP(B36,'C.15'!$B$7:$E$206,4,0),0)+_xlfn.IFNA(VLOOKUP(B36,'C.16'!$B$7:$E$207,4,0),0) -> #REF! | G36: =SUM(G30:G35) -> #REF! | I36: =_xlfn.IFNA(VLOOKUP(B36,'C.6'!$B$7:$E$207,4,0),0) -> 0 | J36: =F36*I36 -> 0
C37: CONCRETOS | E37: =_xlfn.IFNA(VLOOKUP(B37,'C.1'!$B$7:$E$206,4,0),0)+_xlfn.IFNA(VLOOKUP(B37,'C.2'!$B$7:$E$206,4,0),0)+_xlfn.IFNA(VLOOKUP(B37,'C.3'!$B$7:$E$206,4,0),0)+_xlfn.IFNA(VLOOKUP(B37,'C.4'!$B$7:$E$206,4,0),0)+_xlfn.IFNA(VLOOKUP(B37,#REF!,4,0),0)+_xlfn.IFNA(VLOOKUP(B37,'C.6'!$B$7:$E$206,4,0),0)+_xlfn.IFNA(VLOOKUP(B37,'C.7'!$B$7:$E$206,4,0),0)+_xlfn.IFNA(VLOOKUP(B37,'C.8'!$B$7:$E$206,4,0),0)+_xlfn.IFNA(VLOOKUP(B37,'C.9'!$B$7:$E$205,4,0),0)+_xlfn.IFNA(VLOOKUP(B37,'C.10'!$B$7:$E$206,4,0),0)+_xlfn.IFNA(VLOOKUP(B37,'C.11'!$B$7:$E$206,4,0),0)+_xlfn.IFNA(VLOOKUP(B37,'C.12'!$B$7:$E$205,4,0),0)+_xlfn.IFNA(VLOOKUP(B37,'C.13'!$B$7:$E$207,4,0),0)+_xlfn.IFNA(VLOOKUP(B37,'C.14'!$B$7:$E$205,4,0),0)+_xlfn.IFNA(VLOOKUP(B37,'C.15'!$B$7:$E$206,4,0),0)+_xlfn.IFNA(VLOOKUP(B37,'C.16'!$B$7:$E$207,4,0),0) -> #REF! | G37: =F37*E37 -> #REF! | I37: =_xlfn.IFNA(VLOOKUP(B37,'C.6'!$B$7:$E$207,4,0),0) -> 0 | J37: =F37*I37 -> 0
A38: 23 | B38: 11P | C38: ANDEN EN CONCRETO (E=0.15) INCLUYE ALISTADO Y NIVELACION | D38: M2 | E38: =_xlfn.IFNA(VLOOKUP(B38,'C.1'!$B$7:$E$206,4,0),0)+_xlfn.IFNA(VLOOKUP(B38,'C.2'!$B$7:$E$206,4,0),0)+_xlfn.IFNA(VLOOKUP(B38,'C.3'!$B$7:$E$206,4,0),0)+_xlfn.IFNA(VLOOKUP(B38,'C.4'!$B$7:$E$206,4,0),0)+_xlfn.IFNA(VLOOKUP(B38,#REF!,4,0),0)+_xlfn.IFNA(VLOOKUP(B38,'C.6'!$B$7:$E$206,4,0),0)+_xlfn.IFNA(VLOOKUP(B38,'C.7'!$B$7:$E$206,4,0),0)+_xlfn.IFNA(VLOOKUP(B38,'C.8'!$B$7:$E$206,4,0),0)+_xlfn.IFNA(VLOOKUP(B38,'C.9'!$B$7:$E$205,4,0),0)+_xlfn.IFNA(VLOOKUP(B38,'C.10'!$B$7:$E$206,4,0),0)+_xlfn.IFNA(VLOOKUP(B38,'C.11'!$B$7:$E$206,4,0),0)+_xlfn.IFNA(VLOOKUP(B38,'C.12'!$B$7:$E$205,4,0),0)+_xlfn.IFNA(VLOOKUP(B38,'C.13'!$B$7:$E$207,4,0),0)+_xlfn.IFNA(VLOOKUP(B38,'C.14'!$B$7:$E$205,4,0),0)+_xlfn.IFNA(VLOOKUP(B38,'C.15'!$B$7:$E$206,4,0),0)+_xlfn.IFNA(VLOOKUP(B38,'C.16'!$B$7:$E$207,4,0),0) -> #REF! | F38: =#REF! -> #REF! | G38: =F38*E38 -> #REF! | I38: =_xlfn.IFNA(VLOOKUP(B38,'C.6'!$B$7:$E$207,4,0),0) -> 0 | J38: =F38*I38 -> #REF!
A39: 24 | B39: 12P | C39: SARDINEL PREFABRICADO (0,50*0,165*1) 3000 PSI INCLUYE EXCAVACION Y CONCRETO DE NIVELACION DE 5CM | D39: ML | E39: =_xlfn.IFNA(VLOOKUP(B39,'C.1'!$B$7:$E$206,4,0),0)+_xlfn.IFNA(VLOOKUP(B39,'C.2'!$B$7:$E$206,4,0),0)+_xlfn.IFNA(VLOOKUP(B39,'C.3'!$B$7:$E$206,4,0),0)+_xlfn.IFNA(VLOOKUP(B39,'C.4'!$B$7:$E$206,4,0),0)+_xlfn.IFNA(VLOOKUP(B39,#REF!,4,0),0)+_xlfn.IFNA(VLOOKUP(B39,'C.6'!$B$7:$E$206,4,0),0)+_xlfn.IFNA(VLOOKUP(B39,'C.7'!$B$7:$E$206,4,0),0)+_xlfn.IFNA(VLOOKUP(B39,'C.8'!$B$7:$E$206,4,0),0)+_xlfn.IFNA(VLOOKUP(B39,'C.9'!$B$7:$E$205,4,0),0)+_xlfn.IFNA(VLOOKUP(B39,'C.10'!$B$7:$E$206,4,0),0)+_xlfn.IFNA(VLOOKUP(B39,'C.11'!$B$7:$E$206,4,0),0)+_xlfn.IFNA(VLOOKUP(B39,'C.12'!$B$7:$E$205,4,0),0)+_xlfn.IFNA(VLOOKUP(B39,'C.13'!$B$7:$E$207,4,0),0)+_xlfn.IFNA(VLOOKUP(B39,'C.14'!$B$7:$E$205,4,0),0)+_xlfn.IFNA(VLOOKUP(B39,'C.15'!$B$7:$E$206,4,0),0)+_xlfn.IFNA(VLOOKUP(B39,'C.16'!$B$7:$E$207,4,0),0) -> #REF! | F39: ='12P'!N56 -> #REF! | G39: =F39*E39 -> #REF! | I39: =_xlfn.IFNA(VLOOKUP(B39,'C.6'!$B$7:$E$207,4,0),0) -> 0 | J39: =F39*I39 -> #REF!
A40: 25 | B40: 13P | C40: VIGA DE CONFINAMIENTO PARA TRANSICIÒN DE PAVIMENTO NUEVO CON ANTIGUO | D40: ML | E40: =_xlfn.IFNA(VLOOKUP(B40,'C.1'!$B$7:$E$206,4,0),0)+_xlfn.IFNA(VLOOKUP(B40,'C.2'!$B$7:$E$206,4,0),0)+_xlfn.IFNA(VLOOKUP(B40,'C.3'!$B$7:$E$206,4,0),0)+_xlfn.IFNA(VLOOKUP(B40,'C.4'!$B$7:$E$206,4,0),0)+_xlfn.IFNA(VLOOKUP(B40,#REF!,4,0),0)+_xlfn.IFNA(VLOOKUP(B40,'C.6'!$B$7:$E$206,4,0),0)+_xlfn.IFNA(VLOOKUP(B40,'C.7'!$B$7:$E$206,4,0),0)+_xlfn.IFNA(VLOOKUP(B40,'C.8'!$B$7:$E$206,4,0),0)+_xlfn.IFNA(VLOOKUP(B40,'C.9'!$B$7:$E$205,4,0),0)+_xlfn.IFNA(VLOOKUP(B40,'C.10'!$B$7:$E$206,4,0),0)+_xlfn.IFNA(VLOOKUP(B40,'C.11'!$B$7:$E$206,4,0),0)+_xlfn.IFNA(VLOOKUP(B40,'C.12'!$B$7:$E$205,4,0),0)+_xlfn.IFNA(VLOOKUP(B40,'C.13'!$B$7:$E$207,4,0),0)+_xlfn.IFNA(VLOOKUP(B40,'C.14'!$B$7:$E$205,4,0),0)+_xlfn.IFNA(VLOOKUP(B40,'C.15'!$B$7:$E$206,4,0),0)+_xlfn.IFNA(VLOOKUP(B40,'C.16'!$B$7:$E$207,4,0),0) -> #REF! | F40: =#REF! -> #REF! | G40: =F40*E40 -> #REF! | I40: =_xlfn.IFNA(VLOOKUP(B40,'C.6'!$B$7:$E$207,4,0),0) -> 0 | J40: =F40*I40 -> #REF!
A41: 26 | B41: 630.3 | C41: SUMINISTRO E INSTALACION CONCRETO RESISTENCIA 28MPa (C ) PREMEZCLADO | D41: M3 | E41: =_xlfn.IFNA(VLOOKUP(B41,'C.1'!$B$7:$E$206,4,0),0)+_xlfn.IFNA(VLOOKUP(B41,'C.2'!$B$7:$E$206,4,0),0)+_xlfn.IFNA(VLOOKUP(B41,'C.3'!$B$7:$E$206,4,0),0)+_xlfn.IFNA(VLOOKUP(B41,'C.4'!$B$7:$E$206,4,0),0)+_xlfn.IFNA(VLOOKUP(B41,#REF!,4,0),0)+_xlfn.IFNA(VLOOKUP(B41,'C.6'!$B$7:$E$206,4,0),0)+_xlfn.IFNA(VLOOKUP(B41,'C.7'!$B$7:$E$206,4,0),0)+_xlfn.IFNA(VLOOKUP(B41,'C.8'!$B$7:$E$206,4,0),0)+_xlfn.IFNA(VLOOKUP(B41,'C.9'!$B$7:$E$205,4,0),0)+_xlfn.IFNA(VLOOKUP(B41,'C.10'!$B$7:$E$206,4,0),0)+_xlfn.IFNA(VLOOKUP(B41,'C.11'!$B$7:$E$206,4,0),0)+_xlfn.IFNA(VLOOKUP(B41,'C.12'!$B$7:$E$205,4,0),0)+_xlfn.IFNA(VLOOKUP(B41,'C.13'!$B$7:$E$207,4,0),0)+_xlfn.IFNA(VLOOKUP(B41,'C.14'!$B$7:$E$205,4,0),0)+_xlfn.IFNA(VLOOKUP(B41,'C.15'!$B$7:$E$206,4,0),0)+_xlfn.IFNA(VLOOKUP(B41,'C.16'!$B$7:$E$207,4,0),0) -> #REF! | F41: =#REF! -> #REF! | G41: =F41*E41 -> #REF! | I41: =_xlfn.IFNA(VLOOKUP(B41,'C.6'!$B$7:$E$207,4,0),0) -> 0 | J41: =F41*I41 -> #REF!
A42: 27 | B42: 630.4 | C42: SUMINISTRO E INSTALACION CONCRETO RESISTENCIA 21MPa (D) PREMEZCLADO | D42: M3 | E42: =_xlfn.IFNA(VLOOKUP(B42,'C.1'!$B$7:$E$206,4,0),0)+_xlfn.IFNA(VLOOKUP(B42,'C.2'!$B$7:$E$206,4,0),0)+_xlfn.IFNA(VLOOKUP(B42,'C.3'!$B$7:$E$206,4,0),0)+_xlfn.IFNA(VLOOKUP(B42,'C.4'!$B$7:$E$206,4,0),0)+_xlfn.IFNA(VLOOKUP(B42,#REF!,4,0),0)+_xlfn.IFNA(VLOOKUP(B42,'C.6'!$B$7:$E$206,4,0),0)+_xlfn.IFNA(VLOOKUP(B42,'C.7'!$B$7:$E$206,4,0),0)+_xlfn.IFNA(VLOOKUP(B42,'C.8'!$B$7:$E$206,4,0),0)+_xlfn.IFNA(VLOOKUP(B42,'C.9'!$B$7:$E$205,4,0),0)+_xlfn.IFNA(VLOOKUP(B42,'C.10'!$B$7:$E$206,4,0),0)+_xlfn.IFNA(VLOOKUP(B42,'C.11'!$B$7:$E$206,4,0),0)+_xlfn.IFNA(VLOOKUP(B42,'C.12'!$B$7:$E$205,4,0),0)+_xlfn.IFNA(VLOOKUP(B42,'C.13'!$B$7:$E$207,4,0),0)+_xlfn.IFNA(VLOOKUP(B42,'C.14'!$B$7:$E$205,4,0),0)+_xlfn.IFNA(VLOOKUP(B42,'C.15'!$B$7:$E$206,4,0),0)+_xlfn.IFNA(VLOOKUP(B42,'C.16'!$B$7:$E$207,4,0),0) -> #REF! | F42: =#REF! -> #REF! | G42: =F42*E42 -> #REF! | I42: =_xlfn.IFNA(VLOOKUP(B42,'C.6'!$B$7:$E$207,4,0),0) -> 0 | J42: =F42*I42 -> #REF!
A43: 28 | B43: 630.5 | C43: SUMINISTRO E INSTALACION CONCRETO RESISTENCIA 14MPa (F) PREMEZCLADO | D43: M3 | E43: =_xlfn.IFNA(VLOOKUP(B43,'C.1'!$B$7:$E$206,4,0),0)+_xlfn.IFNA(VLOOKUP(B43,'C.2'!$B$7:$E$206,4,0),0)+_xlfn.IFNA(VLOOKUP(B43,'C.3'!$B$7:$E$206,4,0),0)+_xlfn.IFNA(VLOOKUP(B43,'C.4'!$B$7:$E$206,4,0),0)+_xlfn.IFNA(VLOOKUP(B43,#REF!,4,0),0)+_xlfn.IFNA(VLOOKUP(B43,'C.6'!$B$7:$E$206,4,0),0)+_xlfn.IFNA(VLOOKUP(B43,'C.7'!$B$7:$E$206,4,0),0)+_xlfn.IFNA(VLOOKUP(B43,'C.8'!$B$7:$E$206,4,0),0)+_xlfn.IFNA(VLOOKUP(B43,'C.9'!$B$7:$E$205,4,0),0)+_xlfn.IFNA(VLOOKUP(B43,'C.10'!$B$7:$E$206,4,0),0)+_xlfn.IFNA(VLOOKUP(B43,'C.11'!$B$7:$E$206,4,0),0)+_xlfn.IFNA(VLOOKUP(B43,'C.12'!$B$7:$E$205,4,0),0)+_xlfn.IFNA(VLOOKUP(B43,'C.13'!$B$7:$E$207,4,0),0)+_xlfn.IFNA(VLOOKUP(B43,'C.14'!$B$7:$E$205,4,0),0)+_xlfn.IFNA(VLOOKUP(B43,'C.15'!$B$7:$E$206,4,0),0)+_xlfn.IFNA(VLOOKUP(B43,'C.16'!$B$7:$E$207,4,0),0) -> #REF! | F43: =#REF! -> #REF! | G43: =F43*E43 -> #REF! | I43: =_xlfn.IFNA(VLOOKUP(B43,'C.6'!$B$7:$E$207,4,0),0) -> 0 | J43: =F43*I43 -> #REF!
A44: 29 | B44: 630.3P'!A1 | C44: SUMINISTRO E INSTALACION CONCRETO RESISTENCIA 28MPa (C ) MEZCLADO EN SITIO | D44: M3 | E44: =_xlfn.IFNA(VLOOKUP(B44,'C.1'!$B$7:$E$206,4,0),0)+_xlfn.IFNA(VLOOKUP(B44,'C.2'!$B$7:$E$206,4,0),0)+_xlfn.IFNA(VLOOKUP(B44,'C.3'!$B$7:$E$206,4,0),0)+_xlfn.IFNA(VLOOKUP(B44,'C.4'!$B$7:$E$206,4,0),0)+_xlfn.IFNA(VLOOKUP(B44,#REF!,4,0),0)+_xlfn.IFNA(VLOOKUP(B44,'C.6'!$B$7:$E$206,4,0),0)+_xlfn.IFNA(VLOOKUP(B44,'C.7'!$B$7:$E$206,4,0),0)+_xlfn.IFNA(VLOOKUP(B44,'C.8'!$B$7:$E$206,4,0),0)+_xlfn.IFNA(VLOOKUP(B44,'C.9'!$B$7:$E$205,4,0),0)+_xlfn.IFNA(VLOOKUP(B44,'C.10'!$B$7:$E$206,4,0),0)+_xlfn.IFNA(VLOOKUP(B44,'C.11'!$B$7:$E$206,4,0),0)+_xlfn.IFNA(VLOOKUP(B44,'C.12'!$B$7:$E$205,4,0),0)+_xlfn.IFNA(VLOOKUP(B44,'C.13'!$B$7:$E$207,4,0),0)+_xlfn.IFNA(VLOOKUP(B44,'C.14'!$B$7:$E$205,4,0),0)+_xlfn.IFNA(VLOOKUP(B44,'C.15'!$B$7:$E$206,4,0),0)+_xlfn.IFNA(VLOOKUP(B44,'C.16'!$B$7:$E$207,4,0),0) -> #REF! | F44: =#REF! -> #REF! | G44: =F44*E44 -> #REF! | I44: =_xlfn.IFNA(VLOOKUP(B44,'C.6'!$B$7:$E$207,4,0),0) -> 0 | J44: =F44*I44 -> #REF!
A45: 30 | B45: 630.4P'!A1 | C45: SUMINISTRO E INSTALACION CONCRETO RESISTENCIA 21MPa (C ) MEZCLADO EN SITIO | D45: M3 | E45: =_xlfn.IFNA(VLOOKUP(B45,'C.1'!$B$7:$E$206,4,0),0)+_xlfn.IFNA(VLOOKUP(B45,'C.2'!$B$7:$E$206,4,0),0)+_xlfn.IFNA(VLOOKUP(B45,'C.3'!$B$7:$E$206,4,0),0)+_xlfn.IFNA(VLOOKUP(B45,'C.4'!$B$7:$E$206,4,0),0)+_xlfn.IFNA(VLOOKUP(B45,#REF!,4,0),0)+_xlfn.IFNA(VLOOKUP(B45,'C.6'!$B$7:$E$206,4,0),0)+_xlfn.IFNA(VLOOKUP(B45,'C.7'!$B$7:$E$206,4,0),0)+_xlfn.IFNA(VLOOKUP(B45,'C.8'!$B$7:$E$206,4,0),0)+_xlfn.IFNA(VLOOKUP(B45,'C.9'!$B$7:$E$205,4,0),0)+_xlfn.IFNA(VLOOKUP(B45,'C.10'!$B$7:$E$206,4,0),0)+_xlfn.IFNA(VLOOKUP(B45,'C.11'!$B$7:$E$206,4,0),0)+_xlfn.IFNA(VLOOKUP(B45,'C.12'!$B$7:$E$205,4,0),0)+_xlfn.IFNA(VLOOKUP(B45,'C.13'!$B$7:$E$207,4,0),0)+_xlfn.IFNA(VLOOKUP(B45,'C.14'!$B$7:$E$205,4,0),0)+_xlfn.IFNA(VLOOKUP(B45,'C.15'!$B$7:$E$206,4,0),0)+_xlfn.IFNA(VLOOKUP(B45,'C.16'!$B$7:$E$207,4,0),0) -> #REF! | F45: =#REF! -> #REF! | G45: =F45*E45 -> #REF! | I45: =_xlfn.IFNA(VLOOKUP(B45,'C.6'!$B$7:$E$207,4,0),0) -> 0 | J45: =F45*I45 -> #REF!
A46: 31 | B46: 630.5P'!A1 | C46: SUMINISTRO E INSTALACION CONCRETO RESISTENCIA 14 MPa (C ) MEZCLADO EN SITIO | D46: M3 | E46: =_xlfn.IFNA(VLOOKUP(B46,'C.1'!$B$7:$E$206,4,0),0)+_xlfn.IFNA(VLOOKUP(B46,'C.2'!$B$7:$E$206,4,0),0)+_xlfn.IFNA(VLOOKUP(B46,'C.3'!$B$7:$E$206,4,0),0)+_xlfn.IFNA(VLOOKUP(B46,'C.4'!$B$7:$E$206,4,0),0)+_xlfn.IFNA(VLOOKUP(B46,#REF!,4,0),0)+_xlfn.IFNA(VLOOKUP(B46,'C.6'!$B$7:$E$206,4,0),0)+_xlfn.IFNA(VLOOKUP(B46,'C.7'!$B$7:$E$206,4,0),0)+_xlfn.IFNA(VLOOKUP(B46,'C.8'!$B$7:$E$206,4,0),0)+_xlfn.IFNA(VLOOKUP(B46,'C.9'!$B$7:$E$205,4,0),0)+_xlfn.IFNA(VLOOKUP(B46,'C.10'!$B$7:$E$206,4,0),0)+_xlfn.IFNA(VLOOKUP(B46,'C.11'!$B$7:$E$206,4,0),0)+_xlfn.IFNA(VLOOKUP(B46,'C.12'!$B$7:$E$205,4,0),0)+_xlfn.IFNA(VLOOKUP(B46,'C.13'!$B$7:$E$207,4,0),0)+_xlfn.IFNA(VLOOKUP(B46,'C.14'!$B$7:$E$205,4,0),0)+_xlfn.IFNA(VLOOKUP(B46,'C.15'!$B$7:$E$206,4,0),0)+_xlfn.IFNA(VLOOKUP(B46,'C.16'!$B$7:$E$207,4,0),0) -> #REF! | F46: =#REF! -> #REF! | G46: =F46*E46 -> #REF! | I46: =_xlfn.IFNA(VLOOKUP(B46,'C.6'!$B$7:$E$207,4,0),0) -> 0 | J46: =F46*I46 -> #REF!
E47: =_xlfn.IFNA(VLOOKUP(B47,'C.1'!$B$7:$E$206,4,0),0)+_xlfn.IFNA(VLOOKUP(B47,'C.2'!$B$7:$E$206,4,0),0)+_xlfn.IFNA(VLOOKUP(B47,'C.3'!$B$7:$E$206,4,0),0)+_xlfn.IFNA(VLOOKUP(B47,'C.4'!$B$7:$E$206,4,0),0)+_xlfn.IFNA(VLOOKUP(B47,#REF!,4,0),0)+_xlfn.IFNA(VLOOKUP(B47,'C.6'!$B$7:$E$206,4,0),0)+_xlfn.IFNA(VLOOKUP(B47,'C.7'!$B$7:$E$206,4,0),0)+_xlfn.IFNA(VLOOKUP(B47,'C.8'!$B$7:$E$206,4,0),0)+_xlfn.IFNA(VLOOKUP(B47,'C.9'!$B$7:$E$205,4,0),0)+_xlfn.IFNA(VLOOKUP(B47,'C.10'!$B$7:$E$206,4,0),0)+_xlfn.IFNA(VLOOKUP(B47,'C.11'!$B$7:$E$206,4,0),0)+_xlfn.IFNA(VLOOKUP(B47,'C.12'!$B$7:$E$205,4,0),0)+_xlfn.IFNA(VLOOKUP(B47,'C.13'!$B$7:$E$207,4,0),0)+_xlfn.IFNA(VLOOKUP(B47,'C.14'!$B$7:$E$205,4,0),0)+_xlfn.IFNA(VLOOKUP(B47,'C.15'!$B$7:$E$206,4,0),0)+_xlfn.IFNA(VLOOKUP(B47,'C.16'!$B$7:$E$207,4,0),0) -> #REF! | G47: =SUM(G38:G46) -> #REF! | I47: =_xlfn.IFNA(VLOOKUP(B47,'C.6'!$B$7:$E$207,4,0),0) -> 0 | J47: =F47*I47 -> 0
C48: PAVIMENTOS ASFALTICOS | E48: =_xlfn.IFNA(VLOOKUP(B48,'C.1'!$B$7:$E$206,4,0),0)+_xlfn.IFNA(VLOOKUP(B48,'C.2'!$B$7:$E$206,4,0),0)+_xlfn.IFNA(VLOOKUP(B48,'C.3'!$B$7:$E$206,4,0),0)+_xlfn.IFNA(VLOOKUP(B48,'C.4'!$B$7:$E$206,4,0),0)+_xlfn.IFNA(VLOOKUP(B48,#REF!,4,0),0)+_xlfn.IFNA(VLOOKUP(B48,'C.6'!$B$7:$E$206,4,0),0)+_xlfn.IFNA(VLOOKUP(B48,'C.7'!$B$7:$E$206,4,0),0)+_xlfn.IFNA(VLOOKUP(B48,'C.8'!$B$7:$E$206,4,0),0)+_xlfn.IFNA(VLOOKUP(B48,'C.9'!$B$7:$E$205,4,0),0)+_xlfn.IFNA(VLOOKUP(B48,'C.10'!$B$7:$E$206,4,0),0)+_xlfn.IFNA(VLOOKUP(B48,'C.11'!$B$7:$E$206,4,0),0)+_xlfn.IFNA(VLOOKUP(B48,'C.12'!$B$7:$E$205,4,0),0)+_xlfn.IFNA(VLOOKUP(B48,'C.13'!$B$7:$E$207,4,0),0)+_xlfn.IFNA(VLOOKUP(B48,'C.14'!$B$7:$E$205,4,0),0)+_xlfn.IFNA(VLOOKUP(B48,'C.15'!$B$7:$E$206,4,0),0)+_xlfn.IFNA(VLOOKUP(B48,'C.16'!$B$7:$E$207,4,0),0) -> #REF! | G48: =F48*E48 -> #REF! | I48: =_xlfn.IFNA(VLOOKUP(B48,'C.6'!$B$7:$E$207,4,0),0) -> 0 | J48: =F48*I48 -> 0
A49: 32 | B49: 420.1 | C49: RIEGO DE IMPRIMACION CON EMULSION ASFALTICA CRL-0 | D49: M2 | E49: =_xlfn.IFNA(VLOOKUP(B49,'C.1'!$B$7:$E$206,4,0),0)+_xlfn.IFNA(VLOOKUP(B49,'C.2'!$B$7:$E$206,4,0),0)+_xlfn.IFNA(VLOOKUP(B49,'C.3'!$B$7:$E$206,4,0),0)+_xlfn.IFNA(VLOOKUP(B49,'C.4'!$B$7:$E$206,4,0),0)+_xlfn.IFNA(VLOOKUP(B49,#REF!,4,0),0)+_xlfn.IFNA(VLOOKUP(B49,'C.6'!$B$7:$E$206,4,0),0)+_xlfn.IFNA(VLOOKUP(B49,'C.7'!$B$7:$E$206,4,0),0)+_xlfn.IFNA(VLOOKUP(B49,'C.8'!$B$7:$E$206,4,0),0)+_xlfn.IFNA(VLOOKUP(B49,'C.9'!$B$7:$E$205,4,0),0)+_xlfn.IFNA(VLOOKUP(B49,'C.10'!$B$7:$E$206,4,0),0)+_xlfn.IFNA(VLOOKUP(B49,'C.11'!$B$7:$E$206,4,0),0)+_xlfn.IFNA(VLOOKUP(B49,'C.12'!$B$7:$E$205,4,0),0)+_xlfn.IFNA(VLOOKUP(B49,'C.13'!$B$7:$E$207,4,0),0)+_xlfn.IFNA(VLOOKUP(B49,'C.14'!$B$7:$E$205,4,0),0)+_xlfn.IFNA(VLOOKUP(B49,'C.15'!$B$7:$E$206,4,0),0)+_xlfn.IFNA(VLOOKUP(B49,'C.16'!$B$7:$E$207,4,0),0) -> #REF! | F49: =+'420.1'!N48 -> #REF! | G49: =F49*E49 -> #REF! | I49: =_xlfn.IFNA(VLOOKUP(B49,'C.6'!$B$7:$E$207,4,0),0) -> 0 | J49: =F49*I49 -> #REF!
A50: 33 | B50: 450.2P | C50: MEZCLA DENSA EN CALIENTE TIPO MDC-19 | D50: M3 | E50: =_xlfn.IFNA(VLOOKUP(B50,'C.1'!$B$7:$E$206,4,0),0)+_xlfn.IFNA(VLOOKUP(B50,'C.2'!$B$7:$E$206,4,0),0)+_xlfn.IFNA(VLOOKUP(B50,'C.3'!$B$7:$E$206,4,0),0)+_xlfn.IFNA(VLOOKUP(B50,'C.4'!$B$7:$E$206,4,0),0)+_xlfn.IFNA(VLOOKUP(B50,#REF!,4,0),0)+_xlfn.IFNA(VLOOKUP(B50,'C.6'!$B$7:$E$206,4,0),0)+_xlfn.IFNA(VLOOKUP(B50,'C.7'!$B$7:$E$206,4,0),0)+_xlfn.IFNA(VLOOKUP(B50,'C.8'!$B$7:$E$206,4,0),0)+_xlfn.IFNA(VLOOKUP(B50,'C.9'!$B$7:$E$205,4,0),0)+_xlfn.IFNA(VLOOKUP(B50,'C.10'!$B$7:$E$206,4,0),0)+_xlfn.IFNA(VLOOKUP(B50,'C.11'!$B$7:$E$206,4,0),0)+_xlfn.IFNA(VLOOKUP(B50,'C.12'!$B$7:$E$205,4,0),0)+_xlfn.IFNA(VLOOKUP(B50,'C.13'!$B$7:$E$207,4,0),0)+_xlfn.IFNA(VLOOKUP(B50,'C.14'!$B$7:$E$205,4,0),0)+_xlfn.IFNA(VLOOKUP(B50,'C.15'!$B$7:$E$206,4,0),0)+_xlfn.IFNA(VLOOKUP(B50,'C.16'!$B$7:$E$207,4,0),0) -> #REF! | F50: =+'450.2P'!N53 -> #REF! | G50: =F50*E50 -> #REF! | I50: =_xlfn.IFNA(VLOOKUP(B50,'C.6'!$B$7:$E$207,4,0),0) -> 0 | J50: =F50*I50 -> #REF!
A51: 34 | B51: 10.1P | C51: CORTE PAVIMENTO FLEXIBLE CON CORTADORA | D51: ML | E51: =_xlfn.IFNA(VLOOKUP(B51,'C.1'!$B$7:$E$206,4,0),0)+_xlfn.IFNA(VLOOKUP(B51,'C.2'!$B$7:$E$206,4,0),0)+_xlfn.IFNA(VLOOKUP(B51,'C.3'!$B$7:$E$206,4,0),0)+_xlfn.IFNA(VLOOKUP(B51,'C.4'!$B$7:$E$206,4,0),0)+_xlfn.IFNA(VLOOKUP(B51,#REF!,4,0),0)+_xlfn.IFNA(VLOOKUP(B51,'C.6'!$B$7:$E$206,4,0),0)+_xlfn.IFNA(VLOOKUP(B51,'C.7'!$B$7:$E$206,4,0),0)+_xlfn.IFNA(VLOOKUP(B51,'C.8'!$B$7:$E$206,4,0),0)+_xlfn.IFNA(VLOOKUP(B51,'C.9'!$B$7:$E$205,4,0),0)+_xlfn.IFNA(VLOOKUP(B51,'C.10'!$B$7:$E$206,4,0),0)+_xlfn.IFNA(VLOOKUP(B51,'C.11'!$B$7:$E$206,4,0),0)+_xlfn.IFNA(VLOOKUP(B51,'C.12'!$B$7:$E$205,4,0),0)+_xlfn.IFNA(VLOOKUP(B51,'C.13'!$B$7:$E$207,4,0),0)+_xlfn.IFNA(VLOOKUP(B51,'C.14'!$B$7:$E$205,4,0),0)+_xlfn.IFNA(VLOOKUP(B51,'C.15'!$B$7:$E$206,4,0),0)+_xlfn.IFNA(VLOOKUP(B51,'C.16'!$B$7:$E$207,4,0),0) -> #REF! | F51: =#REF! -> #REF! | G51: =F51*E51 -> #REF! | I51: =_xlfn.IFNA(VLOOKUP(B51,'C.6'!$B$7:$E$207,4,0),0) -> 0 | J51: =F51*I51 -> #REF!
E52: =_xlfn.IFNA(VLOOKUP(B52,'C.1'!$B$7:$E$206,4,0),0)+_xlfn.IFNA(VLOOKUP(B52,'C.2'!$B$7:$E$206,4,0),0)+_xlfn.IFNA(VLOOKUP(B52,'C.3'!$B$7:$E$206,4,0),0)+_xlfn.IFNA(VLOOKUP(B52,'C.4'!$B$7:$E$206,4,0),0)+_xlfn.IFNA(VLOOKUP(B52,#REF!,4,0),0)+_xlfn.IFNA(VLOOKUP(B52,'C.6'!$B$7:$E$206,4,0),0)+_xlfn.IFNA(VLOOKUP(B52,'C.7'!$B$7:$E$206,4,0),0)+_xlfn.IFNA(VLOOKUP(B52,'C.8'!$B$7:$E$206,4,0),0)+_xlfn.IFNA(VLOOKUP(B52,'C.9'!$B$7:$E$205,4,0),0)+_xlfn.IFNA(VLOOKUP(B52,'C.10'!$B$7:$E$206,4,0),0)+_xlfn.IFNA(VLOOKUP(B52,'C.11'!$B$7:$E$206,4,0),0)+_xlfn.IFNA(VLOOKUP(B52,'C.12'!$B$7:$E$205,4,0),0)+_xlfn.IFNA(VLOOKUP(B52,'C.13'!$B$7:$E$207,4,0),0)+_xlfn.IFNA(VLOOKUP(B52,'C.14'!$B$7:$E$205,4,0),0)+_xlfn.IFNA(VLOOKUP(B52,'C.15'!$B$7:$E$206,4,0),0)+_xlfn.IFNA(VLOOKUP(B52,'C.16'!$B$7:$E$207,4,0),0) -> #REF! | G52: =SUM(G49:G51) -> #REF! | I52: =_xlfn.IFNA(VLOOKUP(B52,'C.6'!$B$7:$E$207,4,0),0) -> 0 | J52: =F52*I52 -> 0
C53: ACERO | E53: =_xlfn.IFNA(VLOOKUP(B53,'C.1'!$B$7:$E$206,4,0),0)+_xlfn.IFNA(VLOOKUP(B53,'C.2'!$B$7:$E$206,4,0),0)+_xlfn.IFNA(VLOOKUP(B53,'C.3'!$B$7:$E$206,4,0),0)+_xlfn.IFNA(VLOOKUP(B53,'C.4'!$B$7:$E$206,4,0),0)+_xlfn.IFNA(VLOOKUP(B53,#REF!,4,0),0)+_xlfn.IFNA(VLOOKUP(B53,'C.6'!$B$7:$E$206,4,0),0)+_xlfn.IFNA(VLOOKUP(B53,'C.7'!$B$7:$E$206,4,0),0)+_xlfn.IFNA(VLOOKUP(B53,'C.8'!$B$7:$E$206,4,0),0)+_xlfn.IFNA(VLOOKUP(B53,'C.9'!$B$7:$E$205,4,0),0)+_xlfn.IFNA(VLOOKUP(B53,'C.10'!$B$7:$E$206,4,0),0)+_xlfn.IFNA(VLOOKUP(B53,'C.11'!$B$7:$E$206,4,0),0)+_xlfn.IFNA(VLOOKUP(B53,'C.12'!$B$7:$E$205,4,0),0)+_xlfn.IFNA(VLOOKUP(B53,'C.13'!$B$7:$E$207,4,0),0)+_xlfn.IFNA(VLOOKUP(B53,'C.14'!$B$7:$E$205,4,0),0)+_xlfn.IFNA(VLOOKUP(B53,'C.15'!$B$7:$E$206,4,0),0)+_xlfn.IFNA(VLOOKUP(B53,'C.16'!$B$7:$E$207,4,0),0) -> #REF! | G53: =F53*E53 -> #REF! | I53: =_xlfn.IFNA(VLOOKUP(B53,'C.6'!$B$7:$E$207,4,0),0) -> 0 | J53: =F53*I53 -> 0
A54: 35 | B54: 640.1 | C54: ACERO DE REFUERZO FY 4200 MPA. SUMINISTRADO, FIGURADO E INSTALADO | D54: KG | E54: =_xlfn.IFNA(VLOOKUP(B54,'C.1'!$B$7:$E$206,4,0),0)+_xlfn.IFNA(VLOOKUP(B54,'C.2'!$B$7:$E$206,4,0),0)+_xlfn.IFNA(VLOOKUP(B54,'C.3'!$B$7:$E$206,4,0),0)+_xlfn.IFNA(VLOOKUP(B54,'C.4'!$B$7:$E$206,4,0),0)+_xlfn.IFNA(VLOOKUP(B54,#REF!,4,0),0)+_xlfn.IFNA(VLOOKUP(B54,'C.6'!$B$7:$E$206,4,0),0)+_xlfn.IFNA(VLOOKUP(B54,'C.7'!$B$7:$E$206,4,0),0)+_xlfn.IFNA(VLOOKUP(B54,'C.8'!$B$7:$E$206,4,0),0)+_xlfn.IFNA(VLOOKUP(B54,'C.9'!$B$7:$E$205,4,0),0)+_xlfn.IFNA(VLOOKUP(B54,'C.10'!$B$7:$E$206,4,0),0)+_xlfn.IFNA(VLOOKUP(B54,'C.11'!$B$7:$E$206,4,0),0)+_xlfn.IFNA(VLOOKUP(B54,'C.12'!$B$7:$E$205,4,0),0)+_xlfn.IFNA(VLOOKUP(B54,'C.13'!$B$7:$E$207,4,0),0)+_xlfn.IFNA(VLOOKUP(B54,'C.14'!$B$7:$E$205,4,0),0)+_xlfn.IFNA(VLOOKUP(B54,'C.15'!$B$7:$E$206,4,0),0)+_xlfn.IFNA(VLOOKUP(B54,'C.16'!$B$7:$E$207,4,0),0) -> #REF! | F54: =#REF! -> #REF! | G54: =F54*E54 -> #REF! | I54: =_xlfn.IFNA(VLOOKUP(B54,'C.6'!$B$7:$E$207,4,0),0) -> 0 | J54: =F54*I54 -> #REF!
B55: 640.2P | C55: ACERO LISO PARA BARRA PASA JUNTA (DOVELAS) | D55: KG | E55: =_xlfn.IFNA(VLOOKUP(B55,'C.1'!$B$7:$E$206,4,0),0)+_xlfn.IFNA(VLOOKUP(B55,'C.2'!$B$7:$E$206,4,0),0)+_xlfn.IFNA(VLOOKUP(B55,'C.3'!$B$7:$E$206,4,0),0)+_xlfn.IFNA(VLOOKUP(B55,'C.4'!$B$7:$E$206,4,0),0)+_xlfn.IFNA(VLOOKUP(B55,#REF!,4,0),0)+_xlfn.IFNA(VLOOKUP(B55,'C.6'!$B$7:$E$206,4,0),0)+_xlfn.IFNA(VLOOKUP(B55,'C.7'!$B$7:$E$206,4,0),0)+_xlfn.IFNA(VLOOKUP(B55,'C.8'!$B$7:$E$206,4,0),0)+_xlfn.IFNA(VLOOKUP(B55,'C.9'!$B$7:$E$205,4,0),0)+_xlfn.IFNA(VLOOKUP(B55,'C.10'!$B$7:$E$206,4,0),0)+_xlfn.IFNA(VLOOKUP(B55,'C.11'!$B$7:$E$206,4,0),0)+_xlfn.IFNA(VLOOKUP(B55,'C.12'!$B$7:$E$205,4,0),0)+_xlfn.IFNA(VLOOKUP(B55,'C.13'!$B$7:$E$207,4,0),0)+_xlfn.IFNA(VLOOKUP(B55,'C.14'!$B$7:$E$205,4,0),0)+_xlfn.IFNA(VLOOKUP(B55,'C.15'!$B$7:$E$206,4,0),0)+_xlfn.IFNA(VLOOKUP(B55,'C.16'!$B$7:$E$207,4,0),0) -> #REF! | F55: =#REF! -> #REF! | G55: =F55*E55 -> #REF! | I55: =_xlfn.IFNA(VLOOKUP(B55,'C.6'!$B$7:$E$207,4,0),0) -> 0 | J55: =F55*I55 -> #REF!
E56: =_xlfn.IFNA(VLOOKUP(B56,'C.1'!$B$7:$E$206,4,0),0)+_xlfn.IFNA(VLOOKUP(B56,'C.2'!$B$7:$E$206,4,0),0)+_xlfn.IFNA(VLOOKUP(B56,'C.3'!$B$7:$E$206,4,0),0)+_xlfn.IFNA(VLOOKUP(B56,'C.4'!$B$7:$E$206,4,0),0)+_xlfn.IFNA(VLOOKUP(B56,#REF!,4,0),0)+_xlfn.IFNA(VLOOKUP(B56,'C.6'!$B$7:$E$206,4,0),0)+_xlfn.IFNA(VLOOKUP(B56,'C.7'!$B$7:$E$206,4,0),0)+_xlfn.IFNA(VLOOKUP(B56,'C.8'!$B$7:$E$206,4,0),0)+_xlfn.IFNA(VLOOKUP(B56,'C.9'!$B$7:$E$205,4,0),0)+_xlfn.IFNA(VLOOKUP(B56,'C.10'!$B$7:$E$206,4,0),0)+_xlfn.IFNA(VLOOKUP(B56,'C.11'!$B$7:$E$206,4,0),0)+_xlfn.IFNA(VLOOKUP(B56,'C.12'!$B$7:$E$205,4,0),0)+_xlfn.IFNA(VLOOKUP(B56,'C.13'!$B$7:$E$207,4,0),0)+_xlfn.IFNA(VLOOKUP(B56,'C.14'!$B$7:$E$205,4,0),0)+_xlfn.IFNA(VLOOKUP(B56,'C.15'!$B$7:$E$206,4,0),0)+_xlfn.IFNA(VLOOKUP(B56,'C.16'!$B$7:$E$207,4,0),0) -> #REF! | G56: =SUM(G54:G55) -> #REF! | I56: =_xlfn.IFNA(VLOOKUP(B56,'C.6'!$B$7:$E$207,4,0),0) -> 0 | J56: =F56*I56 -> 0
C57: FILTROS Y DRENAJES | E57: =_xlfn.IFNA(VLOOKUP(B57,'C.1'!$B$7:$E$206,4,0),0)+_xlfn.IFNA(VLOOKUP(B57,'C.2'!$B$7:$E$206,4,0),0)+_xlfn.IFNA(VLOOKUP(B57,'C.3'!$B$7:$E$206,4,0),0)+_xlfn.IFNA(VLOOKUP(B57,'C.4'!$B$7:$E$206,4,0),0)+_xlfn.IFNA(VLOOKUP(B57,#REF!,4,0),0)+_xlfn.IFNA(VLOOKUP(B57,'C.6'!$B$7:$E$206,4,0),0)+_xlfn.IFNA(VLOOKUP(B57,'C.7'!$B$7:$E$206,4,0),0)+_xlfn.IFNA(VLOOKUP(B57,'C.8'!$B$7:$E$206,4,0),0)+_xlfn.IFNA(VLOOKUP(B57,'C.9'!$B$7:$E$205,4,0),0)+_xlfn.IFNA(VLOOKUP(B57,'C.10'!$B$7:$E$206,4,0),0)+_xlfn.IFNA(VLOOKUP(B57,'C.11'!$B$7:$E$206,4,0),0)+_xlfn.IFNA(VLOOKUP(B57,'C.12'!$B$7:$E$205,4,0),0)+_xlfn.IFNA(VLOOKUP(B57,'C.13'!$B$7:$E$207,4,0),0)+_xlfn.IFNA(VLOOKUP(B57,'C.14'!$B$7:$E$205,4,0),0)+_xlfn.IFNA(VLOOKUP(B57,'C.15'!$B$7:$E$206,4,0),0)+_xlfn.IFNA(VLOOKUP(B57,'C.16'!$B$7:$E$207,4,0),0) -> #REF! | G57: =F57*E57 -> #REF! | I57: =_xlfn.IFNA(VLOOKUP(B57,'C.6'!$B$7:$E$207,4,0),0) -> 0 | J57: =F57*I57 -> 0
A58: 36 | B58: 673.1.1 | C58: GEOTEXTIL TIPO NT-2500 O SIMILAR NO TEJIDO | D58: M2 | E58: =_xlfn.IFNA(VLOOKUP(B58,'C.1'!$B$7:$E$206,4,0),0)+_xlfn.IFNA(VLOOKUP(B58,'C.2'!$B$7:$E$206,4,0),0)+_xlfn.IFNA(VLOOKUP(B58,'C.3'!$B$7:$E$206,4,0),0)+_xlfn.IFNA(VLOOKUP(B58,'C.4'!$B$7:$E$206,4,0),0)+_xlfn.IFNA(VLOOKUP(B58,#REF!,4,0),0)+_xlfn.IFNA(VLOOKUP(B58,'C.6'!$B$7:$E$206,4,0),0)+_xlfn.IFNA(VLOOKUP(B58,'C.7'!$B$7:$E$206,4,0),0)+_xlfn.IFNA(VLOOKUP(B58,'C.8'!$B$7:$E$206,4,0),0)+_xlfn.IFNA(VLOOKUP(B58,'C.9'!$B$7:$E$205,4,0),0)+_xlfn.IFNA(VLOOKUP(B58,'C.10'!$B$7:$E$206,4,0),0)+_xlfn.IFNA(VLOOKUP(B58,'C.11'!$B$7:$E$206,4,0),0)+_xlfn.IFNA(VLOOKUP(B58,'C.12'!$B$7:$E$205,4,0),0)+_xlfn.IFNA(VLOOKUP(B58,'C.13'!$B$7:$E$207,4,0),0)+_xlfn.IFNA(VLOOKUP(B58,'C.14'!$B$7:$E$205,4,0),0)+_xlfn.IFNA(VLOOKUP(B58,'C.15'!$B$7:$E$206,4,0),0)+_xlfn.IFNA(VLOOKUP(B58,'C.16'!$B$7:$E$207,4,0),0) -> #REF! | F58: =#REF! -> #REF! | G58: =F58*E58 -> #REF! | I58: =_xlfn.IFNA(VLOOKUP(B58,'C.6'!$B$7:$E$207,4,0),0) -> 0 | J58: =F58*I58 -> #REF!
A59: 37 | B59: 673.1.2 | C59: GEOTEXTIL T-2400 O SIMILAR | D59: M2 | E59: =_xlfn.IFNA(VLOOKUP(B59,'C.1'!$B$7:$E$206,4,0),0)+_xlfn.IFNA(VLOOKUP(B59,'C.2'!$B$7:$E$206,4,0),0)+_xlfn.IFNA(VLOOKUP(B59,'C.3'!$B$7:$E$206,4,0),0)+_xlfn.IFNA(VLOOKUP(B59,'C.4'!$B$7:$E$206,4,0),0)+_xlfn.IFNA(VLOOKUP(B59,#REF!,4,0),0)+_xlfn.IFNA(VLOOKUP(B59,'C.6'!$B$7:$E$206,4,0),0)+_xlfn.IFNA(VLOOKUP(B59,'C.7'!$B$7:$E$206,4,0),0)+_xlfn.IFNA(VLOOKUP(B59,'C.8'!$B$7:$E$206,4,0),0)+_xlfn.IFNA(VLOOKUP(B59,'C.9'!$B$7:$E$205,4,0),0)+_xlfn.IFNA(VLOOKUP(B59,'C.10'!$B$7:$E$206,4,0),0)+_xlfn.IFNA(VLOOKUP(B59,'C.11'!$B$7:$E$206,4,0),0)+_xlfn.IFNA(VLOOKUP(B59,'C.12'!$B$7:$E$205,4,0),0)+_xlfn.IFNA(VLOOKUP(B59,'C.13'!$B$7:$E$207,4,0),0)+_xlfn.IFNA(VLOOKUP(B59,'C.14'!$B$7:$E$205,4,0),0)+_xlfn.IFNA(VLOOKUP(B59,'C.15'!$B$7:$E$206,4,0),0)+_xlfn.IFNA(VLOOKUP(B59,'C.16'!$B$7:$E$207,4,0),0) -> #REF! | F59: ='673.1.2'!N44 -> #REF! | G59: =F59*E59 -> #REF! | I59: =_xlfn.IFNA(VLOOKUP(B59,'C.6'!$B$7:$E$207,4,0),0) -> 0 | J59: =F59*I59 -> #REF!
A60: 38 | B60: 14P | C60: FILTRO EN GEODREN 4" DE H=1.00 MTS TUBULAR INCL. EXCAVACIONES Y RETIROS | D60: ML | E60: =_xlfn.IFNA(VLOOKUP(B60,'C.1'!$B$7:$E$206,4,0),0)+_xlfn.IFNA(VLOOKUP(B60,'C.2'!$B$7:$E$206,4,0),0)+_xlfn.IFNA(VLOOKUP(B60,'C.3'!$B$7:$E$206,4,0),0)+_xlfn.IFNA(VLOOKUP(B60,'C.4'!$B$7:$E$206,4,0),0)+_xlfn.IFNA(VLOOKUP(B60,#REF!,4,0),0)+_xlfn.IFNA(VLOOKUP(B60,'C.6'!$B$7:$E$206,4,0),0)+_xlfn.IFNA(VLOOKUP(B60,'C.7'!$B$7:$E$206,4,0),0)+_xlfn.IFNA(VLOOKUP(B60,'C.8'!$B$7:$E$206,4,0),0)+_xlfn.IFNA(VLOOKUP(B60,'C.9'!$B$7:$E$205,4,0),0)+_xlfn.IFNA(VLOOKUP(B60,'C.10'!$B$7:$E$206,4,0),0)+_xlfn.IFNA(VLOOKUP(B60,'C.11'!$B$7:$E$206,4,0),0)+_xlfn.IFNA(VLOOKUP(B60,'C.12'!$B$7:$E$205,4,0),0)+_xlfn.IFNA(VLOOKUP(B60,'C.13'!$B$7:$E$207,4,0),0)+_xlfn.IFNA(VLOOKUP(B60,'C.14'!$B$7:$E$205,4,0),0)+_xlfn.IFNA(VLOOKUP(B60,'C.15'!$B$7:$E$206,4,0),0)+_xlfn.IFNA(VLOOKUP(B60,'C.16'!$B$7:$E$207,4,0),0) -> #REF! | F60: =#REF! -> #REF! | G60: =F60*E60 -> #REF! | I60: =_xlfn.IFNA(VLOOKUP(B60,'C.6'!$B$7:$E$207,4,0),0) -> 0 | J60: =F60*I60 -> #REF!
E61: =_xlfn.IFNA(VLOOKUP(B61,'C.1'!$B$7:$E$206,4,0),0)+_xlfn.IFNA(VLOOKUP(B61,'C.2'!$B$7:$E$206,4,0),0)+_xlfn.IFNA(VLOOKUP(B61,'C.3'!$B$7:$E$206,4,0),0)+_xlfn.IFNA(VLOOKUP(B61,'C.4'!$B$7:$E$206,4,0),0)+_xlfn.IFNA(VLOOKUP(B61,#REF!,4,0),0)+_xlfn.IFNA(VLOOKUP(B61,'C.6'!$B$7:$E$206,4,0),0)+_xlfn.IFNA(VLOOKUP(B61,'C.7'!$B$7:$E$206,4,0),0)+_xlfn.IFNA(VLOOKUP(B61,'C.8'!$B$7:$E$206,4,0),0)+_xlfn.IFNA(VLOOKUP(B61,'C.9'!$B$7:$E$205,4,0),0)+_xlfn.IFNA(VLOOKUP(B61,'C.10'!$B$7:$E$206,4,0),0)+_xlfn.IFNA(VLOOKUP(B61,'C.11'!$B$7:$E$206,4,0),0)+_xlfn.IFNA(VLOOKUP(B61,'C.12'!$B$7:$E$205,4,0),0)+_xlfn.IFNA(VLOOKUP(B61,'C.13'!$B$7:$E$207,4,0),0)+_xlfn.IFNA(VLOOKUP(B61,'C.14'!$B$7:$E$205,4,0),0)+_xlfn.IFNA(VLOOKUP(B61,'C.15'!$B$7:$E$206,4,0),0)+_xlfn.IFNA(VLOOKUP(B61,'C.16'!$B$7:$E$207,4,0),0) -> #REF! | G61: =SUM(G58:G60) -> #REF! | I61: =_xlfn.IFNA(VLOOKUP(B61,'C.6'!$B$7:$E$207,4,0),0) -> 0 | J61: =F61*I61 -> 0 | O61: =#REF!+#REF!+#REF!+#REF! -> #REF!
C62: ALCANTARILLADO | E62: =_xlfn.IFNA(VLOOKUP(B62,'C.1'!$B$7:$E$206,4,0),0)+_xlfn.IFNA(VLOOKUP(B62,'C.2'!$B$7:$E$206,4,0),0)+_xlfn.IFNA(VLOOKUP(B62,'C.3'!$B$7:$E$206,4,0),0)+_xlfn.IFNA(VLOOKUP(B62,'C.4'!$B$7:$E$206,4,0),0)+_xlfn.IFNA(VLOOKUP(B62,#REF!,4,0),0)+_xlfn.IFNA(VLOOKUP(B62,'C.6'!$B$7:$E$206,4,0),0)+_xlfn.IFNA(VLOOKUP(B62,'C.7'!$B$7:$E$206,4,0),0)+_xlfn.IFNA(VLOOKUP(B62,'C.8'!$B$7:$E$206,4,0),0)+_xlfn.IFNA(VLOOKUP(B62,'C.9'!$B$7:$E$205,4,0),0)+_xlfn.IFNA(VLOOKUP(B62,'C.10'!$B$7:$E$206,4,0),0)+_xlfn.IFNA(VLOOKUP(B62,'C.11'!$B$7:$E$206,4,0),0)+_xlfn.IFNA(VLOOKUP(B62,'C.12'!$B$7:$E$205,4,0),0)+_xlfn.IFNA(VLOOKUP(B62,'C.13'!$B$7:$E$207,4,0),0)+_xlfn.IFNA(VLOOKUP(B62,'C.14'!$B$7:$E$205,4,0),0)+_xlfn.IFNA(VLOOKUP(B62,'C.15'!$B$7:$E$206,4,0),0)+_xlfn.IFNA(VLOOKUP(B62,'C.16'!$B$7:$E$207,4,0),0) -> #REF! | G62: =F62*E62 -> #REF! | I62: =_xlfn.IFNA(VLOOKUP(B62,'C.6'!$B$7:$E$207,4,0),0) -> 0 | J62: =F62*I62 -> 0
A63: 59 | B63: 1.1P | C63: LOCALIZACIÓN Y REPLANTEO DE TUBERIA | D63: ML | E63: =_xlfn.IFNA(VLOOKUP(B63,'C.1'!$B$7:$E$206,4,0),0)+_xlfn.IFNA(VLOOKUP(B63,'C.2'!$B$7:$E$206,4,0),0)+_xlfn.IFNA(VLOOKUP(B63,'C.3'!$B$7:$E$206,4,0),0)+_xlfn.IFNA(VLOOKUP(B63,'C.4'!$B$7:$E$206,4,0),0)+_xlfn.IFNA(VLOOKUP(B63,#REF!,4,0),0)+_xlfn.IFNA(VLOOKUP(B63,'C.6'!$B$7:$E$206,4,0),0)+_xlfn.IFNA(VLOOKUP(B63,'C.7'!$B$7:$E$206,4,0),0)+_xlfn.IFNA(VLOOKUP(B63,'C.8'!$B$7:$E$206,4,0),0)+_xlfn.IFNA(VLOOKUP(B63,'C.9'!$B$7:$E$205,4,0),0)+_xlfn.IFNA(VLOOKUP(B63,'C.10'!$B$7:$E$206,4,0),0)+_xlfn.IFNA(VLOOKUP(B63,'C.11'!$B$7:$E$206,4,0),0)+_xlfn.IFNA(VLOOKUP(B63,'C.12'!$B$7:$E$205,4,0),0)+_xlfn.IFNA(VLOOKUP(B63,'C.13'!$B$7:$E$207,4,0),0)+_xlfn.IFNA(VLOOKUP(B63,'C.14'!$B$7:$E$205,4,0),0)+_xlfn.IFNA(VLOOKUP(B63,'C.15'!$B$7:$E$206,4,0),0)+_xlfn.IFNA(VLOOKUP(B63,'C.16'!$B$7:$E$207,4,0),0) -> #REF! | F63: =#REF! -> #REF! | G63: =F63*E63 -> #REF! | I63: =_xlfn.IFNA(VLOOKUP(B63,'C.6'!$B$7:$E$207,4,0),0) -> 0 | J63: =F63*I63 -> #REF!
A64: 60 | B64: 41P | C64: SUMINISTRO E INSTALACION DE LECHO EN GRAVA PARA TUBERIA ALCANTARILLADO | D64: M3 | E64: =_xlfn.IFNA(VLOOKUP(B64,'C.1'!$B$7:$E$206,4,0),0)+_xlfn.IFNA(VLOOKUP(B64,'C.2'!$B$7:$E$206,4,0),0)+_xlfn.IFNA(VLOOKUP(B64,'C.3'!$B$7:$E$206,4,0),0)+_xlfn.IFNA(VLOOKUP(B64,'C.4'!$B$7:$E$206,4,0),0)+_xlfn.IFNA(VLOOKUP(B64,#REF!,4,0),0)+_xlfn.IFNA(VLOOKUP(B64,'C.6'!$B$7:$E$206,4,0),0)+_xlfn.IFNA(VLOOKUP(B64,'C.7'!$B$7:$E$206,4,0),0)+_xlfn.IFNA(VLOOKUP(B64,'C.8'!$B$7:$E$206,4,0),0)+_xlfn.IFNA(VLOOKUP(B64,'C.9'!$B$7:$E$205,4,0),0)+_xlfn.IFNA(VLOOKUP(B64,'C.10'!$B$7:$E$206,4,0),0)+_xlfn.IFNA(VLOOKUP(B64,'C.11'!$B$7:$E$206,4,0),0)+_xlfn.IFNA(VLOOKUP(B64,'C.12'!$B$7:$E$205,4,0),0)+_xlfn.IFNA(VLOOKUP(B64,'C.13'!$B$7:$E$207,4,0),0)+_xlfn.IFNA(VLOOKUP(B64,'C.14'!$B$7:$E$205,4,0),0)+_xlfn.IFNA(VLOOKUP(B64,'C.15'!$B$7:$E$206,4,0),0)+_xlfn.IFNA(VLOOKUP(B64,'C.16'!$B$7:$E$207,4,0),0) -> #REF! | F64: =#REF! -> #REF! | G64: =F64*E64 -> #REF! | I64: =_xlfn.IFNA(VLOOKUP(B64,'C.6'!$B$7:$E$207,4,0),0) -> 0 | J64: =F64*I64 -> #REF!
A65: 61 | B65: 15P | C65: SUMINISTRO E INSTALACIÓN DE TUBERÍA NTC 3722-3 Y NTC 4764 DE DIAMETRO 6" | D65: ML | E65: =_xlfn.IFNA(VLOOKUP(B65,'C.1'!$B$7:$E$206,4,0),0)+_xlfn.IFNA(VLOOKUP(B65,'C.2'!$B$7:$E$206,4,0),0)+_xlfn.IFNA(VLOOKUP(B65,'C.3'!$B$7:$E$206,4,0),0)+_xlfn.IFNA(VLOOKUP(B65,'C.4'!$B$7:$E$206,4,0),0)+_xlfn.IFNA(VLOOKUP(B65,#REF!,4,0),0)+_xlfn.IFNA(VLOOKUP(B65,'C.6'!$B$7:$E$206,4,0),0)+_xlfn.IFNA(VLOOKUP(B65,'C.7'!$B$7:$E$206,4,0),0)+_xlfn.IFNA(VLOOKUP(B65,'C.8'!$B$7:$E$206,4,0),0)+_xlfn.IFNA(VLOOKUP(B65,'C.9'!$B$7:$E$205,4,0),0)+_xlfn.IFNA(VLOOKUP(B65,'C.10'!$B$7:$E$206,4,0),0)+_xlfn.IFNA(VLOOKUP(B65,'C.11'!$B$7:$E$206,4,0),0)+_xlfn.IFNA(VLOOKUP(B65,'C.12'!$B$7:$E$205,4,0),0)+_xlfn.IFNA(VLOOKUP(B65,'C.13'!$B$7:$E$207,4,0),0)+_xlfn.IFNA(VLOOKUP(B65,'C.14'!$B$7:$E$205,4,0),0)+_xlfn.IFNA(VLOOKUP(B65,'C.15'!$B$7:$E$206,4,0),0)+_xlfn.IFNA(VLOOKUP(B65,'C.16'!$B$7:$E$207,4,0),0) -> #REF! | F65: =#REF! -> #REF! | G65: =F65*E65 -> #REF! | I65: =_xlfn.IFNA(VLOOKUP(B65,'C.6'!$B$7:$E$207,4,0),0) -> 0 | J65: =F65*I65 -> #REF!
A66: 62 | B66: 16P | C66: SUMINISTRO E INSTALACIÓN DE TUBERÍA NTC 3722-3 Y NTC 4764 DE DIAMETRO 8" | D66: ML | E66: =_xlfn.IFNA(VLOOKUP(B66,'C.1'!$B$7:$E$206,4,0),0)+_xlfn.IFNA(VLOOKUP(B66,'C.2'!$B$7:$E$206,4,0),0)+_xlfn.IFNA(VLOOKUP(B66,'C.3'!$B$7:$E$206,4,0),0)+_xlfn.IFNA(VLOOKUP(B66,'C.4'!$B$7:$E$206,4,0),0)+_xlfn.IFNA(VLOOKUP(B66,#REF!,4,0),0)+_xlfn.IFNA(VLOOKUP(B66,'C.6'!$B$7:$E$206,4,0),0)+_xlfn.IFNA(VLOOKUP(B66,'C.7'!$B$7:$E$206,4,0),0)+_xlfn.IFNA(VLOOKUP(B66,'C.8'!$B$7:$E$206,4,0),0)+_xlfn.IFNA(VLOOKUP(B66,'C.9'!$B$7:$E$205,4,0),0)+_xlfn.IFNA(VLOOKUP(B66,'C.10'!$B$7:$E$206,4,0),0)+_xlfn.IFNA(VLOOKUP(B66,'C.11'!$B$7:$E$206,4,0),0)+_xlfn.IFNA(VLOOKUP(B66,'C.12'!$B$7:$E$205,4,0),0)+_xlfn.IFNA(VLOOKUP(B66,'C.13'!$B$7:$E$207,4,0),0)+_xlfn.IFNA(VLOOKUP(B66,'C.14'!$B$7:$E$205,4,0),0)+_xlfn.IFNA(VLOOKUP(B66,'C.15'!$B$7:$E$206,4,0),0)+_xlfn.IFNA(VLOOKUP(B66,'C.16'!$B$7:$E$207,4,0),0) -> #REF! | F66: ='16P'!N46 -> #REF! | G66: =F66*E66 -> #REF! | I66: =_xlfn.IFNA(VLOOKUP(B66,'C.6'!$B$7:$E$207,4,0),0) -> 0 | J66: =F66*I66 -> #REF!
A67: 63 | B67: 17P | C67: SUMINISTRO E INSTALACIÓN DE TUBERÍA NTC 3722-3 Y NTC 4764 DE DIAMETRO 10" | D67: ML | E67: =_xlfn.IFNA(VLOOKUP(B67,'C.1'!$B$7:$E$206,4,0),0)+_xlfn.IFNA(VLOOKUP(B67,'C.2'!$B$7:$E$206,4,0),0)+_xlfn.IFNA(VLOOKUP(B67,'C.3'!$B$7:$E$206,4,0),0)+_xlfn.IFNA(VLOOKUP(B67,'C.4'!$B$7:$E$206,4,0),0)+_xlfn.IFNA(VLOOKUP(B67,#REF!,4,0),0)+_xlfn.IFNA(VLOOKUP(B67,'C.6'!$B$7:$E$206,4,0),0)+_xlfn.IFNA(VLOOKUP(B67,'C.7'!$B$7:$E$206,4,0),0)+_xlfn.IFNA(VLOOKUP(B67,'C.8'!$B$7:$E$206,4,0),0)+_xlfn.IFNA(VLOOKUP(B67,'C.9'!$B$7:$E$205,4,0),0)+_xlfn.IFNA(VLOOKUP(B67,'C.10'!$B$7:$E$206,4,0),0)+_xlfn.IFNA(VLOOKUP(B67,'C.11'!$B$7:$E$206,4,0),0)+_xlfn.IFNA(VLOOKUP(B67,'C.12'!$B$7:$E$205,4,0),0)+_xlfn.IFNA(VLOOKUP(B67,'C.13'!$B$7:$E$207,4,0),0)+_xlfn.IFNA(VLOOKUP(B67,'C.14'!$B$7:$E$205,4,0),0)+_xlfn.IFNA(VLOOKUP(B67,'C.15'!$B$7:$E$206,4,0),0)+_xlfn.IFNA(VLOOKUP(B67,'C.16'!$B$7:$E$207,4,0),0) -> #REF! | F67: =#REF! -> #REF! | G67: =F67*E67 -> #REF! | I67: =_xlfn.IFNA(VLOOKUP(B67,'C.6'!$B$7:$E$207,4,0),0) -> 0 | J67: =F67*I67 -> #REF!
A68: 64 | B68: 18P | C68: SUMINISTRO E INSTALACIÓN DE TUBERÍA NTC 3722-3 Y NTC 4764 DE DIAMETRO 12" | D68: ML | E68: =_xlfn.IFNA(VLOOKUP(B68,'C.1'!$B$7:$E$206,4,0),0)+_xlfn.IFNA(VLOOKUP(B68,'C.2'!$B$7:$E$206,4,0),0)+_xlfn.IFNA(VLOOKUP(B68,'C.3'!$B$7:$E$206,4,0),0)+_xlfn.IFNA(VLOOKUP(B68,'C.4'!$B$7:$E$206,4,0),0)+_xlfn.IFNA(VLOOKUP(B68,#REF!,4,0),0)+_xlfn.IFNA(VLOOKUP(B68,'C.6'!$B$7:$E$206,4,0),0)+_xlfn.IFNA(VLOOKUP(B68,'C.7'!$B$7:$E$206,4,0),0)+_xlfn.IFNA(VLOOKUP(B68,'C.8'!$B$7:$E$206,4,0),0)+_xlfn.IFNA(VLOOKUP(B68,'C.9'!$B$7:$E$205,4,0),0)+_xlfn.IFNA(VLOOKUP(B68,'C.10'!$B$7:$E$206,4,0),0)+_xlfn.IFNA(VLOOKUP(B68,'C.11'!$B$7:$E$206,4,0),0)+_xlfn.IFNA(VLOOKUP(B68,'C.12'!$B$7:$E$205,4,0),0)+_xlfn.IFNA(VLOOKUP(B68,'C.13'!$B$7:$E$207,4,0),0)+_xlfn.IFNA(VLOOKUP(B68,'C.14'!$B$7:$E$205,4,0),0)+_xlfn.IFNA(VLOOKUP(B68,'C.15'!$B$7:$E$206,4,0),0)+_xlfn.IFNA(VLOOKUP(B68,'C.16'!$B$7:$E$207,4,0),0) -> #REF! | F68: =#REF! -> #REF! | G68: =F68*E68 -> #REF! | I68: =_xlfn.IFNA(VLOOKUP(B68,'C.6'!$B$7:$E$207,4,0),0) -> 0 | J68: =F68*I68 -> #REF!
A69: 65 | B69: 19P | C69: SUMINISTRO E INSTALACIÓN DE TUBERÍA NTC 3722-3 Y NTC 4764 DE DIAMETRO 14" | D69: ML | E69: =_xlfn.IFNA(VLOOKUP(B69,'C.1'!$B$7:$E$206,4,0),0)+_xlfn.IFNA(VLOOKUP(B69,'C.2'!$B$7:$E$206,4,0),0)+_xlfn.IFNA(VLOOKUP(B69,'C.3'!$B$7:$E$206,4,0),0)+_xlfn.IFNA(VLOOKUP(B69,'C.4'!$B$7:$E$206,4,0),0)+_xlfn.IFNA(VLOOKUP(B69,#REF!,4,0),0)+_xlfn.IFNA(VLOOKUP(B69,'C.6'!$B$7:$E$206,4,0),0)+_xlfn.IFNA(VLOOKUP(B69,'C.7'!$B$7:$E$206,4,0),0)+_xlfn.IFNA(VLOOKUP(B69,'C.8'!$B$7:$E$206,4,0),0)+_xlfn.IFNA(VLOOKUP(B69,'C.9'!$B$7:$E$205,4,0),0)+_xlfn.IFNA(VLOOKUP(B69,'C.10'!$B$7:$E$206,4,0),0)+_xlfn.IFNA(VLOOKUP(B69,'C.11'!$B$7:$E$206,4,0),0)+_xlfn.IFNA(VLOOKUP(B69,'C.12'!$B$7:$E$205,4,0),0)+_xlfn.IFNA(VLOOKUP(B69,'C.13'!$B$7:$E$207,4,0),0)+_xlfn.IFNA(VLOOKUP(B69,'C.14'!$B$7:$E$205,4,0),0)+_xlfn.IFNA(VLOOKUP(B69,'C.15'!$B$7:$E$206,4,0),0)+_xlfn.IFNA(VLOOKUP(B69,'C.16'!$B$7:$E$207,4,0),0) -> #REF! | F69: =#REF! -> #REF! | G69: =F69*E69 -> #REF! | I69: =_xlfn.IFNA(VLOOKUP(B69,'C.6'!$B$7:$E$207,4,0),0) -> 0 | J69: =F69*I69 -> #REF!
A70: 66 | B70: 20P | C70: SUMINISTRO E INSTALACIÓN DE TUBERÍA NTC 3722-3 Y NTC 4764 DE DIAMETRO 16" | D70: ML | E70: =_xlfn.IFNA(VLOOKUP(B70,'C.1'!$B$7:$E$206,4,0),0)+_xlfn.IFNA(VLOOKUP(B70,'C.2'!$B$7:$E$206,4,0),0)+_xlfn.IFNA(VLOOKUP(B70,'C.3'!$B$7:$E$206,4,0),0)+_xlfn.IFNA(VLOOKUP(B70,'C.4'!$B$7:$E$206,4,0),0)+_xlfn.IFNA(VLOOKUP(B70,#REF!,4,0),0)+_xlfn.IFNA(VLOOKUP(B70,'C.6'!$B$7:$E$206,4,0),0)+_xlfn.IFNA(VLOOKUP(B70,'C.7'!$B$7:$E$206,4,0),0)+_xlfn.IFNA(VLOOKUP(B70,'C.8'!$B$7:$E$206,4,0),0)+_xlfn.IFNA(VLOOKUP(B70,'C.9'!$B$7:$E$205,4,0),0)+_xlfn.IFNA(VLOOKUP(B70,'C.10'!$B$7:$E$206,4,0),0)+_xlfn.IFNA(VLOOKUP(B70,'C.11'!$B$7:$E$206,4,0),0)+_xlfn.IFNA(VLOOKUP(B70,'C.12'!$B$7:$E$205,4,0),0)+_xlfn.IFNA(VLOOKUP(B70,'C.13'!$B$7:$E$207,4,0),0)+_xlfn.IFNA(VLOOKUP(B70,'C.14'!$B$7:$E$205,4,0),0)+_xlfn.IFNA(VLOOKUP(B70,'C.15'!$B$7:$E$206,4,0),0)+_xlfn.IFNA(VLOOKUP(B70,'C.16'!$B$7:$E$207,4,0),0) -> #REF! | F70: =#REF! -> #REF! | G70: =F70*E70 -> #REF! | I70: =_xlfn.IFNA(VLOOKUP(B70,'C.6'!$B$7:$E$207,4,0),0) -> 0 | J70: =F70*I70 -> #REF!
A71: 67 | B71: 20.1P | C71: SUMINISTRO E INSTALACIÓN DE TUBERÍA NTC 3722-3 Y NTC 4764 DE DIAMETRO 18" | D71: ML | E71: =_xlfn.IFNA(VLOOKUP(B71,'C.1'!$B$7:$E$206,4,0),0)+_xlfn.IFNA(VLOOKUP(B71,'C.2'!$B$7:$E$206,4,0),0)+_xlfn.IFNA(VLOOKUP(B71,'C.3'!$B$7:$E$206,4,0),0)+_xlfn.IFNA(VLOOKUP(B71,'C.4'!$B$7:$E$206,4,0),0)+_xlfn.IFNA(VLOOKUP(B71,#REF!,4,0),0)+_xlfn.IFNA(VLOOKUP(B71,'C.6'!$B$7:$E$206,4,0),0)+_xlfn.IFNA(VLOOKUP(B71,'C.7'!$B$7:$E$206,4,0),0)+_xlfn.IFNA(VLOOKUP(B71,'C.8'!$B$7:$E$206,4,0),0)+_xlfn.IFNA(VLOOKUP(B71,'C.9'!$B$7:$E$205,4,0),0)+_xlfn.IFNA(VLOOKUP(B71,'C.10'!$B$7:$E$206,4,0),0)+_xlfn.IFNA(VLOOKUP(B71,'C.11'!$B$7:$E$206,4,0),0)+_xlfn.IFNA(VLOOKUP(B71,'C.12'!$B$7:$E$205,4,0),0)+_xlfn.IFNA(VLOOKUP(B71,'C.13'!$B$7:$E$207,4,0),0)+_xlfn.IFNA(VLOOKUP(B71,'C.14'!$B$7:$E$205,4,0),0)+_xlfn.IFNA(VLOOKUP(B71,'C.15'!$B$7:$E$206,4,0),0)+_xlfn.IFNA(VLOOKUP(B71,'C.16'!$B$7:$E$207,4,0),0) -> #REF! | F71: =#REF! -> #REF! | G71: =F71*E71 -> #REF! | I71: =_xlfn.IFNA(VLOOKUP(B71,'C.6'!$B$7:$E$207,4,0),0) -> 0 | J71: =F71*I71 -> #REF!
A72: 68 | B72: 21P | C72: SUMINISTRO E INSTALACIÓN DE TUBERÍA NTC 3722-3 Y NTC 4764 DE DIAMETRO 20" | D72: ML | E72: =_xlfn.IFNA(VLOOKUP(B72,'C.1'!$B$7:$E$206,4,0),0)+_xlfn.IFNA(VLOOKUP(B72,'C.2'!$B$7:$E$206,4,0),0)+_xlfn.IFNA(VLOOKUP(B72,'C.3'!$B$7:$E$206,4,0),0)+_xlfn.IFNA(VLOOKUP(B72,'C.4'!$B$7:$E$206,4,0),0)+_xlfn.IFNA(VLOOKUP(B72,#REF!,4,0),0)+_xlfn.IFNA(VLOOKUP(B72,'C.6'!$B$7:$E$206,4,0),0)+_xlfn.IFNA(VLOOKUP(B72,'C.7'!$B$7:$E$206,4,0),0)+_xlfn.IFNA(VLOOKUP(B72,'C.8'!$B$7:$E$206,4,0),0)+_xlfn.IFNA(VLOOKUP(B72,'C.9'!$B$7:$E$205,4,0),0)+_xlfn.IFNA(VLOOKUP(B72,'C.10'!$B$7:$E$206,4,0),0)+_xlfn.IFNA(VLOOKUP(B72,'C.11'!$B$7:$E$206,4,0),0)+_xlfn.IFNA(VLOOKUP(B72,'C.12'!$B$7:$E$205,4,0),0)+_xlfn.IFNA(VLOOKUP(B72,'C.13'!$B$7:$E$207,4,0),0)+_xlfn.IFNA(VLOOKUP(B72,'C.14'!$B$7:$E$205,4,0),0)+_xlfn.IFNA(VLOOKUP(B72,'C.15'!$B$7:$E$206,4,0),0)+_xlfn.IFNA(VLOOKUP(B72,'C.16'!$B$7:$E$207,4,0),0) -> #REF! | F72: ='21P'!N46 -> #REF! | G72: =F72*E72 -> #REF! | I72: =_xlfn.IFNA(VLOOKUP(B72,'C.6'!$B$7:$E$207,4,0),0) -> 0 | J72: =F72*I72 -> #REF!
A73: 69 | B73: 22P | C73: SUMINISTRO E INSTALACIÓN DE TUBERÍA NTC 3722-3 Y NTC 4764 DE DIAMETRO 24" | D73: ML | E73: =_xlfn.IFNA(VLOOKUP(B73,'C.1'!$B$7:$E$206,4,0),0)+_xlfn.IFNA(VLOOKUP(B73,'C.2'!$B$7:$E$206,4,0),0)+_xlfn.IFNA(VLOOKUP(B73,'C.3'!$B$7:$E$206,4,0),0)+_xlfn.IFNA(VLOOKUP(B73,'C.4'!$B$7:$E$206,4,0),0)+_xlfn.IFNA(VLOOKUP(B73,#REF!,4,0),0)+_xlfn.IFNA(VLOOKUP(B73,'C.6'!$B$7:$E$206,4,0),0)+_xlfn.IFNA(VLOOKUP(B73,'C.7'!$B$7:$E$206,4,0),0)+_xlfn.IFNA(VLOOKUP(B73,'C.8'!$B$7:$E$206,4,0),0)+_xlfn.IFNA(VLOOKUP(B73,'C.9'!$B$7:$E$205,4,0),0)+_xlfn.IFNA(VLOOKUP(B73,'C.10'!$B$7:$E$206,4,0),0)+_xlfn.IFNA(VLOOKUP(B73,'C.11'!$B$7:$E$206,4,0),0)+_xlfn.IFNA(VLOOKUP(B73,'C.12'!$B$7:$E$205,4,0),0)+_xlfn.IFNA(VLOOKUP(B73,'C.13'!$B$7:$E$207,4,0),0)+_xlfn.IFNA(VLOOKUP(B73,'C.14'!$B$7:$E$205,4,0),0)+_xlfn.IFNA(VLOOKUP(B73,'C.15'!$B$7:$E$206,4,0),0)+_xlfn.IFNA(VLOOKUP(B73,'C.16'!$B$7:$E$207,4,0),0) -> #REF! | F73: =#REF! -> #REF! | G73: =F73*E73 -> #REF! | I73: =_xlfn.IFNA(VLOOKUP(B73,'C.6'!$B$7:$E$207,4,0),0) -> 0 | J73: =F73*I73 -> #REF!
A74: 70 | B74: 23P | C74: SUMINISTRO E INSTALACIÓN DE TUBERÍA NTC 3722-3 Y NTC 4764 DE DIAMETRO 30" | D74: ML | E74: =_xlfn.IFNA(VLOOKUP(B74,'C.1'!$B$7:$E$206,4,0),0)+_xlfn.IFNA(VLOOKUP(B74,'C.2'!$B$7:$E$206,4,0),0)+_xlfn.IFNA(VLOOKUP(B74,'C.3'!$B$7:$E$206,4,0),0)+_xlfn.IFNA(VLOOKUP(B74,'C.4'!$B$7:$E$206,4,0),0)+_xlfn.IFNA(VLOOKUP(B74,#REF!,4,0),0)+_xlfn.IFNA(VLOOKUP(B74,'C.6'!$B$7:$E$206,4,0),0)+_xlfn.IFNA(VLOOKUP(B74,'C.7'!$B$7:$E$206,4,0),0)+_xlfn.IFNA(VLOOKUP(B74,'C.8'!$B$7:$E$206,4,0),0)+_xlfn.IFNA(VLOOKUP(B74,'C.9'!$B$7:$E$205,4,0),0)+_xlfn.IFNA(VLOOKUP(B74,'C.10'!$B$7:$E$206,4,0),0)+_xlfn.IFNA(VLOOKUP(B74,'C.11'!$B$7:$E$206,4,0),0)+_xlfn.IFNA(VLOOKUP(B74,'C.12'!$B$7:$E$205,4,0),0)+_xlfn.IFNA(VLOOKUP(B74,'C.13'!$B$7:$E$207,4,0),0)+_xlfn.IFNA(VLOOKUP(B74,'C.14'!$B$7:$E$205,4,0),0)+_xlfn.IFNA(VLOOKUP(B74,'C.15'!$B$7:$E$206,4,0),0)+_xlfn.IFNA(VLOOKUP(B74,'C.16'!$B$7:$E$207,4,0),0) -> #REF! | F74: ='23P'!N46 -> #REF! | G74: =F74*E74 -> #REF! | I74: =_xlfn.IFNA(VLOOKUP(B74,'C.6'!$B$7:$E$207,4,0),0) -> 0 | J74: =F74*I74 -> #REF!
A75: 71 | B75: 23.1P | C75: SUMINISTRO E INSTALACIÓN DE TUBERÍA NTC 3722-3 Y NTC 4764 DE DIAMETRO 36" | D75: ML | E75: =_xlfn.IFNA(VLOOKUP(B75,'C.1'!$B$7:$E$206,4,0),0)+_xlfn.IFNA(VLOOKUP(B75,'C.2'!$B$7:$E$206,4,0),0)+_xlfn.IFNA(VLOOKUP(B75,'C.3'!$B$7:$E$206,4,0),0)+_xlfn.IFNA(VLOOKUP(B75,'C.4'!$B$7:$E$206,4,0),0)+_xlfn.IFNA(VLOOKUP(B75,#REF!,4,0),0)+_xlfn.IFNA(VLOOKUP(B75,'C.6'!$B$7:$E$206,4,0),0)+_xlfn.IFNA(VLOOKUP(B75,'C.7'!$B$7:$E$206,4,0),0)+_xlfn.IFNA(VLOOKUP(B75,'C.8'!$B$7:$E$206,4,0),0)+_xlfn.IFNA(VLOOKUP(B75,'C.9'!$B$7:$E$205,4,0),0)+_xlfn.IFNA(VLOOKUP(B75,'C.10'!$B$7:$E$206,4,0),0)+_xlfn.IFNA(VLOOKUP(B75,'C.11'!$B$7:$E$206,4,0),0)+_xlfn.IFNA(VLOOKUP(B75,'C.12'!$B$7:$E$205,4,0),0)+_xlfn.IFNA(VLOOKUP(B75,'C.13'!$B$7:$E$207,4,0),0)+_xlfn.IFNA(VLOOKUP(B75,'C.14'!$B$7:$E$205,4,0),0)+_xlfn.IFNA(VLOOKUP(B75,'C.15'!$B$7:$E$206,4,0),0)+_xlfn.IFNA(VLOOKUP(B75,'C.16'!$B$7:$E$207,4,0),0) -> #REF! | F75: ='23.1P'!N46 -> #REF! | G75: =F75*E75 -> #REF! | I75: =_xlfn.IFNA(VLOOKUP(B75,'C.6'!$B$7:$E$207,4,0),0) -> 0 | J75: =F75*I75 -> #REF!
A76: 72 | B76: 24P | C76: SUMINISTRO E INSTALACION DE KIT SILLA YEE 8X 6" PVC INCLUYE AGARRADERAS CAUCHO Y ADERENCIA | D76: UND | E76: =_xlfn.IFNA(VLOOKUP(B76,'C.1'!$B$7:$E$206,4,0),0)+_xlfn.IFNA(VLOOKUP(B76,'C.2'!$B$7:$E$206,4,0),0)+_xlfn.IFNA(VLOOKUP(B76,'C.3'!$B$7:$E$206,4,0),0)+_xlfn.IFNA(VLOOKUP(B76,'C.4'!$B$7:$E$206,4,0),0)+_xlfn.IFNA(VLOOKUP(B76,#REF!,4,0),0)+_xlfn.IFNA(VLOOKUP(B76,'C.6'!$B$7:$E$206,4,0),0)+_xlfn.IFNA(VLOOKUP(B76,'C.7'!$B$7:$E$206,4,0),0)+_xlfn.IFNA(VLOOKUP(B76,'C.8'!$B$7:$E$206,4,0),0)+_xlfn.IFNA(VLOOKUP(B76,'C.9'!$B$7:$E$205,4,0),0)+_xlfn.IFNA(VLOOKUP(B76,'C.10'!$B$7:$E$206,4,0),0)+_xlfn.IFNA(VLOOKUP(B76,'C.11'!$B$7:$E$206,4,0),0)+_xlfn.IFNA(VLOOKUP(B76,'C.12'!$B$7:$E$205,4,0),0)+_xlfn.IFNA(VLOOKUP(B76,'C.13'!$B$7:$E$207,4,0),0)+_xlfn.IFNA(VLOOKUP(B76,'C.14'!$B$7:$E$205,4,0),0)+_xlfn.IFNA(VLOOKUP(B76,'C.15'!$B$7:$E$206,4,0),0)+_xlfn.IFNA(VLOOKUP(B76,'C.16'!$B$7:$E$207,4,0),0) -> #REF! | F76: ='24P'!N47 -> #REF! | G76: =F76*E76 -> #REF! | I76: =_xlfn.IFNA(VLOOKUP(B76,'C.6'!$B$7:$E$207,4,0),0) -> 0 | J76: =F76*I76 -> #REF!
A77: 73 | B77: 25P | C77: SUMINISTRO E INSTALACION DE KIT SILLA YEE 10X 6" PVC INCLUYE AGARRADERAS CAUCHO Y ADERENCIA | D77: UND | E77: =_xlfn.IFNA(VLOOKUP(B77,'C.1'!$B$7:$E$206,4,0),0)+_xlfn.IFNA(VLOOKUP(B77,'C.2'!$B$7:$E$206,4,0),0)+_xlfn.IFNA(VLOOKUP(B77,'C.3'!$B$7:$E$206,4,0),0)+_xlfn.IFNA(VLOOKUP(B77,'C.4'!$B$7:$E$206,4,0),0)+_xlfn.IFNA(VLOOKUP(B77,#REF!,4,0),0)+_xlfn.IFNA(VLOOKUP(B77,'C.6'!$B$7:$E$206,4,0),0)+_xlfn.IFNA(VLOOKUP(B77,'C.7'!$B$7:$E$206,4,0),0)+_xlfn.IFNA(VLOOKUP(B77,'C.8'!$B$7:$E$206,4,0),0)+_xlfn.IFNA(VLOOKUP(B77,'C.9'!$B$7:$E$205,4,0),0)+_xlfn.IFNA(VLOOKUP(B77,'C.10'!$B$7:$E$206,4,0),0)+_xlfn.IFNA(VLOOKUP(B77,'C.11'!$B$7:$E$206,4,0),0)+_xlfn.IFNA(VLOOKUP(B77,'C.12'!$B$7:$E$205,4,0),0)+_xlfn.IFNA(VLOOKUP(B77,'C.13'!$B$7:$E$207,4,0),0)+_xlfn.IFNA(VLOOKUP(B77,'C.14'!$B$7:$E$205,4,0),0)+_xlfn.IFNA(VLOOKUP(B77,'C.15'!$B$7:$E$206,4,0),0)+_xlfn.IFNA(VLOOKUP(B77,'C.16'!$B$7:$E$207,4,0),0) -> #REF! | F77: ='25P'!N47 -> #REF! | G77: =F77*E77 -> #REF! | I77: =_xlfn.IFNA(VLOOKUP(B77,'C.6'!$B$7:$E$207,4,0),0) -> 0 | J77: =F77*I77 -> #REF!
A78: 74 | B78: 26P | C78: SUMINISTRO E INSTALACION DE KIT SILLA YEE 12X 6" PVC INCLUYE AGARRADERAS CAUCHO Y ADERENCIA | D78: UND | E78: =_xlfn.IFNA(VLOOKUP(B78,'C.1'!$B$7:$E$206,4,0),0)+_xlfn.IFNA(VLOOKUP(B78,'C.2'!$B$7:$E$206,4,0),0)+_xlfn.IFNA(VLOOKUP(B78,'C.3'!$B$7:$E$206,4,0),0)+_xlfn.IFNA(VLOOKUP(B78,'C.4'!$B$7:$E$206,4,0),0)+_xlfn.IFNA(VLOOKUP(B78,#REF!,4,0),0)+_xlfn.IFNA(VLOOKUP(B78,'C.6'!$B$7:$E$206,4,0),0)+_xlfn.IFNA(VLOOKUP(B78,'C.7'!$B$7:$E$206,4,0),0)+_xlfn.IFNA(VLOOKUP(B78,'C.8'!$B$7:$E$206,4,0),0)+_xlfn.IFNA(VLOOKUP(B78,'C.9'!$B$7:$E$205,4,0),0)+_xlfn.IFNA(VLOOKUP(B78,'C.10'!$B$7:$E$206,4,0),0)+_xlfn.IFNA(VLOOKUP(B78,'C.11'!$B$7:$E$206,4,0),0)+_xlfn.IFNA(VLOOKUP(B78,'C.12'!$B$7:$E$205,4,0),0)+_xlfn.IFNA(VLOOKUP(B78,'C.13'!$B$7:$E$207,4,0),0)+_xlfn.IFNA(VLOOKUP(B78,'C.14'!$B$7:$E$205,4,0),0)+_xlfn.IFNA(VLOOKUP(B78,'C.15'!$B$7:$E$206,4,0),0)+_xlfn.IFNA(VLOOKUP(B78,'C.16'!$B$7:$E$207,4,0),0) -> #REF! | F78: =#REF! -> #REF! | G78: =F78*E78 -> #REF! | I78: =_xlfn.IFNA(VLOOKUP(B78,'C.6'!$B$7:$E$207,4,0),0) -> 0 | J78: =F78*I78 -> #REF!
A79: 75 | B79: 27P | C79: SUMINISTRO E INSTALACION DE KIT SILLA YEE 14X 6" PVC INCLUYE AGARRADERAS CAUCHO Y ADERENCIA | D79: UND | E79: =_xlfn.IFNA(VLOOKUP(B79,'C.1'!$B$7:$E$206,4,0),0)+_xlfn.IFNA(VLOOKUP(B79,'C.2'!$B$7:$E$206,4,0),0)+_xlfn.IFNA(VLOOKUP(B79,'C.3'!$B$7:$E$206,4,0),0)+_xlfn.IFNA(VLOOKUP(B79,'C.4'!$B$7:$E$206,4,0),0)+_xlfn.IFNA(VLOOKUP(B79,#REF!,4,0),0)+_xlfn.IFNA(VLOOKUP(B79,'C.6'!$B$7:$E$206,4,0),0)+_xlfn.IFNA(VLOOKUP(B79,'C.7'!$B$7:$E$206,4,0),0)+_xlfn.IFNA(VLOOKUP(B79,'C.8'!$B$7:$E$206,4,0),0)+_xlfn.IFNA(VLOOKUP(B79,'C.9'!$B$7:$E$205,4,0),0)+_xlfn.IFNA(VLOOKUP(B79,'C.10'!$B$7:$E$206,4,0),0)+_xlfn.IFNA(VLOOKUP(B79,'C.11'!$B$7:$E$206,4,0),0)+_xlfn.IFNA(VLOOKUP(B79,'C.12'!$B$7:$E$205,4,0),0)+_xlfn.IFNA(VLOOKUP(B79,'C.13'!$B$7:$E$207,4,0),0)+_xlfn.IFNA(VLOOKUP(B79,'C.14'!$B$7:$E$205,4,0),0)+_xlfn.IFNA(VLOOKUP(B79,'C.15'!$B$7:$E$206,4,0),0)+_xlfn.IFNA(VLOOKUP(B79,'C.16'!$B$7:$E$207,4,0),0) -> #REF! | F79: =#REF! -> #REF! | G79: =F79*E79 -> #REF! | I79: =_xlfn.IFNA(VLOOKUP(B79,'C.6'!$B$7:$E$207,4,0),0) -> 0 | J79: =F79*I79 -> #REF!
A80: 76 | B80: 28P | C80: SUMINISTRO E INSTALACION DE KIT SILLA YEE 16X 6" PVC INCLUYE AGARRADERAS CAUCHO Y ADERENCIA | D80: UND | E80: =_xlfn.IFNA(VLOOKUP(B80,'C.1'!$B$7:$E$206,4,0),0)+_xlfn.IFNA(VLOOKUP(B80,'C.2'!$B$7:$E$206,4,0),0)+_xlfn.IFNA(VLOOKUP(B80,'C.3'!$B$7:$E$206,4,0),0)+_xlfn.IFNA(VLOOKUP(B80,'C.4'!$B$7:$E$206,4,0),0)+_xlfn.IFNA(VLOOKUP(B80,#REF!,4,0),0)+_xlfn.IFNA(VLOOKUP(B80,'C.6'!$B$7:$E$206,4,0),0)+_xlfn.IFNA(VLOOKUP(B80,'C.7'!$B$7:$E$206,4,0),0)+_xlfn.IFNA(VLOOKUP(B80,'C.8'!$B$7:$E$206,4,0),0)+_xlfn.IFNA(VLOOKUP(B80,'C.9'!$B$7:$E$205,4,0),0)+_xlfn.IFNA(VLOOKUP(B80,'C.10'!$B$7:$E$206,4,0),0)+_xlfn.IFNA(VLOOKUP(B80,'C.11'!$B$7:$E$206,4,0),0)+_xlfn.IFNA(VLOOKUP(B80,'C.12'!$B$7:$E$205,4,0),0)+_xlfn.IFNA(VLOOKUP(B80,'C.13'!$B$7:$E$207,4,0),0)+_xlfn.IFNA(VLOOKUP(B80,'C.14'!$B$7:$E$205,4,0),0)+_xlfn.IFNA(VLOOKUP(B80,'C.15'!$B$7:$E$206,4,0),0)+_xlfn.IFNA(VLOOKUP(B80,'C.16'!$B$7:$E$207,4,0),0) -> #REF! | F80: ='28P'!N47 -> #REF! | G80: =F80*E80 -> #REF! | I80: =_xlfn.IFNA(VLOOKUP(B80,'C.6'!$B$7:$E$207,4,0),0) -> 0 | J80: =F80*I80 -> #REF!
A81: 77 | B81: 28.1P | C81: SUMINISTRO E INSTALACION DE KIT SILLA YEE 18X 6" PVC INCLUYE AGARRADERAS CAUCHO Y ADERENCIA | D81: UND | E81: =_xlfn.IFNA(VLOOKUP(B81,'C.1'!$B$7:$E$206,4,0),0)+_xlfn.IFNA(VLOOKUP(B81,'C.2'!$B$7:$E$206,4,0),0)+_xlfn.IFNA(VLOOKUP(B81,'C.3'!$B$7:$E$206,4,0),0)+_xlfn.IFNA(VLOOKUP(B81,'C.4'!$B$7:$E$206,4,0),0)+_xlfn.IFNA(VLOOKUP(B81,#REF!,4,0),0)+_xlfn.IFNA(VLOOKUP(B81,'C.6'!$B$7:$E$206,4,0),0)+_xlfn.IFNA(VLOOKUP(B81,'C.7'!$B$7:$E$206,4,0),0)+_xlfn.IFNA(VLOOKUP(B81,'C.8'!$B$7:$E$206,4,0),0)+_xlfn.IFNA(VLOOKUP(B81,'C.9'!$B$7:$E$205,4,0),0)+_xlfn.IFNA(VLOOKUP(B81,'C.10'!$B$7:$E$206,4,0),0)+_xlfn.IFNA(VLOOKUP(B81,'C.11'!$B$7:$E$206,4,0),0)+_xlfn.IFNA(VLOOKUP(B81,'C.12'!$B$7:$E$205,4,0),0)+_xlfn.IFNA(VLOOKUP(B81,'C.13'!$B$7:$E$207,4,0),0)+_xlfn.IFNA(VLOOKUP(B81,'C.14'!$B$7:$E$205,4,0),0)+_xlfn.IFNA(VLOOKUP(B81,'C.15'!$B$7:$E$206,4,0),0)+_xlfn.IFNA(VLOOKUP(B81,'C.16'!$B$7:$E$207,4,0),0) -> #REF! | F81: =#REF! -> #REF! | G81: =F81*E81 -> #REF! | I81: =_xlfn.IFNA(VLOOKUP(B81,'C.6'!$B$7:$E$207,4,0),0) -> 0 | J81: =F81*I81 -> #REF!
A82: 78 | B82: 29P | C82: SUMINISTRO E INSTALACION DE KIT SILLA YEE 20X 6" PVC INCLUYE AGARRADERAS CAUCHO Y ADERENCIA | D82: UND | E82: =_xlfn.IFNA(VLOOKUP(B82,'C.1'!$B$7:$E$206,4,0),0)+_xlfn.IFNA(VLOOKUP(B82,'C.2'!$B$7:$E$206,4,0),0)+_xlfn.IFNA(VLOOKUP(B82,'C.3'!$B$7:$E$206,4,0),0)+_xlfn.IFNA(VLOOKUP(B82,'C.4'!$B$7:$E$206,4,0),0)+_xlfn.IFNA(VLOOKUP(B82,#REF!,4,0),0)+_xlfn.IFNA(VLOOKUP(B82,'C.6'!$B$7:$E$206,4,0),0)+_xlfn.IFNA(VLOOKUP(B82,'C.7'!$B$7:$E$206,4,0),0)+_xlfn.IFNA(VLOOKUP(B82,'C.8'!$B$7:$E$206,4,0),0)+_xlfn.IFNA(VLOOKUP(B82,'C.9'!$B$7:$E$205,4,0),0)+_xlfn.IFNA(VLOOKUP(B82,'C.10'!$B$7:$E$206,4,0),0)+_xlfn.IFNA(VLOOKUP(B82,'C.11'!$B$7:$E$206,4,0),0)+_xlfn.IFNA(VLOOKUP(B82,'C.12'!$B$7:$E$205,4,0),0)+_xlfn.IFNA(VLOOKUP(B82,'C.13'!$B$7:$E$207,4,0),0)+_xlfn.IFNA(VLOOKUP(B82,'C.14'!$B$7:$E$205,4,0),0)+_xlfn.IFNA(VLOOKUP(B82,'C.15'!$B$7:$E$206,4,0),0)+_xlfn.IFNA(VLOOKUP(B82,'C.16'!$B$7:$E$207,4,0),0) -> #REF! | F82: ='29P'!N47 -> #REF! | G82: =F82*E82 -> #REF! | I82: =_xlfn.IFNA(VLOOKUP(B82,'C.6'!$B$7:$E$207,4,0),0) -> 0 | J82: =F82*I82 -> #REF!
A83: 79 | B83: 30P | C83: SUMINISTRO E INSTALACION DE KIT SILLA YEE 24X 6" PVC INCLUYE AGARRADERAS CAUCHO Y ADERENCIA | D83: UND | E83: =_xlfn.IFNA(VLOOKUP(B83,'C.1'!$B$7:$E$206,4,0),0)+_xlfn.IFNA(VLOOKUP(B83,'C.2'!$B$7:$E$206,4,0),0)+_xlfn.IFNA(VLOOKUP(B83,'C.3'!$B$7:$E$206,4,0),0)+_xlfn.IFNA(VLOOKUP(B83,'C.4'!$B$7:$E$206,4,0),0)+_xlfn.IFNA(VLOOKUP(B83,#REF!,4,0),0)+_xlfn.IFNA(VLOOKUP(B83,'C.6'!$B$7:$E$206,4,0),0)+_xlfn.IFNA(VLOOKUP(B83,'C.7'!$B$7:$E$206,4,0),0)+_xlfn.IFNA(VLOOKUP(B83,'C.8'!$B$7:$E$206,4,0),0)+_xlfn.IFNA(VLOOKUP(B83,'C.9'!$B$7:$E$205,4,0),0)+_xlfn.IFNA(VLOOKUP(B83,'C.10'!$B$7:$E$206,4,0),0)+_xlfn.IFNA(VLOOKUP(B83,'C.11'!$B$7:$E$206,4,0),0)+_xlfn.IFNA(VLOOKUP(B83,'C.12'!$B$7:$E$205,4,0),0)+_xlfn.IFNA(VLOOKUP(B83,'C.13'!$B$7:$E$207,4,0),0)+_xlfn.IFNA(VLOOKUP(B83,'C.14'!$B$7:$E$205,4,0),0)+_xlfn.IFNA(VLOOKUP(B83,'C.15'!$B$7:$E$206,4,0),0)+_xlfn.IFNA(VLOOKUP(B83,'C.16'!$B$7:$E$207,4,0),0) -> #REF! | F83: ='30P'!N47 -> #REF! | G83: =F83*E83 -> #REF! | I83: =_xlfn.IFNA(VLOOKUP(B83,'C.6'!$B$7:$E$207,4,0),0) -> 0 | J83: =F83*I83 -> #REF!
A84: 80 | B84: 31P | C84: SUMINISTRO E INSTALACION DE KIT SILLA YEE 30X 6" PVC INCLUYE AGARRADERAS CAUCHO Y ADERENCIA | D84: UND | E84: =_xlfn.IFNA(VLOOKUP(B84,'C.1'!$B$7:$E$206,4,0),0)+_xlfn.IFNA(VLOOKUP(B84,'C.2'!$B$7:$E$206,4,0),0)+_xlfn.IFNA(VLOOKUP(B84,'C.3'!$B$7:$E$206,4,0),0)+_xlfn.IFNA(VLOOKUP(B84,'C.4'!$B$7:$E$206,4,0),0)+_xlfn.IFNA(VLOOKUP(B84,#REF!,4,0),0)+_xlfn.IFNA(VLOOKUP(B84,'C.6'!$B$7:$E$206,4,0),0)+_xlfn.IFNA(VLOOKUP(B84,'C.7'!$B$7:$E$206,4,0),0)+_xlfn.IFNA(VLOOKUP(B84,'C.8'!$B$7:$E$206,4,0),0)+_xlfn.IFNA(VLOOKUP(B84,'C.9'!$B$7:$E$205,4,0),0)+_xlfn.IFNA(VLOOKUP(B84,'C.10'!$B$7:$E$206,4,0),0)+_xlfn.IFNA(VLOOKUP(B84,'C.11'!$B$7:$E$206,4,0),0)+_xlfn.IFNA(VLOOKUP(B84,'C.12'!$B$7:$E$205,4,0),0)+_xlfn.IFNA(VLOOKUP(B84,'C.13'!$B$7:$E$207,4,0),0)+_xlfn.IFNA(VLOOKUP(B84,'C.14'!$B$7:$E$205,4,0),0)+_xlfn.IFNA(VLOOKUP(B84,'C.15'!$B$7:$E$206,4,0),0)+_xlfn.IFNA(VLOOKUP(B84,'C.16'!$B$7:$E$207,4,0),0) -> #REF! | F84: ='31P'!N47 -> #REF! | G84: =F84*E84 -> #REF! | I84: =_xlfn.IFNA(VLOOKUP(B84,'C.6'!$B$7:$E$207,4,0),0) -> 0 | J84: =F84*I84 -> #REF!
A85: 81 | B85: 31.1P | C85: SUMINISTRO E INSTALACION DE KIT SILLA YEE 36X 6" PVC INCLUYE AGARRADERAS CAUCHO Y ADERENCIA | D85: UND | E85: =_xlfn.IFNA(VLOOKUP(B85,'C.1'!$B$7:$E$206,4,0),0)+_xlfn.IFNA(VLOOKUP(B85,'C.2'!$B$7:$E$206,4,0),0)+_xlfn.IFNA(VLOOKUP(B85,'C.3'!$B$7:$E$206,4,0),0)+_xlfn.IFNA(VLOOKUP(B85,'C.4'!$B$7:$E$206,4,0),0)+_xlfn.IFNA(VLOOKUP(B85,#REF!,4,0),0)+_xlfn.IFNA(VLOOKUP(B85,'C.6'!$B$7:$E$206,4,0),0)+_xlfn.IFNA(VLOOKUP(B85,'C.7'!$B$7:$E$206,4,0),0)+_xlfn.IFNA(VLOOKUP(B85,'C.8'!$B$7:$E$206,4,0),0)+_xlfn.IFNA(VLOOKUP(B85,'C.9'!$B$7:$E$205,4,0),0)+_xlfn.IFNA(VLOOKUP(B85,'C.10'!$B$7:$E$206,4,0),0)+_xlfn.IFNA(VLOOKUP(B85,'C.11'!$B$7:$E$206,4,0),0)+_xlfn.IFNA(VLOOKUP(B85,'C.12'!$B$7:$E$205,4,0),0)+_xlfn.IFNA(VLOOKUP(B85,'C.13'!$B$7:$E$207,4,0),0)+_xlfn.IFNA(VLOOKUP(B85,'C.14'!$B$7:$E$205,4,0),0)+_xlfn.IFNA(VLOOKUP(B85,'C.15'!$B$7:$E$206,4,0),0)+_xlfn.IFNA(VLOOKUP(B85,'C.16'!$B$7:$E$207,4,0),0) -> #REF! | F85: ='31.1P'!N47 -> #REF! | G85: =F85*E85 -> #REF! | I85: =_xlfn.IFNA(VLOOKUP(B85,'C.6'!$B$7:$E$207,4,0),0) -> 0 | J85: =F85*I85 -> #REF!
E86: =_xlfn.IFNA(VLOOKUP(B86,'C.1'!$B$7:$E$206,4,0),0)+_xlfn.IFNA(VLOOKUP(B86,'C.2'!$B$7:$E$206,4,0),0)+_xlfn.IFNA(VLOOKUP(B86,'C.3'!$B$7:$E$206,4,0),0)+_xlfn.IFNA(VLOOKUP(B86,'C.4'!$B$7:$E$206,4,0),0)+_xlfn.IFNA(VLOOKUP(B86,#REF!,4,0),0)+_xlfn.IFNA(VLOOKUP(B86,'C.6'!$B$7:$E$206,4,0),0)+_xlfn.IFNA(VLOOKUP(B86,'C.7'!$B$7:$E$206,4,0),0)+_xlfn.IFNA(VLOOKUP(B86,'C.8'!$B$7:$E$206,4,0),0)+_xlfn.IFNA(VLOOKUP(B86,'C.9'!$B$7:$E$205,4,0),0)+_xlfn.IFNA(VLOOKUP(B86,'C.10'!$B$7:$E$206,4,0),0)+_xlfn.IFNA(VLOOKUP(B86,'C.11'!$B$7:$E$206,4,0),0)+_xlfn.IFNA(VLOOKUP(B86,'C.12'!$B$7:$E$205,4,0),0)+_xlfn.IFNA(VLOOKUP(B86,'C.13'!$B$7:$E$207,4,0),0)+_xlfn.IFNA(VLOOKUP(B86,'C.14'!$B$7:$E$205,4,0),0)+_xlfn.IFNA(VLOOKUP(B86,'C.15'!$B$7:$E$206,4,0),0)+_xlfn.IFNA(VLOOKUP(B86,'C.16'!$B$7:$E$207,4,0),0) -> #REF! | G86: =SUM(G63:G85) -> #REF! | I86: =_xlfn.IFNA(VLOOKUP(B86,'C.6'!$B$7:$E$207,4,0),0) -> 0 | J86: =F86*I86 -> 0
C87: ACUEDUCTO | E87: =_xlfn.IFNA(VLOOKUP(B87,'C.1'!$B$7:$E$206,4,0),0)+_xlfn.IFNA(VLOOKUP(B87,'C.2'!$B$7:$E$206,4,0),0)+_xlfn.IFNA(VLOOKUP(B87,'C.3'!$B$7:$E$206,4,0),0)+_xlfn.IFNA(VLOOKUP(B87,'C.4'!$B$7:$E$206,4,0),0)+_xlfn.IFNA(VLOOKUP(B87,#REF!,4,0),0)+_xlfn.IFNA(VLOOKUP(B87,'C.6'!$B$7:$E$206,4,0),0)+_xlfn.IFNA(VLOOKUP(B87,'C.7'!$B$7:$E$206,4,0),0)+_xlfn.IFNA(VLOOKUP(B87,'C.8'!$B$7:$E$206,4,0),0)+_xlfn.IFNA(VLOOKUP(B87,'C.9'!$B$7:$E$205,4,0),0)+_xlfn.IFNA(VLOOKUP(B87,'C.10'!$B$7:$E$206,4,0),0)+_xlfn.IFNA(VLOOKUP(B87,'C.11'!$B$7:$E$206,4,0),0)+_xlfn.IFNA(VLOOKUP(B87,'C.12'!$B$7:$E$205,4,0),0)+_xlfn.IFNA(VLOOKUP(B87,'C.13'!$B$7:$E$207,4,0),0)+_xlfn.IFNA(VLOOKUP(B87,'C.14'!$B$7:$E$205,4,0),0)+_xlfn.IFNA(VLOOKUP(B87,'C.15'!$B$7:$E$206,4,0),0)+_xlfn.IFNA(VLOOKUP(B87,'C.16'!$B$7:$E$207,4,0),0) -> #REF! | G87: =F87*E87 -> #REF! | I87: =_xlfn.IFNA(VLOOKUP(B87,'C.6'!$B$7:$E$207,4,0),0) -> 0 | J87: =F87*I87 -> 0
A88: 82 | B88: 42P | C88: SUMINISTRO E INSTALACION DE LECHO EN ARENA PARA TUBERIA. (NO INCLUYE TRANSPORTE) | D88: M3 | E88: =_xlfn.IFNA(VLOOKUP(B88,'C.1'!$B$7:$E$206,4,0),0)+_xlfn.IFNA(VLOOKUP(B88,'C.2'!$B$7:$E$206,4,0),0)+_xlfn.IFNA(VLOOKUP(B88,'C.3'!$B$7:$E$206,4,0),0)+_xlfn.IFNA(VLOOKUP(B88,'C.4'!$B$7:$E$206,4,0),0)+_xlfn.IFNA(VLOOKUP(B88,#REF!,4,0),0)+_xlfn.IFNA(VLOOKUP(B88,'C.6'!$B$7:$E$206,4,0),0)+_xlfn.IFNA(VLOOKUP(B88,'C.7'!$B$7:$E$206,4,0),0)+_xlfn.IFNA(VLOOKUP(B88,'C.8'!$B$7:$E$206,4,0),0)+_xlfn.IFNA(VLOOKUP(B88,'C.9'!$B$7:$E$205,4,0),0)+_xlfn.IFNA(VLOOKUP(B88,'C.10'!$B$7:$E$206,4,0),0)+_xlfn.IFNA(VLOOKUP(B88,'C.11'!$B$7:$E$206,4,0),0)+_xlfn.IFNA(VLOOKUP(B88,'C.12'!$B$7:$E$205,4,0),0)+_xlfn.IFNA(VLOOKUP(B88,'C.13'!$B$7:$E$207,4,0),0)+_xlfn.IFNA(VLOOKUP(B88,'C.14'!$B$7:$E$205,4,0),0)+_xlfn.IFNA(VLOOKUP(B88,'C.15'!$B$7:$E$206,4,0),0)+_xlfn.IFNA(VLOOKUP(B88,'C.16'!$B$7:$E$207,4,0),0) -> #REF! | F88: =#REF! -> #REF! | G88: =F88*E88 -> #REF! | I88: =_xlfn.IFNA(VLOOKUP(B88,'C.6'!$B$7:$E$207,4,0),0) -> 0 | J88: =F88*I88 -> #REF!
A89: 83 | B89: 32P | C89: SUMINISTRO E INSTALACIÓN DE REGISTRO DE CORTE O INCORPORACIÓN 1/2" | D89: UND | E89: =_xlfn.IFNA(VLOOKUP(B89,'C.1'!$B$7:$E$206,4,0),0)+_xlfn.IFNA(VLOOKUP(B89,'C.2'!$B$7:$E$206,4,0),0)+_xlfn.IFNA(VLOOKUP(B89,'C.3'!$B$7:$E$206,4,0),0)+_xlfn.IFNA(VLOOKUP(B89,'C.4'!$B$7:$E$206,4,0),0)+_xlfn.IFNA(VLOOKUP(B89,#REF!,4,0),0)+_xlfn.IFNA(VLOOKUP(B89,'C.6'!$B$7:$E$206,4,0),0)+_xlfn.IFNA(VLOOKUP(B89,'C.7'!$B$7:$E$206,4,0),0)+_xlfn.IFNA(VLOOKUP(B89,'C.8'!$B$7:$E$206,4,0),0)+_xlfn.IFNA(VLOOKUP(B89,'C.9'!$B$7:$E$205,4,0),0)+_xlfn.IFNA(VLOOKUP(B89,'C.10'!$B$7:$E$206,4,0),0)+_xlfn.IFNA(VLOOKUP(B89,'C.11'!$B$7:$E$206,4,0),0)+_xlfn.IFNA(VLOOKUP(B89,'C.12'!$B$7:$E$205,4,0),0)+_xlfn.IFNA(VLOOKUP(B89,'C.13'!$B$7:$E$207,4,0),0)+_xlfn.IFNA(VLOOKUP(B89,'C.14'!$B$7:$E$205,4,0),0)+_xlfn.IFNA(VLOOKUP(B89,'C.15'!$B$7:$E$206,4,0),0)+_xlfn.IFNA(VLOOKUP(B89,'C.16'!$B$7:$E$207,4,0),0) -> #REF! | F89: =#REF! -> #REF! | G89: =F89*E89 -> #REF! | I89: =_xlfn.IFNA(VLOOKUP(B89,'C.6'!$B$7:$E$207,4,0),0) -> 0 | J89: =F89*I89 -> #REF!
A90: 84 | B90: 33P | C90: SUMINISTRO E INSTALACIÓN DE PF MACHO DE 1/2 | D90: UND | E90: =_xlfn.IFNA(VLOOKUP(B90,'C.1'!$B$7:$E$206,4,0),0)+_xlfn.IFNA(VLOOKUP(B90,'C.2'!$B$7:$E$206,4,0),0)+_xlfn.IFNA(VLOOKUP(B90,'C.3'!$B$7:$E$206,4,0),0)+_xlfn.IFNA(VLOOKUP(B90,'C.4'!$B$7:$E$206,4,0),0)+_xlfn.IFNA(VLOOKUP(B90,#REF!,4,0),0)+_xlfn.IFNA(VLOOKUP(B90,'C.6'!$B$7:$E$206,4,0),0)+_xlfn.IFNA(VLOOKUP(B90,'C.7'!$B$7:$E$206,4,0),0)+_xlfn.IFNA(VLOOKUP(B90,'C.8'!$B$7:$E$206,4,0),0)+_xlfn.IFNA(VLOOKUP(B90,'C.9'!$B$7:$E$205,4,0),0)+_xlfn.IFNA(VLOOKUP(B90,'C.10'!$B$7:$E$206,4,0),0)+_xlfn.IFNA(VLOOKUP(B90,'C.11'!$B$7:$E$206,4,0),0)+_xlfn.IFNA(VLOOKUP(B90,'C.12'!$B$7:$E$205,4,0),0)+_xlfn.IFNA(VLOOKUP(B90,'C.13'!$B$7:$E$207,4,0),0)+_xlfn.IFNA(VLOOKUP(B90,'C.14'!$B$7:$E$205,4,0),0)+_xlfn.IFNA(VLOOKUP(B90,'C.15'!$B$7:$E$206,4,0),0)+_xlfn.IFNA(VLOOKUP(B90,'C.16'!$B$7:$E$207,4,0),0) -> #REF! | F90: =#REF! -> #REF! | G90: =F90*E90 -> #REF! | I90: =_xlfn.IFNA(VLOOKUP(B90,'C.6'!$B$7:$E$207,4,0),0) -> 0 | J90: =F90*I90 -> #REF!
A91: 85 | B91: 34P | C91: SUMINISTRO E INSTALACIÓN MANGUERA A PRESION POR ML 1/2" | D91: ML | E91: =_xlfn.IFNA(VLOOKUP(B91,'C.1'!$B$7:$E$206,4,0),0)+_xlfn.IFNA(VLOOKUP(B91,'C.2'!$B$7:$E$206,4,0),0)+_xlfn.IFNA(VLOOKUP(B91,'C.3'!$B$7:$E$206,4,0),0)+_xlfn.IFNA(VLOOKUP(B91,'C.4'!$B$7:$E$206,4,0),0)+_xlfn.IFNA(VLOOKUP(B91,#REF!,4,0),0)+_xlfn.IFNA(VLOOKUP(B91,'C.6'!$B$7:$E$206,4,0),0)+_xlfn.IFNA(VLOOKUP(B91,'C.7'!$B$7:$E$206,4,0),0)+_xlfn.IFNA(VLOOKUP(B91,'C.8'!$B$7:$E$206,4,0),0)+_xlfn.IFNA(VLOOKUP(B91,'C.9'!$B$7:$E$205,4,0),0)+_xlfn.IFNA(VLOOKUP(B91,'C.10'!$B$7:$E$206,4,0),0)+_xlfn.IFNA(VLOOKUP(B91,'C.11'!$B$7:$E$206,4,0),0)+_xlfn.IFNA(VLOOKUP(B91,'C.12'!$B$7:$E$205,4,0),0)+_xlfn.IFNA(VLOOKUP(B91,'C.13'!$B$7:$E$207,4,0),0)+_xlfn.IFNA(VLOOKUP(B91,'C.14'!$B$7:$E$205,4,0),0)+_xlfn.IFNA(VLOOKUP(B91,'C.15'!$B$7:$E$206,4,0),0)+_xlfn.IFNA(VLOOKUP(B91,'C.16'!$B$7:$E$207,4,0),0) -> #REF! | F91: =#REF! -> #REF! | G91: =F91*E91 -> #REF! | I91: =_xlfn.IFNA(VLOOKUP(B91,'C.6'!$B$7:$E$207,4,0),0) -> 0 | J91: =F91*I91 -> #REF!
A92: 86 | B92: 35P | C92: SUMINISTRO E INSTALACIÓN DE COLLARIN 3" A 1/2" | D92: UND | E92: =_xlfn.IFNA(VLOOKUP(B92,'C.1'!$B$7:$E$206,4,0),0)+_xlfn.IFNA(VLOOKUP(B92,'C.2'!$B$7:$E$206,4,0),0)+_xlfn.IFNA(VLOOKUP(B92,'C.3'!$B$7:$E$206,4,0),0)+_xlfn.IFNA(VLOOKUP(B92,'C.4'!$B$7:$E$206,4,0),0)+_xlfn.IFNA(VLOOKUP(B92,#REF!,4,0),0)+_xlfn.IFNA(VLOOKUP(B92,'C.6'!$B$7:$E$206,4,0),0)+_xlfn.IFNA(VLOOKUP(B92,'C.7'!$B$7:$E$206,4,0),0)+_xlfn.IFNA(VLOOKUP(B92,'C.8'!$B$7:$E$206,4,0),0)+_xlfn.IFNA(VLOOKUP(B92,'C.9'!$B$7:$E$205,4,0),0)+_xlfn.IFNA(VLOOKUP(B92,'C.10'!$B$7:$E$206,4,0),0)+_xlfn.IFNA(VLOOKUP(B92,'C.11'!$B$7:$E$206,4,0),0)+_xlfn.IFNA(VLOOKUP(B92,'C.12'!$B$7:$E$205,4,0),0)+_xlfn.IFNA(VLOOKUP(B92,'C.13'!$B$7:$E$207,4,0),0)+_xlfn.IFNA(VLOOKUP(B92,'C.14'!$B$7:$E$205,4,0),0)+_xlfn.IFNA(VLOOKUP(B92,'C.15'!$B$7:$E$206,4,0),0)+_xlfn.IFNA(VLOOKUP(B92,'C.16'!$B$7:$E$207,4,0),0) -> #REF! | F92: =#REF! -> #REF! | G92: =F92*E92 -> #REF! | I92: =_xlfn.IFNA(VLOOKUP(B92,'C.6'!$B$7:$E$207,4,0),0) -> 0 | J92: =F92*I92 -> #REF!
A93: 87 | B93: 36P | C93: SUMINISTRO E INSTALACIÓN DE LLAVE DE PASO DE PVC 1/2" DE BOLA | D93: UND | E93: =_xlfn.IFNA(VLOOKUP(B93,'C.1'!$B$7:$E$206,4,0),0)+_xlfn.IFNA(VLOOKUP(B93,'C.2'!$B$7:$E$206,4,0),0)+_xlfn.IFNA(VLOOKUP(B93,'C.3'!$B$7:$E$206,4,0),0)+_xlfn.IFNA(VLOOKUP(B93,'C.4'!$B$7:$E$206,4,0),0)+_xlfn.IFNA(VLOOKUP(B93,#REF!,4,0),0)+_xlfn.IFNA(VLOOKUP(B93,'C.6'!$B$7:$E$206,4,0),0)+_xlfn.IFNA(VLOOKUP(B93,'C.7'!$B$7:$E$206,4,0),0)+_xlfn.IFNA(VLOOKUP(B93,'C.8'!$B$7:$E$206,4,0),0)+_xlfn.IFNA(VLOOKUP(B93,'C.9'!$B$7:$E$205,4,0),0)+_xlfn.IFNA(VLOOKUP(B93,'C.10'!$B$7:$E$206,4,0),0)+_xlfn.IFNA(VLOOKUP(B93,'C.11'!$B$7:$E$206,4,0),0)+_xlfn.IFNA(VLOOKUP(B93,'C.12'!$B$7:$E$205,4,0),0)+_xlfn.IFNA(VLOOKUP(B93,'C.13'!$B$7:$E$207,4,0),0)+_xlfn.IFNA(VLOOKUP(B93,'C.14'!$B$7:$E$205,4,0),0)+_xlfn.IFNA(VLOOKUP(B93,'C.15'!$B$7:$E$206,4,0),0)+_xlfn.IFNA(VLOOKUP(B93,'C.16'!$B$7:$E$207,4,0),0) -> #REF! | F93: =#REF! -> #REF! | G93: =F93*E93 -> #REF! | I93: =_xlfn.IFNA(VLOOKUP(B93,'C.6'!$B$7:$E$207,4,0),0) -> 0 | J93: =F93*I93 -> #REF!
A94: 88 | B94: 37P | C94: SUMINISTRO E INSTALACIÓN DE TUBERIA PVC UNIÓN MECÁNICA PRESIÓN RDE 21 DIAMETRO 3" | D94: ML | E94: =_xlfn.IFNA(VLOOKUP(B94,'C.1'!$B$7:$E$206,4,0),0)+_xlfn.IFNA(VLOOKUP(B94,'C.2'!$B$7:$E$206,4,0),0)+_xlfn.IFNA(VLOOKUP(B94,'C.3'!$B$7:$E$206,4,0),0)+_xlfn.IFNA(VLOOKUP(B94,'C.4'!$B$7:$E$206,4,0),0)+_xlfn.IFNA(VLOOKUP(B94,#REF!,4,0),0)+_xlfn.IFNA(VLOOKUP(B94,'C.6'!$B$7:$E$206,4,0),0)+_xlfn.IFNA(VLOOKUP(B94,'C.7'!$B$7:$E$206,4,0),0)+_xlfn.IFNA(VLOOKUP(B94,'C.8'!$B$7:$E$206,4,0),0)+_xlfn.IFNA(VLOOKUP(B94,'C.9'!$B$7:$E$205,4,0),0)+_xlfn.IFNA(VLOOKUP(B94,'C.10'!$B$7:$E$206,4,0),0)+_xlfn.IFNA(VLOOKUP(B94,'C.11'!$B$7:$E$206,4,0),0)+_xlfn.IFNA(VLOOKUP(B94,'C.12'!$B$7:$E$205,4,0),0)+_xlfn.IFNA(VLOOKUP(B94,'C.13'!$B$7:$E$207,4,0),0)+_xlfn.IFNA(VLOOKUP(B94,'C.14'!$B$7:$E$205,4,0),0)+_xlfn.IFNA(VLOOKUP(B94,'C.15'!$B$7:$E$206,4,0),0)+_xlfn.IFNA(VLOOKUP(B94,'C.16'!$B$7:$E$207,4,0),0) -> #REF! | F94: =#REF! -> #REF! | G94: =F94*E94 -> #REF! | I94: =_xlfn.IFNA(VLOOKUP(B94,'C.6'!$B$7:$E$207,4,0),0) -> 0 | J94: =F94*I94 -> #REF!
B95: 37.1p | C95: SUMINISTRO E INSTALACIÓN DE TUBERIA PVC UNIÓN MECÁNICA PRESIÓN RDE 21 DIAMETRO 2" | D95: ML | E95: =_xlfn.IFNA(VLOOKUP(B95,'C.1'!$B$7:$E$206,4,0),0)+_xlfn.IFNA(VLOOKUP(B95,'C.2'!$B$7:$E$206,4,0),0)+_xlfn.IFNA(VLOOKUP(B95,'C.3'!$B$7:$E$206,4,0),0)+_xlfn.IFNA(VLOOKUP(B95,'C.4'!$B$7:$E$206,4,0),0)+_xlfn.IFNA(VLOOKUP(B95,#REF!,4,0),0)+_xlfn.IFNA(VLOOKUP(B95,'C.6'!$B$7:$E$206,4,0),0)+_xlfn.IFNA(VLOOKUP(B95,'C.7'!$B$7:$E$206,4,0),0)+_xlfn.IFNA(VLOOKUP(B95,'C.8'!$B$7:$E$206,4,0),0)+_xlfn.IFNA(VLOOKUP(B95,'C.9'!$B$7:$E$205,4,0),0)+_xlfn.IFNA(VLOOKUP(B95,'C.10'!$B$7:$E$206,4,0),0)+_xlfn.IFNA(VLOOKUP(B95,'C.11'!$B$7:$E$206,4,0),0)+_xlfn.IFNA(VLOOKUP(B95,'C.12'!$B$7:$E$205,4,0),0)+_xlfn.IFNA(VLOOKUP(B95,'C.13'!$B$7:$E$207,4,0),0)+_xlfn.IFNA(VLOOKUP(B95,'C.14'!$B$7:$E$205,4,0),0)+_xlfn.IFNA(VLOOKUP(B95,'C.15'!$B$7:$E$206,4,0),0)+_xlfn.IFNA(VLOOKUP(B95,'C.16'!$B$7:$E$207,4,0),0) -> #REF! | F95: =#REF! -> #REF! | G95: =F95*E95 -> #REF! | I95: =_xlfn.IFNA(VLOOKUP(B95,'C.6'!$B$7:$E$207,4,0),0) -> 0 | J95: =F95*I95 -> #REF!
B96: 37.3P | C96: SUMINISTRO E INSTALACIÓN DE TUBERIA PVC UNIÓN MECÁNICA PRESIÓN RDE 21 DIAMETRO 4" | D96: ML | E96: =_xlfn.IFNA(VLOOKUP(B96,'C.1'!$B$7:$E$206,4,0),0)+_xlfn.IFNA(VLOOKUP(B96,'C.2'!$B$7:$E$206,4,0),0)+_xlfn.IFNA(VLOOKUP(B96,'C.3'!$B$7:$E$206,4,0),0)+_xlfn.IFNA(VLOOKUP(B96,'C.4'!$B$7:$E$206,4,0),0)+_xlfn.IFNA(VLOOKUP(B96,#REF!,4,0),0)+_xlfn.IFNA(VLOOKUP(B96,'C.6'!$B$7:$E$206,4,0),0)+_xlfn.IFNA(VLOOKUP(B96,'C.7'!$B$7:$E$206,4,0),0)+_xlfn.IFNA(VLOOKUP(B96,'C.8'!$B$7:$E$206,4,0),0)+_xlfn.IFNA(VLOOKUP(B96,'C.9'!$B$7:$E$205,4,0),0)+_xlfn.IFNA(VLOOKUP(B96,'C.10'!$B$7:$E$206,4,0),0)+_xlfn.IFNA(VLOOKUP(B96,'C.11'!$B$7:$E$206,4,0),0)+_xlfn.IFNA(VLOOKUP(B96,'C.12'!$B$7:$E$205,4,0),0)+_xlfn.IFNA(VLOOKUP(B96,'C.13'!$B$7:$E$207,4,0),0)+_xlfn.IFNA(VLOOKUP(B96,'C.14'!$B$7:$E$205,4,0),0)+_xlfn.IFNA(VLOOKUP(B96,'C.15'!$B$7:$E$206,4,0),0)+_xlfn.IFNA(VLOOKUP(B96,'C.16'!$B$7:$E$207,4,0),0) -> #REF! | F96: =#REF! -> #REF! | G96: =F96*E96 -> #REF! | I96: =_xlfn.IFNA(VLOOKUP(B96,'C.6'!$B$7:$E$207,4,0),0) -> 0 | J96: =F96*I96 -> #REF!
B97: 37.2P | C97: SUMINISTRO E INSTALACIÓN DE TUBERIA PVC UNIÓN MECÁNICA PRESIÓN RDE 21 DIAMETRO 6" | D97: ML | E97: =_xlfn.IFNA(VLOOKUP(B97,'C.1'!$B$7:$E$206,4,0),0)+_xlfn.IFNA(VLOOKUP(B97,'C.2'!$B$7:$E$206,4,0),0)+_xlfn.IFNA(VLOOKUP(B97,'C.3'!$B$7:$E$206,4,0),0)+_xlfn.IFNA(VLOOKUP(B97,'C.4'!$B$7:$E$206,4,0),0)+_xlfn.IFNA(VLOOKUP(B97,#REF!,4,0),0)+_xlfn.IFNA(VLOOKUP(B97,'C.6'!$B$7:$E$206,4,0),0)+_xlfn.IFNA(VLOOKUP(B97,'C.7'!$B$7:$E$206,4,0),0)+_xlfn.IFNA(VLOOKUP(B97,'C.8'!$B$7:$E$206,4,0),0)+_xlfn.IFNA(VLOOKUP(B97,'C.9'!$B$7:$E$205,4,0),0)+_xlfn.IFNA(VLOOKUP(B97,'C.10'!$B$7:$E$206,4,0),0)+_xlfn.IFNA(VLOOKUP(B97,'C.11'!$B$7:$E$206,4,0),0)+_xlfn.IFNA(VLOOKUP(B97,'C.12'!$B$7:$E$205,4,0),0)+_xlfn.IFNA(VLOOKUP(B97,'C.13'!$B$7:$E$207,4,0),0)+_xlfn.IFNA(VLOOKUP(B97,'C.14'!$B$7:$E$205,4,0),0)+_xlfn.IFNA(VLOOKUP(B97,'C.15'!$B$7:$E$206,4,0),0)+_xlfn.IFNA(VLOOKUP(B97,'C.16'!$B$7:$E$207,4,0),0) -> #REF! | F97: =#REF! -> #REF! | G97: =F97*E97 -> #REF! | I97: =_xlfn.IFNA(VLOOKUP(B97,'C.6'!$B$7:$E$207,4,0),0) -> 0 | J97: =F97*I97 -> #REF!
A98: 89 | B98: 60P | C98: SUMINISTRO E INSTALACION UNION UNIVERSAL TIPO DRESSER HD DE 3" | D98: UND | E98: =_xlfn.IFNA(VLOOKUP(B98,'C.1'!$B$7:$E$206,4,0),0)+_xlfn.IFNA(VLOOKUP(B98,'C.2'!$B$7:$E$206,4,0),0)+_xlfn.IFNA(VLOOKUP(B98,'C.3'!$B$7:$E$206,4,0),0)+_xlfn.IFNA(VLOOKUP(B98,'C.4'!$B$7:$E$206,4,0),0)+_xlfn.IFNA(VLOOKUP(B98,#REF!,4,0),0)+_xlfn.IFNA(VLOOKUP(B98,'C.6'!$B$7:$E$206,4,0),0)+_xlfn.IFNA(VLOOKUP(B98,'C.7'!$B$7:$E$206,4,0),0)+_xlfn.IFNA(VLOOKUP(B98,'C.8'!$B$7:$E$206,4,0),0)+_xlfn.IFNA(VLOOKUP(B98,'C.9'!$B$7:$E$205,4,0),0)+_xlfn.IFNA(VLOOKUP(B98,'C.10'!$B$7:$E$206,4,0),0)+_xlfn.IFNA(VLOOKUP(B98,'C.11'!$B$7:$E$206,4,0),0)+_xlfn.IFNA(VLOOKUP(B98,'C.12'!$B$7:$E$205,4,0),0)+_xlfn.IFNA(VLOOKUP(B98,'C.13'!$B$7:$E$207,4,0),0)+_xlfn.IFNA(VLOOKUP(B98,'C.14'!$B$7:$E$205,4,0),0)+_xlfn.IFNA(VLOOKUP(B98,'C.15'!$B$7:$E$206,4,0),0)+_xlfn.IFNA(VLOOKUP(B98,'C.16'!$B$7:$E$207,4,0),0) -> #REF! | F98: ='60P'!N43 -> #REF! | G98: =F98*E98 -> #REF! | I98: =_xlfn.IFNA(VLOOKUP(B98,'C.6'!$B$7:$E$207,4,0),0) -> 0 | J98: =F98*I98 -> #REF!
A99: 90 | B99: 60.1P | C99: SUMINISTRO E INSTALACION UNION UNIVERSAL TIPO DRESSER HD DE 4" | D99: UND | E99: =_xlfn.IFNA(VLOOKUP(B99,'C.1'!$B$7:$E$206,4,0),0)+_xlfn.IFNA(VLOOKUP(B99,'C.2'!$B$7:$E$206,4,0),0)+_xlfn.IFNA(VLOOKUP(B99,'C.3'!$B$7:$E$206,4,0),0)+_xlfn.IFNA(VLOOKUP(B99,'C.4'!$B$7:$E$206,4,0),0)+_xlfn.IFNA(VLOOKUP(B99,#REF!,4,0),0)+_xlfn.IFNA(VLOOKUP(B99,'C.6'!$B$7:$E$206,4,0),0)+_xlfn.IFNA(VLOOKUP(B99,'C.7'!$B$7:$E$206,4,0),0)+_xlfn.IFNA(VLOOKUP(B99,'C.8'!$B$7:$E$206,4,0),0)+_xlfn.IFNA(VLOOKUP(B99,'C.9'!$B$7:$E$205,4,0),0)+_xlfn.IFNA(VLOOKUP(B99,'C.10'!$B$7:$E$206,4,0),0)+_xlfn.IFNA(VLOOKUP(B99,'C.11'!$B$7:$E$206,4,0),0)+_xlfn.IFNA(VLOOKUP(B99,'C.12'!$B$7:$E$205,4,0),0)+_xlfn.IFNA(VLOOKUP(B99,'C.13'!$B$7:$E$207,4,0),0)+_xlfn.IFNA(VLOOKUP(B99,'C.14'!$B$7:$E$205,4,0),0)+_xlfn.IFNA(VLOOKUP(B99,'C.15'!$B$7:$E$206,4,0),0)+_xlfn.IFNA(VLOOKUP(B99,'C.16'!$B$7:$E$207,4,0),0) -> #REF! | F99: ='60.1P'!N43 -> #REF! | G99: =F99*E99 -> #REF! | I99: =_xlfn.IFNA(VLOOKUP(B99,'C.6'!$B$7:$E$207,4,0),0) -> 0 | J99: =F99*I99 -> #REF!
A100: 91 | B100: 61P | C100: SUMINISTRO E INSTALACION DE TEE HD EXTREMOS LISOS. 3"X3"X3" | D100: UND | E100: =_xlfn.IFNA(VLOOKUP(B100,'C.1'!$B$7:$E$206,4,0),0)+_xlfn.IFNA(VLOOKUP(B100,'C.2'!$B$7:$E$206,4,0),0)+_xlfn.IFNA(VLOOKUP(B100,'C.3'!$B$7:$E$206,4,0),0)+_xlfn.IFNA(VLOOKUP(B100,'C.4'!$B$7:$E$206,4,0),0)+_xlfn.IFNA(VLOOKUP(B100,#REF!,4,0),0)+_xlfn.IFNA(VLOOKUP(B100,'C.6'!$B$7:$E$206,4,0),0)+_xlfn.IFNA(VLOOKUP(B100,'C.7'!$B$7:$E$206,4,0),0)+_xlfn.IFNA(VLOOKUP(B100,'C.8'!$B$7:$E$206,4,0),0)+_xlfn.IFNA(VLOOKUP(B100,'C.9'!$B$7:$E$205,4,0),0)+_xlfn.IFNA(VLOOKUP(B100,'C.10'!$B$7:$E$206,4,0),0)+_xlfn.IFNA(VLOOKUP(B100,'C.11'!$B$7:$E$206,4,0),0)+_xlfn.IFNA(VLOOKUP(B100,'C.12'!$B$7:$E$205,4,0),0)+_xlfn.IFNA(VLOOKUP(B100,'C.13'!$B$7:$E$207,4,0),0)+_xlfn.IFNA(VLOOKUP(B100,'C.14'!$B$7:$E$205,4,0),0)+_xlfn.IFNA(VLOOKUP(B100,'C.15'!$B$7:$E$206,4,0),0)+_xlfn.IFNA(VLOOKUP(B100,'C.16'!$B$7:$E$207,4,0),0) -> #REF! | F100: ='61P'!N43 -> #REF! | G100: =F100*E100 -> #REF! | I100: =_xlfn.IFNA(VLOOKUP(B100,'C.6'!$B$7:$E$207,4,0),0) -> 0 | J100: =F100*I100 -> #REF!
A101: 92 | B101: 62P | C101: SUMINISTRO E INSTALACION DE SEMICODO 45° PVC PRESION 3". SOLDADO | D101: UND | E101: =_xlfn.IFNA(VLOOKUP(B101,'C.1'!$B$7:$E$206,4,0),0)+_xlfn.IFNA(VLOOKUP(B101,'C.2'!$B$7:$E$206,4,0),0)+_xlfn.IFNA(VLOOKUP(B101,'C.3'!$B$7:$E$206,4,0),0)+_xlfn.IFNA(VLOOKUP(B101,'C.4'!$B$7:$E$206,4,0),0)+_xlfn.IFNA(VLOOKUP(B101,#REF!,4,0),0)+_xlfn.IFNA(VLOOKUP(B101,'C.6'!$B$7:$E$206,4,0),0)+_xlfn.IFNA(VLOOKUP(B101,'C.7'!$B$7:$E$206,4,0),0)+_xlfn.IFNA(VLOOKUP(B101,'C.8'!$B$7:$E$206,4,0),0)+_xlfn.IFNA(VLOOKUP(B101,'C.9'!$B$7:$E$205,4,0),0)+_xlfn.IFNA(VLOOKUP(B101,'C.10'!$B$7:$E$206,4,0),0)+_xlfn.IFNA(VLOOKUP(B101,'C.11'!$B$7:$E$206,4,0),0)+_xlfn.IFNA(VLOOKUP(B101,'C.12'!$B$7:$E$205,4,0),0)+_xlfn.IFNA(VLOOKUP(B101,'C.13'!$B$7:$E$207,4,0),0)+_xlfn.IFNA(VLOOKUP(B101,'C.14'!$B$7:$E$205,4,0),0)+_xlfn.IFNA(VLOOKUP(B101,'C.15'!$B$7:$E$206,4,0),0)+_xlfn.IFNA(VLOOKUP(B101,'C.16'!$B$7:$E$207,4,0),0) -> #REF! | F101: =#REF! -> #REF! | G101: =F101*E101 -> #REF! | I101: =_xlfn.IFNA(VLOOKUP(B101,'C.6'!$B$7:$E$207,4,0),0) -> 0 | J101: =F101*I101 -> #REF!
A102: 93 | B102: 63P | C102: SUMINISTRO E INSTALACION DE CODO 90° PVC PRESION 3" | D102: UND | E102: =_xlfn.IFNA(VLOOKUP(B102,'C.1'!$B$7:$E$206,4,0),0)+_xlfn.IFNA(VLOOKUP(B102,'C.2'!$B$7:$E$206,4,0),0)+_xlfn.IFNA(VLOOKUP(B102,'C.3'!$B$7:$E$206,4,0),0)+_xlfn.IFNA(VLOOKUP(B102,'C.4'!$B$7:$E$206,4,0),0)+_xlfn.IFNA(VLOOKUP(B102,#REF!,4,0),0)+_xlfn.IFNA(VLOOKUP(B102,'C.6'!$B$7:$E$206,4,0),0)+_xlfn.IFNA(VLOOKUP(B102,'C.7'!$B$7:$E$206,4,0),0)+_xlfn.IFNA(VLOOKUP(B102,'C.8'!$B$7:$E$206,4,0),0)+_xlfn.IFNA(VLOOKUP(B102,'C.9'!$B$7:$E$205,4,0),0)+_xlfn.IFNA(VLOOKUP(B102,'C.10'!$B$7:$E$206,4,0),0)+_xlfn.IFNA(VLOOKUP(B102,'C.11'!$B$7:$E$206,4,0),0)+_xlfn.IFNA(VLOOKUP(B102,'C.12'!$B$7:$E$205,4,0),0)+_xlfn.IFNA(VLOOKUP(B102,'C.13'!$B$7:$E$207,4,0),0)+_xlfn.IFNA(VLOOKUP(B102,'C.14'!$B$7:$E$205,4,0),0)+_xlfn.IFNA(VLOOKUP(B102,'C.15'!$B$7:$E$206,4,0),0)+_xlfn.IFNA(VLOOKUP(B102,'C.16'!$B$7:$E$207,4,0),0) -> #REF! | F102: =#REF! -> #REF! | G102: =F102*E102 -> #REF! | I102: =_xlfn.IFNA(VLOOKUP(B102,'C.6'!$B$7:$E$207,4,0),0) -> 0 | J102: =F102*I102 -> #REF!
...

Sheet PRESUPUESTO CDO
A1: =Q2 -> PAVIMENTACIÓN DE VÍAS URBANAS DEL MUNICIPIO DE CHAPARRAL – DEPARTAMENTO DEL TOLIMA
Q2: PAVIMENTACIÓN DE VÍAS URBANAS DEL MUNICIPIO DE CHAPARRAL – DEPARTAMENTO DEL TOLIMA
A5: ITEM | B5: ITEM DE PAGO | C5: DESCRIPCION | D5: UN | E5: CANTIDAD | F5: VR UNITARIO | G5: VALOR TOTAL
C6: PRELIMINARES Y EXPLANACIONES
B7: 1P | C7: LOCALIZACIÓN Y REPLANTEO | D7: M2 | E7: =_xlfn.IFNA(VLOOKUP(B7,'C.1'!$B$7:$E$206,4,0),0)+_xlfn.IFNA(VLOOKUP(B7,'C.2'!$B$7:$E$206,4,0),0)+_xlfn.IFNA(VLOOKUP(B7,'C.3'!$B$7:$E$206,4,0),0)+_xlfn.IFNA(VLOOKUP(B7,'C.4'!$B$7:$E$206,4,0),0)+_xlfn.IFNA(VLOOKUP(B7,#REF!,4,0),0)+_xlfn.IFNA(VLOOKUP(B7,'C.6'!$B$7:$E$206,4,0),0)+_xlfn.IFNA(VLOOKUP(B7,'C.7'!$B$7:$E$206,4,0),0)+_xlfn.IFNA(VLOOKUP(B7,'C.8'!$B$7:$E$206,4,0),0)+_xlfn.IFNA(VLOOKUP(B7,'C.9'!$B$7:$E$205,4,0),0)+_xlfn.IFNA(VLOOKUP(B7,'C.10'!$B$7:$E$206,4,0),0)+_xlfn.IFNA(VLOOKUP(B7,'C.11'!$B$7:$E$206,4,0),0)+_xlfn.IFNA(VLOOKUP(B7,'C.12'!$B$7:$E$205,4,0),0)+_xlfn.IFNA(VLOOKUP(B7,'C.13'!$B$7:$E$207,4,0),0)+_xlfn.IFNA(VLOOKUP(B7,'C.14'!$B$7:$E$205,4,0),0)+_xlfn.IFNA(VLOOKUP(B7,'C.15'!$B$7:$E$206,4,0),0)+_xlfn.IFNA(VLOOKUP(B7,'C.16'!$B$7:$E$207,4,0),0) -> #REF! | F7: =+#REF! -> #REF! | G7: =E7*F7 -> #REF!
B8: 5P | C8: EXPLANACION Y CAJEO | D8: M3 | E8: =_xlfn.IFNA(VLOOKUP(B8,'C.1'!$B$7:$E$206,4,0),0)+_xlfn.IFNA(VLOOKUP(B8,'C.2'!$B$7:$E$206,4,0),0)+_xlfn.IFNA(VLOOKUP(B8,'C.3'!$B$7:$E$206,4,0),0)+_xlfn.IFNA(VLOOKUP(B8,'C.4'!$B$7:$E$206,4,0),0)+_xlfn.IFNA(VLOOKUP(B8,#REF!,4,0),0)+_xlfn.IFNA(VLOOKUP(B8,'C.6'!$B$7:$E$206,4,0),0)+_xlfn.IFNA(VLOOKUP(B8,'C.7'!$B$7:$E$206,4,0),0)+_xlfn.IFNA(VLOOKUP(B8,'C.8'!$B$7:$E$206,4,0),0)+_xlfn.IFNA(VLOOKUP(B8,'C.9'!$B$7:$E$205,4,0),0)+_xlfn.IFNA(VLOOKUP(B8,'C.10'!$B$7:$E$206,4,0),0)+_xlfn.IFNA(VLOOKUP(B8,'C.11'!$B$7:$E$206,4,0),0)+_xlfn.IFNA(VLOOKUP(B8,'C.12'!$B$7:$E$205,4,0),0)+_xlfn.IFNA(VLOOKUP(B8,'C.13'!$B$7:$E$207,4,0),0)+_xlfn.IFNA(VLOOKUP(B8,'C.14'!$B$7:$E$205,4,0),0)+_xlfn.IFNA(VLOOKUP(B8,'C.15'!$B$7:$E$206,4,0),0)+_xlfn.IFNA(VLOOKUP(B8,'C.16'!$B$7:$E$207,4,0),0) -> #REF! | F8: =#REF! -> #REF! | G8: =E8*F8 -> #REF!
B9: 6P | C9: CARGUE Y DISPOSICIÓN DE SOBRANTES A MÁQUINA. (NO INCLUYE TRANSPORTE) | D9: M3/COMP | E9: =_xlfn.IFNA(VLOOKUP(B9,'C.1'!$B$7:$E$206,4,0),0)+_xlfn.IFNA(VLOOKUP(B9,'C.2'!$B$7:$E$206,4,0),0)+_xlfn.IFNA(VLOOKUP(B9,'C.3'!$B$7:$E$206,4,0),0)+_xlfn.IFNA(VLOOKUP(B9,'C.4'!$B$7:$E$206,4,0),0)+_xlfn.IFNA(VLOOKUP(B9,#REF!,4,0),0)+_xlfn.IFNA(VLOOKUP(B9,'C.6'!$B$7:$E$206,4,0),0)+_xlfn.IFNA(VLOOKUP(B9,'C.7'!$B$7:$E$206,4,0),0)+_xlfn.IFNA(VLOOKUP(B9,'C.8'!$B$7:$E$206,4,0),0)+_xlfn.IFNA(VLOOKUP(B9,'C.9'!$B$7:$E$205,4,0),0)+_xlfn.IFNA(VLOOKUP(B9,'C.10'!$B$7:$E$206,4,0),0)+_xlfn.IFNA(VLOOKUP(B9,'C.11'!$B$7:$E$206,4,0),0)+_xlfn.IFNA(VLOOKUP(B9,'C.12'!$B$7:$E$205,4,0),0)+_xlfn.IFNA(VLOOKUP(B9,'C.13'!$B$7:$E$207,4,0),0)+_xlfn.IFNA(VLOOKUP(B9,'C.14'!$B$7:$E$205,4,0),0)+_xlfn.IFNA(VLOOKUP(B9,'C.15'!$B$7:$E$206,4,0),0)+_xlfn.IFNA(VLOOKUP(B9,'C.16'!$B$7:$E$207,4,0),0) -> #REF! | F9: =#REF! -> #REF! | G9: =E9*F9 -> #REF! | U9: 6500000
B10: 7P | C10: SUMINISTRO EXTENDIDA Y COMPACTACIÓN DE RECEBO EN ZANJA COMPACTADA C/15CM. MEDIO MECANICO. (NO INCLUYE TRANSPORTE) | D10: M3/COMP | E10: =_xlfn.IFNA(VLOOKUP(B10,'C.1'!$B$7:$E$206,4,0),0)+_xlfn.IFNA(VLOOKUP(B10,'C.2'!$B$7:$E$206,4,0),0)+_xlfn.IFNA(VLOOKUP(B10,'C.3'!$B$7:$E$206,4,0),0)+_xlfn.IFNA(VLOOKUP(B10,'C.4'!$B$7:$E$206,4,0),0)+_xlfn.IFNA(VLOOKUP(B10,#REF!,4,0),0)+_xlfn.IFNA(VLOOKUP(B10,'C.6'!$B$7:$E$206,4,0),0)+_xlfn.IFNA(VLOOKUP(B10,'C.7'!$B$7:$E$206,4,0),0)+_xlfn.IFNA(VLOOKUP(B10,'C.8'!$B$7:$E$206,4,0),0)+_xlfn.IFNA(VLOOKUP(B10,'C.9'!$B$7:$E$205,4,0),0)+_xlfn.IFNA(VLOOKUP(B10,'C.10'!$B$7:$E$206,4,0),0)+_xlfn.IFNA(VLOOKUP(B10,'C.11'!$B$7:$E$206,4,0),0)+_xlfn.IFNA(VLOOKUP(B10,'C.12'!$B$7:$E$205,4,0),0)+_xlfn.IFNA(VLOOKUP(B10,'C.13'!$B$7:$E$207,4,0),0)+_xlfn.IFNA(VLOOKUP(B10,'C.14'!$B$7:$E$205,4,0),0)+_xlfn.IFNA(VLOOKUP(B10,'C.15'!$B$7:$E$206,4,0),0)+_xlfn.IFNA(VLOOKUP(B10,'C.16'!$B$7:$E$207,4,0),0) -> #REF! | F10: =#REF! -> #REF! | G10: =E10*F10 -> #REF! | U10: =U9/30 -> 216666.67
B11: 8P | C11: ACARREO INTERNO EN OBRA HASTA 50M | D11: M3 | E11: =_xlfn.IFNA(VLOOKUP(B11,'C.1'!$B$7:$E$206,4,0),0)+_xlfn.IFNA(VLOOKUP(B11,'C.2'!$B$7:$E$206,4,0),0)+_xlfn.IFNA(VLOOKUP(B11,'C.3'!$B$7:$E$206,4,0),0)+_xlfn.IFNA(VLOOKUP(B11,'C.4'!$B$7:$E$206,4,0),0)+_xlfn.IFNA(VLOOKUP(B11,#REF!,4,0),0)+_xlfn.IFNA(VLOOKUP(B11,'C.6'!$B$7:$E$206,4,0),0)+_xlfn.IFNA(VLOOKUP(B11,'C.7'!$B$7:$E$206,4,0),0)+_xlfn.IFNA(VLOOKUP(B11,'C.8'!$B$7:$E$206,4,0),0)+_xlfn.IFNA(VLOOKUP(B11,'C.9'!$B$7:$E$205,4,0),0)+_xlfn.IFNA(VLOOKUP(B11,'C.10'!$B$7:$E$206,4,0),0)+_xlfn.IFNA(VLOOKUP(B11,'C.11'!$B$7:$E$206,4,0),0)+_xlfn.IFNA(VLOOKUP(B11,'C.12'!$B$7:$E$205,4,0),0)+_xlfn.IFNA(VLOOKUP(B11,'C.13'!$B$7:$E$207,4,0),0)+_xlfn.IFNA(VLOOKUP(B11,'C.14'!$B$7:$E$205,4,0),0)+_xlfn.IFNA(VLOOKUP(B11,'C.15'!$B$7:$E$206,4,0),0)+_xlfn.IFNA(VLOOKUP(B11,'C.16'!$B$7:$E$207,4,0),0) -> #REF! | F11: =#REF! -> #REF! | G11: =E11*F11 -> #REF! | U11: =U10*13 -> 2816666.7
B12: 201.3P | C12: ROTURA DE PAVIMENTO FLEXIBLE e=10 CM | D12: M2 | E12: =_xlfn.IFNA(VLOOKUP(B12,'C.1'!$B$7:$E$206,4,0),0)+_xlfn.IFNA(VLOOKUP(B12,'C.2'!$B$7:$E$206,4,0),0)+_xlfn.IFNA(VLOOKUP(B12,'C.3'!$B$7:$E$206,4,0),0)+_xlfn.IFNA(VLOOKUP(B12,'C.4'!$B$7:$E$206,4,0),0)+_xlfn.IFNA(VLOOKUP(B12,#REF!,4,0),0)+_xlfn.IFNA(VLOOKUP(B12,'C.6'!$B$7:$E$206,4,0),0)+_xlfn.IFNA(VLOOKUP(B12,'C.7'!$B$7:$E$206,4,0),0)+_xlfn.IFNA(VLOOKUP(B12,'C.8'!$B$7:$E$206,4,0),0)+_xlfn.IFNA(VLOOKUP(B12,'C.9'!$B$7:$E$205,4,0),0)+_xlfn.IFNA(VLOOKUP(B12,'C.10'!$B$7:$E$206,4,0),0)+_xlfn.IFNA(VLOOKUP(B12,'C.11'!$B$7:$E$206,4,0),0)+_xlfn.IFNA(VLOOKUP(B12,'C.12'!$B$7:$E$205,4,0),0)+_xlfn.IFNA(VLOOKUP(B12,'C.13'!$B$7:$E$207,4,0),0)+_xlfn.IFNA(VLOOKUP(B12,'C.14'!$B$7:$E$205,4,0),0)+_xlfn.IFNA(VLOOKUP(B12,'C.15'!$B$7:$E$206,4,0),0)+_xlfn.IFNA(VLOOKUP(B12,'C.16'!$B$7:$E$207,4,0),0) -> #REF! | F12: ='201.3P'!N50 -> #REF! | G12: =E12*F12 -> #REF! | U12: =U11+3900000 -> 6716666.7
B13: 201.3 | C13: DEMOLICIÓN DE PAVIMENTO RIGIDO | D13: M3 | E13: =_xlfn.IFNA(VLOOKUP(B13,'C.1'!$B$7:$E$206,4,0),0)+_xlfn.IFNA(VLOOKUP(B13,'C.2'!$B$7:$E$206,4,0),0)+_xlfn.IFNA(VLOOKUP(B13,'C.3'!$B$7:$E$206,4,0),0)+_xlfn.IFNA(VLOOKUP(B13,'C.4'!$B$7:$E$206,4,0),0)+_xlfn.IFNA(VLOOKUP(B13,#REF!,4,0),0)+_xlfn.IFNA(VLOOKUP(B13,'C.6'!$B$7:$E$206,4,0),0)+_xlfn.IFNA(VLOOKUP(B13,'C.7'!$B$7:$E$206,4,0),0)+_xlfn.IFNA(VLOOKUP(B13,'C.8'!$B$7:$E$206,4,0),0)+_xlfn.IFNA(VLOOKUP(B13,'C.9'!$B$7:$E$205,4,0),0)+_xlfn.IFNA(VLOOKUP(B13,'C.10'!$B$7:$E$206,4,0),0)+_xlfn.IFNA(VLOOKUP(B13,'C.11'!$B$7:$E$206,4,0),0)+_xlfn.IFNA(VLOOKUP(B13,'C.12'!$B$7:$E$205,4,0),0)+_xlfn.IFNA(VLOOKUP(B13,'C.13'!$B$7:$E$207,4,0),0)+_xlfn.IFNA(VLOOKUP(B13,'C.14'!$B$7:$E$205,4,0),0)+_xlfn.IFNA(VLOOKUP(B13,'C.15'!$B$7:$E$206,4,0),0)+_xlfn.IFNA(VLOOKUP(B13,'C.16'!$B$7:$E$207,4,0),0) -> #REF! | F13: ='201.3'!N50 -> #REF! | G13: =E13*F13 -> #REF! | U13: =U12*0.4 -> 2686666.7
B14: 201.9 | C14: DEMOLICION DE PISOS, ANDENES Y BORDILLOS DE CONCRETO | D14: M3 | E14: =_xlfn.IFNA(VLOOKUP(B14,'C.1'!$B$7:$E$206,4,0),0)+_xlfn.IFNA(VLOOKUP(B14,'C.2'!$B$7:$E$206,4,0),0)+_xlfn.IFNA(VLOOKUP(B14,'C.3'!$B$7:$E$206,4,0),0)+_xlfn.IFNA(VLOOKUP(B14,'C.4'!$B$7:$E$206,4,0),0)+_xlfn.IFNA(VLOOKUP(B14,#REF!,4,0),0)+_xlfn.IFNA(VLOOKUP(B14,'C.6'!$B$7:$E$206,4,0),0)+_xlfn.IFNA(VLOOKUP(B14,'C.7'!$B$7:$E$206,4,0),0)+_xlfn.IFNA(VLOOKUP(B14,'C.8'!$B$7:$E$206,4,0),0)+_xlfn.IFNA(VLOOKUP(B14,'C.9'!$B$7:$E$205,4,0),0)+_xlfn.IFNA(VLOOKUP(B14,'C.10'!$B$7:$E$206,4,0),0)+_xlfn.IFNA(VLOOKUP(B14,'C.11'!$B$7:$E$206,4,0),0)+_xlfn.IFNA(VLOOKUP(B14,'C.12'!$B$7:$E$205,4,0),0)+_xlfn.IFNA(VLOOKUP(B14,'C.13'!$B$7:$E$207,4,0),0)+_xlfn.IFNA(VLOOKUP(B14,'C.14'!$B$7:$E$205,4,0),0)+_xlfn.IFNA(VLOOKUP(B14,'C.15'!$B$7:$E$206,4,0),0)+_xlfn.IFNA(VLOOKUP(B14,'C.16'!$B$7:$E$207,4,0),0) -> #REF! | F14: ='201.9'!N50 -> #REF! | G14: =E14*F14 -> #REF!
E15: =_xlfn.IFNA(VLOOKUP(B15,'C.1'!$B$7:$E$206,4,0),0)+_xlfn.IFNA(VLOOKUP(B15,'C.2'!$B$7:$E$206,4,0),0)+_xlfn.IFNA(VLOOKUP(B15,'C.3'!$B$7:$E$206,4,0),0)+_xlfn.IFNA(VLOOKUP(B15,'C.4'!$B$7:$E$206,4,0),0)+_xlfn.IFNA(VLOOKUP(B15,#REF!,4,0),0)+_xlfn.IFNA(VLOOKUP(B15,'C.6'!$B$7:$E$206,4,0),0)+_xlfn.IFNA(VLOOKUP(B15,'C.7'!$B$7:$E$206,4,0),0)+_xlfn.IFNA(VLOOKUP(B15,'C.8'!$B$7:$E$206,4,0),0)+_xlfn.IFNA(VLOOKUP(B15,'C.9'!$B$7:$E$205,4,0),0)+_xlfn.IFNA(VLOOKUP(B15,'C.10'!$B$7:$E$206,4,0),0)+_xlfn.IFNA(VLOOKUP(B15,'C.11'!$B$7:$E$206,4,0),0)+_xlfn.IFNA(VLOOKUP(B15,'C.12'!$B$7:$E$205,4,0),0)+_xlfn.IFNA(VLOOKUP(B15,'C.13'!$B$7:$E$207,4,0),0)+_xlfn.IFNA(VLOOKUP(B15,'C.14'!$B$7:$E$205,4,0),0)+_xlfn.IFNA(VLOOKUP(B15,'C.15'!$B$7:$E$206,4,0),0)+_xlfn.IFNA(VLOOKUP(B15,'C.16'!$B$7:$E$207,4,0),0) -> #REF! | G15: =SUM(G7:G14) -> #REF!
C16: EXCAVACIONES | E16: =_xlfn.IFNA(VLOOKUP(B16,'C.1'!$B$7:$E$206,4,0),0)+_xlfn.IFNA(VLOOKUP(B16,'C.2'!$B$7:$E$206,4,0),0)+_xlfn.IFNA(VLOOKUP(B16,'C.3'!$B$7:$E$206,4,0),0)+_xlfn.IFNA(VLOOKUP(B16,'C.4'!$B$7:$E$206,4,0),0)+_xlfn.IFNA(VLOOKUP(B16,#REF!,4,0),0)+_xlfn.IFNA(VLOOKUP(B16,'C.6'!$B$7:$E$206,4,0),0)+_xlfn.IFNA(VLOOKUP(B16,'C.7'!$B$7:$E$206,4,0),0)+_xlfn.IFNA(VLOOKUP(B16,'C.8'!$B$7:$E$206,4,0),0)+_xlfn.IFNA(VLOOKUP(B16,'C.9'!$B$7:$E$205,4,0),0)+_xlfn.IFNA(VLOOKUP(B16,'C.10'!$B$7:$E$206,4,0),0)+_xlfn.IFNA(VLOOKUP(B16,'C.11'!$B$7:$E$206,4,0),0)+_xlfn.IFNA(VLOOKUP(B16,'C.12'!$B$7:$E$205,4,0),0)+_xlfn.IFNA(VLOOKUP(B16,'C.13'!$B$7:$E$207,4,0),0)+_xlfn.IFNA(VLOOKUP(B16,'C.14'!$B$7:$E$205,4,0),0)+_xlfn.IFNA(VLOOKUP(B16,'C.15'!$B$7:$E$206,4,0),0)+_xlfn.IFNA(VLOOKUP(B16,'C.16'!$B$7:$E$207,4,0),0) -> #REF! | U16: =7000000 -> 7000000
B17: 210.2.1P | C17: EXCAVACIONES EN MATERIAL COMUN Y CONGLOMERADO EN SECO A MAQUINA (DE 0 A 2 MTS) | D17: M3 | E17: =_xlfn.IFNA(VLOOKUP(B17,'C.1'!$B$7:$E$206,4,0),0)+_xlfn.IFNA(VLOOKUP(B17,'C.2'!$B$7:$E$206,4,0),0)+_xlfn.IFNA(VLOOKUP(B17,'C.3'!$B$7:$E$206,4,0),0)+_xlfn.IFNA(VLOOKUP(B17,'C.4'!$B$7:$E$206,4,0),0)+_xlfn.IFNA(VLOOKUP(B17,#REF!,4,0),0)+_xlfn.IFNA(VLOOKUP(B17,'C.6'!$B$7:$E$206,4,0),0)+_xlfn.IFNA(VLOOKUP(B17,'C.7'!$B$7:$E$206,4,0),0)+_xlfn.IFNA(VLOOKUP(B17,'C.8'!$B$7:$E$206,4,0),0)+_xlfn.IFNA(VLOOKUP(B17,'C.9'!$B$7:$E$205,4,0),0)+_xlfn.IFNA(VLOOKUP(B17,'C.10'!$B$7:$E$206,4,0),0)+_xlfn.IFNA(VLOOKUP(B17,'C.11'!$B$7:$E$206,4,0),0)+_xlfn.IFNA(VLOOKUP(B17,'C.12'!$B$7:$E$205,4,0),0)+_xlfn.IFNA(VLOOKUP(B17,'C.13'!$B$7:$E$207,4,0),0)+_xlfn.IFNA(VLOOKUP(B17,'C.14'!$B$7:$E$205,4,0),0)+_xlfn.IFNA(VLOOKUP(B17,'C.15'!$B$7:$E$206,4,0),0)+_xlfn.IFNA(VLOOKUP(B17,'C.16'!$B$7:$E$207,4,0),0) -> #REF! | F17: =+#REF! -> #REF! | G17: =E17*F17 -> #REF! | U17: =U16*0.4 -> 2800000
B18: 210.2.2P | C18: EXCAVACIONES EN MATERIAL COMUN Y CONGLOMERADO EN SECO A MAQUINA (DE 2 A 4 MTS) | D18: M3 | E18: =_xlfn.IFNA(VLOOKUP(B18,'C.1'!$B$7:$E$206,4,0),0)+_xlfn.IFNA(VLOOKUP(B18,'C.2'!$B$7:$E$206,4,0),0)+_xlfn.IFNA(VLOOKUP(B18,'C.3'!$B$7:$E$206,4,0),0)+_xlfn.IFNA(VLOOKUP(B18,'C.4'!$B$7:$E$206,4,0),0)+_xlfn.IFNA(VLOOKUP(B18,#REF!,4,0),0)+_xlfn.IFNA(VLOOKUP(B18,'C.6'!$B$7:$E$206,4,0),0)+_xlfn.IFNA(VLOOKUP(B18,'C.7'!$B$7:$E$206,4,0),0)+_xlfn.IFNA(VLOOKUP(B18,'C.8'!$B$7:$E$206,4,0),0)+_xlfn.IFNA(VLOOKUP(B18,'C.9'!$B$7:$E$205,4,0),0)+_xlfn.IFNA(VLOOKUP(B18,'C.10'!$B$7:$E$206,4,0),0)+_xlfn.IFNA(VLOOKUP(B18,'C.11'!$B$7:$E$206,4,0),0)+_xlfn.IFNA(VLOOKUP(B18,'C.12'!$B$7:$E$205,4,0),0)+_xlfn.IFNA(VLOOKUP(B18,'C.13'!$B$7:$E$207,4,0),0)+_xlfn.IFNA(VLOOKUP(B18,'C.14'!$B$7:$E$205,4,0),0)+_xlfn.IFNA(VLOOKUP(B18,'C.15'!$B$7:$E$206,4,0),0)+_xlfn.IFNA(VLOOKUP(B18,'C.16'!$B$7:$E$207,4,0),0) -> #REF! | F18: =#REF! -> #REF! | G18: =E18*F18 -> #REF!
B19: 600.2.3P | C19: EXCAVACIONES VARIAS EN MATERIAL COMUN EN SECO A MANO (DE 0 A 2 MTS) | D19: M3 | E19: =_xlfn.IFNA(VLOOKUP(B19,'C.1'!$B$7:$E$206,4,0),0)+_xlfn.IFNA(VLOOKUP(B19,'C.2'!$B$7:$E$206,4,0),0)+_xlfn.IFNA(VLOOKUP(B19,'C.3'!$B$7:$E$206,4,0),0)+_xlfn.IFNA(VLOOKUP(B19,'C.4'!$B$7:$E$206,4,0),0)+_xlfn.IFNA(VLOOKUP(B19,#REF!,4,0),0)+_xlfn.IFNA(VLOOKUP(B19,'C.6'!$B$7:$E$206,4,0),0)+_xlfn.IFNA(VLOOKUP(B19,'C.7'!$B$7:$E$206,4,0),0)+_xlfn.IFNA(VLOOKUP(B19,'C.8'!$B$7:$E$206,4,0),0)+_xlfn.IFNA(VLOOKUP(B19,'C.9'!$B$7:$E$205,4,0),0)+_xlfn.IFNA(VLOOKUP(B19,'C.10'!$B$7:$E$206,4,0),0)+_xlfn.IFNA(VLOOKUP(B19,'C.11'!$B$7:$E$206,4,0),0)+_xlfn.IFNA(VLOOKUP(B19,'C.12'!$B$7:$E$205,4,0),0)+_xlfn.IFNA(VLOOKUP(B19,'C.13'!$B$7:$E$207,4,0),0)+_xlfn.IFNA(VLOOKUP(B19,'C.14'!$B$7:$E$205,4,0),0)+_xlfn.IFNA(VLOOKUP(B19,'C.15'!$B$7:$E$206,4,0),0)+_xlfn.IFNA(VLOOKUP(B19,'C.16'!$B$7:$E$207,4,0),0) -> #REF! | F19: =#REF! -> #REF! | G19: =E19*F19 -> #REF!
B20: 600.2.4P | C20: EXCAVACIONES VARIAS EN MATERIAL COMUN EN SECO A MANO (DE 2 A 4 MTS) | D20: M3 | E20: =_xlfn.IFNA(VLOOKUP(B20,'C.1'!$B$7:$E$206,4,0),0)+_xlfn.IFNA(VLOOKUP(B20,'C.2'!$B$7:$E$206,4,0),0)+_xlfn.IFNA(VLOOKUP(B20,'C.3'!$B$7:$E$206,4,0),0)+_xlfn.IFNA(VLOOKUP(B20,'C.4'!$B$7:$E$206,4,0),0)+_xlfn.IFNA(VLOOKUP(B20,#REF!,4,0),0)+_xlfn.IFNA(VLOOKUP(B20,'C.6'!$B$7:$E$206,4,0),0)+_xlfn.IFNA(VLOOKUP(B20,'C.7'!$B$7:$E$206,4,0),0)+_xlfn.IFNA(VLOOKUP(B20,'C.8'!$B$7:$E$206,4,0),0)+_xlfn.IFNA(VLOOKUP(B20,'C.9'!$B$7:$E$205,4,0),0)+_xlfn.IFNA(VLOOKUP(B20,'C.10'!$B$7:$E$206,4,0),0)+_xlfn.IFNA(VLOOKUP(B20,'C.11'!$B$7:$E$206,4,0),0)+_xlfn.IFNA(VLOOKUP(B20,'C.12'!$B$7:$E$205,4,0),0)+_xlfn.IFNA(VLOOKUP(B20,'C.13'!$B$7:$E$207,4,0),0)+_xlfn.IFNA(VLOOKUP(B20,'C.14'!$B$7:$E$205,4,0),0)+_xlfn.IFNA(VLOOKUP(B20,'C.15'!$B$7:$E$206,4,0),0)+_xlfn.IFNA(VLOOKUP(B20,'C.16'!$B$7:$E$207,4,0),0) -> #REF! | F20: =#REF! -> #REF! | G20: =E20*F20 -> #REF! | Q20: =5/0.15 -> 33.333333
B21: 3P | C21: SUMINISTRO, EXTENDIDA Y COMPACTACIÓN DE MATERIAL PARA RELLENO ESTRUCTURAL AFIRMADO (NO INCLUYE TRANSPORTE) | D21: M3/COMP | E21: =_xlfn.IFNA(VLOOKUP(B21,'C.1'!$B$7:$E$206,4,0),0)+_xlfn.IFNA(VLOOKUP(B21,'C.2'!$B$7:$E$206,4,0),0)+_xlfn.IFNA(VLOOKUP(B21,'C.3'!$B$7:$E$206,4,0),0)+_xlfn.IFNA(VLOOKUP(B21,'C.4'!$B$7:$E$206,4,0),0)+_xlfn.IFNA(VLOOKUP(B21,#REF!,4,0),0)+_xlfn.IFNA(VLOOKUP(B21,'C.6'!$B$7:$E$206,4,0),0)+_xlfn.IFNA(VLOOKUP(B21,'C.7'!$B$7:$E$206,4,0),0)+_xlfn.IFNA(VLOOKUP(B21,'C.8'!$B$7:$E$206,4,0),0)+_xlfn.IFNA(VLOOKUP(B21,'C.9'!$B$7:$E$205,4,0),0)+_xlfn.IFNA(VLOOKUP(B21,'C.10'!$B$7:$E$206,4,0),0)+_xlfn.IFNA(VLOOKUP(B21,'C.11'!$B$7:$E$206,4,0),0)+_xlfn.IFNA(VLOOKUP(B21,'C.12'!$B$7:$E$205,4,0),0)+_xlfn.IFNA(VLOOKUP(B21,'C.13'!$B$7:$E$207,4,0),0)+_xlfn.IFNA(VLOOKUP(B21,'C.14'!$B$7:$E$205,4,0),0)+_xlfn.IFNA(VLOOKUP(B21,'C.15'!$B$7:$E$206,4,0),0)+_xlfn.IFNA(VLOOKUP(B21,'C.16'!$B$7:$E$207,4,0),0) -> #REF! | F21: =+#REF! -> #REF! | G21: =E21*F21 -> #REF!
E22: =_xlfn.IFNA(VLOOKUP(B22,'C.1'!$B$7:$E$206,4,0),0)+_xlfn.IFNA(VLOOKUP(B22,'C.2'!$B$7:$E$206,4,0),0)+_xlfn.IFNA(VLOOKUP(B22,'C.3'!$B$7:$E$206,4,0),0)+_xlfn.IFNA(VLOOKUP(B22,'C.4'!$B$7:$E$206,4,0),0)+_xlfn.IFNA(VLOOKUP(B22,#REF!,4,0),0)+_xlfn.IFNA(VLOOKUP(B22,'C.6'!$B$7:$E$206,4,0),0)+_xlfn.IFNA(VLOOKUP(B22,'C.7'!$B$7:$E$206,4,0),0)+_xlfn.IFNA(VLOOKUP(B22,'C.8'!$B$7:$E$206,4,0),0)+_xlfn.IFNA(VLOOKUP(B22,'C.9'!$B$7:$E$205,4,0),0)+_xlfn.IFNA(VLOOKUP(B22,'C.10'!$B$7:$E$206,4,0),0)+_xlfn.IFNA(VLOOKUP(B22,'C.11'!$B$7:$E$206,4,0),0)+_xlfn.IFNA(VLOOKUP(B22,'C.12'!$B$7:$E$205,4,0),0)+_xlfn.IFNA(VLOOKUP(B22,'C.13'!$B$7:$E$207,4,0),0)+_xlfn.IFNA(VLOOKUP(B22,'C.14'!$B$7:$E$205,4,0),0)+_xlfn.IFNA(VLOOKUP(B22,'C.15'!$B$7:$E$206,4,0),0)+_xlfn.IFNA(VLOOKUP(B22,'C.16'!$B$7:$E$207,4,0),0) -> #REF! | G22: =SUM(G17:G21) -> #REF!
C23: BASES, SUBBASES Y AFIRMADOS | E23: =_xlfn.IFNA(VLOOKUP(B23,'C.1'!$B$7:$E$206,4,0),0)+_xlfn.IFNA(VLOOKUP(B23,'C.2'!$B$7:$E$206,4,0),0)+_xlfn.IFNA(VLOOKUP(B23,'C.3'!$B$7:$E$206,4,0),0)+_xlfn.IFNA(VLOOKUP(B23,'C.4'!$B$7:$E$206,4,0),0)+_xlfn.IFNA(VLOOKUP(B23,#REF!,4,0),0)+_xlfn.IFNA(VLOOKUP(B23,'C.6'!$B$7:$E$206,4,0),0)+_xlfn.IFNA(VLOOKUP(B23,'C.7'!$B$7:$E$206,4,0),0)+_xlfn.IFNA(VLOOKUP(B23,'C.8'!$B$7:$E$206,4,0),0)+_xlfn.IFNA(VLOOKUP(B23,'C.9'!$B$7:$E$205,4,0),0)+_xlfn.IFNA(VLOOKUP(B23,'C.10'!$B$7:$E$206,4,0),0)+_xlfn.IFNA(VLOOKUP(B23,'C.11'!$B$7:$E$206,4,0),0)+_xlfn.IFNA(VLOOKUP(B23,'C.12'!$B$7:$E$205,4,0),0)+_xlfn.IFNA(VLOOKUP(B23,'C.13'!$B$7:$E$207,4,0),0)+_xlfn.IFNA(VLOOKUP(B23,'C.14'!$B$7:$E$205,4,0),0)+_xlfn.IFNA(VLOOKUP(B23,'C.15'!$B$7:$E$206,4,0),0)+_xlfn.IFNA(VLOOKUP(B23,'C.16'!$B$7:$E$207,4,0),0) -> #REF!
B24: 310.1P | C24: NIVELACION Y COMPACTACION DE SUBRASANTE | D24: M2 | E24: =_xlfn.IFNA(VLOOKUP(B24,'C.1'!$B$7:$E$206,4,0),0)+_xlfn.IFNA(VLOOKUP(B24,'C.2'!$B$7:$E$206,4,0),0)+_xlfn.IFNA(VLOOKUP(B24,'C.3'!$B$7:$E$206,4,0),0)+_xlfn.IFNA(VLOOKUP(B24,'C.4'!$B$7:$E$206,4,0),0)+_xlfn.IFNA(VLOOKUP(B24,#REF!,4,0),0)+_xlfn.IFNA(VLOOKUP(B24,'C.6'!$B$7:$E$206,4,0),0)+_xlfn.IFNA(VLOOKUP(B24,'C.7'!$B$7:$E$206,4,0),0)+_xlfn.IFNA(VLOOKUP(B24,'C.8'!$B$7:$E$206,4,0),0)+_xlfn.IFNA(VLOOKUP(B24,'C.9'!$B$7:$E$205,4,0),0)+_xlfn.IFNA(VLOOKUP(B24,'C.10'!$B$7:$E$206,4,0),0)+_xlfn.IFNA(VLOOKUP(B24,'C.11'!$B$7:$E$206,4,0),0)+_xlfn.IFNA(VLOOKUP(B24,'C.12'!$B$7:$E$205,4,0),0)+_xlfn.IFNA(VLOOKUP(B24,'C.13'!$B$7:$E$207,4,0),0)+_xlfn.IFNA(VLOOKUP(B24,'C.14'!$B$7:$E$205,4,0),0)+_xlfn.IFNA(VLOOKUP(B24,'C.15'!$B$7:$E$206,4,0),0)+_xlfn.IFNA(VLOOKUP(B24,'C.16'!$B$7:$E$207,4,0),0) -> #REF! | F24: =+#REF! -> #REF! | G24: =E24*F24 -> #REF!
B25: 311.1 | C25: afirmado | E25: =_xlfn.IFNA(VLOOKUP(B25,'C.1'!$B$7:$E$206,4,0),0)+_xlfn.IFNA(VLOOKUP(B25,'C.2'!$B$7:$E$206,4,0),0)+_xlfn.IFNA(VLOOKUP(B25,'C.3'!$B$7:$E$206,4,0),0)+_xlfn.IFNA(VLOOKUP(B25,'C.4'!$B$7:$E$206,4,0),0)+_xlfn.IFNA(VLOOKUP(B25,#REF!,4,0),0)+_xlfn.IFNA(VLOOKUP(B25,'C.6'!$B$7:$E$206,4,0),0)+_xlfn.IFNA(VLOOKUP(B25,'C.7'!$B$7:$E$206,4,0),0)+_xlfn.IFNA(VLOOKUP(B25,'C.8'!$B$7:$E$206,4,0),0)+_xlfn.IFNA(VLOOKUP(B25,'C.9'!$B$7:$E$205,4,0),0)+_xlfn.IFNA(VLOOKUP(B25,'C.10'!$B$7:$E$206,4,0),0)+_xlfn.IFNA(VLOOKUP(B25,'C.11'!$B$7:$E$206,4,0),0)+_xlfn.IFNA(VLOOKUP(B25,'C.12'!$B$7:$E$205,4,0),0)+_xlfn.IFNA(VLOOKUP(B25,'C.13'!$B$7:$E$207,4,0),0)+_xlfn.IFNA(VLOOKUP(B25,'C.14'!$B$7:$E$205,4,0),0)+_xlfn.IFNA(VLOOKUP(B25,'C.15'!$B$7:$E$206,4,0),0)+_xlfn.IFNA(VLOOKUP(B25,'C.16'!$B$7:$E$207,4,0),0) -> #REF! | F25: =+#REF! -> #REF!
B26: 320.1 | C26: SUBBASE GRANULAR CLASE A | D26: M3/COMP | E26: =_xlfn.IFNA(VLOOKUP(B26,'C.1'!$B$7:$E$206,4,0),0)+_xlfn.IFNA(VLOOKUP(B26,'C.2'!$B$7:$E$206,4,0),0)+_xlfn.IFNA(VLOOKUP(B26,'C.3'!$B$7:$E$206,4,0),0)+_xlfn.IFNA(VLOOKUP(B26,'C.4'!$B$7:$E$206,4,0),0)+_xlfn.IFNA(VLOOKUP(B26,#REF!,4,0),0)+_xlfn.IFNA(VLOOKUP(B26,'C.6'!$B$7:$E$206,4,0),0)+_xlfn.IFNA(VLOOKUP(B26,'C.7'!$B$7:$E$206,4,0),0)+_xlfn.IFNA(VLOOKUP(B26,'C.8'!$B$7:$E$206,4,0),0)+_xlfn.IFNA(VLOOKUP(B26,'C.9'!$B$7:$E$205,4,0),0)+_xlfn.IFNA(VLOOKUP(B26,'C.10'!$B$7:$E$206,4,0),0)+_xlfn.IFNA(VLOOKUP(B26,'C.11'!$B$7:$E$206,4,0),0)+_xlfn.IFNA(VLOOKUP(B26,'C.12'!$B$7:$E$205,4,0),0)+_xlfn.IFNA(VLOOKUP(B26,'C.13'!$B$7:$E$207,4,0),0)+_xlfn.IFNA(VLOOKUP(B26,'C.14'!$B$7:$E$205,4,0),0)+_xlfn.IFNA(VLOOKUP(B26,'C.15'!$B$7:$E$206,4,0),0)+_xlfn.IFNA(VLOOKUP(B26,'C.16'!$B$7:$E$207,4,0),0) -> #REF! | F26: =+'320.1'!N51 -> #REF! | G26: =E26*F26 -> #REF!
B27: 330.1 | C27: BASE GRANULAR CLASE A | D27: M3/COMP | E27: =_xlfn.IFNA(VLOOKUP(B27,'C.1'!$B$7:$E$206,4,0),0)+_xlfn.IFNA(VLOOKUP(B27,'C.2'!$B$7:$E$206,4,0),0)+_xlfn.IFNA(VLOOKUP(B27,'C.3'!$B$7:$E$206,4,0),0)+_xlfn.IFNA(VLOOKUP(B27,'C.4'!$B$7:$E$206,4,0),0)+_xlfn.IFNA(VLOOKUP(B27,#REF!,4,0),0)+_xlfn.IFNA(VLOOKUP(B27,'C.6'!$B$7:$E$206,4,0),0)+_xlfn.IFNA(VLOOKUP(B27,'C.7'!$B$7:$E$206,4,0),0)+_xlfn.IFNA(VLOOKUP(B27,'C.8'!$B$7:$E$206,4,0),0)+_xlfn.IFNA(VLOOKUP(B27,'C.9'!$B$7:$E$205,4,0),0)+_xlfn.IFNA(VLOOKUP(B27,'C.10'!$B$7:$E$206,4,0),0)+_xlfn.IFNA(VLOOKUP(B27,'C.11'!$B$7:$E$206,4,0),0)+_xlfn.IFNA(VLOOKUP(B27,'C.12'!$B$7:$E$205,4,0),0)+_xlfn.IFNA(VLOOKUP(B27,'C.13'!$B$7:$E$207,4,0),0)+_xlfn.IFNA(VLOOKUP(B27,'C.14'!$B$7:$E$205,4,0),0)+_xlfn.IFNA(VLOOKUP(B27,'C.15'!$B$7:$E$206,4,0),0)+_xlfn.IFNA(VLOOKUP(B27,'C.16'!$B$7:$E$207,4,0),0) -> #REF! | F27: =+#REF! -> #REF! | G27: =E27*F27 -> #REF!
E28: =_xlfn.IFNA(VLOOKUP(B28,'C.1'!$B$7:$E$206,4,0),0)+_xlfn.IFNA(VLOOKUP(B28,'C.2'!$B$7:$E$206,4,0),0)+_xlfn.IFNA(VLOOKUP(B28,'C.3'!$B$7:$E$206,4,0),0)+_xlfn.IFNA(VLOOKUP(B28,'C.4'!$B$7:$E$206,4,0),0)+_xlfn.IFNA(VLOOKUP(B28,#REF!,4,0),0)+_xlfn.IFNA(VLOOKUP(B28,'C.6'!$B$7:$E$206,4,0),0)+_xlfn.IFNA(VLOOKUP(B28,'C.7'!$B$7:$E$206,4,0),0)+_xlfn.IFNA(VLOOKUP(B28,'C.8'!$B$7:$E$206,4,0),0)+_xlfn.IFNA(VLOOKUP(B28,'C.9'!$B$7:$E$205,4,0),0)+_xlfn.IFNA(VLOOKUP(B28,'C.10'!$B$7:$E$206,4,0),0)+_xlfn.IFNA(VLOOKUP(B28,'C.11'!$B$7:$E$206,4,0),0)+_xlfn.IFNA(VLOOKUP(B28,'C.12'!$B$7:$E$205,4,0),0)+_xlfn.IFNA(VLOOKUP(B28,'C.13'!$B$7:$E$207,4,0),0)+_xlfn.IFNA(VLOOKUP(B28,'C.14'!$B$7:$E$205,4,0),0)+_xlfn.IFNA(VLOOKUP(B28,'C.15'!$B$7:$E$206,4,0),0)+_xlfn.IFNA(VLOOKUP(B28,'C.16'!$B$7:$E$207,4,0),0) -> #REF! | G28: =SUM(G24:G27) -> #REF!
C29: PAVIMENTOS HIDRAULICOS | E29: =_xlfn.IFNA(VLOOKUP(B29,'C.1'!$B$7:$E$206,4,0),0)+_xlfn.IFNA(VLOOKUP(B29,'C.2'!$B$7:$E$206,4,0),0)+_xlfn.IFNA(VLOOKUP(B29,'C.3'!$B$7:$E$206,4,0),0)+_xlfn.IFNA(VLOOKUP(B29,'C.4'!$B$7:$E$206,4,0),0)+_xlfn.IFNA(VLOOKUP(B29,#REF!,4,0),0)+_xlfn.IFNA(VLOOKUP(B29,'C.6'!$B$7:$E$206,4,0),0)+_xlfn.IFNA(VLOOKUP(B29,'C.7'!$B$7:$E$206,4,0),0)+_xlfn.IFNA(VLOOKUP(B29,'C.8'!$B$7:$E$206,4,0),0)+_xlfn.IFNA(VLOOKUP(B29,'C.9'!$B$7:$E$205,4,0),0)+_xlfn.IFNA(VLOOKUP(B29,'C.10'!$B$7:$E$206,4,0),0)+_xlfn.IFNA(VLOOKUP(B29,'C.11'!$B$7:$E$206,4,0),0)+_xlfn.IFNA(VLOOKUP(B29,'C.12'!$B$7:$E$205,4,0),0)+_xlfn.IFNA(VLOOKUP(B29,'C.13'!$B$7:$E$207,4,0),0)+_xlfn.IFNA(VLOOKUP(B29,'C.14'!$B$7:$E$205,4,0),0)+_xlfn.IFNA(VLOOKUP(B29,'C.15'!$B$7:$E$206,4,0),0)+_xlfn.IFNA(VLOOKUP(B29,'C.16'!$B$7:$E$207,4,0),0) -> #REF!
B30: 500.1.1P | C30: CONSTRUCCIÓN PLACA DE CONCRETO PREMEZCLADO MR-40 , INCLUYE ALISTADO JUNTAS Y SELLANTES. | D30: M3 | E30: =_xlfn.IFNA(VLOOKUP(B30,'C.1'!$B$7:$E$206,4,0),0)+_xlfn.IFNA(VLOOKUP(B30,'C.2'!$B$7:$E$206,4,0),0)+_xlfn.IFNA(VLOOKUP(B30,'C.3'!$B$7:$E$206,4,0),0)+_xlfn.IFNA(VLOOKUP(B30,'C.4'!$B$7:$E$206,4,0),0)+_xlfn.IFNA(VLOOKUP(B30,#REF!,4,0),0)+_xlfn.IFNA(VLOOKUP(B30,'C.6'!$B$7:$E$206,4,0),0)+_xlfn.IFNA(VLOOKUP(B30,'C.7'!$B$7:$E$206,4,0),0)+_xlfn.IFNA(VLOOKUP(B30,'C.8'!$B$7:$E$206,4,0),0)+_xlfn.IFNA(VLOOKUP(B30,'C.9'!$B$7:$E$205,4,0),0)+_xlfn.IFNA(VLOOKUP(B30,'C.10'!$B$7:$E$206,4,0),0)+_xlfn.IFNA(VLOOKUP(B30,'C.11'!$B$7:$E$206,4,0),0)+_xlfn.IFNA(VLOOKUP(B30,'C.12'!$B$7:$E$205,4,0),0)+_xlfn.IFNA(VLOOKUP(B30,'C.13'!$B$7:$E$207,4,0),0)+_xlfn.IFNA(VLOOKUP(B30,'C.14'!$B$7:$E$205,4,0),0)+_xlfn.IFNA(VLOOKUP(B30,'C.15'!$B$7:$E$206,4,0),0)+_xlfn.IFNA(VLOOKUP(B30,'C.16'!$B$7:$E$207,4,0),0) -> #REF! | F30: ='500.1.1P'!N56 -> #REF! | G30: =E30*F30 -> #REF!
B31: 500.1.1.1P | C31: CONSTRUCCIÓN PLACA DE CONCRETO MEZCLADO EN SITIO MR-40 , INCLUYE ALISTADO JUNTAS Y SELLANTES. | D31: M3 | E31: =_xlfn.IFNA(VLOOKUP(B31,'C.1'!$B$7:$E$206,4,0),0)+_xlfn.IFNA(VLOOKUP(B31,'C.2'!$B$7:$E$206,4,0),0)+_xlfn.IFNA(VLOOKUP(B31,'C.3'!$B$7:$E$206,4,0),0)+_xlfn.IFNA(VLOOKUP(B31,'C.4'!$B$7:$E$206,4,0),0)+_xlfn.IFNA(VLOOKUP(B31,#REF!,4,0),0)+_xlfn.IFNA(VLOOKUP(B31,'C.6'!$B$7:$E$206,4,0),0)+_xlfn.IFNA(VLOOKUP(B31,'C.7'!$B$7:$E$206,4,0),0)+_xlfn.IFNA(VLOOKUP(B31,'C.8'!$B$7:$E$206,4,0),0)+_xlfn.IFNA(VLOOKUP(B31,'C.9'!$B$7:$E$205,4,0),0)+_xlfn.IFNA(VLOOKUP(B31,'C.10'!$B$7:$E$206,4,0),0)+_xlfn.IFNA(VLOOKUP(B31,'C.11'!$B$7:$E$206,4,0),0)+_xlfn.IFNA(VLOOKUP(B31,'C.12'!$B$7:$E$205,4,0),0)+_xlfn.IFNA(VLOOKUP(B31,'C.13'!$B$7:$E$207,4,0),0)+_xlfn.IFNA(VLOOKUP(B31,'C.14'!$B$7:$E$205,4,0),0)+_xlfn.IFNA(VLOOKUP(B31,'C.15'!$B$7:$E$206,4,0),0)+_xlfn.IFNA(VLOOKUP(B31,'C.16'!$B$7:$E$207,4,0),0) -> #REF! | F31: ='500.1.1.1P'!N56 -> #REF! | G31: =E31*F31 -> #REF!
B32: 500.1.2P | C32: CONSTRUCCIÓN PLACA DE CONCRETO PREMEZCLADO MR-42 , INCLUYE ALISTADO JUNTAS Y SELLANTES. | D32: M3 | E32: =_xlfn.IFNA(VLOOKUP(B32,'C.1'!$B$7:$E$206,4,0),0)+_xlfn.IFNA(VLOOKUP(B32,'C.2'!$B$7:$E$206,4,0),0)+_xlfn.IFNA(VLOOKUP(B32,'C.3'!$B$7:$E$206,4,0),0)+_xlfn.IFNA(VLOOKUP(B32,'C.4'!$B$7:$E$206,4,0),0)+_xlfn.IFNA(VLOOKUP(B32,#REF!,4,0),0)+_xlfn.IFNA(VLOOKUP(B32,'C.6'!$B$7:$E$206,4,0),0)+_xlfn.IFNA(VLOOKUP(B32,'C.7'!$B$7:$E$206,4,0),0)+_xlfn.IFNA(VLOOKUP(B32,'C.8'!$B$7:$E$206,4,0),0)+_xlfn.IFNA(VLOOKUP(B32,'C.9'!$B$7:$E$205,4,0),0)+_xlfn.IFNA(VLOOKUP(B32,'C.10'!$B$7:$E$206,4,0),0)+_xlfn.IFNA(VLOOKUP(B32,'C.11'!$B$7:$E$206,4,0),0)+_xlfn.IFNA(VLOOKUP(B32,'C.12'!$B$7:$E$205,4,0),0)+_xlfn.IFNA(VLOOKUP(B32,'C.13'!$B$7:$E$207,4,0),0)+_xlfn.IFNA(VLOOKUP(B32,'C.14'!$B$7:$E$205,4,0),0)+_xlfn.IFNA(VLOOKUP(B32,'C.15'!$B$7:$E$206,4,0),0)+_xlfn.IFNA(VLOOKUP(B32,'C.16'!$B$7:$E$207,4,0),0) -> #REF! | F32: =#REF! -> #REF! | G32: =E32*F32 -> #REF!
B33: 500.1.3P | C33: CONSTRUCCIÓN PLACA DE CONCRETO PREMEZCLADO MR-45 , INCLUYE ALISTADO JUNTAS Y SELLANTES. | D33: M3 | E33: =_xlfn.IFNA(VLOOKUP(B33,'C.1'!$B$7:$E$206,4,0),0)+_xlfn.IFNA(VLOOKUP(B33,'C.2'!$B$7:$E$206,4,0),0)+_xlfn.IFNA(VLOOKUP(B33,'C.3'!$B$7:$E$206,4,0),0)+_xlfn.IFNA(VLOOKUP(B33,'C.4'!$B$7:$E$206,4,0),0)+_xlfn.IFNA(VLOOKUP(B33,#REF!,4,0),0)+_xlfn.IFNA(VLOOKUP(B33,'C.6'!$B$7:$E$206,4,0),0)+_xlfn.IFNA(VLOOKUP(B33,'C.7'!$B$7:$E$206,4,0),0)+_xlfn.IFNA(VLOOKUP(B33,'C.8'!$B$7:$E$206,4,0),0)+_xlfn.IFNA(VLOOKUP(B33,'C.9'!$B$7:$E$205,4,0),0)+_xlfn.IFNA(VLOOKUP(B33,'C.10'!$B$7:$E$206,4,0),0)+_xlfn.IFNA(VLOOKUP(B33,'C.11'!$B$7:$E$206,4,0),0)+_xlfn.IFNA(VLOOKUP(B33,'C.12'!$B$7:$E$205,4,0),0)+_xlfn.IFNA(VLOOKUP(B33,'C.13'!$B$7:$E$207,4,0),0)+_xlfn.IFNA(VLOOKUP(B33,'C.14'!$B$7:$E$205,4,0),0)+_xlfn.IFNA(VLOOKUP(B33,'C.15'!$B$7:$E$206,4,0),0)+_xlfn.IFNA(VLOOKUP(B33,'C.16'!$B$7:$E$207,4,0),0) -> #REF! | F33: ='500.1.3P'!N56 -> #REF! | G33: =E33*F33 -> #REF!
B34: 9P | C34: CANASTILLA PARA BARRA PASA JUNTA | D34: ML | E34: =_xlfn.IFNA(VLOOKUP(B34,'C.1'!$B$7:$E$206,4,0),0)+_xlfn.IFNA(VLOOKUP(B34,'C.2'!$B$7:$E$206,4,0),0)+_xlfn.IFNA(VLOOKUP(B34,'C.3'!$B$7:$E$206,4,0),0)+_xlfn.IFNA(VLOOKUP(B34,'C.4'!$B$7:$E$206,4,0),0)+_xlfn.IFNA(VLOOKUP(B34,#REF!,4,0),0)+_xlfn.IFNA(VLOOKUP(B34,'C.6'!$B$7:$E$206,4,0),0)+_xlfn.IFNA(VLOOKUP(B34,'C.7'!$B$7:$E$206,4,0),0)+_xlfn.IFNA(VLOOKUP(B34,'C.8'!$B$7:$E$206,4,0),0)+_xlfn.IFNA(VLOOKUP(B34,'C.9'!$B$7:$E$205,4,0),0)+_xlfn.IFNA(VLOOKUP(B34,'C.10'!$B$7:$E$206,4,0),0)+_xlfn.IFNA(VLOOKUP(B34,'C.11'!$B$7:$E$206,4,0),0)+_xlfn.IFNA(VLOOKUP(B34,'C.12'!$B$7:$E$205,4,0),0)+_xlfn.IFNA(VLOOKUP(B34,'C.13'!$B$7:$E$207,4,0),0)+_xlfn.IFNA(VLOOKUP(B34,'C.14'!$B$7:$E$205,4,0),0)+_xlfn.IFNA(VLOOKUP(B34,'C.15'!$B$7:$E$206,4,0),0)+_xlfn.IFNA(VLOOKUP(B34,'C.16'!$B$7:$E$207,4,0),0) -> #REF! | F34: =#REF! -> #REF! | G34: =E34*F34 -> #REF!
B35: 10P | C35: CORTE DE PAVIMENTO RIGIDO CON CORTADORA | D35: ML | E35: =_xlfn.IFNA(VLOOKUP(B35,'C.1'!$B$7:$E$206,4,0),0)+_xlfn.IFNA(VLOOKUP(B35,'C.2'!$B$7:$E$206,4,0),0)+_xlfn.IFNA(VLOOKUP(B35,'C.3'!$B$7:$E$206,4,0),0)+_xlfn.IFNA(VLOOKUP(B35,'C.4'!$B$7:$E$206,4,0),0)+_xlfn.IFNA(VLOOKUP(B35,#REF!,4,0),0)+_xlfn.IFNA(VLOOKUP(B35,'C.6'!$B$7:$E$206,4,0),0)+_xlfn.IFNA(VLOOKUP(B35,'C.7'!$B$7:$E$206,4,0),0)+_xlfn.IFNA(VLOOKUP(B35,'C.8'!$B$7:$E$206,4,0),0)+_xlfn.IFNA(VLOOKUP(B35,'C.9'!$B$7:$E$205,4,0),0)+_xlfn.IFNA(VLOOKUP(B35,'C.10'!$B$7:$E$206,4,0),0)+_xlfn.IFNA(VLOOKUP(B35,'C.11'!$B$7:$E$206,4,0),0)+_xlfn.IFNA(VLOOKUP(B35,'C.12'!$B$7:$E$205,4,0),0)+_xlfn.IFNA(VLOOKUP(B35,'C.13'!$B$7:$E$207,4,0),0)+_xlfn.IFNA(VLOOKUP(B35,'C.14'!$B$7:$E$205,4,0),0)+_xlfn.IFNA(VLOOKUP(B35,'C.15'!$B$7:$E$206,4,0),0)+_xlfn.IFNA(VLOOKUP(B35,'C.16'!$B$7:$E$207,4,0),0) -> #REF! | F35: =#REF! -> #REF! | G35: =E35*F35 -> #REF!
E36: =_xlfn.IFNA(VLOOKUP(B36,'C.1'!$B$7:$E$206,4,0),0)+_xlfn.IFNA(VLOOKUP(B36,'C.2'!$B$7:$E$206,4,0),0)+_xlfn.IFNA(VLOOKUP(B36,'C.3'!$B$7:$E$206,4,0),0)+_xlfn.IFNA(VLOOKUP(B36,'C.4'!$B$7:$E$206,4,0),0)+_xlfn.IFNA(VLOOKUP(B36,#REF!,4,0),0)+_xlfn.IFNA(VLOOKUP(B36,'C.6'!$B$7:$E$206,4,0),0)+_xlfn.IFNA(VLOOKUP(B36,'C.7'!$B$7:$E$206,4,0),0)+_xlfn.IFNA(VLOOKUP(B36,'C.8'!$B$7:$E$206,4,0),0)+_xlfn.IFNA(VLOOKUP(B36,'C.9'!$B$7:$E$205,4,0),0)+_xlfn.IFNA(VLOOKUP(B36,'C.10'!$B$7:$E$206,4,0),0)+_xlfn.IFNA(VLOOKUP(B36,'C.11'!$B$7:$E$206,4,0),0)+_xlfn.IFNA(VLOOKUP(B36,'C.12'!$B$7:$E$205,4,0),0)+_xlfn.IFNA(VLOOKUP(B36,'C.13'!$B$7:$E$207,4,0),0)+_xlfn.IFNA(VLOOKUP(B36,'C.14'!$B$7:$E$205,4,0),0)+_xlfn.IFNA(VLOOKUP(B36,'C.15'!$B$7:$E$206,4,0),0)+_xlfn.IFNA(VLOOKUP(B36,'C.16'!$B$7:$E$207,4,0),0) -> #REF! | G36: =SUM(G30:G35) -> #REF!
C37: CONCRETOS | E37: =_xlfn.IFNA(VLOOKUP(B37,'C.1'!$B$7:$E$206,4,0),0)+_xlfn.IFNA(VLOOKUP(B37,'C.2'!$B$7:$E$206,4,0),0)+_xlfn.IFNA(VLOOKUP(B37,'C.3'!$B$7:$E$206,4,0),0)+_xlfn.IFNA(VLOOKUP(B37,'C.4'!$B$7:$E$206,4,0),0)+_xlfn.IFNA(VLOOKUP(B37,#REF!,4,0),0)+_xlfn.IFNA(VLOOKUP(B37,'C.6'!$B$7:$E$206,4,0),0)+_xlfn.IFNA(VLOOKUP(B37,'C.7'!$B$7:$E$206,4,0),0)+_xlfn.IFNA(VLOOKUP(B37,'C.8'!$B$7:$E$206,4,0),0)+_xlfn.IFNA(VLOOKUP(B37,'C.9'!$B$7:$E$205,4,0),0)+_xlfn.IFNA(VLOOKUP(B37,'C.10'!$B$7:$E$206,4,0),0)+_xlfn.IFNA(VLOOKUP(B37,'C.11'!$B$7:$E$206,4,0),0)+_xlfn.IFNA(VLOOKUP(B37,'C.12'!$B$7:$E$205,4,0),0)+_xlfn.IFNA(VLOOKUP(B37,'C.13'!$B$7:$E$207,4,0),0)+_xlfn.IFNA(VLOOKUP(B37,'C.14'!$B$7:$E$205,4,0),0)+_xlfn.IFNA(VLOOKUP(B37,'C.15'!$B$7:$E$206,4,0),0)+_xlfn.IFNA(VLOOKUP(B37,'C.16'!$B$7:$E$207,4,0),0) -> #REF!
B38: 11P | C38: ANDEN EN CONCRETO (E=0.15) INCLUYE ALISTADO Y NIVELACION | D38: M2 | E38: =_xlfn.IFNA(VLOOKUP(B38,'C.1'!$B$7:$E$206,4,0),0)+_xlfn.IFNA(VLOOKUP(B38,'C.2'!$B$7:$E$206,4,0),0)+_xlfn.IFNA(VLOOKUP(B38,'C.3'!$B$7:$E$206,4,0),0)+_xlfn.IFNA(VLOOKUP(B38,'C.4'!$B$7:$E$206,4,0),0)+_xlfn.IFNA(VLOOKUP(B38,#REF!,4,0),0)+_xlfn.IFNA(VLOOKUP(B38,'C.6'!$B$7:$E$206,4,0),0)+_xlfn.IFNA(VLOOKUP(B38,'C.7'!$B$7:$E$206,4,0),0)+_xlfn.IFNA(VLOOKUP(B38,'C.8'!$B$7:$E$206,4,0),0)+_xlfn.IFNA(VLOOKUP(B38,'C.9'!$B$7:$E$205,4,0),0)+_xlfn.IFNA(VLOOKUP(B38,'C.10'!$B$7:$E$206,4,0),0)+_xlfn.IFNA(VLOOKUP(B38,'C.11'!$B$7:$E$206,4,0),0)+_xlfn.IFNA(VLOOKUP(B38,'C.12'!$B$7:$E$205,4,0),0)+_xlfn.IFNA(VLOOKUP(B38,'C.13'!$B$7:$E$207,4,0),0)+_xlfn.IFNA(VLOOKUP(B38,'C.14'!$B$7:$E$205,4,0),0)+_xlfn.IFNA(VLOOKUP(B38,'C.15'!$B$7:$E$206,4,0),0)+_xlfn.IFNA(VLOOKUP(B38,'C.16'!$B$7:$E$207,4,0),0) -> #REF! | F38: =#REF! -> #REF! | G38: =E38*F38 -> #REF!
B39: 12P | C39: SARDINEL PREFABRICADO (0,50*0,165*1) 3000 PSI INCLUYE EXCAVACION Y CONCRETO DE NIVELACION DE 5CM | D39: ML | E39: =_xlfn.IFNA(VLOOKUP(B39,'C.1'!$B$7:$E$206,4,0),0)+_xlfn.IFNA(VLOOKUP(B39,'C.2'!$B$7:$E$206,4,0),0)+_xlfn.IFNA(VLOOKUP(B39,'C.3'!$B$7:$E$206,4,0),0)+_xlfn.IFNA(VLOOKUP(B39,'C.4'!$B$7:$E$206,4,0),0)+_xlfn.IFNA(VLOOKUP(B39,#REF!,4,0),0)+_xlfn.IFNA(VLOOKUP(B39,'C.6'!$B$7:$E$206,4,0),0)+_xlfn.IFNA(VLOOKUP(B39,'C.7'!$B$7:$E$206,4,0),0)+_xlfn.IFNA(VLOOKUP(B39,'C.8'!$B$7:$E$206,4,0),0)+_xlfn.IFNA(VLOOKUP(B39,'C.9'!$B$7:$E$205,4,0),0)+_xlfn.IFNA(VLOOKUP(B39,'C.10'!$B$7:$E$206,4,0),0)+_xlfn.IFNA(VLOOKUP(B39,'C.11'!$B$7:$E$206,4,0),0)+_xlfn.IFNA(VLOOKUP(B39,'C.12'!$B$7:$E$205,4,0),0)+_xlfn.IFNA(VLOOKUP(B39,'C.13'!$B$7:$E$207,4,0),0)+_xlfn.IFNA(VLOOKUP(B39,'C.14'!$B$7:$E$205,4,0),0)+_xlfn.IFNA(VLOOKUP(B39,'C.15'!$B$7:$E$206,4,0),0)+_xlfn.IFNA(VLOOKUP(B39,'C.16'!$B$7:$E$207,4,0),0) -> #REF! | F39: ='12P'!N56 -> #REF! | G39: =E39*F39 -> #REF!
B40: 13P | C40: VIGA DE CONFINAMIENTO PARA TRANSICIÒN DE PAVIMENTO NUEVO CON ANTIGUO | D40: ML | E40: =_xlfn.IFNA(VLOOKUP(B40,'C.1'!$B$7:$E$206,4,0),0)+_xlfn.IFNA(VLOOKUP(B40,'C.2'!$B$7:$E$206,4,0),0)+_xlfn.IFNA(VLOOKUP(B40,'C.3'!$B$7:$E$206,4,0),0)+_xlfn.IFNA(VLOOKUP(B40,'C.4'!$B$7:$E$206,4,0),0)+_xlfn.IFNA(VLOOKUP(B40,#REF!,4,0),0)+_xlfn.IFNA(VLOOKUP(B40,'C.6'!$B$7:$E$206,4,0),0)+_xlfn.IFNA(VLOOKUP(B40,'C.7'!$B$7:$E$206,4,0),0)+_xlfn.IFNA(VLOOKUP(B40,'C.8'!$B$7:$E$206,4,0),0)+_xlfn.IFNA(VLOOKUP(B40,'C.9'!$B$7:$E$205,4,0),0)+_xlfn.IFNA(VLOOKUP(B40,'C.10'!$B$7:$E$206,4,0),0)+_xlfn.IFNA(VLOOKUP(B40,'C.11'!$B$7:$E$206,4,0),0)+_xlfn.IFNA(VLOOKUP(B40,'C.12'!$B$7:$E$205,4,0),0)+_xlfn.IFNA(VLOOKUP(B40,'C.13'!$B$7:$E$207,4,0),0)+_xlfn.IFNA(VLOOKUP(B40,'C.14'!$B$7:$E$205,4,0),0)+_xlfn.IFNA(VLOOKUP(B40,'C.15'!$B$7:$E$206,4,0),0)+_xlfn.IFNA(VLOOKUP(B40,'C.16'!$B$7:$E$207,4,0),0) -> #REF! | F40: =#REF! -> #REF! | G40: =E40*F40 -> #REF!
B41: 630.3 | C41: SUMINISTRO E INSTALACION CONCRETO RESISTENCIA 28MPa (C ) PREMEZCLADO | D41: M3 | E41: =_xlfn.IFNA(VLOOKUP(B41,'C.1'!$B$7:$E$206,4,0),0)+_xlfn.IFNA(VLOOKUP(B41,'C.2'!$B$7:$E$206,4,0),0)+_xlfn.IFNA(VLOOKUP(B41,'C.3'!$B$7:$E$206,4,0),0)+_xlfn.IFNA(VLOOKUP(B41,'C.4'!$B$7:$E$206,4,0),0)+_xlfn.IFNA(VLOOKUP(B41,#REF!,4,0),0)+_xlfn.IFNA(VLOOKUP(B41,'C.6'!$B$7:$E$206,4,0),0)+_xlfn.IFNA(VLOOKUP(B41,'C.7'!$B$7:$E$206,4,0),0)+_xlfn.IFNA(VLOOKUP(B41,'C.8'!$B$7:$E$206,4,0),0)+_xlfn.IFNA(VLOOKUP(B41,'C.9'!$B$7:$E$205,4,0),0)+_xlfn.IFNA(VLOOKUP(B41,'C.10'!$B$7:$E$206,4,0),0)+_xlfn.IFNA(VLOOKUP(B41,'C.11'!$B$7:$E$206,4,0),0)+_xlfn.IFNA(VLOOKUP(B41,'C.12'!$B$7:$E$205,4,0),0)+_xlfn.IFNA(VLOOKUP(B41,'C.13'!$B$7:$E$207,4,0),0)+_xlfn.IFNA(VLOOKUP(B41,'C.14'!$B$7:$E$205,4,0),0)+_xlfn.IFNA(VLOOKUP(B41,'C.15'!$B$7:$E$206,4,0),0)+_xlfn.IFNA(VLOOKUP(B41,'C.16'!$B$7:$E$207,4,0),0) -> #REF! | F41: =#REF! -> #REF! | G41: =E41*F41 -> #REF!
B42: 630.4 | C42: SUMINISTRO E INSTALACION CONCRETO RESISTENCIA 21MPa (D) PREMEZCLADO | D42: M3 | E42: =_xlfn.IFNA(VLOOKUP(B42,'C.1'!$B$7:$E$206,4,0),0)+_xlfn.IFNA(VLOOKUP(B42,'C.2'!$B$7:$E$206,4,0),0)+_xlfn.IFNA(VLOOKUP(B42,'C.3'!$B$7:$E$206,4,0),0)+_xlfn.IFNA(VLOOKUP(B42,'C.4'!$B$7:$E$206,4,0),0)+_xlfn.IFNA(VLOOKUP(B42,#REF!,4,0),0)+_xlfn.IFNA(VLOOKUP(B42,'C.6'!$B$7:$E$206,4,0),0)+_xlfn.IFNA(VLOOKUP(B42,'C.7'!$B$7:$E$206,4,0),0)+_xlfn.IFNA(VLOOKUP(B42,'C.8'!$B$7:$E$206,4,0),0)+_xlfn.IFNA(VLOOKUP(B42,'C.9'!$B$7:$E$205,4,0),0)+_xlfn.IFNA(VLOOKUP(B42,'C.10'!$B$7:$E$206,4,0),0)+_xlfn.IFNA(VLOOKUP(B42,'C.11'!$B$7:$E$206,4,0),0)+_xlfn.IFNA(VLOOKUP(B42,'C.12'!$B$7:$E$205,4,0),0)+_xlfn.IFNA(VLOOKUP(B42,'C.13'!$B$7:$E$207,4,0),0)+_xlfn.IFNA(VLOOKUP(B42,'C.14'!$B$7:$E$205,4,0),0)+_xlfn.IFNA(VLOOKUP(B42,'C.15'!$B$7:$E$206,4,0),0)+_xlfn.IFNA(VLOOKUP(B42,'C.16'!$B$7:$E$207,4,0),0) -> #REF! | F42: =#REF! -> #REF! | G42: =E42*F42 -> #REF!
B43: 630.5 | C43: SUMINISTRO E INSTALACION CONCRETO RESISTENCIA 14MPa (F) PREMEZCLADO | D43: M3 | E43: =_xlfn.IFNA(VLOOKUP(B43,'C.1'!$B$7:$E$206,4,0),0)+_xlfn.IFNA(VLOOKUP(B43,'C.2'!$B$7:$E$206,4,0),0)+_xlfn.IFNA(VLOOKUP(B43,'C.3'!$B$7:$E$206,4,0),0)+_xlfn.IFNA(VLOOKUP(B43,'C.4'!$B$7:$E$206,4,0),0)+_xlfn.IFNA(VLOOKUP(B43,#REF!,4,0),0)+_xlfn.IFNA(VLOOKUP(B43,'C.6'!$B$7:$E$206,4,0),0)+_xlfn.IFNA(VLOOKUP(B43,'C.7'!$B$7:$E$206,4,0),0)+_xlfn.IFNA(VLOOKUP(B43,'C.8'!$B$7:$E$206,4,0),0)+_xlfn.IFNA(VLOOKUP(B43,'C.9'!$B$7:$E$205,4,0),0)+_xlfn.IFNA(VLOOKUP(B43,'C.10'!$B$7:$E$206,4,0),0)+_xlfn.IFNA(VLOOKUP(B43,'C.11'!$B$7:$E$206,4,0),0)+_xlfn.IFNA(VLOOKUP(B43,'C.12'!$B$7:$E$205,4,0),0)+_xlfn.IFNA(VLOOKUP(B43,'C.13'!$B$7:$E$207,4,0),0)+_xlfn.IFNA(VLOOKUP(B43,'C.14'!$B$7:$E$205,4,0),0)+_xlfn.IFNA(VLOOKUP(B43,'C.15'!$B$7:$E$206,4,0),0)+_xlfn.IFNA(VLOOKUP(B43,'C.16'!$B$7:$E$207,4,0),0) -> #REF! | F43: =#REF! -> #REF! | G43: =E43*F43 -> #REF!
B44: 630.3P'!A1 | C44: SUMINISTRO E INSTALACION CONCRETO RESISTENCIA 28MPa (C ) MEZCLADO EN SITIO | D44: M3 | E44: =_xlfn.IFNA(VLOOKUP(B44,'C.1'!$B$7:$E$206,4,0),0)+_xlfn.IFNA(VLOOKUP(B44,'C.2'!$B$7:$E$206,4,0),0)+_xlfn.IFNA(VLOOKUP(B44,'C.3'!$B$7:$E$206,4,0),0)+_xlfn.IFNA(VLOOKUP(B44,'C.4'!$B$7:$E$206,4,0),0)+_xlfn.IFNA(VLOOKUP(B44,#REF!,4,0),0)+_xlfn.IFNA(VLOOKUP(B44,'C.6'!$B$7:$E$206,4,0),0)+_xlfn.IFNA(VLOOKUP(B44,'C.7'!$B$7:$E$206,4,0),0)+_xlfn.IFNA(VLOOKUP(B44,'C.8'!$B$7:$E$206,4,0),0)+_xlfn.IFNA(VLOOKUP(B44,'C.9'!$B$7:$E$205,4,0),0)+_xlfn.IFNA(VLOOKUP(B44,'C.10'!$B$7:$E$206,4,0),0)+_xlfn.IFNA(VLOOKUP(B44,'C.11'!$B$7:$E$206,4,0),0)+_xlfn.IFNA(VLOOKUP(B44,'C.12'!$B$7:$E$205,4,0),0)+_xlfn.IFNA(VLOOKUP(B44,'C.13'!$B$7:$E$207,4,0),0)+_xlfn.IFNA(VLOOKUP(B44,'C.14'!$B$7:$E$205,4,0),0)+_xlfn.IFNA(VLOOKUP(B44,'C.15'!$B$7:$E$206,4,0),0)+_xlfn.IFNA(VLOOKUP(B44,'C.16'!$B$7:$E$207,4,0),0) -> #REF! | F44: =#REF! -> #REF! | G44: =E44*F44 -> #REF!
B45: 630.4P'!A1 | C45: SUMINISTRO E INSTALACION CONCRETO RESISTENCIA 21MPa (C ) MEZCLADO EN SITIO | D45: M3 | E45: =_xlfn.IFNA(VLOOKUP(B45,'C.1'!$B$7:$E$206,4,0),0)+_xlfn.IFNA(VLOOKUP(B45,'C.2'!$B$7:$E$206,4,0),0)+_xlfn.IFNA(VLOOKUP(B45,'C.3'!$B$7:$E$206,4,0),0)+_xlfn.IFNA(VLOOKUP(B45,'C.4'!$B$7:$E$206,4,0),0)+_xlfn.IFNA(VLOOKUP(B45,#REF!,4,0),0)+_xlfn.IFNA(VLOOKUP(B45,'C.6'!$B$7:$E$206,4,0),0)+_xlfn.IFNA(VLOOKUP(B45,'C.7'!$B$7:$E$206,4,0),0)+_xlfn.IFNA(VLOOKUP(B45,'C.8'!$B$7:$E$206,4,0),0)+_xlfn.IFNA(VLOOKUP(B45,'C.9'!$B$7:$E$205,4,0),0)+_xlfn.IFNA(VLOOKUP(B45,'C.10'!$B$7:$E$206,4,0),0)+_xlfn.IFNA(VLOOKUP(B45,'C.11'!$B$7:$E$206,4,0),0)+_xlfn.IFNA(VLOOKUP(B45,'C.12'!$B$7:$E$205,4,0),0)+_xlfn.IFNA(VLOOKUP(B45,'C.13'!$B$7:$E$207,4,0),0)+_xlfn.IFNA(VLOOKUP(B45,'C.14'!$B$7:$E$205,4,0),0)+_xlfn.IFNA(VLOOKUP(B45,'C.15'!$B$7:$E$206,4,0),0)+_xlfn.IFNA(VLOOKUP(B45,'C.16'!$B$7:$E$207,4,0),0) -> #REF! | F45: =#REF! -> #REF! | G45: =E45*F45 -> #REF!
B46: 630.5P'!A1 | C46: SUMINISTRO E INSTALACION CONCRETO RESISTENCIA 14 MPa (C ) MEZCLADO EN SITIO | D46: M3 | E46: =_xlfn.IFNA(VLOOKUP(B46,'C.1'!$B$7:$E$206,4,0),0)+_xlfn.IFNA(VLOOKUP(B46,'C.2'!$B$7:$E$206,4,0),0)+_xlfn.IFNA(VLOOKUP(B46,'C.3'!$B$7:$E$206,4,0),0)+_xlfn.IFNA(VLOOKUP(B46,'C.4'!$B$7:$E$206,4,0),0)+_xlfn.IFNA(VLOOKUP(B46,#REF!,4,0),0)+_xlfn.IFNA(VLOOKUP(B46,'C.6'!$B$7:$E$206,4,0),0)+_xlfn.IFNA(VLOOKUP(B46,'C.7'!$B$7:$E$206,4,0),0)+_xlfn.IFNA(VLOOKUP(B46,'C.8'!$B$7:$E$206,4,0),0)+_xlfn.IFNA(VLOOKUP(B46,'C.9'!$B$7:$E$205,4,0),0)+_xlfn.IFNA(VLOOKUP(B46,'C.10'!$B$7:$E$206,4,0),0)+_xlfn.IFNA(VLOOKUP(B46,'C.11'!$B$7:$E$206,4,0),0)+_xlfn.IFNA(VLOOKUP(B46,'C.12'!$B$7:$E$205,4,0),0)+_xlfn.IFNA(VLOOKUP(B46,'C.13'!$B$7:$E$207,4,0),0)+_xlfn.IFNA(VLOOKUP(B46,'C.14'!$B$7:$E$205,4,0),0)+_xlfn.IFNA(VLOOKUP(B46,'C.15'!$B$7:$E$206,4,0),0)+_xlfn.IFNA(VLOOKUP(B46,'C.16'!$B$7:$E$207,4,0),0) -> #REF! | F46: =#REF! -> #REF! | G46: =E46*F46 -> #REF!
E47: =_xlfn.IFNA(VLOOKUP(B47,'C.1'!$B$7:$E$206,4,0),0)+_xlfn.IFNA(VLOOKUP(B47,'C.2'!$B$7:$E$206,4,0),0)+_xlfn.IFNA(VLOOKUP(B47,'C.3'!$B$7:$E$206,4,0),0)+_xlfn.IFNA(VLOOKUP(B47,'C.4'!$B$7:$E$206,4,0),0)+_xlfn.IFNA(VLOOKUP(B47,#REF!,4,0),0)+_xlfn.IFNA(VLOOKUP(B47,'C.6'!$B$7:$E$206,4,0),0)+_xlfn.IFNA(VLOOKUP(B47,'C.7'!$B$7:$E$206,4,0),0)+_xlfn.IFNA(VLOOKUP(B47,'C.8'!$B$7:$E$206,4,0),0)+_xlfn.IFNA(VLOOKUP(B47,'C.9'!$B$7:$E$205,4,0),0)+_xlfn.IFNA(VLOOKUP(B47,'C.10'!$B$7:$E$206,4,0),0)+_xlfn.IFNA(VLOOKUP(B47,'C.11'!$B$7:$E$206,4,0),0)+_xlfn.IFNA(VLOOKUP(B47,'C.12'!$B$7:$E$205,4,0),0)+_xlfn.IFNA(VLOOKUP(B47,'C.13'!$B$7:$E$207,4,0),0)+_xlfn.IFNA(VLOOKUP(B47,'C.14'!$B$7:$E$205,4,0),0)+_xlfn.IFNA(VLOOKUP(B47,'C.15'!$B$7:$E$206,4,0),0)+_xlfn.IFNA(VLOOKUP(B47,'C.16'!$B$7:$E$207,4,0),0) -> #REF! | G47: =SUM(G38:G46) -> #REF!
C48: PAVIMENTOS ASFALTICOS | E48: =_xlfn.IFNA(VLOOKUP(B48,'C.1'!$B$7:$E$206,4,0),0)+_xlfn.IFNA(VLOOKUP(B48,'C.2'!$B$7:$E$206,4,0),0)+_xlfn.IFNA(VLOOKUP(B48,'C.3'!$B$7:$E$206,4,0),0)+_xlfn.IFNA(VLOOKUP(B48,'C.4'!$B$7:$E$206,4,0),0)+_xlfn.IFNA(VLOOKUP(B48,#REF!,4,0),0)+_xlfn.IFNA(VLOOKUP(B48,'C.6'!$B$7:$E$206,4,0),0)+_xlfn.IFNA(VLOOKUP(B48,'C.7'!$B$7:$E$206,4,0),0)+_xlfn.IFNA(VLOOKUP(B48,'C.8'!$B$7:$E$206,4,0),0)+_xlfn.IFNA(VLOOKUP(B48,'C.9'!$B$7:$E$205,4,0),0)+_xlfn.IFNA(VLOOKUP(B48,'C.10'!$B$7:$E$206,4,0),0)+_xlfn.IFNA(VLOOKUP(B48,'C.11'!$B$7:$E$206,4,0),0)+_xlfn.IFNA(VLOOKUP(B48,'C.12'!$B$7:$E$205,4,0),0)+_xlfn.IFNA(VLOOKUP(B48,'C.13'!$B$7:$E$207,4,0),0)+_xlfn.IFNA(VLOOKUP(B48,'C.14'!$B$7:$E$205,4,0),0)+_xlfn.IFNA(VLOOKUP(B48,'C.15'!$B$7:$E$206,4,0),0)+_xlfn.IFNA(VLOOKUP(B48,'C.16'!$B$7:$E$207,4,0),0) -> #REF!
B49: 420.1 | C49: RIEGO DE IMPRIMACION CON EMULSION ASFALTICA CRL-0 | D49: M2 | E49: =_xlfn.IFNA(VLOOKUP(B49,'C.1'!$B$7:$E$206,4,0),0)+_xlfn.IFNA(VLOOKUP(B49,'C.2'!$B$7:$E$206,4,0),0)+_xlfn.IFNA(VLOOKUP(B49,'C.3'!$B$7:$E$206,4,0),0)+_xlfn.IFNA(VLOOKUP(B49,'C.4'!$B$7:$E$206,4,0),0)+_xlfn.IFNA(VLOOKUP(B49,#REF!,4,0),0)+_xlfn.IFNA(VLOOKUP(B49,'C.6'!$B$7:$E$206,4,0),0)+_xlfn.IFNA(VLOOKUP(B49,'C.7'!$B$7:$E$206,4,0),0)+_xlfn.IFNA(VLOOKUP(B49,'C.8'!$B$7:$E$206,4,0),0)+_xlfn.IFNA(VLOOKUP(B49,'C.9'!$B$7:$E$205,4,0),0)+_xlfn.IFNA(VLOOKUP(B49,'C.10'!$B$7:$E$206,4,0),0)+_xlfn.IFNA(VLOOKUP(B49,'C.11'!$B$7:$E$206,4,0),0)+_xlfn.IFNA(VLOOKUP(B49,'C.12'!$B$7:$E$205,4,0),0)+_xlfn.IFNA(VLOOKUP(B49,'C.13'!$B$7:$E$207,4,0),0)+_xlfn.IFNA(VLOOKUP(B49,'C.14'!$B$7:$E$205,4,0),0)+_xlfn.IFNA(VLOOKUP(B49,'C.15'!$B$7:$E$206,4,0),0)+_xlfn.IFNA(VLOOKUP(B49,'C.16'!$B$7:$E$207,4,0),0) -> #REF! | F49: =+'420.1'!N48 -> #REF! | G49: =E49*F49 -> #REF!
B50: 450.2P | C50: MEZCLA DENSA EN CALIENTE TIPO MDC-19 | D50: M3 | E50: =_xlfn.IFNA(VLOOKUP(B50,'C.1'!$B$7:$E$206,4,0),0)+_xlfn.IFNA(VLOOKUP(B50,'C.2'!$B$7:$E$206,4,0),0)+_xlfn.IFNA(VLOOKUP(B50,'C.3'!$B$7:$E$206,4,0),0)+_xlfn.IFNA(VLOOKUP(B50,'C.4'!$B$7:$E$206,4,0),0)+_xlfn.IFNA(VLOOKUP(B50,#REF!,4,0),0)+_xlfn.IFNA(VLOOKUP(B50,'C.6'!$B$7:$E$206,4,0),0)+_xlfn.IFNA(VLOOKUP(B50,'C.7'!$B$7:$E$206,4,0),0)+_xlfn.IFNA(VLOOKUP(B50,'C.8'!$B$7:$E$206,4,0),0)+_xlfn.IFNA(VLOOKUP(B50,'C.9'!$B$7:$E$205,4,0),0)+_xlfn.IFNA(VLOOKUP(B50,'C.10'!$B$7:$E$206,4,0),0)+_xlfn.IFNA(VLOOKUP(B50,'C.11'!$B$7:$E$206,4,0),0)+_xlfn.IFNA(VLOOKUP(B50,'C.12'!$B$7:$E$205,4,0),0)+_xlfn.IFNA(VLOOKUP(B50,'C.13'!$B$7:$E$207,4,0),0)+_xlfn.IFNA(VLOOKUP(B50,'C.14'!$B$7:$E$205,4,0),0)+_xlfn.IFNA(VLOOKUP(B50,'C.15'!$B$7:$E$206,4,0),0)+_xlfn.IFNA(VLOOKUP(B50,'C.16'!$B$7:$E$207,4,0),0) -> #REF! | F50: =+'450.2P'!N53 -> #REF! | G50: =E50*F50 -> #REF!
B51: 10.1P | C51: CORTE PAVIMENTO FLEXIBLE CON CORTADORA | D51: ML | E51: =_xlfn.IFNA(VLOOKUP(B51,'C.1'!$B$7:$E$206,4,0),0)+_xlfn.IFNA(VLOOKUP(B51,'C.2'!$B$7:$E$206,4,0),0)+_xlfn.IFNA(VLOOKUP(B51,'C.3'!$B$7:$E$206,4,0),0)+_xlfn.IFNA(VLOOKUP(B51,'C.4'!$B$7:$E$206,4,0),0)+_xlfn.IFNA(VLOOKUP(B51,#REF!,4,0),0)+_xlfn.IFNA(VLOOKUP(B51,'C.6'!$B$7:$E$206,4,0),0)+_xlfn.IFNA(VLOOKUP(B51,'C.7'!$B$7:$E$206,4,0),0)+_xlfn.IFNA(VLOOKUP(B51,'C.8'!$B$7:$E$206,4,0),0)+_xlfn.IFNA(VLOOKUP(B51,'C.9'!$B$7:$E$205,4,0),0)+_xlfn.IFNA(VLOOKUP(B51,'C.10'!$B$7:$E$206,4,0),0)+_xlfn.IFNA(VLOOKUP(B51,'C.11'!$B$7:$E$206,4,0),0)+_xlfn.IFNA(VLOOKUP(B51,'C.12'!$B$7:$E$205,4,0),0)+_xlfn.IFNA(VLOOKUP(B51,'C.13'!$B$7:$E$207,4,0),0)+_xlfn.IFNA(VLOOKUP(B51,'C.14'!$B$7:$E$205,4,0),0)+_xlfn.IFNA(VLOOKUP(B51,'C.15'!$B$7:$E$206,4,0),0)+_xlfn.IFNA(VLOOKUP(B51,'C.16'!$B$7:$E$207,4,0),0) -> #REF! | F51: =#REF! -> #REF! | G51: =E51*F51 -> #REF!
E52: =_xlfn.IFNA(VLOOKUP(B52,'C.1'!$B$7:$E$206,4,0),0)+_xlfn.IFNA(VLOOKUP(B52,'C.2'!$B$7:$E$206,4,0),0)+_xlfn.IFNA(VLOOKUP(B52,'C.3'!$B$7:$E$206,4,0),0)+_xlfn.IFNA(VLOOKUP(B52,'C.4'!$B$7:$E$206,4,0),0)+_xlfn.IFNA(VLOOKUP(B52,#REF!,4,0),0)+_xlfn.IFNA(VLOOKUP(B52,'C.6'!$B$7:$E$206,4,0),0)+_xlfn.IFNA(VLOOKUP(B52,'C.7'!$B$7:$E$206,4,0),0)+_xlfn.IFNA(VLOOKUP(B52,'C.8'!$B$7:$E$206,4,0),0)+_xlfn.IFNA(VLOOKUP(B52,'C.9'!$B$7:$E$205,4,0),0)+_xlfn.IFNA(VLOOKUP(B52,'C.10'!$B$7:$E$206,4,0),0)+_xlfn.IFNA(VLOOKUP(B52,'C.11'!$B$7:$E$206,4,0),0)+_xlfn.IFNA(VLOOKUP(B52,'C.12'!$B$7:$E$205,4,0),0)+_xlfn.IFNA(VLOOKUP(B52,'C.13'!$B$7:$E$207,4,0),0)+_xlfn.IFNA(VLOOKUP(B52,'C.14'!$B$7:$E$205,4,0),0)+_xlfn.IFNA(VLOOKUP(B52,'C.15'!$B$7:$E$206,4,0),0)+_xlfn.IFNA(VLOOKUP(B52,'C.16'!$B$7:$E$207,4,0),0) -> #REF! | G52: =SUM(G49:G51) -> #REF!
C53: ACERO | E53: =_xlfn.IFNA(VLOOKUP(B53,'C.1'!$B$7:$E$206,4,0),0)+_xlfn.IFNA(VLOOKUP(B53,'C.2'!$B$7:$E$206,4,0),0)+_xlfn.IFNA(VLOOKUP(B53,'C.3'!$B$7:$E$206,4,0),0)+_xlfn.IFNA(VLOOKUP(B53,'C.4'!$B$7:$E$206,4,0),0)+_xlfn.IFNA(VLOOKUP(B53,#REF!,4,0),0)+_xlfn.IFNA(VLOOKUP(B53,'C.6'!$B$7:$E$206,4,0),0)+_xlfn.IFNA(VLOOKUP(B53,'C.7'!$B$7:$E$206,4,0),0)+_xlfn.IFNA(VLOOKUP(B53,'C.8'!$B$7:$E$206,4,0),0)+_xlfn.IFNA(VLOOKUP(B53,'C.9'!$B$7:$E$205,4,0),0)+_xlfn.IFNA(VLOOKUP(B53,'C.10'!$B$7:$E$206,4,0),0)+_xlfn.IFNA(VLOOKUP(B53,'C.11'!$B$7:$E$206,4,0),0)+_xlfn.IFNA(VLOOKUP(B53,'C.12'!$B$7:$E$205,4,0),0)+_xlfn.IFNA(VLOOKUP(B53,'C.13'!$B$7:$E$207,4,0),0)+_xlfn.IFNA(VLOOKUP(B53,'C.14'!$B$7:$E$205,4,0),0)+_xlfn.IFNA(VLOOKUP(B53,'C.15'!$B$7:$E$206,4,0),0)+_xlfn.IFNA(VLOOKUP(B53,'C.16'!$B$7:$E$207,4,0),0) -> #REF!
B54: 640.1 | C54: ACERO DE REFUERZO FY 4200 MPA. SUMINISTRADO, FIGURADO E INSTALADO | D54: KG | E54: =_xlfn.IFNA(VLOOKUP(B54,'C.1'!$B$7:$E$206,4,0),0)+_xlfn.IFNA(VLOOKUP(B54,'C.2'!$B$7:$E$206,4,0),0)+_xlfn.IFNA(VLOOKUP(B54,'C.3'!$B$7:$E$206,4,0),0)+_xlfn.IFNA(VLOOKUP(B54,'C.4'!$B$7:$E$206,4,0),0)+_xlfn.IFNA(VLOOKUP(B54,#REF!,4,0),0)+_xlfn.IFNA(VLOOKUP(B54,'C.6'!$B$7:$E$206,4,0),0)+_xlfn.IFNA(VLOOKUP(B54,'C.7'!$B$7:$E$206,4,0),0)+_xlfn.IFNA(VLOOKUP(B54,'C.8'!$B$7:$E$206,4,0),0)+_xlfn.IFNA(VLOOKUP(B54,'C.9'!$B$7:$E$205,4,0),0)+_xlfn.IFNA(VLOOKUP(B54,'C.10'!$B$7:$E$206,4,0),0)+_xlfn.IFNA(VLOOKUP(B54,'C.11'!$B$7:$E$206,4,0),0)+_xlfn.IFNA(VLOOKUP(B54,'C.12'!$B$7:$E$205,4,0),0)+_xlfn.IFNA(VLOOKUP(B54,'C.13'!$B$7:$E$207,4,0),0)+_xlfn.IFNA(VLOOKUP(B54,'C.14'!$B$7:$E$205,4,0),0)+_xlfn.IFNA(VLOOKUP(B54,'C.15'!$B$7:$E$206,4,0),0)+_xlfn.IFNA(VLOOKUP(B54,'C.16'!$B$7:$E$207,4,0),0) -> #REF! | F54: =#REF! -> #REF! | G54: =E54*F54 -> #REF!
B55: 640.2P'!A1 | C55: ACERO LISO PARA BARRA PASA JUNTA (DOVELAS) | D55: KG | E55: =_xlfn.IFNA(VLOOKUP(B55,'C.1'!$B$7:$E$206,4,0),0)+_xlfn.IFNA(VLOOKUP(B55,'C.2'!$B$7:$E$206,4,0),0)+_xlfn.IFNA(VLOOKUP(B55,'C.3'!$B$7:$E$206,4,0),0)+_xlfn.IFNA(VLOOKUP(B55,'C.4'!$B$7:$E$206,4,0),0)+_xlfn.IFNA(VLOOKUP(B55,#REF!,4,0),0)+_xlfn.IFNA(VLOOKUP(B55,'C.6'!$B$7:$E$206,4,0),0)+_xlfn.IFNA(VLOOKUP(B55,'C.7'!$B$7:$E$206,4,0),0)+_xlfn.IFNA(VLOOKUP(B55,'C.8'!$B$7:$E$206,4,0),0)+_xlfn.IFNA(VLOOKUP(B55,'C.9'!$B$7:$E$205,4,0),0)+_xlfn.IFNA(VLOOKUP(B55,'C.10'!$B$7:$E$206,4,0),0)+_xlfn.IFNA(VLOOKUP(B55,'C.11'!$B$7:$E$206,4,0),0)+_xlfn.IFNA(VLOOKUP(B55,'C.12'!$B$7:$E$205,4,0),0)+_xlfn.IFNA(VLOOKUP(B55,'C.13'!$B$7:$E$207,4,0),0)+_xlfn.IFNA(VLOOKUP(B55,'C.14'!$B$7:$E$205,4,0),0)+_xlfn.IFNA(VLOOKUP(B55,'C.15'!$B$7:$E$206,4,0),0)+_xlfn.IFNA(VLOOKUP(B55,'C.16'!$B$7:$E$207,4,0),0) -> #REF! | F55: =#REF! -> #REF! | G55: =E55*F55 -> #REF!
E56: =_xlfn.IFNA(VLOOKUP(B56,'C.1'!$B$7:$E$206,4,0),0)+_xlfn.IFNA(VLOOKUP(B56,'C.2'!$B$7:$E$206,4,0),0)+_xlfn.IFNA(VLOOKUP(B56,'C.3'!$B$7:$E$206,4,0),0)+_xlfn.IFNA(VLOOKUP(B56,'C.4'!$B$7:$E$206,4,0),0)+_xlfn.IFNA(VLOOKUP(B56,#REF!,4,0),0)+_xlfn.IFNA(VLOOKUP(B56,'C.6'!$B$7:$E$206,4,0),0)+_xlfn.IFNA(VLOOKUP(B56,'C.7'!$B$7:$E$206,4,0),0)+_xlfn.IFNA(VLOOKUP(B56,'C.8'!$B$7:$E$206,4,0),0)+_xlfn.IFNA(VLOOKUP(B56,'C.9'!$B$7:$E$205,4,0),0)+_xlfn.IFNA(VLOOKUP(B56,'C.10'!$B$7:$E$206,4,0),0)+_xlfn.IFNA(VLOOKUP(B56,'C.11'!$B$7:$E$206,4,0),0)+_xlfn.IFNA(VLOOKUP(B56,'C.12'!$B$7:$E$205,4,0),0)+_xlfn.IFNA(VLOOKUP(B56,'C.13'!$B$7:$E$207,4,0),0)+_xlfn.IFNA(VLOOKUP(B56,'C.14'!$B$7:$E$205,4,0),0)+_xlfn.IFNA(VLOOKUP(B56,'C.15'!$B$7:$E$206,4,0),0)+_xlfn.IFNA(VLOOKUP(B56,'C.16'!$B$7:$E$207,4,0),0) -> #REF! | G56: =SUM(G54:G55) -> #REF!
C57: FILTROS Y DRENAJES | E57: =_xlfn.IFNA(VLOOKUP(B57,'C.1'!$B$7:$E$206,4,0),0)+_xlfn.IFNA(VLOOKUP(B57,'C.2'!$B$7:$E$206,4,0),0)+_xlfn.IFNA(VLOOKUP(B57,'C.3'!$B$7:$E$206,4,0),0)+_xlfn.IFNA(VLOOKUP(B57,'C.4'!$B$7:$E$206,4,0),0)+_xlfn.IFNA(VLOOKUP(B57,#REF!,4,0),0)+_xlfn.IFNA(VLOOKUP(B57,'C.6'!$B$7:$E$206,4,0),0)+_xlfn.IFNA(VLOOKUP(B57,'C.7'!$B$7:$E$206,4,0),0)+_xlfn.IFNA(VLOOKUP(B57,'C.8'!$B$7:$E$206,4,0),0)+_xlfn.IFNA(VLOOKUP(B57,'C.9'!$B$7:$E$205,4,0),0)+_xlfn.IFNA(VLOOKUP(B57,'C.10'!$B$7:$E$206,4,0),0)+_xlfn.IFNA(VLOOKUP(B57,'C.11'!$B$7:$E$206,4,0),0)+_xlfn.IFNA(VLOOKUP(B57,'C.12'!$B$7:$E$205,4,0),0)+_xlfn.IFNA(VLOOKUP(B57,'C.13'!$B$7:$E$207,4,0),0)+_xlfn.IFNA(VLOOKUP(B57,'C.14'!$B$7:$E$205,4,0),0)+_xlfn.IFNA(VLOOKUP(B57,'C.15'!$B$7:$E$206,4,0),0)+_xlfn.IFNA(VLOOKUP(B57,'C.16'!$B$7:$E$207,4,0),0) -> #REF!
B58: 673.1.1 | C58: GEOTEXTIL TIPO NT-2500 O SIMILAR NO TEJIDO | D58: M2 | E58: =_xlfn.IFNA(VLOOKUP(B58,'C.1'!$B$7:$E$206,4,0),0)+_xlfn.IFNA(VLOOKUP(B58,'C.2'!$B$7:$E$206,4,0),0)+_xlfn.IFNA(VLOOKUP(B58,'C.3'!$B$7:$E$206,4,0),0)+_xlfn.IFNA(VLOOKUP(B58,'C.4'!$B$7:$E$206,4,0),0)+_xlfn.IFNA(VLOOKUP(B58,#REF!,4,0),0)+_xlfn.IFNA(VLOOKUP(B58,'C.6'!$B$7:$E$206,4,0),0)+_xlfn.IFNA(VLOOKUP(B58,'C.7'!$B$7:$E$206,4,0),0)+_xlfn.IFNA(VLOOKUP(B58,'C.8'!$B$7:$E$206,4,0),0)+_xlfn.IFNA(VLOOKUP(B58,'C.9'!$B$7:$E$205,4,0),0)+_xlfn.IFNA(VLOOKUP(B58,'C.10'!$B$7:$E$206,4,0),0)+_xlfn.IFNA(VLOOKUP(B58,'C.11'!$B$7:$E$206,4,0),0)+_xlfn.IFNA(VLOOKUP(B58,'C.12'!$B$7:$E$205,4,0),0)+_xlfn.IFNA(VLOOKUP(B58,'C.13'!$B$7:$E$207,4,0),0)+_xlfn.IFNA(VLOOKUP(B58,'C.14'!$B$7:$E$205,4,0),0)+_xlfn.IFNA(VLOOKUP(B58,'C.15'!$B$7:$E$206,4,0),0)+_xlfn.IFNA(VLOOKUP(B58,'C.16'!$B$7:$E$207,4,0),0) -> #REF! | F58: =#REF! -> #REF! | G58: =E58*F58 -> #REF!
B59: 673.1.2 | C59: GEOTEXTIL T-2400 O SIMILAR | D59: M2 | E59: =_xlfn.IFNA(VLOOKUP(B59,'C.1'!$B$7:$E$206,4,0),0)+_xlfn.IFNA(VLOOKUP(B59,'C.2'!$B$7:$E$206,4,0),0)+_xlfn.IFNA(VLOOKUP(B59,'C.3'!$B$7:$E$206,4,0),0)+_xlfn.IFNA(VLOOKUP(B59,'C.4'!$B$7:$E$206,4,0),0)+_xlfn.IFNA(VLOOKUP(B59,#REF!,4,0),0)+_xlfn.IFNA(VLOOKUP(B59,'C.6'!$B$7:$E$206,4,0),0)+_xlfn.IFNA(VLOOKUP(B59,'C.7'!$B$7:$E$206,4,0),0)+_xlfn.IFNA(VLOOKUP(B59,'C.8'!$B$7:$E$206,4,0),0)+_xlfn.IFNA(VLOOKUP(B59,'C.9'!$B$7:$E$205,4,0),0)+_xlfn.IFNA(VLOOKUP(B59,'C.10'!$B$7:$E$206,4,0),0)+_xlfn.IFNA(VLOOKUP(B59,'C.11'!$B$7:$E$206,4,0),0)+_xlfn.IFNA(VLOOKUP(B59,'C.12'!$B$7:$E$205,4,0),0)+_xlfn.IFNA(VLOOKUP(B59,'C.13'!$B$7:$E$207,4,0),0)+_xlfn.IFNA(VLOOKUP(B59,'C.14'!$B$7:$E$205,4,0),0)+_xlfn.IFNA(VLOOKUP(B59,'C.15'!$B$7:$E$206,4,0),0)+_xlfn.IFNA(VLOOKUP(B59,'C.16'!$B$7:$E$207,4,0),0) -> #REF! | F59: ='673.1.2'!N44 -> #REF! | G59: =E59*F59 -> #REF!
B60: 14P | C60: FILTRO EN GEODREN 4" DE H=1.00 MTS TUBULAR INCL. EXCAVACIONES Y RETIROS | D60: ML | E60: =_xlfn.IFNA(VLOOKUP(B60,'C.1'!$B$7:$E$206,4,0),0)+_xlfn.IFNA(VLOOKUP(B60,'C.2'!$B$7:$E$206,4,0),0)+_xlfn.IFNA(VLOOKUP(B60,'C.3'!$B$7:$E$206,4,0),0)+_xlfn.IFNA(VLOOKUP(B60,'C.4'!$B$7:$E$206,4,0),0)+_xlfn.IFNA(VLOOKUP(B60,#REF!,4,0),0)+_xlfn.IFNA(VLOOKUP(B60,'C.6'!$B$7:$E$206,4,0),0)+_xlfn.IFNA(VLOOKUP(B60,'C.7'!$B$7:$E$206,4,0),0)+_xlfn.IFNA(VLOOKUP(B60,'C.8'!$B$7:$E$206,4,0),0)+_xlfn.IFNA(VLOOKUP(B60,'C.9'!$B$7:$E$205,4,0),0)+_xlfn.IFNA(VLOOKUP(B60,'C.10'!$B$7:$E$206,4,0),0)+_xlfn.IFNA(VLOOKUP(B60,'C.11'!$B$7:$E$206,4,0),0)+_xlfn.IFNA(VLOOKUP(B60,'C.12'!$B$7:$E$205,4,0),0)+_xlfn.IFNA(VLOOKUP(B60,'C.13'!$B$7:$E$207,4,0),0)+_xlfn.IFNA(VLOOKUP(B60,'C.14'!$B$7:$E$205,4,0),0)+_xlfn.IFNA(VLOOKUP(B60,'C.15'!$B$7:$E$206,4,0),0)+_xlfn.IFNA(VLOOKUP(B60,'C.16'!$B$7:$E$207,4,0),0) -> #REF! | F60: =#REF! -> #REF! | G60: =E60*F60 -> #REF!
E61: =_xlfn.IFNA(VLOOKUP(B61,'C.1'!$B$7:$E$206,4,0),0)+_xlfn.IFNA(VLOOKUP(B61,'C.2'!$B$7:$E$206,4,0),0)+_xlfn.IFNA(VLOOKUP(B61,'C.3'!$B$7:$E$206,4,0),0)+_xlfn.IFNA(VLOOKUP(B61,'C.4'!$B$7:$E$206,4,0),0)+_xlfn.IFNA(VLOOKUP(B61,#REF!,4,0),0)+_xlfn.IFNA(VLOOKUP(B61,'C.6'!$B$7:$E$206,4,0),0)+_xlfn.IFNA(VLOOKUP(B61,'C.7'!$B$7:$E$206,4,0),0)+_xlfn.IFNA(VLOOKUP(B61,'C.8'!$B$7:$E$206,4,0),0)+_xlfn.IFNA(VLOOKUP(B61,'C.9'!$B$7:$E$205,4,0),0)+_xlfn.IFNA(VLOOKUP(B61,'C.10'!$B$7:$E$206,4,0),0)+_xlfn.IFNA(VLOOKUP(B61,'C.11'!$B$7:$E$206,4,0),0)+_xlfn.IFNA(VLOOKUP(B61,'C.12'!$B$7:$E$205,4,0),0)+_xlfn.IFNA(VLOOKUP(B61,'C.13'!$B$7:$E$207,4,0),0)+_xlfn.IFNA(VLOOKUP(B61,'C.14'!$B$7:$E$205,4,0),0)+_xlfn.IFNA(VLOOKUP(B61,'C.15'!$B$7:$E$206,4,0),0)+_xlfn.IFNA(VLOOKUP(B61,'C.16'!$B$7:$E$207,4,0),0) -> #REF! | G61: =SUM(G58:G60) -> #REF!
C62: ALCANTARILLADO | E62: =_xlfn.IFNA(VLOOKUP(B62,'C.1'!$B$7:$E$206,4,0),0)+_xlfn.IFNA(VLOOKUP(B62,'C.2'!$B$7:$E$206,4,0),0)+_xlfn.IFNA(VLOOKUP(B62,'C.3'!$B$7:$E$206,4,0),0)+_xlfn.IFNA(VLOOKUP(B62,'C.4'!$B$7:$E$206,4,0),0)+_xlfn.IFNA(VLOOKUP(B62,#REF!,4,0),0)+_xlfn.IFNA(VLOOKUP(B62,'C.6'!$B$7:$E$206,4,0),0)+_xlfn.IFNA(VLOOKUP(B62,'C.7'!$B$7:$E$206,4,0),0)+_xlfn.IFNA(VLOOKUP(B62,'C.8'!$B$7:$E$206,4,0),0)+_xlfn.IFNA(VLOOKUP(B62,'C.9'!$B$7:$E$205,4,0),0)+_xlfn.IFNA(VLOOKUP(B62,'C.10'!$B$7:$E$206,4,0),0)+_xlfn.IFNA(VLOOKUP(B62,'C.11'!$B$7:$E$206,4,0),0)+_xlfn.IFNA(VLOOKUP(B62,'C.12'!$B$7:$E$205,4,0),0)+_xlfn.IFNA(VLOOKUP(B62,'C.13'!$B$7:$E$207,4,0),0)+_xlfn.IFNA(VLOOKUP(B62,'C.14'!$B$7:$E$205,4,0),0)+_xlfn.IFNA(VLOOKUP(B62,'C.15'!$B$7:$E$206,4,0),0)+_xlfn.IFNA(VLOOKUP(B62,'C.16'!$B$7:$E$207,4,0),0) -> #REF!
B63: 1.1P | C63: LOCALIZACIÓN Y REPLANTEO DE TUBERIA | D63: ML | E63: =_xlfn.IFNA(VLOOKUP(B63,'C.1'!$B$7:$E$206,4,0),0)+_xlfn.IFNA(VLOOKUP(B63,'C.2'!$B$7:$E$206,4,0),0)+_xlfn.IFNA(VLOOKUP(B63,'C.3'!$B$7:$E$206,4,0),0)+_xlfn.IFNA(VLOOKUP(B63,'C.4'!$B$7:$E$206,4,0),0)+_xlfn.IFNA(VLOOKUP(B63,#REF!,4,0),0)+_xlfn.IFNA(VLOOKUP(B63,'C.6'!$B$7:$E$206,4,0),0)+_xlfn.IFNA(VLOOKUP(B63,'C.7'!$B$7:$E$206,4,0),0)+_xlfn.IFNA(VLOOKUP(B63,'C.8'!$B$7:$E$206,4,0),0)+_xlfn.IFNA(VLOOKUP(B63,'C.9'!$B$7:$E$205,4,0),0)+_xlfn.IFNA(VLOOKUP(B63,'C.10'!$B$7:$E$206,4,0),0)+_xlfn.IFNA(VLOOKUP(B63,'C.11'!$B$7:$E$206,4,0),0)+_xlfn.IFNA(VLOOKUP(B63,'C.12'!$B$7:$E$205,4,0),0)+_xlfn.IFNA(VLOOKUP(B63,'C.13'!$B$7:$E$207,4,0),0)+_xlfn.IFNA(VLOOKUP(B63,'C.14'!$B$7:$E$205,4,0),0)+_xlfn.IFNA(VLOOKUP(B63,'C.15'!$B$7:$E$206,4,0),0)+_xlfn.IFNA(VLOOKUP(B63,'C.16'!$B$7:$E$207,4,0),0) -> #REF! | F63: =#REF! -> #REF! | G63: =E63*F63 -> #REF!
B64: 41P | C64: SUMINISTRO E INSTALACION DE LECHO EN GRAVA PARA TUBERIA ALCANTARILLADO | D64: M3 | E64: =_xlfn.IFNA(VLOOKUP(B64,'C.1'!$B$7:$E$206,4,0),0)+_xlfn.IFNA(VLOOKUP(B64,'C.2'!$B$7:$E$206,4,0),0)+_xlfn.IFNA(VLOOKUP(B64,'C.3'!$B$7:$E$206,4,0),0)+_xlfn.IFNA(VLOOKUP(B64,'C.4'!$B$7:$E$206,4,0),0)+_xlfn.IFNA(VLOOKUP(B64,#REF!,4,0),0)+_xlfn.IFNA(VLOOKUP(B64,'C.6'!$B$7:$E$206,4,0),0)+_xlfn.IFNA(VLOOKUP(B64,'C.7'!$B$7:$E$206,4,0),0)+_xlfn.IFNA(VLOOKUP(B64,'C.8'!$B$7:$E$206,4,0),0)+_xlfn.IFNA(VLOOKUP(B64,'C.9'!$B$7:$E$205,4,0),0)+_xlfn.IFNA(VLOOKUP(B64,'C.10'!$B$7:$E$206,4,0),0)+_xlfn.IFNA(VLOOKUP(B64,'C.11'!$B$7:$E$206,4,0),0)+_xlfn.IFNA(VLOOKUP(B64,'C.12'!$B$7:$E$205,4,0),0)+_xlfn.IFNA(VLOOKUP(B64,'C.13'!$B$7:$E$207,4,0),0)+_xlfn.IFNA(VLOOKUP(B64,'C.14'!$B$7:$E$205,4,0),0)+_xlfn.IFNA(VLOOKUP(B64,'C.15'!$B$7:$E$206,4,0),0)+_xlfn.IFNA(VLOOKUP(B64,'C.16'!$B$7:$E$207,4,0),0) -> #REF! | F64: =#REF! -> #REF! | G64: =E64*F64 -> #REF!
B65: 15P | C65: SUMINISTRO E INSTALACIÓN DE TUBERÍA NTC 3722-3 Y NTC 4764 DE DIAMETRO 6" | D65: ML | E65: =_xlfn.IFNA(VLOOKUP(B65,'C.1'!$B$7:$E$206,4,0),0)+_xlfn.IFNA(VLOOKUP(B65,'C.2'!$B$7:$E$206,4,0),0)+_xlfn.IFNA(VLOOKUP(B65,'C.3'!$B$7:$E$206,4,0),0)+_xlfn.IFNA(VLOOKUP(B65,'C.4'!$B$7:$E$206,4,0),0)+_xlfn.IFNA(VLOOKUP(B65,#REF!,4,0),0)+_xlfn.IFNA(VLOOKUP(B65,'C.6'!$B$7:$E$206,4,0),0)+_xlfn.IFNA(VLOOKUP(B65,'C.7'!$B$7:$E$206,4,0),0)+_xlfn.IFNA(VLOOKUP(B65,'C.8'!$B$7:$E$206,4,0),0)+_xlfn.IFNA(VLOOKUP(B65,'C.9'!$B$7:$E$205,4,0),0)+_xlfn.IFNA(VLOOKUP(B65,'C.10'!$B$7:$E$206,4,0),0)+_xlfn.IFNA(VLOOKUP(B65,'C.11'!$B$7:$E$206,4,0),0)+_xlfn.IFNA(VLOOKUP(B65,'C.12'!$B$7:$E$205,4,0),0)+_xlfn.IFNA(VLOOKUP(B65,'C.13'!$B$7:$E$207,4,0),0)+_xlfn.IFNA(VLOOKUP(B65,'C.14'!$B$7:$E$205,4,0),0)+_xlfn.IFNA(VLOOKUP(B65,'C.15'!$B$7:$E$206,4,0),0)+_xlfn.IFNA(VLOOKUP(B65,'C.16'!$B$7:$E$207,4,0),0) -> #REF! | F65: =#REF! -> #REF! | G65: =E65*F65 -> #REF!
B66: 16P | C66: SUMINISTRO E INSTALACIÓN DE TUBERÍA NTC 3722-3 Y NTC 4764 DE DIAMETRO 8" | D66: ML | E66: =_xlfn.IFNA(VLOOKUP(B66,'C.1'!$B$7:$E$206,4,0),0)+_xlfn.IFNA(VLOOKUP(B66,'C.2'!$B$7:$E$206,4,0),0)+_xlfn.IFNA(VLOOKUP(B66,'C.3'!$B$7:$E$206,4,0),0)+_xlfn.IFNA(VLOOKUP(B66,'C.4'!$B$7:$E$206,4,0),0)+_xlfn.IFNA(VLOOKUP(B66,#REF!,4,0),0)+_xlfn.IFNA(VLOOKUP(B66,'C.6'!$B$7:$E$206,4,0),0)+_xlfn.IFNA(VLOOKUP(B66,'C.7'!$B$7:$E$206,4,0),0)+_xlfn.IFNA(VLOOKUP(B66,'C.8'!$B$7:$E$206,4,0),0)+_xlfn.IFNA(VLOOKUP(B66,'C.9'!$B$7:$E$205,4,0),0)+_xlfn.IFNA(VLOOKUP(B66,'C.10'!$B$7:$E$206,4,0),0)+_xlfn.IFNA(VLOOKUP(B66,'C.11'!$B$7:$E$206,4,0),0)+_xlfn.IFNA(VLOOKUP(B66,'C.12'!$B$7:$E$205,4,0),0)+_xlfn.IFNA(VLOOKUP(B66,'C.13'!$B$7:$E$207,4,0),0)+_xlfn.IFNA(VLOOKUP(B66,'C.14'!$B$7:$E$205,4,0),0)+_xlfn.IFNA(VLOOKUP(B66,'C.15'!$B$7:$E$206,4,0),0)+_xlfn.IFNA(VLOOKUP(B66,'C.16'!$B$7:$E$207,4,0),0) -> #REF! | F66: ='16P'!N46 -> #REF! | G66: =E66*F66 -> #REF!
B67: 17P | C67: SUMINISTRO E INSTALACIÓN DE TUBERÍA NTC 3722-3 Y NTC 4764 DE DIAMETRO 10" | D67: ML | E67: =_xlfn.IFNA(VLOOKUP(B67,'C.1'!$B$7:$E$206,4,0),0)+_xlfn.IFNA(VLOOKUP(B67,'C.2'!$B$7:$E$206,4,0),0)+_xlfn.IFNA(VLOOKUP(B67,'C.3'!$B$7:$E$206,4,0),0)+_xlfn.IFNA(VLOOKUP(B67,'C.4'!$B$7:$E$206,4,0),0)+_xlfn.IFNA(VLOOKUP(B67,#REF!,4,0),0)+_xlfn.IFNA(VLOOKUP(B67,'C.6'!$B$7:$E$206,4,0),0)+_xlfn.IFNA(VLOOKUP(B67,'C.7'!$B$7:$E$206,4,0),0)+_xlfn.IFNA(VLOOKUP(B67,'C.8'!$B$7:$E$206,4,0),0)+_xlfn.IFNA(VLOOKUP(B67,'C.9'!$B$7:$E$205,4,0),0)+_xlfn.IFNA(VLOOKUP(B67,'C.10'!$B$7:$E$206,4,0),0)+_xlfn.IFNA(VLOOKUP(B67,'C.11'!$B$7:$E$206,4,0),0)+_xlfn.IFNA(VLOOKUP(B67,'C.12'!$B$7:$E$205,4,0),0)+_xlfn.IFNA(VLOOKUP(B67,'C.13'!$B$7:$E$207,4,0),0)+_xlfn.IFNA(VLOOKUP(B67,'C.14'!$B$7:$E$205,4,0),0)+_xlfn.IFNA(VLOOKUP(B67,'C.15'!$B$7:$E$206,4,0),0)+_xlfn.IFNA(VLOOKUP(B67,'C.16'!$B$7:$E$207,4,0),0) -> #REF! | F67: =#REF! -> #REF! | G67: =E67*F67 -> #REF!
B68: 18P | C68: SUMINISTRO E INSTALACIÓN DE TUBERÍA NTC 3722-3 Y NTC 4764 DE DIAMETRO 12" | D68: ML | E68: =_xlfn.IFNA(VLOOKUP(B68,'C.1'!$B$7:$E$206,4,0),0)+_xlfn.IFNA(VLOOKUP(B68,'C.2'!$B$7:$E$206,4,0),0)+_xlfn.IFNA(VLOOKUP(B68,'C.3'!$B$7:$E$206,4,0),0)+_xlfn.IFNA(VLOOKUP(B68,'C.4'!$B$7:$E$206,4,0),0)+_xlfn.IFNA(VLOOKUP(B68,#REF!,4,0),0)+_xlfn.IFNA(VLOOKUP(B68,'C.6'!$B$7:$E$206,4,0),0)+_xlfn.IFNA(VLOOKUP(B68,'C.7'!$B$7:$E$206,4,0),0)+_xlfn.IFNA(VLOOKUP(B68,'C.8'!$B$7:$E$206,4,0),0)+_xlfn.IFNA(VLOOKUP(B68,'C.9'!$B$7:$E$205,4,0),0)+_xlfn.IFNA(VLOOKUP(B68,'C.10'!$B$7:$E$206,4,0),0)+_xlfn.IFNA(VLOOKUP(B68,'C.11'!$B$7:$E$206,4,0),0)+_xlfn.IFNA(VLOOKUP(B68,'C.12'!$B$7:$E$205,4,0),0)+_xlfn.IFNA(VLOOKUP(B68,'C.13'!$B$7:$E$207,4,0),0)+_xlfn.IFNA(VLOOKUP(B68,'C.14'!$B$7:$E$205,4,0),0)+_xlfn.IFNA(VLOOKUP(B68,'C.15'!$B$7:$E$206,4,0),0)+_xlfn.IFNA(VLOOKUP(B68,'C.16'!$B$7:$E$207,4,0),0) -> #REF! | F68: =#REF! -> #REF! | G68: =E68*F68 -> #REF!
B69: 19P | C69: SUMINISTRO E INSTALACIÓN DE TUBERÍA NTC 3722-3 Y NTC 4764 DE DIAMETRO 14" | D69: ML | E69: =_xlfn.IFNA(VLOOKUP(B69,'C.1'!$B$7:$E$206,4,0),0)+_xlfn.IFNA(VLOOKUP(B69,'C.2'!$B$7:$E$206,4,0),0)+_xlfn.IFNA(VLOOKUP(B69,'C.3'!$B$7:$E$206,4,0),0)+_xlfn.IFNA(VLOOKUP(B69,'C.4'!$B$7:$E$206,4,0),0)+_xlfn.IFNA(VLOOKUP(B69,#REF!,4,0),0)+_xlfn.IFNA(VLOOKUP(B69,'C.6'!$B$7:$E$206,4,0),0)+_xlfn.IFNA(VLOOKUP(B69,'C.7'!$B$7:$E$206,4,0),0)+_xlfn.IFNA(VLOOKUP(B69,'C.8'!$B$7:$E$206,4,0),0)+_xlfn.IFNA(VLOOKUP(B69,'C.9'!$B$7:$E$205,4,0),0)+_xlfn.IFNA(VLOOKUP(B69,'C.10'!$B$7:$E$206,4,0),0)+_xlfn.IFNA(VLOOKUP(B69,'C.11'!$B$7:$E$206,4,0),0)+_xlfn.IFNA(VLOOKUP(B69,'C.12'!$B$7:$E$205,4,0),0)+_xlfn.IFNA(VLOOKUP(B69,'C.13'!$B$7:$E$207,4,0),0)+_xlfn.IFNA(VLOOKUP(B69,'C.14'!$B$7:$E$205,4,0),0)+_xlfn.IFNA(VLOOKUP(B69,'C.15'!$B$7:$E$206,4,0),0)+_xlfn.IFNA(VLOOKUP(B69,'C.16'!$B$7:$E$207,4,0),0) -> #REF! | F69: =#REF! -> #REF! | G69: =E69*F69 -> #REF!
B70: 20P | C70: SUMINISTRO E INSTALACIÓN DE TUBERÍA NTC 3722-3 Y NTC 4764 DE DIAMETRO 16" | D70: ML | E70: =_xlfn.IFNA(VLOOKUP(B70,'C.1'!$B$7:$E$206,4,0),0)+_xlfn.IFNA(VLOOKUP(B70,'C.2'!$B$7:$E$206,4,0),0)+_xlfn.IFNA(VLOOKUP(B70,'C.3'!$B$7:$E$206,4,0),0)+_xlfn.IFNA(VLOOKUP(B70,'C.4'!$B$7:$E$206,4,0),0)+_xlfn.IFNA(VLOOKUP(B70,#REF!,4,0),0)+_xlfn.IFNA(VLOOKUP(B70,'C.6'!$B$7:$E$206,4,0),0)+_xlfn.IFNA(VLOOKUP(B70,'C.7'!$B$7:$E$206,4,0),0)+_xlfn.IFNA(VLOOKUP(B70,'C.8'!$B$7:$E$206,4,0),0)+_xlfn.IFNA(VLOOKUP(B70,'C.9'!$B$7:$E$205,4,0),0)+_xlfn.IFNA(VLOOKUP(B70,'C.10'!$B$7:$E$206,4,0),0)+_xlfn.IFNA(VLOOKUP(B70,'C.11'!$B$7:$E$206,4,0),0)+_xlfn.IFNA(VLOOKUP(B70,'C.12'!$B$7:$E$205,4,0),0)+_xlfn.IFNA(VLOOKUP(B70,'C.13'!$B$7:$E$207,4,0),0)+_xlfn.IFNA(VLOOKUP(B70,'C.14'!$B$7:$E$205,4,0),0)+_xlfn.IFNA(VLOOKUP(B70,'C.15'!$B$7:$E$206,4,0),0)+_xlfn.IFNA(VLOOKUP(B70,'C.16'!$B$7:$E$207,4,0),0) -> #REF! | F70: =#REF! -> #REF! | G70: =E70*F70 -> #REF!
B71: 20.1P | C71: SUMINISTRO E INSTALACIÓN DE TUBERÍA NTC 3722-3 Y NTC 4764 DE DIAMETRO 18" | D71: ML | E71: =_xlfn.IFNA(VLOOKUP(B71,'C.1'!$B$7:$E$206,4,0),0)+_xlfn.IFNA(VLOOKUP(B71,'C.2'!$B$7:$E$206,4,0),0)+_xlfn.IFNA(VLOOKUP(B71,'C.3'!$B$7:$E$206,4,0),0)+_xlfn.IFNA(VLOOKUP(B71,'C.4'!$B$7:$E$206,4,0),0)+_xlfn.IFNA(VLOOKUP(B71,#REF!,4,0),0)+_xlfn.IFNA(VLOOKUP(B71,'C.6'!$B$7:$E$206,4,0),0)+_xlfn.IFNA(VLOOKUP(B71,'C.7'!$B$7:$E$206,4,0),0)+_xlfn.IFNA(VLOOKUP(B71,'C.8'!$B$7:$E$206,4,0),0)+_xlfn.IFNA(VLOOKUP(B71,'C.9'!$B$7:$E$205,4,0),0)+_xlfn.IFNA(VLOOKUP(B71,'C.10'!$B$7:$E$206,4,0),0)+_xlfn.IFNA(VLOOKUP(B71,'C.11'!$B$7:$E$206,4,0),0)+_xlfn.IFNA(VLOOKUP(B71,'C.12'!$B$7:$E$205,4,0),0)+_xlfn.IFNA(VLOOKUP(B71,'C.13'!$B$7:$E$207,4,0),0)+_xlfn.IFNA(VLOOKUP(B71,'C.14'!$B$7:$E$205,4,0),0)+_xlfn.IFNA(VLOOKUP(B71,'C.15'!$B$7:$E$206,4,0),0)+_xlfn.IFNA(VLOOKUP(B71,'C.16'!$B$7:$E$207,4,0),0) -> #REF! | F71: =#REF! -> #REF! | G71: =E71*F71 -> #REF!
B72: 21P | C72: SUMINISTRO E INSTALACIÓN DE TUBERÍA NTC 3722-3 Y NTC 4764 DE DIAMETRO 20" | D72: ML | E72: =_xlfn.IFNA(VLOOKUP(B72,'C.1'!$B$7:$E$206,4,0),0)+_xlfn.IFNA(VLOOKUP(B72,'C.2'!$B$7:$E$206,4,0),0)+_xlfn.IFNA(VLOOKUP(B72,'C.3'!$B$7:$E$206,4,0),0)+_xlfn.IFNA(VLOOKUP(B72,'C.4'!$B$7:$E$206,4,0),0)+_xlfn.IFNA(VLOOKUP(B72,#REF!,4,0),0)+_xlfn.IFNA(VLOOKUP(B72,'C.6'!$B$7:$E$206,4,0),0)+_xlfn.IFNA(VLOOKUP(B72,'C.7'!$B$7:$E$206,4,0),0)+_xlfn.IFNA(VLOOKUP(B72,'C.8'!$B$7:$E$206,4,0),0)+_xlfn.IFNA(VLOOKUP(B72,'C.9'!$B$7:$E$205,4,0),0)+_xlfn.IFNA(VLOOKUP(B72,'C.10'!$B$7:$E$206,4,0),0)+_xlfn.IFNA(VLOOKUP(B72,'C.11'!$B$7:$E$206,4,0),0)+_xlfn.IFNA(VLOOKUP(B72,'C.12'!$B$7:$E$205,4,0),0)+_xlfn.IFNA(VLOOKUP(B72,'C.13'!$B$7:$E$207,4,0),0)+_xlfn.IFNA(VLOOKUP(B72,'C.14'!$B$7:$E$205,4,0),0)+_xlfn.IFNA(VLOOKUP(B72,'C.15'!$B$7:$E$206,4,0),0)+_xlfn.IFNA(VLOOKUP(B72,'C.16'!$B$7:$E$207,4,0),0) -> #REF! | F72: ='21P'!N46 -> #REF! | G72: =E72*F72 -> #REF!
B73: 22P | C73: SUMINISTRO E INSTALACIÓN DE TUBERÍA NTC 3722-3 Y NTC 4764 DE DIAMETRO 24" | D73: ML | E73: =_xlfn.IFNA(VLOOKUP(B73,'C.1'!$B$7:$E$206,4,0),0)+_xlfn.IFNA(VLOOKUP(B73,'C.2'!$B$7:$E$206,4,0),0)+_xlfn.IFNA(VLOOKUP(B73,'C.3'!$B$7:$E$206,4,0),0)+_xlfn.IFNA(VLOOKUP(B73,'C.4'!$B$7:$E$206,4,0),0)+_xlfn.IFNA(VLOOKUP(B73,#REF!,4,0),0)+_xlfn.IFNA(VLOOKUP(B73,'C.6'!$B$7:$E$206,4,0),0)+_xlfn.IFNA(VLOOKUP(B73,'C.7'!$B$7:$E$206,4,0),0)+_xlfn.IFNA(VLOOKUP(B73,'C.8'!$B$7:$E$206,4,0),0)+_xlfn.IFNA(VLOOKUP(B73,'C.9'!$B$7:$E$205,4,0),0)+_xlfn.IFNA(VLOOKUP(B73,'C.10'!$B$7:$E$206,4,0),0)+_xlfn.IFNA(VLOOKUP(B73,'C.11'!$B$7:$E$206,4,0),0)+_xlfn.IFNA(VLOOKUP(B73,'C.12'!$B$7:$E$205,4,0),0)+_xlfn.IFNA(VLOOKUP(B73,'C.13'!$B$7:$E$207,4,0),0)+_xlfn.IFNA(VLOOKUP(B73,'C.14'!$B$7:$E$205,4,0),0)+_xlfn.IFNA(VLOOKUP(B73,'C.15'!$B$7:$E$206,4,0),0)+_xlfn.IFNA(VLOOKUP(B73,'C.16'!$B$7:$E$207,4,0),0) -> #REF! | F73: =#REF! -> #REF! | G73: =E73*F73 -> #REF!
B74: 23P | C74: SUMINISTRO E INSTALACIÓN DE TUBERÍA NTC 3722-3 Y NTC 4764 DE DIAMETRO 30" | D74: ML | E74: =_xlfn.IFNA(VLOOKUP(B74,'C.1'!$B$7:$E$206,4,0),0)+_xlfn.IFNA(VLOOKUP(B74,'C.2'!$B$7:$E$206,4,0),0)+_xlfn.IFNA(VLOOKUP(B74,'C.3'!$B$7:$E$206,4,0),0)+_xlfn.IFNA(VLOOKUP(B74,'C.4'!$B$7:$E$206,4,0),0)+_xlfn.IFNA(VLOOKUP(B74,#REF!,4,0),0)+_xlfn.IFNA(VLOOKUP(B74,'C.6'!$B$7:$E$206,4,0),0)+_xlfn.IFNA(VLOOKUP(B74,'C.7'!$B$7:$E$206,4,0),0)+_xlfn.IFNA(VLOOKUP(B74,'C.8'!$B$7:$E$206,4,0),0)+_xlfn.IFNA(VLOOKUP(B74,'C.9'!$B$7:$E$205,4,0),0)+_xlfn.IFNA(VLOOKUP(B74,'C.10'!$B$7:$E$206,4,0),0)+_xlfn.IFNA(VLOOKUP(B74,'C.11'!$B$7:$E$206,4,0),0)+_xlfn.IFNA(VLOOKUP(B74,'C.12'!$B$7:$E$205,4,0),0)+_xlfn.IFNA(VLOOKUP(B74,'C.13'!$B$7:$E$207,4,0),0)+_xlfn.IFNA(VLOOKUP(B74,'C.14'!$B$7:$E$205,4,0),0)+_xlfn.IFNA(VLOOKUP(B74,'C.15'!$B$7:$E$206,4,0),0)+_xlfn.IFNA(VLOOKUP(B74,'C.16'!$B$7:$E$207,4,0),0) -> #REF! | F74: ='23P'!N46 -> #REF! | G74: =E74*F74 -> #REF!
B75: 23.1P | C75: SUMINISTRO E INSTALACIÓN DE TUBERÍA NTC 3722-3 Y NTC 4764 DE DIAMETRO 36" | D75: ML | E75: =_xlfn.IFNA(VLOOKUP(B75,'C.1'!$B$7:$E$206,4,0),0)+_xlfn.IFNA(VLOOKUP(B75,'C.2'!$B$7:$E$206,4,0),0)+_xlfn.IFNA(VLOOKUP(B75,'C.3'!$B$7:$E$206,4,0),0)+_xlfn.IFNA(VLOOKUP(B75,'C.4'!$B$7:$E$206,4,0),0)+_xlfn.IFNA(VLOOKUP(B75,#REF!,4,0),0)+_xlfn.IFNA(VLOOKUP(B75,'C.6'!$B$7:$E$206,4,0),0)+_xlfn.IFNA(VLOOKUP(B75,'C.7'!$B$7:$E$206,4,0),0)+_xlfn.IFNA(VLOOKUP(B75,'C.8'!$B$7:$E$206,4,0),0)+_xlfn.IFNA(VLOOKUP(B75,'C.9'!$B$7:$E$205,4,0),0)+_xlfn.IFNA(VLOOKUP(B75,'C.10'!$B$7:$E$206,4,0),0)+_xlfn.IFNA(VLOOKUP(B75,'C.11'!$B$7:$E$206,4,0),0)+_xlfn.IFNA(VLOOKUP(B75,'C.12'!$B$7:$E$205,4,0),0)+_xlfn.IFNA(VLOOKUP(B75,'C.13'!$B$7:$E$207,4,0),0)+_xlfn.IFNA(VLOOKUP(B75,'C.14'!$B$7:$E$205,4,0),0)+_xlfn.IFNA(VLOOKUP(B75,'C.15'!$B$7:$E$206,4,0),0)+_xlfn.IFNA(VLOOKUP(B75,'C.16'!$B$7:$E$207,4,0),0) -> #REF! | F75: ='23.1P'!N46 -> #REF! | G75: =E75*F75 -> #REF!
B76: 24P | C76: SUMINISTRO E INSTALACION DE KIT SILLA YEE 8X 6" PVC INCLUYE AGARRADERAS CAUCHO Y ADERENCIA | D76: UND | E76: =_xlfn.IFNA(VLOOKUP(B76,'C.1'!$B$7:$E$206,4,0),0)+_xlfn.IFNA(VLOOKUP(B76,'C.2'!$B$7:$E$206,4,0),0)+_xlfn.IFNA(VLOOKUP(B76,'C.3'!$B$7:$E$206,4,0),0)+_xlfn.IFNA(VLOOKUP(B76,'C.4'!$B$7:$E$206,4,0),0)+_xlfn.IFNA(VLOOKUP(B76,#REF!,4,0),0)+_xlfn.IFNA(VLOOKUP(B76,'C.6'!$B$7:$E$206,4,0),0)+_xlfn.IFNA(VLOOKUP(B76,'C.7'!$B$7:$E$206,4,0),0)+_xlfn.IFNA(VLOOKUP(B76,'C.8'!$B$7:$E$206,4,0),0)+_xlfn.IFNA(VLOOKUP(B76,'C.9'!$B$7:$E$205,4,0),0)+_xlfn.IFNA(VLOOKUP(B76,'C.10'!$B$7:$E$206,4,0),0)+_xlfn.IFNA(VLOOKUP(B76,'C.11'!$B$7:$E$206,4,0),0)+_xlfn.IFNA(VLOOKUP(B76,'C.12'!$B$7:$E$205,4,0),0)+_xlfn.IFNA(VLOOKUP(B76,'C.13'!$B$7:$E$207,4,0),0)+_xlfn.IFNA(VLOOKUP(B76,'C.14'!$B$7:$E$205,4,0),0)+_xlfn.IFNA(VLOOKUP(B76,'C.15'!$B$7:$E$206,4,0),0)+_xlfn.IFNA(VLOOKUP(B76,'C.16'!$B$7:$E$207,4,0),0) -> #REF! | F76: ='24P'!N47 -> #REF! | G76: =E76*F76 -> #REF!
B77: 25P | C77: SUMINISTRO E INSTALACION DE KIT SILLA YEE 10X 6" PVC INCLUYE AGARRADERAS CAUCHO Y ADERENCIA | D77: UND | E77: =_xlfn.IFNA(VLOOKUP(B77,'C.1'!$B$7:$E$206,4,0),0)+_xlfn.IFNA(VLOOKUP(B77,'C.2'!$B$7:$E$206,4,0),0)+_xlfn.IFNA(VLOOKUP(B77,'C.3'!$B$7:$E$206,4,0),0)+_xlfn.IFNA(VLOOKUP(B77,'C.4'!$B$7:$E$206,4,0),0)+_xlfn.IFNA(VLOOKUP(B77,#REF!,4,0),0)+_xlfn.IFNA(VLOOKUP(B77,'C.6'!$B$7:$E$206,4,0),0)+_xlfn.IFNA(VLOOKUP(B77,'C.7'!$B$7:$E$206,4,0),0)+_xlfn.IFNA(VLOOKUP(B77,'C.8'!$B$7:$E$206,4,0),0)+_xlfn.IFNA(VLOOKUP(B77,'C.9'!$B$7:$E$205,4,0),0)+_xlfn.IFNA(VLOOKUP(B77,'C.10'!$B$7:$E$206,4,0),0)+_xlfn.IFNA(VLOOKUP(B77,'C.11'!$B$7:$E$206,4,0),0)+_xlfn.IFNA(VLOOKUP(B77,'C.12'!$B$7:$E$205,4,0),0)+_xlfn.IFNA(VLOOKUP(B77,'C.13'!$B$7:$E$207,4,0),0)+_xlfn.IFNA(VLOOKUP(B77,'C.14'!$B$7:$E$205,4,0),0)+_xlfn.IFNA(VLOOKUP(B77,'C.15'!$B$7:$E$206,4,0),0)+_xlfn.IFNA(VLOOKUP(B77,'C.16'!$B$7:$E$207,4,0),0) -> #REF! | F77: ='25P'!N47 -> #REF! | G77: =E77*F77 -> #REF!
B78: 26P | C78: SUMINISTRO E INSTALACION DE KIT SILLA YEE 12X 6" PVC INCLUYE AGARRADERAS CAUCHO Y ADERENCIA | D78: UND | E78: =_xlfn.IFNA(VLOOKUP(B78,'C.1'!$B$7:$E$206,4,0),0)+_xlfn.IFNA(VLOOKUP(B78,'C.2'!$B$7:$E$206,4,0),0)+_xlfn.IFNA(VLOOKUP(B78,'C.3'!$B$7:$E$206,4,0),0)+_xlfn.IFNA(VLOOKUP(B78,'C.4'!$B$7:$E$206,4,0),0)+_xlfn.IFNA(VLOOKUP(B78,#REF!,4,0),0)+_xlfn.IFNA(VLOOKUP(B78,'C.6'!$B$7:$E$206,4,0),0)+_xlfn.IFNA(VLOOKUP(B78,'C.7'!$B$7:$E$206,4,0),0)+_xlfn.IFNA(VLOOKUP(B78,'C.8'!$B$7:$E$206,4,0),0)+_xlfn.IFNA(VLOOKUP(B78,'C.9'!$B$7:$E$205,4,0),0)+_xlfn.IFNA(VLOOKUP(B78,'C.10'!$B$7:$E$206,4,0),0)+_xlfn.IFNA(VLOOKUP(B78,'C.11'!$B$7:$E$206,4,0),0)+_xlfn.IFNA(VLOOKUP(B78,'C.12'!$B$7:$E$205,4,0),0)+_xlfn.IFNA(VLOOKUP(B78,'C.13'!$B$7:$E$207,4,0),0)+_xlfn.IFNA(VLOOKUP(B78,'C.14'!$B$7:$E$205,4,0),0)+_xlfn.IFNA(VLOOKUP(B78,'C.15'!$B$7:$E$206,4,0),0)+_xlfn.IFNA(VLOOKUP(B78,'C.16'!$B$7:$E$207,4,0),0) -> #REF! | F78: =#REF! -> #REF! | G78: =E78*F78 -> #REF!
B79: 27P | C79: SUMINISTRO E INSTALACION DE KIT SILLA YEE 14X 6" PVC INCLUYE AGARRADERAS CAUCHO Y ADERENCIA | D79: UND | E79: =_xlfn.IFNA(VLOOKUP(B79,'C.1'!$B$7:$E$206,4,0),0)+_xlfn.IFNA(VLOOKUP(B79,'C.2'!$B$7:$E$206,4,0),0)+_xlfn.IFNA(VLOOKUP(B79,'C.3'!$B$7:$E$206,4,0),0)+_xlfn.IFNA(VLOOKUP(B79,'C.4'!$B$7:$E$206,4,0),0)+_xlfn.IFNA(VLOOKUP(B79,#REF!,4,0),0)+_xlfn.IFNA(VLOOKUP(B79,'C.6'!$B$7:$E$206,4,0),0)+_xlfn.IFNA(VLOOKUP(B79,'C.7'!$B$7:$E$206,4,0),0)+_xlfn.IFNA(VLOOKUP(B79,'C.8'!$B$7:$E$206,4,0),0)+_xlfn.IFNA(VLOOKUP(B79,'C.9'!$B$7:$E$205,4,0),0)+_xlfn.IFNA(VLOOKUP(B79,'C.10'!$B$7:$E$206,4,0),0)+_xlfn.IFNA(VLOOKUP(B79,'C.11'!$B$7:$E$206,4,0),0)+_xlfn.IFNA(VLOOKUP(B79,'C.12'!$B$7:$E$205,4,0),0)+_xlfn.IFNA(VLOOKUP(B79,'C.13'!$B$7:$E$207,4,0),0)+_xlfn.IFNA(VLOOKUP(B79,'C.14'!$B$7:$E$205,4,0),0)+_xlfn.IFNA(VLOOKUP(B79,'C.15'!$B$7:$E$206,4,0),0)+_xlfn.IFNA(VLOOKUP(B79,'C.16'!$B$7:$E$207,4,0),0) -> #REF! | F79: =#REF! -> #REF! | G79: =E79*F79 -> #REF!
B80: 28P | C80: SUMINISTRO E INSTALACION DE KIT SILLA YEE 16X 6" PVC INCLUYE AGARRADERAS CAUCHO Y ADERENCIA | D80: UND | E80: =_xlfn.IFNA(VLOOKUP(B80,'C.1'!$B$7:$E$206,4,0),0)+_xlfn.IFNA(VLOOKUP(B80,'C.2'!$B$7:$E$206,4,0),0)+_xlfn.IFNA(VLOOKUP(B80,'C.3'!$B$7:$E$206,4,0),0)+_xlfn.IFNA(VLOOKUP(B80,'C.4'!$B$7:$E$206,4,0),0)+_xlfn.IFNA(VLOOKUP(B80,#REF!,4,0),0)+_xlfn.IFNA(VLOOKUP(B80,'C.6'!$B$7:$E$206,4,0),0)+_xlfn.IFNA(VLOOKUP(B80,'C.7'!$B$7:$E$206,4,0),0)+_xlfn.IFNA(VLOOKUP(B80,'C.8'!$B$7:$E$206,4,0),0)+_xlfn.IFNA(VLOOKUP(B80,'C.9'!$B$7:$E$205,4,0),0)+_xlfn.IFNA(VLOOKUP(B80,'C.10'!$B$7:$E$206,4,0),0)+_xlfn.IFNA(VLOOKUP(B80,'C.11'!$B$7:$E$206,4,0),0)+_xlfn.IFNA(VLOOKUP(B80,'C.12'!$B$7:$E$205,4,0),0)+_xlfn.IFNA(VLOOKUP(B80,'C.13'!$B$7:$E$207,4,0),0)+_xlfn.IFNA(VLOOKUP(B80,'C.14'!$B$7:$E$205,4,0),0)+_xlfn.IFNA(VLOOKUP(B80,'C.15'!$B$7:$E$206,4,0),0)+_xlfn.IFNA(VLOOKUP(B80,'C.16'!$B$7:$E$207,4,0),0) -> #REF! | F80: ='28P'!N47 -> #REF! | G80: =E80*F80 -> #REF!
B81: 28.1P | C81: SUMINISTRO E INSTALACION DE KIT SILLA YEE 18X 6" PVC INCLUYE AGARRADERAS CAUCHO Y ADERENCIA | D81: UND | E81: =_xlfn.IFNA(VLOOKUP(B81,'C.1'!$B$7:$E$206,4,0),0)+_xlfn.IFNA(VLOOKUP(B81,'C.2'!$B$7:$E$206,4,0),0)+_xlfn.IFNA(VLOOKUP(B81,'C.3'!$B$7:$E$206,4,0),0)+_xlfn.IFNA(VLOOKUP(B81,'C.4'!$B$7:$E$206,4,0),0)+_xlfn.IFNA(VLOOKUP(B81,#REF!,4,0),0)+_xlfn.IFNA(VLOOKUP(B81,'C.6'!$B$7:$E$206,4,0),0)+_xlfn.IFNA(VLOOKUP(B81,'C.7'!$B$7:$E$206,4,0),0)+_xlfn.IFNA(VLOOKUP(B81,'C.8'!$B$7:$E$206,4,0),0)+_xlfn.IFNA(VLOOKUP(B81,'C.9'!$B$7:$E$205,4,0),0)+_xlfn.IFNA(VLOOKUP(B81,'C.10'!$B$7:$E$206,4,0),0)+_xlfn.IFNA(VLOOKUP(B81,'C.11'!$B$7:$E$206,4,0),0)+_xlfn.IFNA(VLOOKUP(B81,'C.12'!$B$7:$E$205,4,0),0)+_xlfn.IFNA(VLOOKUP(B81,'C.13'!$B$7:$E$207,4,0),0)+_xlfn.IFNA(VLOOKUP(B81,'C.14'!$B$7:$E$205,4,0),0)+_xlfn.IFNA(VLOOKUP(B81,'C.15'!$B$7:$E$206,4,0),0)+_xlfn.IFNA(VLOOKUP(B81,'C.16'!$B$7:$E$207,4,0),0) -> #REF! | F81: =#REF! -> #REF! | G81: =E81*F81 -> #REF!
B82: 29P | C82: SUMINISTRO E INSTALACION DE KIT SILLA YEE 20X 6" PVC INCLUYE AGARRADERAS CAUCHO Y ADERENCIA | D82: UND | E82: =_xlfn.IFNA(VLOOKUP(B82,'C.1'!$B$7:$E$206,4,0),0)+_xlfn.IFNA(VLOOKUP(B82,'C.2'!$B$7:$E$206,4,0),0)+_xlfn.IFNA(VLOOKUP(B82,'C.3'!$B$7:$E$206,4,0),0)+_xlfn.IFNA(VLOOKUP(B82,'C.4'!$B$7:$E$206,4,0),0)+_xlfn.IFNA(VLOOKUP(B82,#REF!,4,0),0)+_xlfn.IFNA(VLOOKUP(B82,'C.6'!$B$7:$E$206,4,0),0)+_xlfn.IFNA(VLOOKUP(B82,'C.7'!$B$7:$E$206,4,0),0)+_xlfn.IFNA(VLOOKUP(B82,'C.8'!$B$7:$E$206,4,0),0)+_xlfn.IFNA(VLOOKUP(B82,'C.9'!$B$7:$E$205,4,0),0)+_xlfn.IFNA(VLOOKUP(B82,'C.10'!$B$7:$E$206,4,0),0)+_xlfn.IFNA(VLOOKUP(B82,'C.11'!$B$7:$E$206,4,0),0)+_xlfn.IFNA(VLOOKUP(B82,'C.12'!$B$7:$E$205,4,0),0)+_xlfn.IFNA(VLOOKUP(B82,'C.13'!$B$7:$E$207,4,0),0)+_xlfn.IFNA(VLOOKUP(B82,'C.14'!$B$7:$E$205,4,0),0)+_xlfn.IFNA(VLOOKUP(B82,'C.15'!$B$7:$E$206,4,0),0)+_xlfn.IFNA(VLOOKUP(B82,'C.16'!$B$7:$E$207,4,0),0) -> #REF! | F82: ='29P'!N47 -> #REF! | G82: =E82*F82 -> #REF!
B83: 30P | C83: SUMINISTRO E INSTALACION DE KIT SILLA YEE 24X 6" PVC INCLUYE AGARRADERAS CAUCHO Y ADERENCIA | D83: UND | E83: =_xlfn.IFNA(VLOOKUP(B83,'C.1'!$B$7:$E$206,4,0),0)+_xlfn.IFNA(VLOOKUP(B83,'C.2'!$B$7:$E$206,4,0),0)+_xlfn.IFNA(VLOOKUP(B83,'C.3'!$B$7:$E$206,4,0),0)+_xlfn.IFNA(VLOOKUP(B83,'C.4'!$B$7:$E$206,4,0),0)+_xlfn.IFNA(VLOOKUP(B83,#REF!,4,0),0)+_xlfn.IFNA(VLOOKUP(B83,'C.6'!$B$7:$E$206,4,0),0)+_xlfn.IFNA(VLOOKUP(B83,'C.7'!$B$7:$E$206,4,0),0)+_xlfn.IFNA(VLOOKUP(B83,'C.8'!$B$7:$E$206,4,0),0)+_xlfn.IFNA(VLOOKUP(B83,'C.9'!$B$7:$E$205,4,0),0)+_xlfn.IFNA(VLOOKUP(B83,'C.10'!$B$7:$E$206,4,0),0)+_xlfn.IFNA(VLOOKUP(B83,'C.11'!$B$7:$E$206,4,0),0)+_xlfn.IFNA(VLOOKUP(B83,'C.12'!$B$7:$E$205,4,0),0)+_xlfn.IFNA(VLOOKUP(B83,'C.13'!$B$7:$E$207,4,0),0)+_xlfn.IFNA(VLOOKUP(B83,'C.14'!$B$7:$E$205,4,0),0)+_xlfn.IFNA(VLOOKUP(B83,'C.15'!$B$7:$E$206,4,0),0)+_xlfn.IFNA(VLOOKUP(B83,'C.16'!$B$7:$E$207,4,0),0) -> #REF! | F83: ='30P'!N47 -> #REF! | G83: =E83*F83 -> #REF!
B84: 31P | C84: SUMINISTRO E INSTALACION DE KIT SILLA YEE 30X 6" PVC INCLUYE AGARRADERAS CAUCHO Y ADERENCIA | D84: UND | E84: =_xlfn.IFNA(VLOOKUP(B84,'C.1'!$B$7:$E$206,4,0),0)+_xlfn.IFNA(VLOOKUP(B84,'C.2'!$B$7:$E$206,4,0),0)+_xlfn.IFNA(VLOOKUP(B84,'C.3'!$B$7:$E$206,4,0),0)+_xlfn.IFNA(VLOOKUP(B84,'C.4'!$B$7:$E$206,4,0),0)+_xlfn.IFNA(VLOOKUP(B84,#REF!,4,0),0)+_xlfn.IFNA(VLOOKUP(B84,'C.6'!$B$7:$E$206,4,0),0)+_xlfn.IFNA(VLOOKUP(B84,'C.7'!$B$7:$E$206,4,0),0)+_xlfn.IFNA(VLOOKUP(B84,'C.8'!$B$7:$E$206,4,0),0)+_xlfn.IFNA(VLOOKUP(B84,'C.9'!$B$7:$E$205,4,0),0)+_xlfn.IFNA(VLOOKUP(B84,'C.10'!$B$7:$E$206,4,0),0)+_xlfn.IFNA(VLOOKUP(B84,'C.11'!$B$7:$E$206,4,0),0)+_xlfn.IFNA(VLOOKUP(B84,'C.12'!$B$7:$E$205,4,0),0)+_xlfn.IFNA(VLOOKUP(B84,'C.13'!$B$7:$E$207,4,0),0)+_xlfn.IFNA(VLOOKUP(B84,'C.14'!$B$7:$E$205,4,0),0)+_xlfn.IFNA(VLOOKUP(B84,'C.15'!$B$7:$E$206,4,0),0)+_xlfn.IFNA(VLOOKUP(B84,'C.16'!$B$7:$E$207,4,0),0) -> #REF! | F84: ='31P'!N47 -> #REF! | G84: =E84*F84 -> #REF!
B85: 31.1P | C85: SUMINISTRO E INSTALACION DE KIT SILLA YEE 36X 6" PVC INCLUYE AGARRADERAS CAUCHO Y ADERENCIA | D85: UND | E85: =_xlfn.IFNA(VLOOKUP(B85,'C.1'!$B$7:$E$206,4,0),0)+_xlfn.IFNA(VLOOKUP(B85,'C.2'!$B$7:$E$206,4,0),0)+_xlfn.IFNA(VLOOKUP(B85,'C.3'!$B$7:$E$206,4,0),0)+_xlfn.IFNA(VLOOKUP(B85,'C.4'!$B$7:$E$206,4,0),0)+_xlfn.IFNA(VLOOKUP(B85,#REF!,4,0),0)+_xlfn.IFNA(VLOOKUP(B85,'C.6'!$B$7:$E$206,4,0),0)+_xlfn.IFNA(VLOOKUP(B85,'C.7'!$B$7:$E$206,4,0),0)+_xlfn.IFNA(VLOOKUP(B85,'C.8'!$B$7:$E$206,4,0),0)+_xlfn.IFNA(VLOOKUP(B85,'C.9'!$B$7:$E$205,4,0),0)+_xlfn.IFNA(VLOOKUP(B85,'C.10'!$B$7:$E$206,4,0),0)+_xlfn.IFNA(VLOOKUP(B85,'C.11'!$B$7:$E$206,4,0),0)+_xlfn.IFNA(VLOOKUP(B85,'C.12'!$B$7:$E$205,4,0),0)+_xlfn.IFNA(VLOOKUP(B85,'C.13'!$B$7:$E$207,4,0),0)+_xlfn.IFNA(VLOOKUP(B85,'C.14'!$B$7:$E$205,4,0),0)+_xlfn.IFNA(VLOOKUP(B85,'C.15'!$B$7:$E$206,4,0),0)+_xlfn.IFNA(VLOOKUP(B85,'C.16'!$B$7:$E$207,4,0),0) -> #REF! | F85: ='31.1P'!N47 -> #REF! | G85: =E85*F85 -> #REF!
E86: =_xlfn.IFNA(VLOOKUP(B86,'C.1'!$B$7:$E$206,4,0),0)+_xlfn.IFNA(VLOOKUP(B86,'C.2'!$B$7:$E$206,4,0),0)+_xlfn.IFNA(VLOOKUP(B86,'C.3'!$B$7:$E$206,4,0),0)+_xlfn.IFNA(VLOOKUP(B86,'C.4'!$B$7:$E$206,4,0),0)+_xlfn.IFNA(VLOOKUP(B86,#REF!,4,0),0)+_xlfn.IFNA(VLOOKUP(B86,'C.6'!$B$7:$E$206,4,0),0)+_xlfn.IFNA(VLOOKUP(B86,'C.7'!$B$7:$E$206,4,0),0)+_xlfn.IFNA(VLOOKUP(B86,'C.8'!$B$7:$E$206,4,0),0)+_xlfn.IFNA(VLOOKUP(B86,'C.9'!$B$7:$E$205,4,0),0)+_xlfn.IFNA(VLOOKUP(B86,'C.10'!$B$7:$E$206,4,0),0)+_xlfn.IFNA(VLOOKUP(B86,'C.11'!$B$7:$E$206,4,0),0)+_xlfn.IFNA(VLOOKUP(B86,'C.12'!$B$7:$E$205,4,0),0)+_xlfn.IFNA(VLOOKUP(B86,'C.13'!$B$7:$E$207,4,0),0)+_xlfn.IFNA(VLOOKUP(B86,'C.14'!$B$7:$E$205,4,0),0)+_xlfn.IFNA(VLOOKUP(B86,'C.15'!$B$7:$E$206,4,0),0)+_xlfn.IFNA(VLOOKUP(B86,'C.16'!$B$7:$E$207,4,0),0) -> #REF! | G86: =SUM(G63:G85) -> #REF!
C87: ACUEDUCTO | E87: =_xlfn.IFNA(VLOOKUP(B87,'C.1'!$B$7:$E$206,4,0),0)+_xlfn.IFNA(VLOOKUP(B87,'C.2'!$B$7:$E$206,4,0),0)+_xlfn.IFNA(VLOOKUP(B87,'C.3'!$B$7:$E$206,4,0),0)+_xlfn.IFNA(VLOOKUP(B87,'C.4'!$B$7:$E$206,4,0),0)+_xlfn.IFNA(VLOOKUP(B87,#REF!,4,0),0)+_xlfn.IFNA(VLOOKUP(B87,'C.6'!$B$7:$E$206,4,0),0)+_xlfn.IFNA(VLOOKUP(B87,'C.7'!$B$7:$E$206,4,0),0)+_xlfn.IFNA(VLOOKUP(B87,'C.8'!$B$7:$E$206,4,0),0)+_xlfn.IFNA(VLOOKUP(B87,'C.9'!$B$7:$E$205,4,0),0)+_xlfn.IFNA(VLOOKUP(B87,'C.10'!$B$7:$E$206,4,0),0)+_xlfn.IFNA(VLOOKUP(B87,'C.11'!$B$7:$E$206,4,0),0)+_xlfn.IFNA(VLOOKUP(B87,'C.12'!$B$7:$E$205,4,0),0)+_xlfn.IFNA(VLOOKUP(B87,'C.13'!$B$7:$E$207,4,0),0)+_xlfn.IFNA(VLOOKUP(B87,'C.14'!$B$7:$E$205,4,0),0)+_xlfn.IFNA(VLOOKUP(B87,'C.15'!$B$7:$E$206,4,0),0)+_xlfn.IFNA(VLOOKUP(B87,'C.16'!$B$7:$E$207,4,0),0) -> #REF!
B88: 42P | C88: SUMINISTRO E INSTALACION DE LECHO EN ARENA PARA TUBERIA. (NO INCLUYE TRANSPORTE) | D88: M3 | E88: =_xlfn.IFNA(VLOOKUP(B88,'C.1'!$B$7:$E$206,4,0),0)+_xlfn.IFNA(VLOOKUP(B88,'C.2'!$B$7:$E$206,4,0),0)+_xlfn.IFNA(VLOOKUP(B88,'C.3'!$B$7:$E$206,4,0),0)+_xlfn.IFNA(VLOOKUP(B88,'C.4'!$B$7:$E$206,4,0),0)+_xlfn.IFNA(VLOOKUP(B88,#REF!,4,0),0)+_xlfn.IFNA(VLOOKUP(B88,'C.6'!$B$7:$E$206,4,0),0)+_xlfn.IFNA(VLOOKUP(B88,'C.7'!$B$7:$E$206,4,0),0)+_xlfn.IFNA(VLOOKUP(B88,'C.8'!$B$7:$E$206,4,0),0)+_xlfn.IFNA(VLOOKUP(B88,'C.9'!$B$7:$E$205,4,0),0)+_xlfn.IFNA(VLOOKUP(B88,'C.10'!$B$7:$E$206,4,0),0)+_xlfn.IFNA(VLOOKUP(B88,'C.11'!$B$7:$E$206,4,0),0)+_xlfn.IFNA(VLOOKUP(B88,'C.12'!$B$7:$E$205,4,0),0)+_xlfn.IFNA(VLOOKUP(B88,'C.13'!$B$7:$E$207,4,0),0)+_xlfn.IFNA(VLOOKUP(B88,'C.14'!$B$7:$E$205,4,0),0)+_xlfn.IFNA(VLOOKUP(B88,'C.15'!$B$7:$E$206,4,0),0)+_xlfn.IFNA(VLOOKUP(B88,'C.16'!$B$7:$E$207,4,0),0) -> #REF! | F88: =#REF! -> #REF! | G88: =E88*F88 -> #REF!
B89: 32P | C89: SUMINISTRO E INSTALACIÓN DE REGISTRO DE CORTE O INCORPORACIÓN 1/2" | D89: UND | E89: =_xlfn.IFNA(VLOOKUP(B89,'C.1'!$B$7:$E$206,4,0),0)+_xlfn.IFNA(VLOOKUP(B89,'C.2'!$B$7:$E$206,4,0),0)+_xlfn.IFNA(VLOOKUP(B89,'C.3'!$B$7:$E$206,4,0),0)+_xlfn.IFNA(VLOOKUP(B89,'C.4'!$B$7:$E$206,4,0),0)+_xlfn.IFNA(VLOOKUP(B89,#REF!,4,0),0)+_xlfn.IFNA(VLOOKUP(B89,'C.6'!$B$7:$E$206,4,0),0)+_xlfn.IFNA(VLOOKUP(B89,'C.7'!$B$7:$E$206,4,0),0)+_xlfn.IFNA(VLOOKUP(B89,'C.8'!$B$7:$E$206,4,0),0)+_xlfn.IFNA(VLOOKUP(B89,'C.9'!$B$7:$E$205,4,0),0)+_xlfn.IFNA(VLOOKUP(B89,'C.10'!$B$7:$E$206,4,0),0)+_xlfn.IFNA(VLOOKUP(B89,'C.11'!$B$7:$E$206,4,0),0)+_xlfn.IFNA(VLOOKUP(B89,'C.12'!$B$7:$E$205,4,0),0)+_xlfn.IFNA(VLOOKUP(B89,'C.13'!$B$7:$E$207,4,0),0)+_xlfn.IFNA(VLOOKUP(B89,'C.14'!$B$7:$E$205,4,0),0)+_xlfn.IFNA(VLOOKUP(B89,'C.15'!$B$7:$E$206,4,0),0)+_xlfn.IFNA(VLOOKUP(B89,'C.16'!$B$7:$E$207,4,0),0) -> #REF! | F89: =#REF! -> #REF! | G89: =E89*F89 -> #REF!
B90: 33P | C90: SUMINISTRO E INSTALACIÓN DE PF MACHO DE 1/2 | D90: UND | E90: =_xlfn.IFNA(VLOOKUP(B90,'C.1'!$B$7:$E$206,4,0),0)+_xlfn.IFNA(VLOOKUP(B90,'C.2'!$B$7:$E$206,4,0),0)+_xlfn.IFNA(VLOOKUP(B90,'C.3'!$B$7:$E$206,4,0),0)+_xlfn.IFNA(VLOOKUP(B90,'C.4'!$B$7:$E$206,4,0),0)+_xlfn.IFNA(VLOOKUP(B90,#REF!,4,0),0)+_xlfn.IFNA(VLOOKUP(B90,'C.6'!$B$7:$E$206,4,0),0)+_xlfn.IFNA(VLOOKUP(B90,'C.7'!$B$7:$E$206,4,0),0)+_xlfn.IFNA(VLOOKUP(B90,'C.8'!$B$7:$E$206,4,0),0)+_xlfn.IFNA(VLOOKUP(B90,'C.9'!$B$7:$E$205,4,0),0)+_xlfn.IFNA(VLOOKUP(B90,'C.10'!$B$7:$E$206,4,0),0)+_xlfn.IFNA(VLOOKUP(B90,'C.11'!$B$7:$E$206,4,0),0)+_xlfn.IFNA(VLOOKUP(B90,'C.12'!$B$7:$E$205,4,0),0)+_xlfn.IFNA(VLOOKUP(B90,'C.13'!$B$7:$E$207,4,0),0)+_xlfn.IFNA(VLOOKUP(B90,'C.14'!$B$7:$E$205,4,0),0)+_xlfn.IFNA(VLOOKUP(B90,'C.15'!$B$7:$E$206,4,0),0)+_xlfn.IFNA(VLOOKUP(B90,'C.16'!$B$7:$E$207,4,0),0) -> #REF! | F90: =#REF! -> #REF! | G90: =E90*F90 -> #REF!
B91: 34P | C91: SUMINISTRO E INSTALACIÓN MANGUERA A PRESION POR ML 1/2" | D91: ML | E91: =_xlfn.IFNA(VLOOKUP(B91,'C.1'!$B$7:$E$206,4,0),0)+_xlfn.IFNA(VLOOKUP(B91,'C.2'!$B$7:$E$206,4,0),0)+_xlfn.IFNA(VLOOKUP(B91,'C.3'!$B$7:$E$206,4,0),0)+_xlfn.IFNA(VLOOKUP(B91,'C.4'!$B$7:$E$206,4,0),0)+_xlfn.IFNA(VLOOKUP(B91,#REF!,4,0),0)+_xlfn.IFNA(VLOOKUP(B91,'C.6'!$B$7:$E$206,4,0),0)+_xlfn.IFNA(VLOOKUP(B91,'C.7'!$B$7:$E$206,4,0),0)+_xlfn.IFNA(VLOOKUP(B91,'C.8'!$B$7:$E$206,4,0),0)+_xlfn.IFNA(VLOOKUP(B91,'C.9'!$B$7:$E$205,4,0),0)+_xlfn.IFNA(VLOOKUP(B91,'C.10'!$B$7:$E$206,4,0),0)+_xlfn.IFNA(VLOOKUP(B91,'C.11'!$B$7:$E$206,4,0),0)+_xlfn.IFNA(VLOOKUP(B91,'C.12'!$B$7:$E$205,4,0),0)+_xlfn.IFNA(VLOOKUP(B91,'C.13'!$B$7:$E$207,4,0),0)+_xlfn.IFNA(VLOOKUP(B91,'C.14'!$B$7:$E$205,4,0),0)+_xlfn.IFNA(VLOOKUP(B91,'C.15'!$B$7:$E$206,4,0),0)+_xlfn.IFNA(VLOOKUP(B91,'C.16'!$B$7:$E$207,4,0),0) -> #REF! | F91: =#REF! -> #REF! | G91: =E91*F91 -> #REF!
B92: 35P | C92: SUMINISTRO E INSTALACIÓN DE COLLARIN 3" A 1/2" | D92: UND | E92: =_xlfn.IFNA(VLOOKUP(B92,'C.1'!$B$7:$E$206,4,0),0)+_xlfn.IFNA(VLOOKUP(B92,'C.2'!$B$7:$E$206,4,0),0)+_xlfn.IFNA(VLOOKUP(B92,'C.3'!$B$7:$E$206,4,0),0)+_xlfn.IFNA(VLOOKUP(B92,'C.4'!$B$7:$E$206,4,0),0)+_xlfn.IFNA(VLOOKUP(B92,#REF!,4,0),0)+_xlfn.IFNA(VLOOKUP(B92,'C.6'!$B$7:$E$206,4,0),0)+_xlfn.IFNA(VLOOKUP(B92,'C.7'!$B$7:$E$206,4,0),0)+_xlfn.IFNA(VLOOKUP(B92,'C.8'!$B$7:$E$206,4,0),0)+_xlfn.IFNA(VLOOKUP(B92,'C.9'!$B$7:$E$205,4,0),0)+_xlfn.IFNA(VLOOKUP(B92,'C.10'!$B$7:$E$206,4,0),0)+_xlfn.IFNA(VLOOKUP(B92,'C.11'!$B$7:$E$206,4,0),0)+_xlfn.IFNA(VLOOKUP(B92,'C.12'!$B$7:$E$205,4,0),0)+_xlfn.IFNA(VLOOKUP(B92,'C.13'!$B$7:$E$207,4,0),0)+_xlfn.IFNA(VLOOKUP(B92,'C.14'!$B$7:$E$205,4,0),0)+_xlfn.IFNA(VLOOKUP(B92,'C.15'!$B$7:$E$206,4,0),0)+_xlfn.IFNA(VLOOKUP(B92,'C.16'!$B$7:$E$207,4,0),0) -> #REF! | F92: =#REF! -> #REF! | G92: =E92*F92 -> #REF!
B93: 36P | C93: SUMINISTRO E INSTALACIÓN DE LLAVE DE PASO DE PVC 1/2" DE BOLA | D93: UND | E93: =_xlfn.IFNA(VLOOKUP(B93,'C.1'!$B$7:$E$206,4,0),0)+_xlfn.IFNA(VLOOKUP(B93,'C.2'!$B$7:$E$206,4,0),0)+_xlfn.IFNA(VLOOKUP(B93,'C.3'!$B$7:$E$206,4,0),0)+_xlfn.IFNA(VLOOKUP(B93,'C.4'!$B$7:$E$206,4,0),0)+_xlfn.IFNA(VLOOKUP(B93,#REF!,4,0),0)+_xlfn.IFNA(VLOOKUP(B93,'C.6'!$B$7:$E$206,4,0),0)+_xlfn.IFNA(VLOOKUP(B93,'C.7'!$B$7:$E$206,4,0),0)+_xlfn.IFNA(VLOOKUP(B93,'C.8'!$B$7:$E$206,4,0),0)+_xlfn.IFNA(VLOOKUP(B93,'C.9'!$B$7:$E$205,4,0),0)+_xlfn.IFNA(VLOOKUP(B93,'C.10'!$B$7:$E$206,4,0),0)+_xlfn.IFNA(VLOOKUP(B93,'C.11'!$B$7:$E$206,4,0),0)+_xlfn.IFNA(VLOOKUP(B93,'C.12'!$B$7:$E$205,4,0),0)+_xlfn.IFNA(VLOOKUP(B93,'C.13'!$B$7:$E$207,4,0),0)+_xlfn.IFNA(VLOOKUP(B93,'C.14'!$B$7:$E$205,4,0),0)+_xlfn.IFNA(VLOOKUP(B93,'C.15'!$B$7:$E$206,4,0),0)+_xlfn.IFNA(VLOOKUP(B93,'C.16'!$B$7:$E$207,4,0),0) -> #REF! | F93: =#REF! -> #REF! | G93: =E93*F93 -> #REF!
B94: 37P | C94: SUMINISTRO E INSTALACIÓN DE TUBERIA PVC UNIÓN MECÁNICA PRESIÓN RDE 21 DIAMETRO 3" | D94: ML | E94: =_xlfn.IFNA(VLOOKUP(B94,'C.1'!$B$7:$E$206,4,0),0)+_xlfn.IFNA(VLOOKUP(B94,'C.2'!$B$7:$E$206,4,0),0)+_xlfn.IFNA(VLOOKUP(B94,'C.3'!$B$7:$E$206,4,0),0)+_xlfn.IFNA(VLOOKUP(B94,'C.4'!$B$7:$E$206,4,0),0)+_xlfn.IFNA(VLOOKUP(B94,#REF!,4,0),0)+_xlfn.IFNA(VLOOKUP(B94,'C.6'!$B$7:$E$206,4,0),0)+_xlfn.IFNA(VLOOKUP(B94,'C.7'!$B$7:$E$206,4,0),0)+_xlfn.IFNA(VLOOKUP(B94,'C.8'!$B$7:$E$206,4,0),0)+_xlfn.IFNA(VLOOKUP(B94,'C.9'!$B$7:$E$205,4,0),0)+_xlfn.IFNA(VLOOKUP(B94,'C.10'!$B$7:$E$206,4,0),0)+_xlfn.IFNA(VLOOKUP(B94,'C.11'!$B$7:$E$206,4,0),0)+_xlfn.IFNA(VLOOKUP(B94,'C.12'!$B$7:$E$205,4,0),0)+_xlfn.IFNA(VLOOKUP(B94,'C.13'!$B$7:$E$207,4,0),0)+_xlfn.IFNA(VLOOKUP(B94,'C.14'!$B$7:$E$205,4,0),0)+_xlfn.IFNA(VLOOKUP(B94,'C.15'!$B$7:$E$206,4,0),0)+_xlfn.IFNA(VLOOKUP(B94,'C.16'!$B$7:$E$207,4,0),0) -> #REF! | F94: =#REF! -> #REF! | G94: =E94*F94 -> #REF!
B98: 60P | C98: SUMINISTRO E INSTALACION UNIÓN UNIVERSAL TIPO DRESSER HD DE 3" | D98: UND | E98: =_xlfn.IFNA(VLOOKUP(B98,'C.1'!$B$7:$E$206,4,0),0)+_xlfn.IFNA(VLOOKUP(B98,'C.2'!$B$7:$E$206,4,0),0)+_xlfn.IFNA(VLOOKUP(B98,'C.3'!$B$7:$E$206,4,0),0)+_xlfn.IFNA(VLOOKUP(B98,'C.4'!$B$7:$E$206,4,0),0)+_xlfn.IFNA(VLOOKUP(B98,#REF!,4,0),0)+_xlfn.IFNA(VLOOKUP(B98,'C.6'!$B$7:$E$206,4,0),0)+_xlfn.IFNA(VLOOKUP(B98,'C.7'!$B$7:$E$206,4,0),0)+_xlfn.IFNA(VLOOKUP(B98,'C.8'!$B$7:$E$206,4,0),0)+_xlfn.IFNA(VLOOKUP(B98,'C.9'!$B$7:$E$205,4,0),0)+_xlfn.IFNA(VLOOKUP(B98,'C.10'!$B$7:$E$206,4,0),0)+_xlfn.IFNA(VLOOKUP(B98,'C.11'!$B$7:$E$206,4,0),0)+_xlfn.IFNA(VLOOKUP(B98,'C.12'!$B$7:$E$205,4,0),0)+_xlfn.IFNA(VLOOKUP(B98,'C.13'!$B$7:$E$207,4,0),0)+_xlfn.IFNA(VLOOKUP(B98,'C.14'!$B$7:$E$205,4,0),0)+_xlfn.IFNA(VLOOKUP(B98,'C.15'!$B$7:$E$206,4,0),0)+_xlfn.IFNA(VLOOKUP(B98,'C.16'!$B$7:$E$207,4,0),0) -> #REF! | F98: ='60P'!N43 -> #REF! | G98: =E98*F98 -> #REF!
B99: 60.1P | C99: SUMINISTRO E INSTALACION UNION UNIVERSAL TIPO DRESSER HD DE 4" | D99: UND | E99: =_xlfn.IFNA(VLOOKUP(B99,'C.1'!$B$7:$E$206,4,0),0)+_xlfn.IFNA(VLOOKUP(B99,'C.2'!$B$7:$E$206,4,0),0)+_xlfn.IFNA(VLOOKUP(B99,'C.3'!$B$7:$E$206,4,0),0)+_xlfn.IFNA(VLOOKUP(B99,'C.4'!$B$7:$E$206,4,0),0)+_xlfn.IFNA(VLOOKUP(B99,#REF!,4,0),0)+_xlfn.IFNA(VLOOKUP(B99,'C.6'!$B$7:$E$206,4,0),0)+_xlfn.IFNA(VLOOKUP(B99,'C.7'!$B$7:$E$206,4,0),0)+_xlfn.IFNA(VLOOKUP(B99,'C.8'!$B$7:$E$206,4,0),0)+_xlfn.IFNA(VLOOKUP(B99,'C.9'!$B$7:$E$205,4,0),0)+_xlfn.IFNA(VLOOKUP(B99,'C.10'!$B$7:$E$206,4,0),0)+_xlfn.IFNA(VLOOKUP(B99,'C.11'!$B$7:$E$206,4,0),0)+_xlfn.IFNA(VLOOKUP(B99,'C.12'!$B$7:$E$205,4,0),0)+_xlfn.IFNA(VLOOKUP(B99,'C.13'!$B$7:$E$207,4,0),0)+_xlfn.IFNA(VLOOKUP(B99,'C.14'!$B$7:$E$205,4,0),0)+_xlfn.IFNA(VLOOKUP(B99,'C.15'!$B$7:$E$206,4,0),0)+_xlfn.IFNA(VLOOKUP(B99,'C.16'!$B$7:$E$207,4,0),0) -> #REF! | F99: ='60.1P'!N43 -> #REF! | G99: =E99*F99 -> #REF!
B100: 61P | C100: SUMINISTRO E INSTALACION DE TEE HD EXTREMOS LISOS. 3"X3"X3" | D100: UND | E100: =_xlfn.IFNA(VLOOKUP(B100,'C.1'!$B$7:$E$206,4,0),0)+_xlfn.IFNA(VLOOKUP(B100,'C.2'!$B$7:$E$206,4,0),0)+_xlfn.IFNA(VLOOKUP(B100,'C.3'!$B$7:$E$206,4,0),0)+_xlfn.IFNA(VLOOKUP(B100,'C.4'!$B$7:$E$206,4,0),0)+_xlfn.IFNA(VLOOKUP(B100,#REF!,4,0),0)+_xlfn.IFNA(VLOOKUP(B100,'C.6'!$B$7:$E$206,4,0),0)+_xlfn.IFNA(VLOOKUP(B100,'C.7'!$B$7:$E$206,4,0),0)+_xlfn.IFNA(VLOOKUP(B100,'C.8'!$B$7:$E$206,4,0),0)+_xlfn.IFNA(VLOOKUP(B100,'C.9'!$B$7:$E$205,4,0),0)+_xlfn.IFNA(VLOOKUP(B100,'C.10'!$B$7:$E$206,4,0),0)+_xlfn.IFNA(VLOOKUP(B100,'C.11'!$B$7:$E$206,4,0),0)+_xlfn.IFNA(VLOOKUP(B100,'C.12'!$B$7:$E$205,4,0),0)+_xlfn.IFNA(VLOOKUP(B100,'C.13'!$B$7:$E$207,4,0),0)+_xlfn.IFNA(VLOOKUP(B100,'C.14'!$B$7:$E$205,4,0),0)+_xlfn.IFNA(VLOOKUP(B100,'C.15'!$B$7:$E$206,4,0),0)+_xlfn.IFNA(VLOOKUP(B100,'C.16'!$B$7:$E$207,4,0),0) -> #REF! | F100: ='61P'!N43 -> #REF! | G100: =E100*F100 -> #REF!
B101: 62P | C101: SUMINISTRO E INSTALACION DE SEMICODO 45° PVC PRESION 3". SOLDADO | D101: UND | E101: =_xlfn.IFNA(VLOOKUP(B101,'C.1'!$B$7:$E$206,4,0),0)+_xlfn.IFNA(VLOOKUP(B101,'C.2'!$B$7:$E$206,4,0),0)+_xlfn.IFNA(VLOOKUP(B101,'C.3'!$B$7:$E$206,4,0),0)+_xlfn.IFNA(VLOOKUP(B101,'C.4'!$B$7:$E$206,4,0),0)+_xlfn.IFNA(VLOOKUP(B101,#REF!,4,0),0)+_xlfn.IFNA(VLOOKUP(B101,'C.6'!$B$7:$E$206,4,0),0)+_xlfn.IFNA(VLOOKUP(B101,'C.7'!$B$7:$E$206,4,0),0)+_xlfn.IFNA(VLOOKUP(B101,'C.8'!$B$7:$E$206,4,0),0)+_xlfn.IFNA(VLOOKUP(B101,'C.9'!$B$7:$E$205,4,0),0)+_xlfn.IFNA(VLOOKUP(B101,'C.10'!$B$7:$E$206,4,0),0)+_xlfn.IFNA(VLOOKUP(B101,'C.11'!$B$7:$E$206,4,0),0)+_xlfn.IFNA(VLOOKUP(B101,'C.12'!$B$7:$E$205,4,0),0)+_xlfn.IFNA(VLOOKUP(B101,'C.13'!$B$7:$E$207,4,0),0)+_xlfn.IFNA(VLOOKUP(B101,'C.14'!$B$7:$E$205,4,0),0)+_xlfn.IFNA(VLOOKUP(B101,'C.15'!$B$7:$E$206,4,0),0)+_xlfn.IFNA(VLOOKUP(B101,'C.16'!$B$7:$E$207,4,0),0) -> #REF! | F101: =#REF! -> #REF! | G101: =E101*F101 -> #REF!
B102: 63P | C102: SUMINISTRO E INSTALACION DE CODO 90° PVC PRESION 3" | D102: UND | E102: =_xlfn.IFNA(VLOOKUP(B102,'C.1'!$B$7:$E$206,4,0),0)+_xlfn.IFNA(VLOOKUP(B102,'C.2'!$B$7:$E$206,4,0),0)+_xlfn.IFNA(VLOOKUP(B102,'C.3'!$B$7:$E$206,4,0),0)+_xlfn.IFNA(VLOOKUP(B102,'C.4'!$B$7:$E$206,4,0),0)+_xlfn.IFNA(VLOOKUP(B102,#REF!,4,0),0)+_xlfn.IFNA(VLOOKUP(B102,'C.6'!$B$7:$E$206,4,0),0)+_xlfn.IFNA(VLOOKUP(B102,'C.7'!$B$7:$E$206,4,0),0)+_xlfn.IFNA(VLOOKUP(B102,'C.8'!$B$7:$E$206,4,0),0)+_xlfn.IFNA(VLOOKUP(B102,'C.9'!$B$7:$E$205,4,0),0)+_xlfn.IFNA(VLOOKUP(B102,'C.10'!$B$7:$E$206,4,0),0)+_xlfn.IFNA(VLOOKUP(B102,'C.11'!$B$7:$E$206,4,0),0)+_xlfn.IFNA(VLOOKUP(B102,'C.12'!$B$7:$E$205,4,0),0)+_xlfn.IFNA(VLOOKUP(B102,'C.13'!$B$7:$E$207,4,0),0)+_xlfn.IFNA(VLOOKUP(B102,'C.14'!$B$7:$E$205,4,0),0)+_xlfn.IFNA(VLOOKUP(B102,'C.15'!$B$7:$E$206,4,0),0)+_xlfn.IFNA(VLOOKUP(B102,'C.16'!$B$7:$E$207,4,0),0) -> #REF! | F102: =#REF! -> #REF! | G102: =E102*F102 -> #REF!
E103: =_xlfn.IFNA(VLOOKUP(B103,'C.1'!$B$7:$E$206,4,0),0)+_xlfn.IFNA(VLOOKUP(B103,'C.2'!$B$7:$E$206,4,0),0)+_xlfn.IFNA(VLOOKUP(B103,'C.3'!$B$7:$E$206,4,0),0)+_xlfn.IFNA(VLOOKUP(B103,'C.4'!$B$7:$E$206,4,0),0)+_xlfn.IFNA(VLOOKUP(B103,#REF!,4,0),0)+_xlfn.IFNA(VLOOKUP(B103,'C.6'!$B$7:$E$206,4,0),0)+_xlfn.IFNA(VLOOKUP(B103,'C.7'!$B$7:$E$206,4,0),0)+_xlfn.IFNA(VLOOKUP(B103,'C.8'!$B$7:$E$206,4,0),0)+_xlfn.IFNA(VLOOKUP(B103,'C.9'!$B$7:$E$205,4,0),0)+_xlfn.IFNA(VLOOKUP(B103,'C.10'!$B$7:$E$206,4,0),0)+_xlfn.IFNA(VLOOKUP(B103,'C.11'!$B$7:$E$206,4,0),0)+_xlfn.IFNA(VLOOKUP(B103,'C.12'!$B$7:$E$205,4,0),0)+_xlfn.IFNA(VLOOKUP(B103,'C.13'!$B$7:$E$207,4,0),0)+_xlfn.IFNA(VLOOKUP(B103,'C.14'!$B$7:$E$205,4,0),0)+_xlfn.IFNA(VLOOKUP(B103,'C.15'!$B$7:$E$206,4,0),0)+_xlfn.IFNA(VLOOKUP(B103,'C.16'!$B$7:$E$207,4,0),0) -> #REF! | G103: =SUM(G88:G102) -> #REF!
C104: CONSTRUCCION DE POZOS DE INSPECCION | E104: =_xlfn.IFNA(VLOOKUP(B104,'C.1'!$B$7:$E$206,4,0),0)+_xlfn.IFNA(VLOOKUP(B104,'C.2'!$B$7:$E$206,4,0),0)+_xlfn.IFNA(VLOOKUP(B104,'C.3'!$B$7:$E$206,4,0),0)+_xlfn.IFNA(VLOOKUP(B104,'C.4'!$B$7:$E$206,4,0),0)+_xlfn.IFNA(VLOOKUP(B104,#REF!,4,0),0)+_xlfn.IFNA(VLOOKUP(B104,'C.6'!$B$7:$E$206,4,0),0)+_xlfn.IFNA(VLOOKUP(B104,'C.7'!$B$7:$E$206,4,0),0)+_xlfn.IFNA(VLOOKUP(B104,'C.8'!$B$7:$E$206,4,0),0)+_xlfn.IFNA(VLOOKUP(B104,'C.9'!$B$7:$E$205,4,0),0)+_xlfn.IFNA(VLOOKUP(B104,'C.10'!$B$7:$E$206,4,0),0)+_xlfn.IFNA(VLOOKUP(B104,'C.11'!$B$7:$E$206,4,0),0)+_xlfn.IFNA(VLOOKUP(B104,'C.12'!$B$7:$E$205,4,0),0)+_xlfn.IFNA(VLOOKUP(B104,'C.13'!$B$7:$E$207,4,0),0)+_xlfn.IFNA(VLOOKUP(B104,'C.14'!$B$7:$E$205,4,0),0)+_xlfn.IFNA(VLOOKUP(B104,'C.15'!$B$7:$E$206,4,0),0)+_xlfn.IFNA(VLOOKUP(B104,'C.16'!$B$7:$E$207,4,0),0) -> #REF!
C105: DE 1.2 M DE DIAMETRO | E105: =_xlfn.IFNA(VLOOKUP(B105,'C.1'!$B$7:$E$206,4,0),0)+_xlfn.IFNA(VLOOKUP(B105,'C.2'!$B$7:$E$206,4,0),0)+_xlfn.IFNA(VLOOKUP(B105,'C.3'!$B$7:$E$206,4,0),0)+_xlfn.IFNA(VLOOKUP(B105,'C.4'!$B$7:$E$206,4,0),0)+_xlfn.IFNA(VLOOKUP(B105,#REF!,4,0),0)+_xlfn.IFNA(VLOOKUP(B105,'C.6'!$B$7:$E$206,4,0),0)+_xlfn.IFNA(VLOOKUP(B105,'C.7'!$B$7:$E$206,4,0),0)+_xlfn.IFNA(VLOOKUP(B105,'C.8'!$B$7:$E$206,4,0),0)+_xlfn.IFNA(VLOOKUP(B105,'C.9'!$B$7:$E$205,4,0),0)+_xlfn.IFNA(VLOOKUP(B105,'C.10'!$B$7:$E$206,4,0),0)+_xlfn.IFNA(VLOOKUP(B105,'C.11'!$B$7:$E$206,4,0),0)+_xlfn.IFNA(VLOOKUP(B105,'C.12'!$B$7:$E$205,4,0),0)+_xlfn.IFNA(VLOOKUP(B105,'C.13'!$B$7:$E$207,4,0),0)+_xlfn.IFNA(VLOOKUP(B105,'C.14'!$B$7:$E$205,4,0),0)+_xlfn.IFNA(VLOOKUP(B105,'C.15'!$B$7:$E$206,4,0),0)+_xlfn.IFNA(VLOOKUP(B105,'C.16'!$B$7:$E$207,4,0),0) -> #REF!
...

Sheet PRIORIZADA
A1: "PAVIMENTACIÓN DE VÍAS URBANAS EN EL MUNICIPIO DE IBAGUE - DEPARTAMENTO DEL TOLIMA”
A5: ITEM | B5: ITEM DE PAGO | C5: DESCRIPCION | D5: UN | E5: CANTIDAD | F5: VR UNITARIO | G5: VR.TOTAL
C6: PRELIMINARES Y EXPLANACIONES
A7: 1 | B7: =#REF! -> #REF! | C7: =#REF! -> #REF! | D7: =#REF! -> #REF! | E7: =_xlfn.IFNA(VLOOKUP(B7,#REF!,4,0),0)+_xlfn.IFNA(VLOOKUP(B7,#REF!,4,0),0)+_xlfn.IFNA(VLOOKUP(B7,#REF!,4,0),0)+_xlfn.IFNA(VLOOKUP(B7,#REF!,4,0),0)+_xlfn.IFNA(VLOOKUP(B7,#REF!,4,0),0)+_xlfn.IFNA(VLOOKUP(B7,#REF!,4,0),0)+_xlfn.IFNA(VLOOKUP(B7,#REF!,4,0),0)+_xlfn.IFNA(VLOOKUP(B7,#REF!,4,0),0)+_xlfn.IFNA(VLOOKUP(B7,#REF!,4,0),0)+_xlfn.IFNA(VLOOKUP(B7,#REF!,4,0),0)+_xlfn.IFNA(VLOOKUP(B7,#REF!,4,0),0)+_xlfn.IFNA(VLOOKUP(B7,#REF!,4,0),0)+_xlfn.IFNA(VLOOKUP(B7,#REF!,4,0),0)+_xlfn.IFNA(VLOOKUP(B7,#REF!,4,0),0)+_xlfn.IFNA(VLOOKUP(B7,#REF!,4,0),0)+_xlfn.IFNA(VLOOKUP(B7,#REF!,4,0),0)+_xlfn.IFNA(VLOOKUP(B7,#REF!,4,0),0)+_xlfn.IFNA(VLOOKUP(B7,#REF!,4,0),0)+_xlfn.IFNA(VLOOKUP(B7,#REF!,4,0),0)+_xlfn.IFNA(VLOOKUP(B7,#REF!,4,0),0)+_xlfn.IFNA(VLOOKUP(B7,#REF!,4,0),0)+_xlfn.IFNA(VLOOKUP(B7,#REF!,4,0),0)+_xlfn.IFNA(VLOOKUP(B7,#REF!,4,0),0)+_xlfn.IFNA(VLOOKUP(B7,#REF!,4,0),0)+_xlfn.IFNA(VLOOKUP(B7,#REF!,4,0),0) -> #REF! | F7: =+#REF! -> #REF! | G7: =ROUND(E7*F7,0) -> #REF!
A8: 2 | B8: =#REF! -> #REF! | C8: =#REF! -> #REF! | D8: =#REF! -> #REF! | E8: =_xlfn.IFNA(VLOOKUP(B8,#REF!,4,0),0)+_xlfn.IFNA(VLOOKUP(B8,#REF!,4,0),0)+_xlfn.IFNA(VLOOKUP(B8,#REF!,4,0),0)+_xlfn.IFNA(VLOOKUP(B8,#REF!,4,0),0)+_xlfn.IFNA(VLOOKUP(B8,#REF!,4,0),0)+_xlfn.IFNA(VLOOKUP(B8,#REF!,4,0),0)+_xlfn.IFNA(VLOOKUP(B8,#REF!,4,0),0)+_xlfn.IFNA(VLOOKUP(B8,#REF!,4,0),0)+_xlfn.IFNA(VLOOKUP(B8,#REF!,4,0),0)+_xlfn.IFNA(VLOOKUP(B8,#REF!,4,0),0)+_xlfn.IFNA(VLOOKUP(B8,#REF!,4,0),0)+_xlfn.IFNA(VLOOKUP(B8,#REF!,4,0),0)+_xlfn.IFNA(VLOOKUP(B8,#REF!,4,0),0)+_xlfn.IFNA(VLOOKUP(B8,#REF!,4,0),0)+_xlfn.IFNA(VLOOKUP(B8,#REF!,4,0),0)+_xlfn.IFNA(VLOOKUP(B8,#REF!,4,0),0)+_xlfn.IFNA(VLOOKUP(B8,#REF!,4,0),0)+_xlfn.IFNA(VLOOKUP(B8,#REF!,4,0),0)+_xlfn.IFNA(VLOOKUP(B8,#REF!,4,0),0)+_xlfn.IFNA(VLOOKUP(B8,#REF!,4,0),0)+_xlfn.IFNA(VLOOKUP(B8,#REF!,4,0),0)+_xlfn.IFNA(VLOOKUP(B8,#REF!,4,0),0)+_xlfn.IFNA(VLOOKUP(B8,#REF!,4,0),0)+_xlfn.IFNA(VLOOKUP(B8,#REF!,4,0),0)+_xlfn.IFNA(VLOOKUP(B8,#REF!,4,0),0) -> #REF! | F8: =#REF! -> #REF! | G8: =ROUND(E8*F8,0) -> #REF!
A9: 3 | B9: =#REF! -> #REF! | C9: =#REF! -> #REF! | D9: =#REF! -> #REF! | E9: =_xlfn.IFNA(VLOOKUP(B9,#REF!,4,0),0)+_xlfn.IFNA(VLOOKUP(B9,#REF!,4,0),0)+_xlfn.IFNA(VLOOKUP(B9,#REF!,4,0),0)+_xlfn.IFNA(VLOOKUP(B9,#REF!,4,0),0)+_xlfn.IFNA(VLOOKUP(B9,#REF!,4,0),0)+_xlfn.IFNA(VLOOKUP(B9,#REF!,4,0),0)+_xlfn.IFNA(VLOOKUP(B9,#REF!,4,0),0)+_xlfn.IFNA(VLOOKUP(B9,#REF!,4,0),0)+_xlfn.IFNA(VLOOKUP(B9,#REF!,4,0),0)+_xlfn.IFNA(VLOOKUP(B9,#REF!,4,0),0)+_xlfn.IFNA(VLOOKUP(B9,#REF!,4,0),0)+_xlfn.IFNA(VLOOKUP(B9,#REF!,4,0),0)+_xlfn.IFNA(VLOOKUP(B9,#REF!,4,0),0)+_xlfn.IFNA(VLOOKUP(B9,#REF!,4,0),0)+_xlfn.IFNA(VLOOKUP(B9,#REF!,4,0),0)+_xlfn.IFNA(VLOOKUP(B9,#REF!,4,0),0)+_xlfn.IFNA(VLOOKUP(B9,#REF!,4,0),0)+_xlfn.IFNA(VLOOKUP(B9,#REF!,4,0),0)+_xlfn.IFNA(VLOOKUP(B9,#REF!,4,0),0)+_xlfn.IFNA(VLOOKUP(B9,#REF!,4,0),0)+_xlfn.IFNA(VLOOKUP(B9,#REF!,4,0),0)+_xlfn.IFNA(VLOOKUP(B9,#REF!,4,0),0)+_xlfn.IFNA(VLOOKUP(B9,#REF!,4,0),0)+_xlfn.IFNA(VLOOKUP(B9,#REF!,4,0),0)+_xlfn.IFNA(VLOOKUP(B9,#REF!,4,0),0) -> #REF! | F9: =#REF! -> #REF! | G9: =ROUND(E9*F9,0) -> #REF!
A10: 4 | B10: =#REF! -> #REF! | C10: =#REF! -> #REF! | D10: =#REF! -> #REF! | E10: =_xlfn.IFNA(VLOOKUP(B10,#REF!,4,0),0)+_xlfn.IFNA(VLOOKUP(B10,#REF!,4,0),0)+_xlfn.IFNA(VLOOKUP(B10,#REF!,4,0),0)+_xlfn.IFNA(VLOOKUP(B10,#REF!,4,0),0)+_xlfn.IFNA(VLOOKUP(B10,#REF!,4,0),0)+_xlfn.IFNA(VLOOKUP(B10,#REF!,4,0),0)+_xlfn.IFNA(VLOOKUP(B10,#REF!,4,0),0)+_xlfn.IFNA(VLOOKUP(B10,#REF!,4,0),0)+_xlfn.IFNA(VLOOKUP(B10,#REF!,4,0),0)+_xlfn.IFNA(VLOOKUP(B10,#REF!,4,0),0)+_xlfn.IFNA(VLOOKUP(B10,#REF!,4,0),0)+_xlfn.IFNA(VLOOKUP(B10,#REF!,4,0),0)+_xlfn.IFNA(VLOOKUP(B10,#REF!,4,0),0)+_xlfn.IFNA(VLOOKUP(B10,#REF!,4,0),0)+_xlfn.IFNA(VLOOKUP(B10,#REF!,4,0),0)+_xlfn.IFNA(VLOOKUP(B10,#REF!,4,0),0)+_xlfn.IFNA(VLOOKUP(B10,#REF!,4,0),0)+_xlfn.IFNA(VLOOKUP(B10,#REF!,4,0),0)+_xlfn.IFNA(VLOOKUP(B10,#REF!,4,0),0)+_xlfn.IFNA(VLOOKUP(B10,#REF!,4,0),0)+_xlfn.IFNA(VLOOKUP(B10,#REF!,4,0),0)+_xlfn.IFNA(VLOOKUP(B10,#REF!,4,0),0)+_xlfn.IFNA(VLOOKUP(B10,#REF!,4,0),0)+_xlfn.IFNA(VLOOKUP(B10,#REF!,4,0),0)+_xlfn.IFNA(VLOOKUP(B10,#REF!,4,0),0) -> #REF! | F10: =#REF! -> #REF! | G10: =ROUND(E10*F10,0) -> #REF!
A11: 5 | B11: =#REF! -> #REF! | C11: =#REF! -> #REF! | D11: =#REF! -> #REF! | E11: =_xlfn.IFNA(VLOOKUP(B11,#REF!,4,0),0)+_xlfn.IFNA(VLOOKUP(B11,#REF!,4,0),0)+_xlfn.IFNA(VLOOKUP(B11,#REF!,4,0),0)+_xlfn.IFNA(VLOOKUP(B11,#REF!,4,0),0)+_xlfn.IFNA(VLOOKUP(B11,#REF!,4,0),0)+_xlfn.IFNA(VLOOKUP(B11,#REF!,4,0),0)+_xlfn.IFNA(VLOOKUP(B11,#REF!,4,0),0)+_xlfn.IFNA(VLOOKUP(B11,#REF!,4,0),0)+_xlfn.IFNA(VLOOKUP(B11,#REF!,4,0),0)+_xlfn.IFNA(VLOOKUP(B11,#REF!,4,0),0)+_xlfn.IFNA(VLOOKUP(B11,#REF!,4,0),0)+_xlfn.IFNA(VLOOKUP(B11,#REF!,4,0),0)+_xlfn.IFNA(VLOOKUP(B11,#REF!,4,0),0)+_xlfn.IFNA(VLOOKUP(B11,#REF!,4,0),0)+_xlfn.IFNA(VLOOKUP(B11,#REF!,4,0),0)+_xlfn.IFNA(VLOOKUP(B11,#REF!,4,0),0)+_xlfn.IFNA(VLOOKUP(B11,#REF!,4,0),0)+_xlfn.IFNA(VLOOKUP(B11,#REF!,4,0),0)+_xlfn.IFNA(VLOOKUP(B11,#REF!,4,0),0)+_xlfn.IFNA(VLOOKUP(B11,#REF!,4,0),0)+_xlfn.IFNA(VLOOKUP(B11,#REF!,4,0),0)+_xlfn.IFNA(VLOOKUP(B11,#REF!,4,0),0)+_xlfn.IFNA(VLOOKUP(B11,#REF!,4,0),0)+_xlfn.IFNA(VLOOKUP(B11,#REF!,4,0),0)+_xlfn.IFNA(VLOOKUP(B11,#REF!,4,0),0) -> #REF! | F11: =#REF! -> #REF! | G11: =ROUND(E11*F11,0) -> #REF!
A12: 6 | B12: =#REF! -> #REF! | C12: =#REF! -> #REF! | D12: =#REF! -> #REF! | E12: =_xlfn.IFNA(VLOOKUP(B12,#REF!,4,0),0)+_xlfn.IFNA(VLOOKUP(B12,#REF!,4,0),0)+_xlfn.IFNA(VLOOKUP(B12,#REF!,4,0),0)+_xlfn.IFNA(VLOOKUP(B12,#REF!,4,0),0)+_xlfn.IFNA(VLOOKUP(B12,#REF!,4,0),0)+_xlfn.IFNA(VLOOKUP(B12,#REF!,4,0),0)+_xlfn.IFNA(VLOOKUP(B12,#REF!,4,0),0)+_xlfn.IFNA(VLOOKUP(B12,#REF!,4,0),0)+_xlfn.IFNA(VLOOKUP(B12,#REF!,4,0),0)+_xlfn.IFNA(VLOOKUP(B12,#REF!,4,0),0)+_xlfn.IFNA(VLOOKUP(B12,#REF!,4,0),0)+_xlfn.IFNA(VLOOKUP(B12,#REF!,4,0),0)+_xlfn.IFNA(VLOOKUP(B12,#REF!,4,0),0)+_xlfn.IFNA(VLOOKUP(B12,#REF!,4,0),0)+_xlfn.IFNA(VLOOKUP(B12,#REF!,4,0),0)+_xlfn.IFNA(VLOOKUP(B12,#REF!,4,0),0)+_xlfn.IFNA(VLOOKUP(B12,#REF!,4,0),0)+_xlfn.IFNA(VLOOKUP(B12,#REF!,4,0),0)+_xlfn.IFNA(VLOOKUP(B12,#REF!,4,0),0)+_xlfn.IFNA(VLOOKUP(B12,#REF!,4,0),0)+_xlfn.IFNA(VLOOKUP(B12,#REF!,4,0),0)+_xlfn.IFNA(VLOOKUP(B12,#REF!,4,0),0)+_xlfn.IFNA(VLOOKUP(B12,#REF!,4,0),0)+_xlfn.IFNA(VLOOKUP(B12,#REF!,4,0),0)+_xlfn.IFNA(VLOOKUP(B12,#REF!,4,0),0) -> #REF! | F12: ='201.3P'!N50 -> #REF! | G12: =ROUND(E12*F12,0) -> #REF!
A13: 7 | B13: =#REF! -> #REF! | C13: =#REF! -> #REF! | D13: =#REF! -> #REF! | E13: =_xlfn.IFNA(VLOOKUP(B13,#REF!,4,0),0)+_xlfn.IFNA(VLOOKUP(B13,#REF!,4,0),0)+_xlfn.IFNA(VLOOKUP(B13,#REF!,4,0),0)+_xlfn.IFNA(VLOOKUP(B13,#REF!,4,0),0)+_xlfn.IFNA(VLOOKUP(B13,#REF!,4,0),0)+_xlfn.IFNA(VLOOKUP(B13,#REF!,4,0),0)+_xlfn.IFNA(VLOOKUP(B13,#REF!,4,0),0)+_xlfn.IFNA(VLOOKUP(B13,#REF!,4,0),0)+_xlfn.IFNA(VLOOKUP(B13,#REF!,4,0),0)+_xlfn.IFNA(VLOOKUP(B13,#REF!,4,0),0)+_xlfn.IFNA(VLOOKUP(B13,#REF!,4,0),0)+_xlfn.IFNA(VLOOKUP(B13,#REF!,4,0),0)+_xlfn.IFNA(VLOOKUP(B13,#REF!,4,0),0)+_xlfn.IFNA(VLOOKUP(B13,#REF!,4,0),0)+_xlfn.IFNA(VLOOKUP(B13,#REF!,4,0),0)+_xlfn.IFNA(VLOOKUP(B13,#REF!,4,0),0)+_xlfn.IFNA(VLOOKUP(B13,#REF!,4,0),0)+_xlfn.IFNA(VLOOKUP(B13,#REF!,4,0),0)+_xlfn.IFNA(VLOOKUP(B13,#REF!,4,0),0)+_xlfn.IFNA(VLOOKUP(B13,#REF!,4,0),0)+_xlfn.IFNA(VLOOKUP(B13,#REF!,4,0),0)+_xlfn.IFNA(VLOOKUP(B13,#REF!,4,0),0)+_xlfn.IFNA(VLOOKUP(B13,#REF!,4,0),0)+_xlfn.IFNA(VLOOKUP(B13,#REF!,4,0),0)+_xlfn.IFNA(VLOOKUP(B13,#REF!,4,0),0) -> #REF! | F13: ='201.3'!N50 -> #REF! | G13: =ROUND(E13*F13,0) -> #REF!
A14: 8 | B14: =#REF! -> #REF! | C14: =#REF! -> #REF! | D14: =#REF! -> #REF! | E14: =_xlfn.IFNA(VLOOKUP(B14,#REF!,4,0),0)+_xlfn.IFNA(VLOOKUP(B14,#REF!,4,0),0)+_xlfn.IFNA(VLOOKUP(B14,#REF!,4,0),0)+_xlfn.IFNA(VLOOKUP(B14,#REF!,4,0),0)+_xlfn.IFNA(VLOOKUP(B14,#REF!,4,0),0)+_xlfn.IFNA(VLOOKUP(B14,#REF!,4,0),0)+_xlfn.IFNA(VLOOKUP(B14,#REF!,4,0),0)+_xlfn.IFNA(VLOOKUP(B14,#REF!,4,0),0)+_xlfn.IFNA(VLOOKUP(B14,#REF!,4,0),0)+_xlfn.IFNA(VLOOKUP(B14,#REF!,4,0),0)+_xlfn.IFNA(VLOOKUP(B14,#REF!,4,0),0)+_xlfn.IFNA(VLOOKUP(B14,#REF!,4,0),0)+_xlfn.IFNA(VLOOKUP(B14,#REF!,4,0),0)+_xlfn.IFNA(VLOOKUP(B14,#REF!,4,0),0)+_xlfn.IFNA(VLOOKUP(B14,#REF!,4,0),0)+_xlfn.IFNA(VLOOKUP(B14,#REF!,4,0),0)+_xlfn.IFNA(VLOOKUP(B14,#REF!,4,0),0)+_xlfn.IFNA(VLOOKUP(B14,#REF!,4,0),0)+_xlfn.IFNA(VLOOKUP(B14,#REF!,4,0),0)+_xlfn.IFNA(VLOOKUP(B14,#REF!,4,0),0)+_xlfn.IFNA(VLOOKUP(B14,#REF!,4,0),0)+_xlfn.IFNA(VLOOKUP(B14,#REF!,4,0),0)+_xlfn.IFNA(VLOOKUP(B14,#REF!,4,0),0)+_xlfn.IFNA(VLOOKUP(B14,#REF!,4,0),0)+_xlfn.IFNA(VLOOKUP(B14,#REF!,4,0),0) -> #REF! | F14: ='201.9'!N50 -> #REF! | G14: =ROUND(E14*F14,0) -> #REF!
B15: =#REF! -> #REF! | C15: SUBTOTAL PRELIMINARES Y EXPLANACIONES | D15: =#REF! -> #REF! | E15: =_xlfn.IFNA(VLOOKUP(B15,#REF!,4,0),0)+_xlfn.IFNA(VLOOKUP(B15,#REF!,4,0),0)+_xlfn.IFNA(VLOOKUP(B15,#REF!,4,0),0)+_xlfn.IFNA(VLOOKUP(B15,#REF!,4,0),0)+_xlfn.IFNA(VLOOKUP(B15,#REF!,4,0),0)+_xlfn.IFNA(VLOOKUP(B15,#REF!,4,0),0)+_xlfn.IFNA(VLOOKUP(B15,#REF!,4,0),0)+_xlfn.IFNA(VLOOKUP(B15,#REF!,4,0),0)+_xlfn.IFNA(VLOOKUP(B15,#REF!,4,0),0)+_xlfn.IFNA(VLOOKUP(B15,#REF!,4,0),0)+_xlfn.IFNA(VLOOKUP(B15,#REF!,4,0),0)+_xlfn.IFNA(VLOOKUP(B15,#REF!,4,0),0)+_xlfn.IFNA(VLOOKUP(B15,#REF!,4,0),0)+_xlfn.IFNA(VLOOKUP(B15,#REF!,4,0),0)+_xlfn.IFNA(VLOOKUP(B15,#REF!,4,0),0)+_xlfn.IFNA(VLOOKUP(B15,#REF!,4,0),0)+_xlfn.IFNA(VLOOKUP(B15,#REF!,4,0),0)+_xlfn.IFNA(VLOOKUP(B15,#REF!,4,0),0)+_xlfn.IFNA(VLOOKUP(B15,#REF!,4,0),0)+_xlfn.IFNA(VLOOKUP(B15,#REF!,4,0),0)+_xlfn.IFNA(VLOOKUP(B15,#REF!,4,0),0)+_xlfn.IFNA(VLOOKUP(B15,#REF!,4,0),0)+_xlfn.IFNA(VLOOKUP(B15,#REF!,4,0),0)+_xlfn.IFNA(VLOOKUP(B15,#REF!,4,0),0)+_xlfn.IFNA(VLOOKUP(B15,#REF!,4,0),0) -> #REF! | G15: =SUM(G7:G14) -> #REF!
B16: =#REF! -> #REF! | C16: EXCAVACIONES | D16: =#REF! -> #REF! | E16: =_xlfn.IFNA(VLOOKUP(B16,#REF!,4,0),0)+_xlfn.IFNA(VLOOKUP(B16,#REF!,4,0),0)+_xlfn.IFNA(VLOOKUP(B16,#REF!,4,0),0)+_xlfn.IFNA(VLOOKUP(B16,#REF!,4,0),0)+_xlfn.IFNA(VLOOKUP(B16,#REF!,4,0),0)+_xlfn.IFNA(VLOOKUP(B16,#REF!,4,0),0)+_xlfn.IFNA(VLOOKUP(B16,#REF!,4,0),0)+_xlfn.IFNA(VLOOKUP(B16,#REF!,4,0),0)+_xlfn.IFNA(VLOOKUP(B16,#REF!,4,0),0)+_xlfn.IFNA(VLOOKUP(B16,#REF!,4,0),0)+_xlfn.IFNA(VLOOKUP(B16,#REF!,4,0),0)+_xlfn.IFNA(VLOOKUP(B16,#REF!,4,0),0)+_xlfn.IFNA(VLOOKUP(B16,#REF!,4,0),0)+_xlfn.IFNA(VLOOKUP(B16,#REF!,4,0),0)+_xlfn.IFNA(VLOOKUP(B16,#REF!,4,0),0)+_xlfn.IFNA(VLOOKUP(B16,#REF!,4,0),0)+_xlfn.IFNA(VLOOKUP(B16,#REF!,4,0),0)+_xlfn.IFNA(VLOOKUP(B16,#REF!,4,0),0)+_xlfn.IFNA(VLOOKUP(B16,#REF!,4,0),0)+_xlfn.IFNA(VLOOKUP(B16,#REF!,4,0),0)+_xlfn.IFNA(VLOOKUP(B16,#REF!,4,0),0)+_xlfn.IFNA(VLOOKUP(B16,#REF!,4,0),0)+_xlfn.IFNA(VLOOKUP(B16,#REF!,4,0),0)+_xlfn.IFNA(VLOOKUP(B16,#REF!,4,0),0)+_xlfn.IFNA(VLOOKUP(B16,#REF!,4,0),0) -> #REF!
A17: 9 | B17: =#REF! -> #REF! | C17: =#REF! -> #REF! | D17: =#REF! -> #REF! | E17: =_xlfn.IFNA(VLOOKUP(B17,#REF!,4,0),0)+_xlfn.IFNA(VLOOKUP(B17,#REF!,4,0),0)+_xlfn.IFNA(VLOOKUP(B17,#REF!,4,0),0)+_xlfn.IFNA(VLOOKUP(B17,#REF!,4,0),0)+_xlfn.IFNA(VLOOKUP(B17,#REF!,4,0),0)+_xlfn.IFNA(VLOOKUP(B17,#REF!,4,0),0)+_xlfn.IFNA(VLOOKUP(B17,#REF!,4,0),0)+_xlfn.IFNA(VLOOKUP(B17,#REF!,4,0),0)+_xlfn.IFNA(VLOOKUP(B17,#REF!,4,0),0)+_xlfn.IFNA(VLOOKUP(B17,#REF!,4,0),0)+_xlfn.IFNA(VLOOKUP(B17,#REF!,4,0),0)+_xlfn.IFNA(VLOOKUP(B17,#REF!,4,0),0)+_xlfn.IFNA(VLOOKUP(B17,#REF!,4,0),0)+_xlfn.IFNA(VLOOKUP(B17,#REF!,4,0),0)+_xlfn.IFNA(VLOOKUP(B17,#REF!,4,0),0)+_xlfn.IFNA(VLOOKUP(B17,#REF!,4,0),0)+_xlfn.IFNA(VLOOKUP(B17,#REF!,4,0),0)+_xlfn.IFNA(VLOOKUP(B17,#REF!,4,0),0)+_xlfn.IFNA(VLOOKUP(B17,#REF!,4,0),0)+_xlfn.IFNA(VLOOKUP(B17,#REF!,4,0),0)+_xlfn.IFNA(VLOOKUP(B17,#REF!,4,0),0)+_xlfn.IFNA(VLOOKUP(B17,#REF!,4,0),0)+_xlfn.IFNA(VLOOKUP(B17,#REF!,4,0),0)+_xlfn.IFNA(VLOOKUP(B17,#REF!,4,0),0)+_xlfn.IFNA(VLOOKUP(B17,#REF!,4,0),0) -> #REF! | F17: =+#REF! -> #REF! | G17: =ROUND(E17*F17,0) -> #REF!
